 Dungeon Crawl Stone Soup version 0.29.0-4-gdea44cf6ec (webtiles) character file.

Game seed: 7144448852443297548

4632 qw the Cleaver (level 10, 76/76 HPs)
             Began as a Demonspawn Cinder Acolyte on Sept 8, 2022.
             Was an Initiate of Ignis.
             Quit the game on level 8 of the Dungeon.
             The game lasted 00:16:52 (16751 turns).

qw the Cleaver (Demonspawn Cinder Acolyte)         Turns: 16751, Time: 00:16:53

Health: 76/76      AC: 12    Str: 19    XL:     10   Next: 20%
Magic:  11/11      EV:  8    Int: 16    God:    Ignis [......]
Gold:   657        SH:  9    Dex:  8    Spells: 11/11 levels left

rFire   + + .      SeeInvis .   Y - +5 broad axe (flame)
rCold   . . .      Faith    .   l - +0 kite shield
rNeg    . . .      Spirit   .   c - +0 plate armour
rPois   .          Reflect  .   (helmet restricted)
rElec   .          Harm     .   (no cloak)
rCorr   .          Rampage  .   (no gloves)
Will    .....                   b - +0 pair of boots
Stlth   ..........              (no amulet)
HPRegen 0.22/turn               n - +4 ring of evasion
MPRegen 0.24/turn               i - ring of protection from fire

@: no status effects
A: antennae 1, powered by pain 1, magic regeneration, weakness stinger 2,
demonic touch 1
a: Renounce Religion, Rising Flame


You were on level 8 of the Dungeon.
You worshipped Ignis.
Ignis was noncommittal.
You visited 1 branch of the dungeon, and saw 10 of its levels.

You collected 657 gold pieces.


Innate Abilities, Weirdness & Mutations

You have a pair of small antennae on your head.
You sometimes gain a little power by taking damage.
You regenerate magic rapidly.
You have a tail ending in a sharp stinger.
Your touch may inflict minor irresistible damage on your foes.


   Skills:
 + Level 6.3 Fighting
 - Level 10.1 Axes
 - Level 4.0 Armour
 - Level 1.0 Dodging
 - Level 7.0 Shields
 - Level 1.0 Spellcasting
 - Level 2.6 Fire Magic


You had 11 spell levels left.
You didn't know any spells.
Your spell library contained the following spells:

 Spells                   Type           Power      Damage    Failure   Level
 Scorch                   Fire           18%        2d5       100%        2

Inventory:

Hand Weapons
 Y - a +5 broad axe of flaming (weapon)
Armour
 b - a +0 pair of boots (worn)
 c - a +0 plate armour (worn)
 l - a +0 kite shield (worn)
Jewellery
 g - a +6 ring of dexterity
 i - a ring of protection from fire (right hand)
 n - a +4 ring of evasion (left hand)
Scrolls
 d - a scroll of identify
Potions
 e - 3 potions of curing
 f - a potion of resistance
 h - a potion of magic {unknown}
 j - 2 potions of cancellation
 k - 3 potions of haste
 p - a potion of flight {unknown}

Dungeon Overview and Level Annotations

Branches:
Dungeon (10/15)            Temple (0/1) D:6
   Lair: D:8-11         Orc: D:9-12

Altars:
Fedhas
Kikubaaqudgha
Makhleb
Qazlal
Ru
Sif Muna
Uskayaw
Wu Jian
Xom
Yredelemnul

Shops:
D:4 :

Annotations:
D:3 2 transporters, qw's ghost, weakling GrBe


Message History

Done exploring.
(D) Dungeon (T) Temple
Where to? (* - list waypoints, Enter - D:8, ? - help)
What level of the Dungeon? (default 1, ? - help)
There is a stone staircase leading up here.
You climb upwards.
There is a stone staircase leading down here.
Done exploring.
16743 ||| PLANNING CONVERSION TO OKAWARU
(D) Dungeon (T) Temple
Where to? (* - list waypoints, Enter - D:7, ? - help)
What level of the Dungeon? (default 1, ? - help)
You climb downwards.
There is a stone staircase leading up here.
16745 ||| PLANNING D:1-11 Done exploring.
16745 ||| PLANNING CONVERSION TO OKAWARU Done exploring.
16745 ||| PLANNING D:1-11
16745 ||| Stepping randomly (stuck).
Done exploring.
(D) Dungeon (T) Temple
Where to? (* - list waypoints, Enter - D:8, ? - help)
What level of the Dungeon? (default 1, ? - help)
There is a stone staircase leading up here.
You climb upwards.
There is a stone staircase leading down here.
Done exploring.
16749 ||| PLANNING CONVERSION TO OKAWARU
(D) Dungeon (T) Temple
Where to? (* - list waypoints, Enter - D:7, ? - help)
What level of the Dungeon? (default 1, ? - help)
You climb downwards.
There is a stone staircase leading up here.
16751 ||| PLANNING D:1-11 Done exploring.
16751 ||| PLANNING CONVERSION TO OKAWARU Done exploring.
16751 ||| PLANNING D:1-11 Are you sure you want to abandon this character and quit the game? (Confirm with "yes".)

###### #....##########
##'##...>#.....##
#8.8#...........##
#...#.........@..#
#...#............#
###...####.........#
8.......8#...>.....#
......._.#.........#
8.......8#.........#
.........#.<......#####
.........#.#..........#####
8_.._.._8######..###......#


There were no monsters in sight!

Vanquished Creatures
  Sigmund (D:5)
  A shadow (D:9)
  A wyvern (D:10)
  6 yaks (D:10)
  3 steam dragons
  3 orc warriors
  An ice beast (D:7)
  An ogre (D:5)
  4 centaurs
  Blork the orc (D:6)
  5 kobold brigands
  4 bullfrogs
  A necrophage (D:4)
  9 wights
  3 howler monkeys (D:8)
  5 orc priests
  3 hounds
  A jelly (D:5)
  2 iguanas
  Natasha (thrice) (D:2)
  7 orc wizards
  4 gnolls (D:4)
  6 adders
  A shadow imp (D:7)
  2 white imps
  2 ufetubi
  3 worms
  4 dart slugs
  27 orcs
  7 bats
  4 endoplasms
  2 giant cockroaches
  2 goblins
  12 hobgoblins
  6 jackals
  2 quokkas (D:4)
  6 ball pythons
  A frilled lizard (D:3)
  22 kobolds
  5 rats
183 creatures vanquished.

Vanquished Creatures (others)
  3 plants
3 creatures vanquished.

Grand Total: 186 creatures vanquished

Notes
Turn   | Place    | Note
-------+----------+-------------------------------------------
     0 | D:1      | qw the Demonspawn Cinder Acolyte began the quest for the
                  | Orb.
     0 | D:1      | Reached XP level 1. HP: 18/18 MP: 2/2
     0 | D:1      | 0 ||| qw: Version: 0.1-a-112-g44dc6cd
     0 | D:1      | 0 ||| qw: Game counter: 6860
     0 | D:1      | 0 ||| qw: Always use a shield: true
     0 | D:1      | 0 ||| qw: God list: Okawaru
     0 | D:1      | 0 ||| qw: Allow faded altars: false
     0 | D:1      | 0 ||| qw: Do Orc after D:15 true
     0 | D:1      | 0 ||| qw: Do second Lair branch before Depths: true
     0 | D:1      | 0 ||| qw: Lair rune preference: random
     0 | D:1      | 0 ||| qw: Plans: Normal
     0 | D:1      | 0 ||| PLANNING D:1-11
   162 | D:1      | 162 ||| INVOKING Fiery Armour.
   168 | D:1      | Reached skill level 3 in Axes
   529 | D:1      | 529 ||| INVOKING Fiery Armour.
   530 | D:1      | Discovered your monstrous ancestry.
   530 | D:1      | Gained mutation: You have a pair of small antennae on your
                  | head. [demonic ancestry]
   530 | D:1      | Reached XP level 2. HP: 8/24 MP: 3/3
   928 | D:1      | 928 ||| UPGRADING to +0 ring mail.
   938 | D:1      | 938 ||| DROPPING +0 robe.
   939 | D:1      | 939 ||| READING 2 scrolls labelled XOECYRI POBBI.
   940 | D:1      | 940 ||| READING 2 scrolls labelled XUATIXZ JICIE.
   941 | D:1      | 941 ||| READING scroll labelled NEFRAEDOOM.
  1078 | D:1      | 1078 ||| READING scroll labelled WIUPHO UTUXU.
  1079 | D:1      | 1079 ||| READING scroll labelled QOAROR QAITZ.
  1080 | D:1      | 1080 ||| READING scroll labelled GATHRI DYRGHO.
  1084 | D:1      | 1084 ||| DROPPING scroll of blinking.
  1112 | D:2      | Noticed Natasha
  1113 | D:2      | 1113 ||| Stepping ~*~*~tactically~*~*~ (hiding).
  1118 | D:2      | Killed Natasha
  1119 | D:2      | Reached skill level 4 in Axes
  1119 | D:2      | Gained mutation: You regenerate magic rapidly. [demonic
                  | ancestry]
  1119 | D:2      | Reached XP level 3. HP: 17/29 MP: 4/4
  1262 | D:2      | Noticed Natasha
  1271 | D:2      | 1271 ||| INVOKING Fiery Armour.
  1272 | D:2      | HP: 5/29 [Natasha (7)]
  1273 | D:2      | HP: 2/29 [Natasha/magic dart (3)]
  1274 | D:2      | Killed Natasha
  1602 | D:2      | Found a faded altar of an unknown god.
  1702 | D:2      | Identified the +6 flail of an ossuary {elec, rPois rCorr
                  | SInv}
  1733 | D:2      | Noticed Natasha
  1738 | D:2      | Killed Natasha
  1739 | D:2      | Gained mutation: You have a small tail. [demonic ancestry]
  1739 | D:2      | Reached XP level 4. HP: 22/35 MP: 5/5
  2496 | D:2      | 2496 ||| READING scroll labelled KOENTU GEPN.
  2597 | D:2      | 2597 ||| READING scroll labelled XYLUWE AMIAPP.
  2598 | D:2      | 2598 ||| READING scroll labelled LAOQ FOESOO.
  2684 | D:2      | 2684 ||| DRINKING 2 puce potions.
  2744 | D:3      | Reached skill level 5 in Axes
  3001 | D:3      | Found a stormy altar of Qazlal.
  3118 | D:3      | Found a transporter.
  3118 | D:3      | Noticed qw's ghost (weakling GrBe)
  3118 | D:3      | Noticed an ogre
  3119 | D:3      | Found a transporter.
  3206 | D:3      | Reached skill level 1 in Dodging
  3209 | D:3      | Reached XP level 5. HP: 35/41 MP: 6/6
  3209 | D:3      | 3209 ||| FLEEEEING.
  3210 | D:3      | 3210 ||| FLEEEEING.
  3211 | D:3      | 3211 ||| FLEEEEING.
  3212 | D:3      | 3212 ||| FLEEEEING.
  3213 | D:3      | 3213 ||| FLEEEEING.
  3214 | D:3      | 3214 ||| FLEEEEING.
  3215 | D:3      | 3215 ||| FLEEEEING.
  3216 | D:3      | 3216 ||| FLEEEEING.
  3217 | D:3      | 3217 ||| FLEEEEING.
  3218 | D:3      | 3218 ||| FLEEEEING.
  3470 | D:3      | 3470 ||| READING scroll labelled XEAD RAIDDOULOIDA.
  3516 | D:4      | Found an ancient bone altar of Kikubaaqudgha.
  3520 | D:4      | 3520 ||| STAIRDANCE
  3582 | D:4      | 3582 ||| SWAPPING to +2 hand axe of venom.
  3583 | D:4      | 3583 ||| DROPPING -1 hand axe of freezing.
  3614 | D:4      | You fall into a shaft and drop 2 floors!
  3616 | D:6      | Found a staircase to the Ecumenical Temple.
  3657 | D:6      | 3657 ||| Stepping ~*~*~tactically~*~*~ (stealth).
  3716 | D:6      | Noticed Blork the orc
  3717 | D:6      | 3717 ||| Stepping ~*~*~tactically~*~*~ (hiding).
  3718 | D:6      | 3718 ||| Stepping ~*~*~tactically~*~*~ (hiding).
  3720 | D:6      | 3720 ||| Stepping ~*~*~tactically~*~*~ (hiding).
  3727 | D:6      | Reached skill level 6 in Axes
  3727 | D:6      | Reached XP level 6. HP: 24/47 MP: 7/7
  3728 | D:6      | 3728 ||| INVOKING Fiery Armour.
  3736 | D:6      | Killed Blork the orc
  3737 | D:6      | Reached skill level 1 in Armour
  3759 | D:6      | 3759 ||| Stepping ~*~*~tactically~*~*~ (hiding).
  3946 | D:6      | 3946 ||| Stepping ~*~*~tactically~*~*~ (hiding).
  3947 | D:6      | 3947 ||| Stepping ~*~*~tactically~*~*~ (hiding).
  3948 | D:6      | 3948 ||| INVOKING Fiery Armour.
  4161 | D:6      | 4161 ||| SWAPPING to +4 hand axe.
  4162 | D:6      | 4162 ||| DROPPING +2 hand axe of venom.
  4188 | D:6      | 4188 ||| INVOKING Fiery Armour.
  4367 | D:6      | 4367 ||| UPGRADING to +0 chain mail.
  4377 | D:6      | 4377 ||| DROPPING +0 ring mail.
  4378 | D:6      | 4378 ||| READING scroll labelled LAMYTH ADYUTI.
  4381 | D:6      | 4381 ||| Stepping ~*~*~tactically~*~*~ (hiding).
  4382 | D:6      | 4382 ||| Stepping ~*~*~tactically~*~*~ (hiding).
  4383 | D:6      | 4383 ||| Stepping ~*~*~tactically~*~*~ (hiding).
  4387 | D:6      | 4387 ||| INVOKING Fiery Armour.
  4416 | D:5      | Entered Level 5 of the Dungeon
  4462 | D:5      | Gained mutation: You sometimes gain a little power by
                  | taking damage. [demonic ancestry]
  4462 | D:5      | Reached XP level 7. HP: 54/54 MP: 8/8
  4516 | D:5      | 4516 ||| READING 2 scrolls of identify.
  4516 | D:5      | 4516 ||| IDENTIFYING bubbling white potion
  4517 | D:5      | 4517 ||| DROPPING potion of attraction.
  4526 | D:5      | 4526 ||| Stepping ~*~*~tactically~*~*~ (stealth).
  4591 | D:4      | 4591 ||| INVOKING Fiery Armour.
  4781 | D:4      | Found a blossoming altar of Fedhas.
  4801 | D:4      | Noticed a steam dragon
  4813 | D:4      | 4813 ||| INVOKING Fiery Armour.
  4815 | D:4      | Killed a steam dragon
  4816 | D:4      | Reached skill level 7 in Axes
  5130 | D:4      | 5130 ||| Stepping ~*~*~tactically~*~*~ (hiding).
  5634 | D:4      | Found Zivowus's Book Shoppe.
  5822 | D:4      | 5822 ||| SWAPPING to +0 war axe.
  5823 | D:4      | 5823 ||| DROPPING +4 hand axe.
  5824 | D:4      | 5824 ||| UPGRADING to +0 kite shield.
  5829 | D:4      | 5829 ||| DROPPING scarf of harm.
  5830 | D:4      | 5830 ||| READING 2 scrolls labelled ZATAKA PEGIDAIR.
  5831 | D:4      | 5831 ||| READING scroll of enchant weapon.
  5831 | D:4      | 5831 ||| ENCHANTING +1 war axe.
  5832 | D:4      | 5832 ||| READING scroll labelled EXIUN ZIHA.
  5832 | D:4      | Identified a scroll of acquirement
  5832 | D:4      | 5832 ||| ACQUIRING +5 broad axe of flaming
  5832 | D:4      | Acquired a +5 broad axe of flaming
  5834 | D:4      | 5834 ||| SWAPPING to +5 broad axe of flaming.
  5835 | D:4      | 5835 ||| DROPPING +6 flail of an ossuary {elec, rPois rCorr
                  | SInv}.
  5836 | D:4      | 5836 ||| DROPPING +2 war axe.
  5837 | D:4      | 5837 ||| DRINKING 4 gluggy clear potions.
  5838 | D:4      | 5838 ||| READING 2 scrolls of identify.
  5838 | D:4      | 5838 ||| IDENTIFYING black potion
  5852 | D:5      | 5852 ||| Stepping ~*~*~tactically~*~*~ (stealth).
  5855 | D:5      | 5855 ||| Stepping ~*~*~tactically~*~*~ (stealth).
  5868 | D:5      | Reached skill level 1 in Shields
  5979 | D:5      | Noticed Sigmund
  5991 | D:5      | Killed Sigmund
  5992 | D:5      | Reached skill level 3 in Shields
  5992 | D:5      | Gained mutation: You have a tail ending in a sharp stinger.
                  | [demonic ancestry]
  5992 | D:5      | Reached XP level 8. HP: 32/60 MP: 9/9
  6219 | D:5      | Found a sacrificial altar of Ru.
  6609 | D:5      | 6609 ||| UPGRADING to +4 ring of evasion.
  6610 | D:5      | 6610 ||| READING scroll labelled GOAPNA GUQUX.
  6611 | D:5      | 6611 ||| DRINKING 2 green potions.
  6612 | D:5      | 6612 ||| READING 3 scrolls of teleportation.
  7159 | D:6      | 7159 ||| UPGRADING to +0 plate armour.
  7169 | D:6      | 7169 ||| DROPPING +0 chain mail.
  7170 | D:6      | 7170 ||| DRINKING 2 murky brown potions.
  7171 | D:6      | 7171 ||| DROPPING potion of degeneration.
  7229 | D:7      | 7229 ||| Stepping ~*~*~tactically~*~*~ (stealth).
  7231 | D:7      | 7231 ||| Stepping ~*~*~tactically~*~*~ (stealth).
  7242 | D:7      | Reached skill level 3 in Armour
  7269 | D:7      | 7269 ||| Stepping ~*~*~tactically~*~*~ (stealth).
  7274 | D:7      | 7274 ||| Stepping ~*~*~tactically~*~*~ (stealth).
  7279 | D:7      | 7279 ||| FLEEEEING.
  7280 | D:7      | 7280 ||| FLEEEEING.
  7281 | D:7      | 7281 ||| FLEEEEING.
  7282 | D:7      | 7282 ||| FLEEEEING.
  7283 | D:7      | 7283 ||| FLEEEEING.
  7284 | D:7      | 7284 ||| FLEEEEING.
  7285 | D:7      | 7285 ||| FLEEEEING.
  7286 | D:7      | 7286 ||| FLEEEEING.
  7287 | D:7      | 7287 ||| FLEEEEING.
  7288 | D:7      | 7288 ||| FLEEEEING.
  7289 | D:7      | 7289 ||| FLEEEEING.
  7290 | D:7      | 7290 ||| FLEEEEING.
  7291 | D:7      | 7291 ||| INVOKING Fiery Armour.
  7298 | D:7      | Reached skill level 8 in Axes
  7303 | D:7      | HP: 11/60 [wight/+2 falchion (9)]
  7303 | D:7      | HP: 4/60 [wight/+1 halberd (7)]
  7304 | D:7      | 7304 ||| READING 2 scrolls of teleportation.
  7307 | D:7      | Gained mutation: Your touch may inflict minor irresistible
                  | damage on your foes. [demonic ancestry]
  7307 | D:7      | Reached XP level 9. HP: 4/67 MP: 10/10
  7315 | D:7      | 7315 ||| READING scroll of teleportation.
  7316 | D:7      | 7316 ||| Stepping ~*~*~tactically~*~*~ (hiding).
  7334 | D:7      | 7334 ||| Stepping ~*~*~tactically~*~*~ (stealth).
  7335 | D:7      | 7335 ||| Stepping ~*~*~tactically~*~*~ (stealth).
  7500 | D:7      | 7500 ||| FLEEEEING.
  7501 | D:7      | 7501 ||| STAIRDANCE
  7608 | D:7      | 7608 ||| STAIRDANCE
  7627 | D:7      | 7627 ||| STAIRDANCE
  7673 | D:7      | Reached skill level 6 in Shields
  7818 | D:7      | Found a hide-covered altar of Uskayaw.
  7910 | D:7      | Found a basalt altar of Yredelemnul.
  7911 | D:7      | Found an ornate altar of the Wu Jian Council.
  8167 | D:7      | Found a shimmering blue altar of Sif Muna.
  8168 | D:7      | 8168 ||| UPGRADING to +0 pair of boots.
  8173 | D:7      | 8173 ||| UPGRADING to ring of protection from fire.
  8174 | D:7      | 8174 ||| READING scroll labelled COGGOCO YXAEN.
  8175 | D:7      | 8175 ||| READING 3 scrolls of identify.
  8175 | D:7      | 8175 ||| IDENTIFYING fuming orange potion
  8176 | D:7      | 8176 ||| READING 2 scrolls of identify.
  8176 | D:7      | 8176 ||| IDENTIFYING clear potion
  8177 | D:7      | 8177 ||| DROPPING potion of ambrosia.
  8178 | D:7      | 8178 ||| DROPPING potion of lignification.
  8207 | D:8      | Found an iron altar of Okawaru.
  8210 | D:8      | Found a burning altar of Makhleb.
  8210 | D:8      | Found a sparkling altar of Nemelex Xobeh.
  8212 | D:8      | Found a shimmering altar of Xom.
  8242 | D:8      | 8242 ||| DRINKING 2 potions of curing.
  8242 | D:8      | 8242 ||| (to cure confusion)
  8246 | D:8      | 8246 ||| Stepping ~*~*~tactically~*~*~ (stealth).
  8264 | D:8      | 8264 ||| Stepping ~*~*~tactically~*~*~ (stealth).
  8269 | D:8      | 8269 ||| Stepping ~*~*~tactically~*~*~ (stealth).
  8300 | D:8      | 8300 ||| Stepping ~*~*~tactically~*~*~ (hiding).
  8301 | D:8      | 8301 ||| Stepping ~*~*~tactically~*~*~ (hiding).
  8311 | D:8      | Reached skill level 9 in Axes
  8589 | D:8      | 8589 ||| Stepping ~*~*~tactically~*~*~ (hiding).
  8590 | D:8      | 8590 ||| Stepping ~*~*~tactically~*~*~ (hiding).
  8591 | D:8      | 8591 ||| Stepping ~*~*~tactically~*~*~ (hiding).
  8593 | D:8      | 8593 ||| Stepping ~*~*~tactically~*~*~ (hiding).
  8594 | D:8      | 8594 ||| Stepping ~*~*~tactically~*~*~ (hiding).
  8946 | D:8      | 8946 ||| DRINKING 2 purple potions.
  8947 | D:8      | 8947 ||| DROPPING potion of brilliance.
  8977 | D:9      | Found a flagged portal.
  8978 | D:9      | 8978 ||| STAIRDANCE
  8986 | D:9      | 8986 ||| STAIRDANCE
  8988 | D:9      | 8988 ||| DRINKING 2 potions of curing.
  8988 | D:9      | 8988 ||| (to cure confusion)
  8989 | D:9      | 8989 ||| STAIRDANCE
  9014 | D:9      | 9014 ||| STAIRDANCE
  9215 | D:9      | Reached skill level 6 in Fighting
  9480 | D:9      | 9480 ||| Stepping ~*~*~tactically~*~*~ (hiding).
  9482 | D:9      | 9482 ||| Stepping ~*~*~tactically~*~*~ (hiding).
  9789 | D:9      | 9789 ||| Stepping ~*~*~tactically~*~*~ (hiding).
  9828 | D:9      | 9828 ||| INVOKING Fiery Armour.
 10240 | D:9      | 10240 ||| DROPPING scarf of shadows.
 10269 | D:10     | Entered Level 10 of the Dungeon
 10273 | D:10     | 10273 ||| INVOKING Fiery Armour.
 10282 | D:10     | Reached XP level 10. HP: 57/76 MP: 11/11
 10504 | D:10     | Reached skill level 10 in Axes
 10712 | D:10     | 10712 ||| PLANNING CONVERSION TO OKAWARU
 10744 | D:8      | 10744 ||| PLANNING D:1-11
 10751 | D:8      | 10751 ||| PLANNING CONVERSION TO OKAWARU
 10751 | D:8      | 10751 ||| PLANNING D:1-11
 10751 | D:8      | 10751 ||| Stepping randomly (stuck).
 10755 | D:7      | 10755 ||| PLANNING CONVERSION TO OKAWARU
 10757 | D:8      | 10757 ||| PLANNING D:1-11
 10757 | D:8      | 10757 ||| PLANNING CONVERSION TO OKAWARU
 10757 | D:8      | 10757 ||| PLANNING D:1-11
 10757 | D:8      | 10757 ||| Stepping randomly (stuck).
 10761 | D:7      | 10761 ||| PLANNING CONVERSION TO OKAWARU
 10763 | D:8      | 10763 ||| PLANNING D:1-11
 10763 | D:8      | 10763 ||| PLANNING CONVERSION TO OKAWARU
 10763 | D:8      | 10763 ||| PLANNING D:1-11
 10763 | D:8      | 10763 ||| Stepping randomly (stuck).
 10767 | D:7      | 10767 ||| PLANNING CONVERSION TO OKAWARU
 10769 | D:8      | 10769 ||| PLANNING D:1-11
 10769 | D:8      | 10769 ||| PLANNING CONVERSION TO OKAWARU
 10769 | D:8      | 10769 ||| PLANNING D:1-11
 10769 | D:8      | 10769 ||| Stepping randomly (stuck).
 10773 | D:7      | 10773 ||| PLANNING CONVERSION TO OKAWARU
 10775 | D:8      | 10775 ||| PLANNING D:1-11
 10775 | D:8      | 10775 ||| PLANNING CONVERSION TO OKAWARU
 10775 | D:8      | 10775 ||| PLANNING D:1-11
 10775 | D:8      | 10775 ||| Stepping randomly (stuck).
 10779 | D:7      | 10779 ||| PLANNING CONVERSION TO OKAWARU
 10781 | D:8      | 10781 ||| PLANNING D:1-11
 10781 | D:8      | 10781 ||| PLANNING CONVERSION TO OKAWARU
 10781 | D:8      | 10781 ||| PLANNING D:1-11
 10781 | D:8      | 10781 ||| Stepping randomly (stuck).
 10785 | D:7      | 10785 ||| PLANNING CONVERSION TO OKAWARU
 10787 | D:8      | 10787 ||| PLANNING D:1-11
 10787 | D:8      | 10787 ||| PLANNING CONVERSION TO OKAWARU
 10787 | D:8      | 10787 ||| PLANNING D:1-11
 10787 | D:8      | 10787 ||| Stepping randomly (stuck).
 10791 | D:7      | 10791 ||| PLANNING CONVERSION TO OKAWARU
 10793 | D:8      | 10793 ||| PLANNING D:1-11
 10793 | D:8      | 10793 ||| PLANNING CONVERSION TO OKAWARU
 10793 | D:8      | 10793 ||| PLANNING D:1-11
 10793 | D:8      | 10793 ||| Stepping randomly (stuck).
 10797 | D:7      | 10797 ||| PLANNING CONVERSION TO OKAWARU
 10799 | D:8      | 10799 ||| PLANNING D:1-11
 10799 | D:8      | 10799 ||| PLANNING CONVERSION TO OKAWARU
 10799 | D:8      | 10799 ||| PLANNING D:1-11
 10799 | D:8      | 10799 ||| Stepping randomly (stuck).
 10803 | D:7      | 10803 ||| PLANNING CONVERSION TO OKAWARU
 10805 | D:8      | 10805 ||| PLANNING D:1-11
 10805 | D:8      | 10805 ||| PLANNING CONVERSION TO OKAWARU
 10805 | D:8      | 10805 ||| PLANNING D:1-11
 10805 | D:8      | 10805 ||| Stepping randomly (stuck).
 10809 | D:7      | 10809 ||| PLANNING CONVERSION TO OKAWARU
 10811 | D:8      | 10811 ||| PLANNING D:1-11
 10811 | D:8      | 10811 ||| PLANNING CONVERSION TO OKAWARU
 10811 | D:8      | 10811 ||| PLANNING D:1-11
 10811 | D:8      | 10811 ||| Stepping randomly (stuck).
 10815 | D:7      | 10815 ||| PLANNING CONVERSION TO OKAWARU
 10817 | D:8      | 10817 ||| PLANNING D:1-11
 10817 | D:8      | 10817 ||| PLANNING CONVERSION TO OKAWARU
 10817 | D:8      | 10817 ||| PLANNING D:1-11
 10817 | D:8      | 10817 ||| Stepping randomly (stuck).
 10821 | D:7      | 10821 ||| PLANNING CONVERSION TO OKAWARU
 10823 | D:8      | 10823 ||| PLANNING D:1-11
 10823 | D:8      | 10823 ||| PLANNING CONVERSION TO OKAWARU
 10823 | D:8      | 10823 ||| PLANNING D:1-11
 10823 | D:8      | 10823 ||| Stepping randomly (stuck).
 10827 | D:7      | 10827 ||| PLANNING CONVERSION TO OKAWARU
 10829 | D:8      | 10829 ||| PLANNING D:1-11
 10829 | D:8      | 10829 ||| PLANNING CONVERSION TO OKAWARU
 10829 | D:8      | 10829 ||| PLANNING D:1-11
 10829 | D:8      | 10829 ||| Stepping randomly (stuck).
 10833 | D:7      | 10833 ||| PLANNING CONVERSION TO OKAWARU
 10835 | D:8      | 10835 ||| PLANNING D:1-11
 10835 | D:8      | 10835 ||| PLANNING CONVERSION TO OKAWARU
 10835 | D:8      | 10835 ||| PLANNING D:1-11
 10835 | D:8      | 10835 ||| Stepping randomly (stuck).
 10839 | D:7      | 10839 ||| PLANNING CONVERSION TO OKAWARU
 10841 | D:8      | 10841 ||| PLANNING D:1-11
 10841 | D:8      | 10841 ||| PLANNING CONVERSION TO OKAWARU
 10841 | D:8      | 10841 ||| PLANNING D:1-11
 10841 | D:8      | 10841 ||| Stepping randomly (stuck).
 10845 | D:7      | 10845 ||| PLANNING CONVERSION TO OKAWARU
 10847 | D:8      | 10847 ||| PLANNING D:1-11
 10847 | D:8      | 10847 ||| PLANNING CONVERSION TO OKAWARU
 10847 | D:8      | 10847 ||| PLANNING D:1-11
 10847 | D:8      | 10847 ||| Stepping randomly (stuck).
 10851 | D:7      | 10851 ||| PLANNING CONVERSION TO OKAWARU
 10853 | D:8      | 10853 ||| PLANNING D:1-11
 10853 | D:8      | 10853 ||| PLANNING CONVERSION TO OKAWARU
 10853 | D:8      | 10853 ||| PLANNING D:1-11
 10853 | D:8      | 10853 ||| Stepping randomly (stuck).
 10857 | D:7      | 10857 ||| PLANNING CONVERSION TO OKAWARU
 10859 | D:8      | 10859 ||| PLANNING D:1-11
 10859 | D:8      | 10859 ||| PLANNING CONVERSION TO OKAWARU
 10859 | D:8      | 10859 ||| PLANNING D:1-11
 10859 | D:8      | 10859 ||| Stepping randomly (stuck).
 10863 | D:7      | 10863 ||| PLANNING CONVERSION TO OKAWARU
 10865 | D:8      | 10865 ||| PLANNING D:1-11
 10865 | D:8      | 10865 ||| PLANNING CONVERSION TO OKAWARU
 10865 | D:8      | 10865 ||| PLANNING D:1-11
 10865 | D:8      | 10865 ||| Stepping randomly (stuck).
 10869 | D:7      | 10869 ||| PLANNING CONVERSION TO OKAWARU
 10871 | D:8      | 10871 ||| PLANNING D:1-11
 10871 | D:8      | 10871 ||| PLANNING CONVERSION TO OKAWARU
 10871 | D:8      | 10871 ||| PLANNING D:1-11
 10871 | D:8      | 10871 ||| Stepping randomly (stuck).
 10875 | D:7      | 10875 ||| PLANNING CONVERSION TO OKAWARU
 10877 | D:8      | 10877 ||| PLANNING D:1-11
 10877 | D:8      | 10877 ||| PLANNING CONVERSION TO OKAWARU
 10877 | D:8      | 10877 ||| PLANNING D:1-11
 10877 | D:8      | 10877 ||| Stepping randomly (stuck).
 10881 | D:7      | 10881 ||| PLANNING CONVERSION TO OKAWARU
 10883 | D:8      | 10883 ||| PLANNING D:1-11
 10883 | D:8      | 10883 ||| PLANNING CONVERSION TO OKAWARU
 10883 | D:8      | 10883 ||| PLANNING D:1-11
 10883 | D:8      | 10883 ||| Stepping randomly (stuck).
 10887 | D:7      | 10887 ||| PLANNING CONVERSION TO OKAWARU
 10889 | D:8      | 10889 ||| PLANNING D:1-11
 10889 | D:8      | 10889 ||| PLANNING CONVERSION TO OKAWARU
 10889 | D:8      | 10889 ||| PLANNING D:1-11
 10889 | D:8      | 10889 ||| Stepping randomly (stuck).
 10893 | D:7      | 10893 ||| PLANNING CONVERSION TO OKAWARU
 10895 | D:8      | 10895 ||| PLANNING D:1-11
 10895 | D:8      | 10895 ||| PLANNING CONVERSION TO OKAWARU
 10895 | D:8      | 10895 ||| PLANNING D:1-11
 10895 | D:8      | 10895 ||| Stepping randomly (stuck).
 10899 | D:7      | 10899 ||| PLANNING CONVERSION TO OKAWARU
 10901 | D:8      | 10901 ||| PLANNING D:1-11
 10901 | D:8      | 10901 ||| PLANNING CONVERSION TO OKAWARU
 10901 | D:8      | 10901 ||| PLANNING D:1-11
 10901 | D:8      | 10901 ||| Stepping randomly (stuck).
 10905 | D:7      | 10905 ||| PLANNING CONVERSION TO OKAWARU
 10907 | D:8      | 10907 ||| PLANNING D:1-11
 10907 | D:8      | 10907 ||| PLANNING CONVERSION TO OKAWARU
 10907 | D:8      | 10907 ||| PLANNING D:1-11
 10907 | D:8      | 10907 ||| Stepping randomly (stuck).
 10911 | D:7      | 10911 ||| PLANNING CONVERSION TO OKAWARU
 10913 | D:8      | 10913 ||| PLANNING D:1-11
 10913 | D:8      | 10913 ||| PLANNING CONVERSION TO OKAWARU
 10913 | D:8      | 10913 ||| PLANNING D:1-11
 10913 | D:8      | 10913 ||| Stepping randomly (stuck).
 10917 | D:7      | 10917 ||| PLANNING CONVERSION TO OKAWARU
 10919 | D:8      | 10919 ||| PLANNING D:1-11
 10919 | D:8      | 10919 ||| PLANNING CONVERSION TO OKAWARU
 10919 | D:8      | 10919 ||| PLANNING D:1-11
 10919 | D:8      | 10919 ||| Stepping randomly (stuck).
 10923 | D:7      | 10923 ||| PLANNING CONVERSION TO OKAWARU
 10925 | D:8      | 10925 ||| PLANNING D:1-11
 10925 | D:8      | 10925 ||| PLANNING CONVERSION TO OKAWARU
 10925 | D:8      | 10925 ||| PLANNING D:1-11
 10925 | D:8      | 10925 ||| Stepping randomly (stuck).
 10929 | D:7      | 10929 ||| PLANNING CONVERSION TO OKAWARU
 10931 | D:8      | 10931 ||| PLANNING D:1-11
 10931 | D:8      | 10931 ||| PLANNING CONVERSION TO OKAWARU
 10931 | D:8      | 10931 ||| PLANNING D:1-11
 10931 | D:8      | 10931 ||| Stepping randomly (stuck).
 10935 | D:7      | 10935 ||| PLANNING CONVERSION TO OKAWARU
 10937 | D:8      | 10937 ||| PLANNING D:1-11
 10937 | D:8      | 10937 ||| PLANNING CONVERSION TO OKAWARU
 10937 | D:8      | 10937 ||| PLANNING D:1-11
 10937 | D:8      | 10937 ||| Stepping randomly (stuck).
 10941 | D:7      | 10941 ||| PLANNING CONVERSION TO OKAWARU
 10943 | D:8      | 10943 ||| PLANNING D:1-11
 10943 | D:8      | 10943 ||| PLANNING CONVERSION TO OKAWARU
 10943 | D:8      | 10943 ||| PLANNING D:1-11
 10943 | D:8      | 10943 ||| Stepping randomly (stuck).
 10947 | D:7      | 10947 ||| PLANNING CONVERSION TO OKAWARU
 10949 | D:8      | 10949 ||| PLANNING D:1-11
 10949 | D:8      | 10949 ||| PLANNING CONVERSION TO OKAWARU
 10949 | D:8      | 10949 ||| PLANNING D:1-11
 10949 | D:8      | 10949 ||| Stepping randomly (stuck).
 10953 | D:7      | 10953 ||| PLANNING CONVERSION TO OKAWARU
 10955 | D:8      | 10955 ||| PLANNING D:1-11
 10955 | D:8      | 10955 ||| PLANNING CONVERSION TO OKAWARU
 10955 | D:8      | 10955 ||| PLANNING D:1-11
 10955 | D:8      | 10955 ||| Stepping randomly (stuck).
 10959 | D:7      | 10959 ||| PLANNING CONVERSION TO OKAWARU
 10961 | D:8      | 10961 ||| PLANNING D:1-11
 10961 | D:8      | 10961 ||| PLANNING CONVERSION TO OKAWARU
 10961 | D:8      | 10961 ||| PLANNING D:1-11
 10961 | D:8      | 10961 ||| Stepping randomly (stuck).
 10965 | D:7      | 10965 ||| PLANNING CONVERSION TO OKAWARU
 10967 | D:8      | 10967 ||| PLANNING D:1-11
 10967 | D:8      | 10967 ||| PLANNING CONVERSION TO OKAWARU
 10967 | D:8      | 10967 ||| PLANNING D:1-11
 10967 | D:8      | 10967 ||| Stepping randomly (stuck).
 10971 | D:7      | 10971 ||| PLANNING CONVERSION TO OKAWARU
 10973 | D:8      | 10973 ||| PLANNING D:1-11
 10973 | D:8      | 10973 ||| PLANNING CONVERSION TO OKAWARU
 10973 | D:8      | 10973 ||| PLANNING D:1-11
 10973 | D:8      | 10973 ||| Stepping randomly (stuck).
 10977 | D:7      | 10977 ||| PLANNING CONVERSION TO OKAWARU
 10979 | D:8      | 10979 ||| PLANNING D:1-11
 10979 | D:8      | 10979 ||| PLANNING CONVERSION TO OKAWARU
 10979 | D:8      | 10979 ||| PLANNING D:1-11
 10979 | D:8      | 10979 ||| Stepping randomly (stuck).
 10983 | D:7      | 10983 ||| PLANNING CONVERSION TO OKAWARU
 10985 | D:8      | 10985 ||| PLANNING D:1-11
 10985 | D:8      | 10985 ||| PLANNING CONVERSION TO OKAWARU
 10985 | D:8      | 10985 ||| PLANNING D:1-11
 10985 | D:8      | 10985 ||| Stepping randomly (stuck).
 10989 | D:7      | 10989 ||| PLANNING CONVERSION TO OKAWARU
 10991 | D:8      | 10991 ||| PLANNING D:1-11
 10991 | D:8      | 10991 ||| PLANNING CONVERSION TO OKAWARU
 10991 | D:8      | 10991 ||| PLANNING D:1-11
 10991 | D:8      | 10991 ||| Stepping randomly (stuck).
 10995 | D:7      | 10995 ||| PLANNING CONVERSION TO OKAWARU
 10997 | D:8      | 10997 ||| PLANNING D:1-11
 10997 | D:8      | 10997 ||| PLANNING CONVERSION TO OKAWARU
 10997 | D:8      | 10997 ||| PLANNING D:1-11
 10997 | D:8      | 10997 ||| Stepping randomly (stuck).
 11001 | D:7      | 11001 ||| PLANNING CONVERSION TO OKAWARU
 11003 | D:8      | 11003 ||| PLANNING D:1-11
 11003 | D:8      | 11003 ||| PLANNING CONVERSION TO OKAWARU
 11003 | D:8      | 11003 ||| PLANNING D:1-11
 11003 | D:8      | 11003 ||| Stepping randomly (stuck).
 11007 | D:7      | 11007 ||| PLANNING CONVERSION TO OKAWARU
 11009 | D:8      | 11009 ||| PLANNING D:1-11
 11009 | D:8      | 11009 ||| PLANNING CONVERSION TO OKAWARU
 11009 | D:8      | 11009 ||| PLANNING D:1-11
 11009 | D:8      | 11009 ||| Stepping randomly (stuck).
 11013 | D:7      | 11013 ||| PLANNING CONVERSION TO OKAWARU
 11015 | D:8      | 11015 ||| PLANNING D:1-11
 11015 | D:8      | 11015 ||| PLANNING CONVERSION TO OKAWARU
 11015 | D:8      | 11015 ||| PLANNING D:1-11
 11015 | D:8      | 11015 ||| Stepping randomly (stuck).
 11019 | D:7      | 11019 ||| PLANNING CONVERSION TO OKAWARU
 11021 | D:8      | 11021 ||| PLANNING D:1-11
 11021 | D:8      | 11021 ||| PLANNING CONVERSION TO OKAWARU
 11021 | D:8      | 11021 ||| PLANNING D:1-11
 11021 | D:8      | 11021 ||| Stepping randomly (stuck).
 11025 | D:7      | 11025 ||| PLANNING CONVERSION TO OKAWARU
 11027 | D:8      | 11027 ||| PLANNING D:1-11
 11027 | D:8      | 11027 ||| PLANNING CONVERSION TO OKAWARU
 11027 | D:8      | 11027 ||| PLANNING D:1-11
 11027 | D:8      | 11027 ||| Stepping randomly (stuck).
 11031 | D:7      | 11031 ||| PLANNING CONVERSION TO OKAWARU
 11033 | D:8      | 11033 ||| PLANNING D:1-11
 11033 | D:8      | 11033 ||| PLANNING CONVERSION TO OKAWARU
 11033 | D:8      | 11033 ||| PLANNING D:1-11
 11033 | D:8      | 11033 ||| Stepping randomly (stuck).
 11037 | D:7      | 11037 ||| PLANNING CONVERSION TO OKAWARU
 11039 | D:8      | 11039 ||| PLANNING D:1-11
 11039 | D:8      | 11039 ||| PLANNING CONVERSION TO OKAWARU
 11039 | D:8      | 11039 ||| PLANNING D:1-11
 11039 | D:8      | 11039 ||| Stepping randomly (stuck).
 11043 | D:7      | 11043 ||| PLANNING CONVERSION TO OKAWARU
 11045 | D:8      | 11045 ||| PLANNING D:1-11
 11045 | D:8      | 11045 ||| PLANNING CONVERSION TO OKAWARU
 11045 | D:8      | 11045 ||| PLANNING D:1-11
 11045 | D:8      | 11045 ||| Stepping randomly (stuck).
 11049 | D:7      | 11049 ||| PLANNING CONVERSION TO OKAWARU
 11051 | D:8      | 11051 ||| PLANNING D:1-11
 11051 | D:8      | 11051 ||| PLANNING CONVERSION TO OKAWARU
 11051 | D:8      | 11051 ||| PLANNING D:1-11
 11051 | D:8      | 11051 ||| Stepping randomly (stuck).
 11055 | D:7      | 11055 ||| PLANNING CONVERSION TO OKAWARU
 11057 | D:8      | 11057 ||| PLANNING D:1-11
 11057 | D:8      | 11057 ||| PLANNING CONVERSION TO OKAWARU
 11057 | D:8      | 11057 ||| PLANNING D:1-11
 11057 | D:8      | 11057 ||| Stepping randomly (stuck).
 11061 | D:7      | 11061 ||| PLANNING CONVERSION TO OKAWARU
 11063 | D:8      | 11063 ||| PLANNING D:1-11
 11063 | D:8      | 11063 ||| PLANNING CONVERSION TO OKAWARU
 11063 | D:8      | 11063 ||| PLANNING D:1-11
 11063 | D:8      | 11063 ||| Stepping randomly (stuck).
 11067 | D:7      | 11067 ||| PLANNING CONVERSION TO OKAWARU
 11069 | D:8      | 11069 ||| PLANNING D:1-11
 11069 | D:8      | 11069 ||| PLANNING CONVERSION TO OKAWARU
 11069 | D:8      | 11069 ||| PLANNING D:1-11
 11069 | D:8      | 11069 ||| Stepping randomly (stuck).
 11073 | D:7      | 11073 ||| PLANNING CONVERSION TO OKAWARU
 11075 | D:8      | 11075 ||| PLANNING D:1-11
 11075 | D:8      | 11075 ||| PLANNING CONVERSION TO OKAWARU
 11075 | D:8      | 11075 ||| PLANNING D:1-11
 11075 | D:8      | 11075 ||| Stepping randomly (stuck).
 11079 | D:7      | 11079 ||| PLANNING CONVERSION TO OKAWARU
 11081 | D:8      | 11081 ||| PLANNING D:1-11
 11081 | D:8      | 11081 ||| PLANNING CONVERSION TO OKAWARU
 11081 | D:8      | 11081 ||| PLANNING D:1-11
 11081 | D:8      | 11081 ||| Stepping randomly (stuck).
 11085 | D:7      | 11085 ||| PLANNING CONVERSION TO OKAWARU
 11087 | D:8      | 11087 ||| PLANNING D:1-11
 11087 | D:8      | 11087 ||| PLANNING CONVERSION TO OKAWARU
 11087 | D:8      | 11087 ||| PLANNING D:1-11
 11087 | D:8      | 11087 ||| Stepping randomly (stuck).
 11091 | D:7      | 11091 ||| PLANNING CONVERSION TO OKAWARU
 11093 | D:8      | 11093 ||| PLANNING D:1-11
 11093 | D:8      | 11093 ||| PLANNING CONVERSION TO OKAWARU
 11093 | D:8      | 11093 ||| PLANNING D:1-11
 11093 | D:8      | 11093 ||| Stepping randomly (stuck).
 11097 | D:7      | 11097 ||| PLANNING CONVERSION TO OKAWARU
 11099 | D:8      | 11099 ||| PLANNING D:1-11
 11099 | D:8      | 11099 ||| PLANNING CONVERSION TO OKAWARU
 11099 | D:8      | 11099 ||| PLANNING D:1-11
 11099 | D:8      | 11099 ||| Stepping randomly (stuck).
 11103 | D:7      | 11103 ||| PLANNING CONVERSION TO OKAWARU
 11105 | D:8      | 11105 ||| PLANNING D:1-11
 11105 | D:8      | 11105 ||| PLANNING CONVERSION TO OKAWARU
 11105 | D:8      | 11105 ||| PLANNING D:1-11
 11105 | D:8      | 11105 ||| Stepping randomly (stuck).
 11109 | D:7      | 11109 ||| PLANNING CONVERSION TO OKAWARU
 11111 | D:8      | 11111 ||| PLANNING D:1-11
 11111 | D:8      | 11111 ||| PLANNING CONVERSION TO OKAWARU
 11111 | D:8      | 11111 ||| PLANNING D:1-11
 11111 | D:8      | 11111 ||| Stepping randomly (stuck).
 11115 | D:7      | 11115 ||| PLANNING CONVERSION TO OKAWARU
 11117 | D:8      | 11117 ||| PLANNING D:1-11
 11117 | D:8      | 11117 ||| PLANNING CONVERSION TO OKAWARU
 11117 | D:8      | 11117 ||| PLANNING D:1-11
 11117 | D:8      | 11117 ||| Stepping randomly (stuck).
 11121 | D:7      | 11121 ||| PLANNING CONVERSION TO OKAWARU
 11123 | D:8      | 11123 ||| PLANNING D:1-11
 11123 | D:8      | 11123 ||| PLANNING CONVERSION TO OKAWARU
 11123 | D:8      | 11123 ||| PLANNING D:1-11
 11123 | D:8      | 11123 ||| Stepping randomly (stuck).
 11127 | D:7      | 11127 ||| PLANNING CONVERSION TO OKAWARU
 11129 | D:8      | 11129 ||| PLANNING D:1-11
 11129 | D:8      | 11129 ||| PLANNING CONVERSION TO OKAWARU
 11129 | D:8      | 11129 ||| PLANNING D:1-11
 11129 | D:8      | 11129 ||| Stepping randomly (stuck).
 11133 | D:7      | 11133 ||| PLANNING CONVERSION TO OKAWARU
 11135 | D:8      | 11135 ||| PLANNING D:1-11
 11135 | D:8      | 11135 ||| PLANNING CONVERSION TO OKAWARU
 11135 | D:8      | 11135 ||| PLANNING D:1-11
 11135 | D:8      | 11135 ||| Stepping randomly (stuck).
 11139 | D:7      | 11139 ||| PLANNING CONVERSION TO OKAWARU
 11141 | D:8      | 11141 ||| PLANNING D:1-11
 11141 | D:8      | 11141 ||| PLANNING CONVERSION TO OKAWARU
 11141 | D:8      | 11141 ||| PLANNING D:1-11
 11141 | D:8      | 11141 ||| Stepping randomly (stuck).
 11145 | D:7      | 11145 ||| PLANNING CONVERSION TO OKAWARU
 11147 | D:8      | 11147 ||| PLANNING D:1-11
 11147 | D:8      | 11147 ||| PLANNING CONVERSION TO OKAWARU
 11147 | D:8      | 11147 ||| PLANNING D:1-11
 11147 | D:8      | 11147 ||| Stepping randomly (stuck).
 11151 | D:7      | 11151 ||| PLANNING CONVERSION TO OKAWARU
 11153 | D:8      | 11153 ||| PLANNING D:1-11
 11153 | D:8      | 11153 ||| PLANNING CONVERSION TO OKAWARU
 11153 | D:8      | 11153 ||| PLANNING D:1-11
 11153 | D:8      | 11153 ||| Stepping randomly (stuck).
 11157 | D:7      | 11157 ||| PLANNING CONVERSION TO OKAWARU
 11159 | D:8      | 11159 ||| PLANNING D:1-11
 11159 | D:8      | 11159 ||| PLANNING CONVERSION TO OKAWARU
 11159 | D:8      | 11159 ||| PLANNING D:1-11
 11159 | D:8      | 11159 ||| Stepping randomly (stuck).
 11163 | D:7      | 11163 ||| PLANNING CONVERSION TO OKAWARU
 11165 | D:8      | 11165 ||| PLANNING D:1-11
 11165 | D:8      | 11165 ||| PLANNING CONVERSION TO OKAWARU
 11165 | D:8      | 11165 ||| PLANNING D:1-11
 11165 | D:8      | 11165 ||| Stepping randomly (stuck).
 11169 | D:7      | 11169 ||| PLANNING CONVERSION TO OKAWARU
 11171 | D:8      | 11171 ||| PLANNING D:1-11
 11171 | D:8      | 11171 ||| PLANNING CONVERSION TO OKAWARU
 11171 | D:8      | 11171 ||| PLANNING D:1-11
 11171 | D:8      | 11171 ||| Stepping randomly (stuck).
 11175 | D:7      | 11175 ||| PLANNING CONVERSION TO OKAWARU
 11177 | D:8      | 11177 ||| PLANNING D:1-11
 11177 | D:8      | 11177 ||| PLANNING CONVERSION TO OKAWARU
 11177 | D:8      | 11177 ||| PLANNING D:1-11
 11177 | D:8      | 11177 ||| Stepping randomly (stuck).
 11181 | D:7      | 11181 ||| PLANNING CONVERSION TO OKAWARU
 11183 | D:8      | 11183 ||| PLANNING D:1-11
 11183 | D:8      | 11183 ||| PLANNING CONVERSION TO OKAWARU
 11183 | D:8      | 11183 ||| PLANNING D:1-11
 11183 | D:8      | 11183 ||| Stepping randomly (stuck).
 11187 | D:7      | 11187 ||| PLANNING CONVERSION TO OKAWARU
 11189 | D:8      | 11189 ||| PLANNING D:1-11
 11189 | D:8      | 11189 ||| PLANNING CONVERSION TO OKAWARU
 11189 | D:8      | 11189 ||| PLANNING D:1-11
 11189 | D:8      | 11189 ||| Stepping randomly (stuck).
 11193 | D:7      | 11193 ||| PLANNING CONVERSION TO OKAWARU
 11195 | D:8      | 11195 ||| PLANNING D:1-11
 11195 | D:8      | 11195 ||| PLANNING CONVERSION TO OKAWARU
 11195 | D:8      | 11195 ||| PLANNING D:1-11
 11195 | D:8      | 11195 ||| Stepping randomly (stuck).
 11199 | D:7      | 11199 ||| PLANNING CONVERSION TO OKAWARU
 11201 | D:8      | 11201 ||| PLANNING D:1-11
 11201 | D:8      | 11201 ||| PLANNING CONVERSION TO OKAWARU
 11201 | D:8      | 11201 ||| PLANNING D:1-11
 11201 | D:8      | 11201 ||| Stepping randomly (stuck).
 11205 | D:7      | 11205 ||| PLANNING CONVERSION TO OKAWARU
 11207 | D:8      | 11207 ||| PLANNING D:1-11
 11207 | D:8      | 11207 ||| PLANNING CONVERSION TO OKAWARU
 11207 | D:8      | 11207 ||| PLANNING D:1-11
 11207 | D:8      | 11207 ||| Stepping randomly (stuck).
 11211 | D:7      | 11211 ||| PLANNING CONVERSION TO OKAWARU
 11213 | D:8      | 11213 ||| PLANNING D:1-11
 11213 | D:8      | 11213 ||| PLANNING CONVERSION TO OKAWARU
 11213 | D:8      | 11213 ||| PLANNING D:1-11
 11213 | D:8      | 11213 ||| Stepping randomly (stuck).
 11217 | D:7      | 11217 ||| PLANNING CONVERSION TO OKAWARU
 11219 | D:8      | 11219 ||| PLANNING D:1-11
 11219 | D:8      | 11219 ||| PLANNING CONVERSION TO OKAWARU
 11219 | D:8      | 11219 ||| PLANNING D:1-11
 11219 | D:8      | 11219 ||| Stepping randomly (stuck).
 11223 | D:7      | 11223 ||| PLANNING CONVERSION TO OKAWARU
 11225 | D:8      | 11225 ||| PLANNING D:1-11
 11225 | D:8      | 11225 ||| PLANNING CONVERSION TO OKAWARU
 11225 | D:8      | 11225 ||| PLANNING D:1-11
 11225 | D:8      | 11225 ||| Stepping randomly (stuck).
 11229 | D:7      | 11229 ||| PLANNING CONVERSION TO OKAWARU
 11231 | D:8      | 11231 ||| PLANNING D:1-11
 11231 | D:8      | 11231 ||| PLANNING CONVERSION TO OKAWARU
 11231 | D:8      | 11231 ||| PLANNING D:1-11
 11231 | D:8      | 11231 ||| Stepping randomly (stuck).
 11235 | D:7      | 11235 ||| PLANNING CONVERSION TO OKAWARU
 11237 | D:8      | 11237 ||| PLANNING D:1-11
 11237 | D:8      | 11237 ||| PLANNING CONVERSION TO OKAWARU
 11237 | D:8      | 11237 ||| PLANNING D:1-11
 11237 | D:8      | 11237 ||| Stepping randomly (stuck).
 11241 | D:7      | 11241 ||| PLANNING CONVERSION TO OKAWARU
 11243 | D:8      | 11243 ||| PLANNING D:1-11
 11243 | D:8      | 11243 ||| PLANNING CONVERSION TO OKAWARU
 11243 | D:8      | 11243 ||| PLANNING D:1-11
 11243 | D:8      | 11243 ||| Stepping randomly (stuck).
 11247 | D:7      | 11247 ||| PLANNING CONVERSION TO OKAWARU
 11249 | D:8      | 11249 ||| PLANNING D:1-11
 11249 | D:8      | 11249 ||| PLANNING CONVERSION TO OKAWARU
 11249 | D:8      | 11249 ||| PLANNING D:1-11
 11249 | D:8      | 11249 ||| Stepping randomly (stuck).
 11253 | D:7      | 11253 ||| PLANNING CONVERSION TO OKAWARU
 11255 | D:8      | 11255 ||| PLANNING D:1-11
 11255 | D:8      | 11255 ||| PLANNING CONVERSION TO OKAWARU
 11255 | D:8      | 11255 ||| PLANNING D:1-11
 11255 | D:8      | 11255 ||| Stepping randomly (stuck).
 11259 | D:7      | 11259 ||| PLANNING CONVERSION TO OKAWARU
 11261 | D:8      | 11261 ||| PLANNING D:1-11
 11261 | D:8      | 11261 ||| PLANNING CONVERSION TO OKAWARU
 11261 | D:8      | 11261 ||| PLANNING D:1-11
 11261 | D:8      | 11261 ||| Stepping randomly (stuck).
 11265 | D:7      | 11265 ||| PLANNING CONVERSION TO OKAWARU
 11267 | D:8      | 11267 ||| PLANNING D:1-11
 11267 | D:8      | 11267 ||| PLANNING CONVERSION TO OKAWARU
 11267 | D:8      | 11267 ||| PLANNING D:1-11
 11267 | D:8      | 11267 ||| Stepping randomly (stuck).
 11271 | D:7      | 11271 ||| PLANNING CONVERSION TO OKAWARU
 11273 | D:8      | 11273 ||| PLANNING D:1-11
 11273 | D:8      | 11273 ||| PLANNING CONVERSION TO OKAWARU
 11273 | D:8      | 11273 ||| PLANNING D:1-11
 11273 | D:8      | 11273 ||| Stepping randomly (stuck).
 11277 | D:7      | 11277 ||| PLANNING CONVERSION TO OKAWARU
 11279 | D:8      | 11279 ||| PLANNING D:1-11
 11279 | D:8      | 11279 ||| PLANNING CONVERSION TO OKAWARU
 11279 | D:8      | 11279 ||| PLANNING D:1-11
 11279 | D:8      | 11279 ||| Stepping randomly (stuck).
 11283 | D:7      | 11283 ||| PLANNING CONVERSION TO OKAWARU
 11285 | D:8      | 11285 ||| PLANNING D:1-11
 11285 | D:8      | 11285 ||| PLANNING CONVERSION TO OKAWARU
 11285 | D:8      | 11285 ||| PLANNING D:1-11
 11285 | D:8      | 11285 ||| Stepping randomly (stuck).
 11289 | D:7      | 11289 ||| PLANNING CONVERSION TO OKAWARU
 11291 | D:8      | 11291 ||| PLANNING D:1-11
 11291 | D:8      | 11291 ||| PLANNING CONVERSION TO OKAWARU
 11291 | D:8      | 11291 ||| PLANNING D:1-11
 11291 | D:8      | 11291 ||| Stepping randomly (stuck).
 11295 | D:7      | 11295 ||| PLANNING CONVERSION TO OKAWARU
 11297 | D:8      | 11297 ||| PLANNING D:1-11
 11297 | D:8      | 11297 ||| PLANNING CONVERSION TO OKAWARU
 11297 | D:8      | 11297 ||| PLANNING D:1-11
 11297 | D:8      | 11297 ||| Stepping randomly (stuck).
 11301 | D:7      | 11301 ||| PLANNING CONVERSION TO OKAWARU
 11303 | D:8      | 11303 ||| PLANNING D:1-11
 11303 | D:8      | 11303 ||| PLANNING CONVERSION TO OKAWARU
 11303 | D:8      | 11303 ||| PLANNING D:1-11
 11303 | D:8      | 11303 ||| Stepping randomly (stuck).
 11307 | D:7      | 11307 ||| PLANNING CONVERSION TO OKAWARU
 11309 | D:8      | 11309 ||| PLANNING D:1-11
 11309 | D:8      | 11309 ||| PLANNING CONVERSION TO OKAWARU
 11309 | D:8      | 11309 ||| PLANNING D:1-11
 11309 | D:8      | 11309 ||| Stepping randomly (stuck).
 11313 | D:7      | 11313 ||| PLANNING CONVERSION TO OKAWARU
 11315 | D:8      | 11315 ||| PLANNING D:1-11
 11315 | D:8      | 11315 ||| PLANNING CONVERSION TO OKAWARU
 11315 | D:8      | 11315 ||| PLANNING D:1-11
 11315 | D:8      | 11315 ||| Stepping randomly (stuck).
 11319 | D:7      | 11319 ||| PLANNING CONVERSION TO OKAWARU
 11321 | D:8      | 11321 ||| PLANNING D:1-11
 11321 | D:8      | 11321 ||| PLANNING CONVERSION TO OKAWARU
 11321 | D:8      | 11321 ||| PLANNING D:1-11
 11321 | D:8      | 11321 ||| Stepping randomly (stuck).
 11325 | D:7      | 11325 ||| PLANNING CONVERSION TO OKAWARU
 11327 | D:8      | 11327 ||| PLANNING D:1-11
 11327 | D:8      | 11327 ||| PLANNING CONVERSION TO OKAWARU
 11327 | D:8      | 11327 ||| PLANNING D:1-11
 11327 | D:8      | 11327 ||| Stepping randomly (stuck).
 11331 | D:7      | 11331 ||| PLANNING CONVERSION TO OKAWARU
 11333 | D:8      | 11333 ||| PLANNING D:1-11
 11333 | D:8      | 11333 ||| PLANNING CONVERSION TO OKAWARU
 11333 | D:8      | 11333 ||| PLANNING D:1-11
 11333 | D:8      | 11333 ||| Stepping randomly (stuck).
 11337 | D:7      | 11337 ||| PLANNING CONVERSION TO OKAWARU
 11339 | D:8      | 11339 ||| PLANNING D:1-11
 11339 | D:8      | 11339 ||| PLANNING CONVERSION TO OKAWARU
 11339 | D:8      | 11339 ||| PLANNING D:1-11
 11339 | D:8      | 11339 ||| Stepping randomly (stuck).
 11343 | D:7      | 11343 ||| PLANNING CONVERSION TO OKAWARU
 11345 | D:8      | 11345 ||| PLANNING D:1-11
 11345 | D:8      | 11345 ||| PLANNING CONVERSION TO OKAWARU
 11345 | D:8      | 11345 ||| PLANNING D:1-11
 11345 | D:8      | 11345 ||| Stepping randomly (stuck).
 11349 | D:7      | 11349 ||| PLANNING CONVERSION TO OKAWARU
 11351 | D:8      | 11351 ||| PLANNING D:1-11
 11351 | D:8      | 11351 ||| PLANNING CONVERSION TO OKAWARU
 11351 | D:8      | 11351 ||| PLANNING D:1-11
 11351 | D:8      | 11351 ||| Stepping randomly (stuck).
 11355 | D:7      | 11355 ||| PLANNING CONVERSION TO OKAWARU
 11357 | D:8      | 11357 ||| PLANNING D:1-11
 11357 | D:8      | 11357 ||| PLANNING CONVERSION TO OKAWARU
 11357 | D:8      | 11357 ||| PLANNING D:1-11
 11357 | D:8      | 11357 ||| Stepping randomly (stuck).
 11361 | D:7      | 11361 ||| PLANNING CONVERSION TO OKAWARU
 11363 | D:8      | 11363 ||| PLANNING D:1-11
 11363 | D:8      | 11363 ||| PLANNING CONVERSION TO OKAWARU
 11363 | D:8      | 11363 ||| PLANNING D:1-11
 11363 | D:8      | 11363 ||| Stepping randomly (stuck).
 11367 | D:7      | 11367 ||| PLANNING CONVERSION TO OKAWARU
 11369 | D:8      | 11369 ||| PLANNING D:1-11
 11369 | D:8      | 11369 ||| PLANNING CONVERSION TO OKAWARU
 11369 | D:8      | 11369 ||| PLANNING D:1-11
 11369 | D:8      | 11369 ||| Stepping randomly (stuck).
 11373 | D:7      | 11373 ||| PLANNING CONVERSION TO OKAWARU
 11375 | D:8      | 11375 ||| PLANNING D:1-11
 11375 | D:8      | 11375 ||| PLANNING CONVERSION TO OKAWARU
 11375 | D:8      | 11375 ||| PLANNING D:1-11
 11375 | D:8      | 11375 ||| Stepping randomly (stuck).
 11379 | D:7      | 11379 ||| PLANNING CONVERSION TO OKAWARU
 11381 | D:8      | 11381 ||| PLANNING D:1-11
 11381 | D:8      | 11381 ||| PLANNING CONVERSION TO OKAWARU
 11381 | D:8      | 11381 ||| PLANNING D:1-11
 11381 | D:8      | 11381 ||| Stepping randomly (stuck).
 11385 | D:7      | 11385 ||| PLANNING CONVERSION TO OKAWARU
 11387 | D:8      | 11387 ||| PLANNING D:1-11
 11387 | D:8      | 11387 ||| PLANNING CONVERSION TO OKAWARU
 11387 | D:8      | 11387 ||| PLANNING D:1-11
 11387 | D:8      | 11387 ||| Stepping randomly (stuck).
 11391 | D:7      | 11391 ||| PLANNING CONVERSION TO OKAWARU
 11393 | D:8      | 11393 ||| PLANNING D:1-11
 11393 | D:8      | 11393 ||| PLANNING CONVERSION TO OKAWARU
 11393 | D:8      | 11393 ||| PLANNING D:1-11
 11393 | D:8      | 11393 ||| Stepping randomly (stuck).
 11397 | D:7      | 11397 ||| PLANNING CONVERSION TO OKAWARU
 11399 | D:8      | 11399 ||| PLANNING D:1-11
 11399 | D:8      | 11399 ||| PLANNING CONVERSION TO OKAWARU
 11399 | D:8      | 11399 ||| PLANNING D:1-11
 11399 | D:8      | 11399 ||| Stepping randomly (stuck).
 11403 | D:7      | 11403 ||| PLANNING CONVERSION TO OKAWARU
 11405 | D:8      | 11405 ||| PLANNING D:1-11
 11405 | D:8      | 11405 ||| PLANNING CONVERSION TO OKAWARU
 11405 | D:8      | 11405 ||| PLANNING D:1-11
 11405 | D:8      | 11405 ||| Stepping randomly (stuck).
 11409 | D:7      | 11409 ||| PLANNING CONVERSION TO OKAWARU
 11411 | D:8      | 11411 ||| PLANNING D:1-11
 11411 | D:8      | 11411 ||| PLANNING CONVERSION TO OKAWARU
 11411 | D:8      | 11411 ||| PLANNING D:1-11
 11411 | D:8      | 11411 ||| Stepping randomly (stuck).
 11415 | D:7      | 11415 ||| PLANNING CONVERSION TO OKAWARU
 11417 | D:8      | 11417 ||| PLANNING D:1-11
 11417 | D:8      | 11417 ||| PLANNING CONVERSION TO OKAWARU
 11417 | D:8      | 11417 ||| PLANNING D:1-11
 11417 | D:8      | 11417 ||| Stepping randomly (stuck).
 11421 | D:7      | 11421 ||| PLANNING CONVERSION TO OKAWARU
 11423 | D:8      | 11423 ||| PLANNING D:1-11
 11423 | D:8      | 11423 ||| PLANNING CONVERSION TO OKAWARU
 11423 | D:8      | 11423 ||| PLANNING D:1-11
 11423 | D:8      | 11423 ||| Stepping randomly (stuck).
 11427 | D:7      | 11427 ||| PLANNING CONVERSION TO OKAWARU
 11429 | D:8      | 11429 ||| PLANNING D:1-11
 11429 | D:8      | 11429 ||| PLANNING CONVERSION TO OKAWARU
 11429 | D:8      | 11429 ||| PLANNING D:1-11
 11429 | D:8      | 11429 ||| Stepping randomly (stuck).
 11433 | D:7      | 11433 ||| PLANNING CONVERSION TO OKAWARU
 11435 | D:8      | 11435 ||| PLANNING D:1-11
 11435 | D:8      | 11435 ||| PLANNING CONVERSION TO OKAWARU
 11435 | D:8      | 11435 ||| PLANNING D:1-11
 11435 | D:8      | 11435 ||| Stepping randomly (stuck).
 11439 | D:7      | 11439 ||| PLANNING CONVERSION TO OKAWARU
 11441 | D:8      | 11441 ||| PLANNING D:1-11
 11441 | D:8      | 11441 ||| PLANNING CONVERSION TO OKAWARU
 11441 | D:8      | 11441 ||| PLANNING D:1-11
 11441 | D:8      | 11441 ||| Stepping randomly (stuck).
 11445 | D:7      | 11445 ||| PLANNING CONVERSION TO OKAWARU
 11447 | D:8      | 11447 ||| PLANNING D:1-11
 11447 | D:8      | 11447 ||| PLANNING CONVERSION TO OKAWARU
 11447 | D:8      | 11447 ||| PLANNING D:1-11
 11447 | D:8      | 11447 ||| Stepping randomly (stuck).
 11451 | D:7      | 11451 ||| PLANNING CONVERSION TO OKAWARU
 11453 | D:8      | 11453 ||| PLANNING D:1-11
 11453 | D:8      | 11453 ||| PLANNING CONVERSION TO OKAWARU
 11453 | D:8      | 11453 ||| PLANNING D:1-11
 11453 | D:8      | 11453 ||| Stepping randomly (stuck).
 11457 | D:7      | 11457 ||| PLANNING CONVERSION TO OKAWARU
 11459 | D:8      | 11459 ||| PLANNING D:1-11
 11459 | D:8      | 11459 ||| PLANNING CONVERSION TO OKAWARU
 11459 | D:8      | 11459 ||| PLANNING D:1-11
 11459 | D:8      | 11459 ||| Stepping randomly (stuck).
 11463 | D:7      | 11463 ||| PLANNING CONVERSION TO OKAWARU
 11465 | D:8      | 11465 ||| PLANNING D:1-11
 11465 | D:8      | 11465 ||| PLANNING CONVERSION TO OKAWARU
 11465 | D:8      | 11465 ||| PLANNING D:1-11
 11465 | D:8      | 11465 ||| Stepping randomly (stuck).
 11469 | D:7      | 11469 ||| PLANNING CONVERSION TO OKAWARU
 11471 | D:8      | 11471 ||| PLANNING D:1-11
 11471 | D:8      | 11471 ||| PLANNING CONVERSION TO OKAWARU
 11471 | D:8      | 11471 ||| PLANNING D:1-11
 11471 | D:8      | 11471 ||| Stepping randomly (stuck).
 11475 | D:7      | 11475 ||| PLANNING CONVERSION TO OKAWARU
 11477 | D:8      | 11477 ||| PLANNING D:1-11
 11477 | D:8      | 11477 ||| PLANNING CONVERSION TO OKAWARU
 11477 | D:8      | 11477 ||| PLANNING D:1-11
 11477 | D:8      | 11477 ||| Stepping randomly (stuck).
 11481 | D:7      | 11481 ||| PLANNING CONVERSION TO OKAWARU
 11483 | D:8      | 11483 ||| PLANNING D:1-11
 11483 | D:8      | 11483 ||| PLANNING CONVERSION TO OKAWARU
 11483 | D:8      | 11483 ||| PLANNING D:1-11
 11483 | D:8      | 11483 ||| Stepping randomly (stuck).
 11487 | D:7      | 11487 ||| PLANNING CONVERSION TO OKAWARU
 11489 | D:8      | 11489 ||| PLANNING D:1-11
 11489 | D:8      | 11489 ||| PLANNING CONVERSION TO OKAWARU
 11489 | D:8      | 11489 ||| PLANNING D:1-11
 11489 | D:8      | 11489 ||| Stepping randomly (stuck).
 11493 | D:7      | 11493 ||| PLANNING CONVERSION TO OKAWARU
 11495 | D:8      | 11495 ||| PLANNING D:1-11
 11495 | D:8      | 11495 ||| PLANNING CONVERSION TO OKAWARU
 11495 | D:8      | 11495 ||| PLANNING D:1-11
 11495 | D:8      | 11495 ||| Stepping randomly (stuck).
 11499 | D:7      | 11499 ||| PLANNING CONVERSION TO OKAWARU
 11501 | D:8      | 11501 ||| PLANNING D:1-11
 11501 | D:8      | 11501 ||| PLANNING CONVERSION TO OKAWARU
 11501 | D:8      | 11501 ||| PLANNING D:1-11
 11501 | D:8      | 11501 ||| Stepping randomly (stuck).
 11505 | D:7      | 11505 ||| PLANNING CONVERSION TO OKAWARU
 11507 | D:8      | 11507 ||| PLANNING D:1-11
 11507 | D:8      | 11507 ||| PLANNING CONVERSION TO OKAWARU
 11507 | D:8      | 11507 ||| PLANNING D:1-11
 11507 | D:8      | 11507 ||| Stepping randomly (stuck).
 11511 | D:7      | 11511 ||| PLANNING CONVERSION TO OKAWARU
 11513 | D:8      | 11513 ||| PLANNING D:1-11
 11513 | D:8      | 11513 ||| PLANNING CONVERSION TO OKAWARU
 11513 | D:8      | 11513 ||| PLANNING D:1-11
 11513 | D:8      | 11513 ||| Stepping randomly (stuck).
 11517 | D:7      | 11517 ||| PLANNING CONVERSION TO OKAWARU
 11519 | D:8      | 11519 ||| PLANNING D:1-11
 11519 | D:8      | 11519 ||| PLANNING CONVERSION TO OKAWARU
 11519 | D:8      | 11519 ||| PLANNING D:1-11
 11519 | D:8      | 11519 ||| Stepping randomly (stuck).
 11523 | D:7      | 11523 ||| PLANNING CONVERSION TO OKAWARU
 11525 | D:8      | 11525 ||| PLANNING D:1-11
 11525 | D:8      | 11525 ||| PLANNING CONVERSION TO OKAWARU
 11525 | D:8      | 11525 ||| PLANNING D:1-11
 11525 | D:8      | 11525 ||| Stepping randomly (stuck).
 11529 | D:7      | 11529 ||| PLANNING CONVERSION TO OKAWARU
 11531 | D:8      | 11531 ||| PLANNING D:1-11
 11531 | D:8      | 11531 ||| PLANNING CONVERSION TO OKAWARU
 11531 | D:8      | 11531 ||| PLANNING D:1-11
 11531 | D:8      | 11531 ||| Stepping randomly (stuck).
 11535 | D:7      | 11535 ||| PLANNING CONVERSION TO OKAWARU
 11537 | D:8      | 11537 ||| PLANNING D:1-11
 11537 | D:8      | 11537 ||| PLANNING CONVERSION TO OKAWARU
 11537 | D:8      | 11537 ||| PLANNING D:1-11
 11537 | D:8      | 11537 ||| Stepping randomly (stuck).
 11541 | D:7      | 11541 ||| PLANNING CONVERSION TO OKAWARU
 11543 | D:8      | 11543 ||| PLANNING D:1-11
 11543 | D:8      | 11543 ||| PLANNING CONVERSION TO OKAWARU
 11543 | D:8      | 11543 ||| PLANNING D:1-11
 11543 | D:8      | 11543 ||| Stepping randomly (stuck).
 11547 | D:7      | 11547 ||| PLANNING CONVERSION TO OKAWARU
 11549 | D:8      | 11549 ||| PLANNING D:1-11
 11549 | D:8      | 11549 ||| PLANNING CONVERSION TO OKAWARU
 11549 | D:8      | 11549 ||| PLANNING D:1-11
 11549 | D:8      | 11549 ||| Stepping randomly (stuck).
 11553 | D:7      | 11553 ||| PLANNING CONVERSION TO OKAWARU
 11555 | D:8      | 11555 ||| PLANNING D:1-11
 11555 | D:8      | 11555 ||| PLANNING CONVERSION TO OKAWARU
 11555 | D:8      | 11555 ||| PLANNING D:1-11
 11555 | D:8      | 11555 ||| Stepping randomly (stuck).
 11559 | D:7      | 11559 ||| PLANNING CONVERSION TO OKAWARU
 11561 | D:8      | 11561 ||| PLANNING D:1-11
 11561 | D:8      | 11561 ||| PLANNING CONVERSION TO OKAWARU
 11561 | D:8      | 11561 ||| PLANNING D:1-11
 11561 | D:8      | 11561 ||| Stepping randomly (stuck).
 11565 | D:7      | 11565 ||| PLANNING CONVERSION TO OKAWARU
 11567 | D:8      | 11567 ||| PLANNING D:1-11
 11567 | D:8      | 11567 ||| PLANNING CONVERSION TO OKAWARU
 11567 | D:8      | 11567 ||| PLANNING D:1-11
 11567 | D:8      | 11567 ||| Stepping randomly (stuck).
 11571 | D:7      | 11571 ||| PLANNING CONVERSION TO OKAWARU
 11573 | D:8      | 11573 ||| PLANNING D:1-11
 11573 | D:8      | 11573 ||| PLANNING CONVERSION TO OKAWARU
 11573 | D:8      | 11573 ||| PLANNING D:1-11
 11573 | D:8      | 11573 ||| Stepping randomly (stuck).
 11577 | D:7      | 11577 ||| PLANNING CONVERSION TO OKAWARU
 11579 | D:8      | 11579 ||| PLANNING D:1-11
 11579 | D:8      | 11579 ||| PLANNING CONVERSION TO OKAWARU
 11579 | D:8      | 11579 ||| PLANNING D:1-11
 11579 | D:8      | 11579 ||| Stepping randomly (stuck).
 11583 | D:7      | 11583 ||| PLANNING CONVERSION TO OKAWARU
 11585 | D:8      | 11585 ||| PLANNING D:1-11
 11585 | D:8      | 11585 ||| PLANNING CONVERSION TO OKAWARU
 11585 | D:8      | 11585 ||| PLANNING D:1-11
 11585 | D:8      | 11585 ||| Stepping randomly (stuck).
 11589 | D:7      | 11589 ||| PLANNING CONVERSION TO OKAWARU
 11591 | D:8      | 11591 ||| PLANNING D:1-11
 11591 | D:8      | 11591 ||| PLANNING CONVERSION TO OKAWARU
 11591 | D:8      | 11591 ||| PLANNING D:1-11
 11591 | D:8      | 11591 ||| Stepping randomly (stuck).
 11595 | D:7      | 11595 ||| PLANNING CONVERSION TO OKAWARU
 11597 | D:8      | 11597 ||| PLANNING D:1-11
 11597 | D:8      | 11597 ||| PLANNING CONVERSION TO OKAWARU
 11597 | D:8      | 11597 ||| PLANNING D:1-11
 11597 | D:8      | 11597 ||| Stepping randomly (stuck).
 11601 | D:7      | 11601 ||| PLANNING CONVERSION TO OKAWARU
 11603 | D:8      | 11603 ||| PLANNING D:1-11
 11603 | D:8      | 11603 ||| PLANNING CONVERSION TO OKAWARU
 11603 | D:8      | 11603 ||| PLANNING D:1-11
 11603 | D:8      | 11603 ||| Stepping randomly (stuck).
 11607 | D:7      | 11607 ||| PLANNING CONVERSION TO OKAWARU
 11609 | D:8      | 11609 ||| PLANNING D:1-11
 11609 | D:8      | 11609 ||| PLANNING CONVERSION TO OKAWARU
 11609 | D:8      | 11609 ||| PLANNING D:1-11
 11609 | D:8      | 11609 ||| Stepping randomly (stuck).
 11613 | D:7      | 11613 ||| PLANNING CONVERSION TO OKAWARU
 11615 | D:8      | 11615 ||| PLANNING D:1-11
 11615 | D:8      | 11615 ||| PLANNING CONVERSION TO OKAWARU
 11615 | D:8      | 11615 ||| PLANNING D:1-11
 11615 | D:8      | 11615 ||| Stepping randomly (stuck).
 11619 | D:7      | 11619 ||| PLANNING CONVERSION TO OKAWARU
 11621 | D:8      | 11621 ||| PLANNING D:1-11
 11621 | D:8      | 11621 ||| PLANNING CONVERSION TO OKAWARU
 11621 | D:8      | 11621 ||| PLANNING D:1-11
 11621 | D:8      | 11621 ||| Stepping randomly (stuck).
 11625 | D:7      | 11625 ||| PLANNING CONVERSION TO OKAWARU
 11627 | D:8      | 11627 ||| PLANNING D:1-11
 11627 | D:8      | 11627 ||| PLANNING CONVERSION TO OKAWARU
 11627 | D:8      | 11627 ||| PLANNING D:1-11
 11627 | D:8      | 11627 ||| Stepping randomly (stuck).
 11631 | D:7      | 11631 ||| PLANNING CONVERSION TO OKAWARU
 11633 | D:8      | 11633 ||| PLANNING D:1-11
 11633 | D:8      | 11633 ||| PLANNING CONVERSION TO OKAWARU
 11633 | D:8      | 11633 ||| PLANNING D:1-11
 11633 | D:8      | 11633 ||| Stepping randomly (stuck).
 11637 | D:7      | 11637 ||| PLANNING CONVERSION TO OKAWARU
 11639 | D:8      | 11639 ||| PLANNING D:1-11
 11639 | D:8      | 11639 ||| PLANNING CONVERSION TO OKAWARU
 11639 | D:8      | 11639 ||| PLANNING D:1-11
 11639 | D:8      | 11639 ||| Stepping randomly (stuck).
 11643 | D:7      | 11643 ||| PLANNING CONVERSION TO OKAWARU
 11645 | D:8      | 11645 ||| PLANNING D:1-11
 11645 | D:8      | 11645 ||| PLANNING CONVERSION TO OKAWARU
 11645 | D:8      | 11645 ||| PLANNING D:1-11
 11645 | D:8      | 11645 ||| Stepping randomly (stuck).
 11649 | D:7      | 11649 ||| PLANNING CONVERSION TO OKAWARU
 11651 | D:8      | 11651 ||| PLANNING D:1-11
 11651 | D:8      | 11651 ||| PLANNING CONVERSION TO OKAWARU
 11651 | D:8      | 11651 ||| PLANNING D:1-11
 11651 | D:8      | 11651 ||| Stepping randomly (stuck).
 11655 | D:7      | 11655 ||| PLANNING CONVERSION TO OKAWARU
 11657 | D:8      | 11657 ||| PLANNING D:1-11
 11657 | D:8      | 11657 ||| PLANNING CONVERSION TO OKAWARU
 11657 | D:8      | 11657 ||| PLANNING D:1-11
 11657 | D:8      | 11657 ||| Stepping randomly (stuck).
 11661 | D:7      | 11661 ||| PLANNING CONVERSION TO OKAWARU
 11663 | D:8      | 11663 ||| PLANNING D:1-11
 11663 | D:8      | 11663 ||| PLANNING CONVERSION TO OKAWARU
 11663 | D:8      | 11663 ||| PLANNING D:1-11
 11663 | D:8      | 11663 ||| Stepping randomly (stuck).
 11667 | D:7      | 11667 ||| PLANNING CONVERSION TO OKAWARU
 11669 | D:8      | 11669 ||| PLANNING D:1-11
 11669 | D:8      | 11669 ||| PLANNING CONVERSION TO OKAWARU
 11669 | D:8      | 11669 ||| PLANNING D:1-11
 11669 | D:8      | 11669 ||| Stepping randomly (stuck).
 11673 | D:7      | 11673 ||| PLANNING CONVERSION TO OKAWARU
 11675 | D:8      | 11675 ||| PLANNING D:1-11
 11675 | D:8      | 11675 ||| PLANNING CONVERSION TO OKAWARU
 11675 | D:8      | 11675 ||| PLANNING D:1-11
 11675 | D:8      | 11675 ||| Stepping randomly (stuck).
 11679 | D:7      | 11679 ||| PLANNING CONVERSION TO OKAWARU
 11681 | D:8      | 11681 ||| PLANNING D:1-11
 11681 | D:8      | 11681 ||| PLANNING CONVERSION TO OKAWARU
 11681 | D:8      | 11681 ||| PLANNING D:1-11
 11681 | D:8      | 11681 ||| Stepping randomly (stuck).
 11685 | D:7      | 11685 ||| PLANNING CONVERSION TO OKAWARU
 11687 | D:8      | 11687 ||| PLANNING D:1-11
 11687 | D:8      | 11687 ||| PLANNING CONVERSION TO OKAWARU
 11687 | D:8      | 11687 ||| PLANNING D:1-11
 11687 | D:8      | 11687 ||| Stepping randomly (stuck).
 11691 | D:7      | 11691 ||| PLANNING CONVERSION TO OKAWARU
 11693 | D:8      | 11693 ||| PLANNING D:1-11
 11693 | D:8      | 11693 ||| PLANNING CONVERSION TO OKAWARU
 11693 | D:8      | 11693 ||| PLANNING D:1-11
 11693 | D:8      | 11693 ||| Stepping randomly (stuck).
 11697 | D:7      | 11697 ||| PLANNING CONVERSION TO OKAWARU
 11699 | D:8      | 11699 ||| PLANNING D:1-11
 11699 | D:8      | 11699 ||| PLANNING CONVERSION TO OKAWARU
 11699 | D:8      | 11699 ||| PLANNING D:1-11
 11699 | D:8      | 11699 ||| Stepping randomly (stuck).
 11703 | D:7      | 11703 ||| PLANNING CONVERSION TO OKAWARU
 11705 | D:8      | 11705 ||| PLANNING D:1-11
 11705 | D:8      | 11705 ||| PLANNING CONVERSION TO OKAWARU
 11705 | D:8      | 11705 ||| PLANNING D:1-11
 11705 | D:8      | 11705 ||| Stepping randomly (stuck).
 11709 | D:7      | 11709 ||| PLANNING CONVERSION TO OKAWARU
 11711 | D:8      | 11711 ||| PLANNING D:1-11
 11711 | D:8      | 11711 ||| PLANNING CONVERSION TO OKAWARU
 11711 | D:8      | 11711 ||| PLANNING D:1-11
 11711 | D:8      | 11711 ||| Stepping randomly (stuck).
 11715 | D:7      | 11715 ||| PLANNING CONVERSION TO OKAWARU
 11717 | D:8      | 11717 ||| PLANNING D:1-11
 11717 | D:8      | 11717 ||| PLANNING CONVERSION TO OKAWARU
 11717 | D:8      | 11717 ||| PLANNING D:1-11
 11717 | D:8      | 11717 ||| Stepping randomly (stuck).
 11721 | D:7      | 11721 ||| PLANNING CONVERSION TO OKAWARU
 11723 | D:8      | 11723 ||| PLANNING D:1-11
 11723 | D:8      | 11723 ||| PLANNING CONVERSION TO OKAWARU
 11723 | D:8      | 11723 ||| PLANNING D:1-11
 11723 | D:8      | 11723 ||| Stepping randomly (stuck).
 11727 | D:7      | 11727 ||| PLANNING CONVERSION TO OKAWARU
 11729 | D:8      | 11729 ||| PLANNING D:1-11
 11729 | D:8      | 11729 ||| PLANNING CONVERSION TO OKAWARU
 11729 | D:8      | 11729 ||| PLANNING D:1-11
 11729 | D:8      | 11729 ||| Stepping randomly (stuck).
 11733 | D:7      | 11733 ||| PLANNING CONVERSION TO OKAWARU
 11735 | D:8      | 11735 ||| PLANNING D:1-11
 11735 | D:8      | 11735 ||| PLANNING CONVERSION TO OKAWARU
 11735 | D:8      | 11735 ||| PLANNING D:1-11
 11735 | D:8      | 11735 ||| Stepping randomly (stuck).
 11739 | D:7      | 11739 ||| PLANNING CONVERSION TO OKAWARU
 11741 | D:8      | 11741 ||| PLANNING D:1-11
 11741 | D:8      | 11741 ||| PLANNING CONVERSION TO OKAWARU
 11741 | D:8      | 11741 ||| PLANNING D:1-11
 11741 | D:8      | 11741 ||| Stepping randomly (stuck).
 11745 | D:7      | 11745 ||| PLANNING CONVERSION TO OKAWARU
 11747 | D:8      | 11747 ||| PLANNING D:1-11
 11747 | D:8      | 11747 ||| PLANNING CONVERSION TO OKAWARU
 11747 | D:8      | 11747 ||| PLANNING D:1-11
 11747 | D:8      | 11747 ||| Stepping randomly (stuck).
 11751 | D:7      | 11751 ||| PLANNING CONVERSION TO OKAWARU
 11753 | D:8      | 11753 ||| PLANNING D:1-11
 11753 | D:8      | 11753 ||| PLANNING CONVERSION TO OKAWARU
 11753 | D:8      | 11753 ||| PLANNING D:1-11
 11753 | D:8      | 11753 ||| Stepping randomly (stuck).
 11757 | D:7      | 11757 ||| PLANNING CONVERSION TO OKAWARU
 11759 | D:8      | 11759 ||| PLANNING D:1-11
 11759 | D:8      | 11759 ||| PLANNING CONVERSION TO OKAWARU
 11759 | D:8      | 11759 ||| PLANNING D:1-11
 11759 | D:8      | 11759 ||| Stepping randomly (stuck).
 11763 | D:7      | 11763 ||| PLANNING CONVERSION TO OKAWARU
 11765 | D:8      | 11765 ||| PLANNING D:1-11
 11765 | D:8      | 11765 ||| PLANNING CONVERSION TO OKAWARU
 11765 | D:8      | 11765 ||| PLANNING D:1-11
 11765 | D:8      | 11765 ||| Stepping randomly (stuck).
 11769 | D:7      | 11769 ||| PLANNING CONVERSION TO OKAWARU
 11771 | D:8      | 11771 ||| PLANNING D:1-11
 11771 | D:8      | 11771 ||| PLANNING CONVERSION TO OKAWARU
 11771 | D:8      | 11771 ||| PLANNING D:1-11
 11771 | D:8      | 11771 ||| Stepping randomly (stuck).
 11775 | D:7      | 11775 ||| PLANNING CONVERSION TO OKAWARU
 11777 | D:8      | 11777 ||| PLANNING D:1-11
 11777 | D:8      | 11777 ||| PLANNING CONVERSION TO OKAWARU
 11777 | D:8      | 11777 ||| PLANNING D:1-11
 11777 | D:8      | 11777 ||| Stepping randomly (stuck).
 11781 | D:7      | 11781 ||| PLANNING CONVERSION TO OKAWARU
 11783 | D:8      | 11783 ||| PLANNING D:1-11
 11783 | D:8      | 11783 ||| PLANNING CONVERSION TO OKAWARU
 11783 | D:8      | 11783 ||| PLANNING D:1-11
 11783 | D:8      | 11783 ||| Stepping randomly (stuck).
 11787 | D:7      | 11787 ||| PLANNING CONVERSION TO OKAWARU
 11789 | D:8      | 11789 ||| PLANNING D:1-11
 11789 | D:8      | 11789 ||| PLANNING CONVERSION TO OKAWARU
 11789 | D:8      | 11789 ||| PLANNING D:1-11
 11789 | D:8      | 11789 ||| Stepping randomly (stuck).
 11793 | D:7      | 11793 ||| PLANNING CONVERSION TO OKAWARU
 11795 | D:8      | 11795 ||| PLANNING D:1-11
 11795 | D:8      | 11795 ||| PLANNING CONVERSION TO OKAWARU
 11795 | D:8      | 11795 ||| PLANNING D:1-11
 11795 | D:8      | 11795 ||| Stepping randomly (stuck).
 11799 | D:7      | 11799 ||| PLANNING CONVERSION TO OKAWARU
 11801 | D:8      | 11801 ||| PLANNING D:1-11
 11801 | D:8      | 11801 ||| PLANNING CONVERSION TO OKAWARU
 11801 | D:8      | 11801 ||| PLANNING D:1-11
 11801 | D:8      | 11801 ||| Stepping randomly (stuck).
 11805 | D:7      | 11805 ||| PLANNING CONVERSION TO OKAWARU
 11807 | D:8      | 11807 ||| PLANNING D:1-11
 11807 | D:8      | 11807 ||| PLANNING CONVERSION TO OKAWARU
 11807 | D:8      | 11807 ||| PLANNING D:1-11
 11807 | D:8      | 11807 ||| Stepping randomly (stuck).
 11811 | D:7      | 11811 ||| PLANNING CONVERSION TO OKAWARU
 11813 | D:8      | 11813 ||| PLANNING D:1-11
 11813 | D:8      | 11813 ||| PLANNING CONVERSION TO OKAWARU
 11813 | D:8      | 11813 ||| PLANNING D:1-11
 11813 | D:8      | 11813 ||| Stepping randomly (stuck).
 11817 | D:7      | 11817 ||| PLANNING CONVERSION TO OKAWARU
 11819 | D:8      | 11819 ||| PLANNING D:1-11
 11819 | D:8      | 11819 ||| PLANNING CONVERSION TO OKAWARU
 11819 | D:8      | 11819 ||| PLANNING D:1-11
 11819 | D:8      | 11819 ||| Stepping randomly (stuck).
 11823 | D:7      | 11823 ||| PLANNING CONVERSION TO OKAWARU
 11825 | D:8      | 11825 ||| PLANNING D:1-11
 11825 | D:8      | 11825 ||| PLANNING CONVERSION TO OKAWARU
 11825 | D:8      | 11825 ||| PLANNING D:1-11
 11825 | D:8      | 11825 ||| Stepping randomly (stuck).
 11829 | D:7      | 11829 ||| PLANNING CONVERSION TO OKAWARU
 11831 | D:8      | 11831 ||| PLANNING D:1-11
 11831 | D:8      | 11831 ||| PLANNING CONVERSION TO OKAWARU
 11831 | D:8      | 11831 ||| PLANNING D:1-11
 11831 | D:8      | 11831 ||| Stepping randomly (stuck).
 11835 | D:7      | 11835 ||| PLANNING CONVERSION TO OKAWARU
 11837 | D:8      | 11837 ||| PLANNING D:1-11
 11837 | D:8      | 11837 ||| PLANNING CONVERSION TO OKAWARU
 11837 | D:8      | 11837 ||| PLANNING D:1-11
 11837 | D:8      | 11837 ||| Stepping randomly (stuck).
 11841 | D:7      | 11841 ||| PLANNING CONVERSION TO OKAWARU
 11843 | D:8      | 11843 ||| PLANNING D:1-11
 11843 | D:8      | 11843 ||| PLANNING CONVERSION TO OKAWARU
 11843 | D:8      | 11843 ||| PLANNING D:1-11
 11843 | D:8      | 11843 ||| Stepping randomly (stuck).
 11847 | D:7      | 11847 ||| PLANNING CONVERSION TO OKAWARU
 11849 | D:8      | 11849 ||| PLANNING D:1-11
 11849 | D:8      | 11849 ||| PLANNING CONVERSION TO OKAWARU
 11849 | D:8      | 11849 ||| PLANNING D:1-11
 11849 | D:8      | 11849 ||| Stepping randomly (stuck).
 11853 | D:7      | 11853 ||| PLANNING CONVERSION TO OKAWARU
 11855 | D:8      | 11855 ||| PLANNING D:1-11
 11855 | D:8      | 11855 ||| PLANNING CONVERSION TO OKAWARU
 11855 | D:8      | 11855 ||| PLANNING D:1-11
 11855 | D:8      | 11855 ||| Stepping randomly (stuck).
 11859 | D:7      | 11859 ||| PLANNING CONVERSION TO OKAWARU
 11861 | D:8      | 11861 ||| PLANNING D:1-11
 11861 | D:8      | 11861 ||| PLANNING CONVERSION TO OKAWARU
 11861 | D:8      | 11861 ||| PLANNING D:1-11
 11861 | D:8      | 11861 ||| Stepping randomly (stuck).
 11865 | D:7      | 11865 ||| PLANNING CONVERSION TO OKAWARU
 11867 | D:8      | 11867 ||| PLANNING D:1-11
 11867 | D:8      | 11867 ||| PLANNING CONVERSION TO OKAWARU
 11867 | D:8      | 11867 ||| PLANNING D:1-11
 11867 | D:8      | 11867 ||| Stepping randomly (stuck).
 11871 | D:7      | 11871 ||| PLANNING CONVERSION TO OKAWARU
 11873 | D:8      | 11873 ||| PLANNING D:1-11
 11873 | D:8      | 11873 ||| PLANNING CONVERSION TO OKAWARU
 11873 | D:8      | 11873 ||| PLANNING D:1-11
 11873 | D:8      | 11873 ||| Stepping randomly (stuck).
 11877 | D:7      | 11877 ||| PLANNING CONVERSION TO OKAWARU
 11879 | D:8      | 11879 ||| PLANNING D:1-11
 11879 | D:8      | 11879 ||| PLANNING CONVERSION TO OKAWARU
 11879 | D:8      | 11879 ||| PLANNING D:1-11
 11879 | D:8      | 11879 ||| Stepping randomly (stuck).
 11883 | D:7      | 11883 ||| PLANNING CONVERSION TO OKAWARU
 11885 | D:8      | 11885 ||| PLANNING D:1-11
 11885 | D:8      | 11885 ||| PLANNING CONVERSION TO OKAWARU
 11885 | D:8      | 11885 ||| PLANNING D:1-11
 11885 | D:8      | 11885 ||| Stepping randomly (stuck).
 11889 | D:7      | 11889 ||| PLANNING CONVERSION TO OKAWARU
 11891 | D:8      | 11891 ||| PLANNING D:1-11
 11891 | D:8      | 11891 ||| PLANNING CONVERSION TO OKAWARU
 11891 | D:8      | 11891 ||| PLANNING D:1-11
 11891 | D:8      | 11891 ||| Stepping randomly (stuck).
 11895 | D:7      | 11895 ||| PLANNING CONVERSION TO OKAWARU
 11897 | D:8      | 11897 ||| PLANNING D:1-11
 11897 | D:8      | 11897 ||| PLANNING CONVERSION TO OKAWARU
 11897 | D:8      | 11897 ||| PLANNING D:1-11
 11897 | D:8      | 11897 ||| Stepping randomly (stuck).
 11901 | D:7      | 11901 ||| PLANNING CONVERSION TO OKAWARU
 11903 | D:8      | 11903 ||| PLANNING D:1-11
 11903 | D:8      | 11903 ||| PLANNING CONVERSION TO OKAWARU
 11903 | D:8      | 11903 ||| PLANNING D:1-11
 11903 | D:8      | 11903 ||| Stepping randomly (stuck).
 11907 | D:7      | 11907 ||| PLANNING CONVERSION TO OKAWARU
 11909 | D:8      | 11909 ||| PLANNING D:1-11
 11909 | D:8      | 11909 ||| PLANNING CONVERSION TO OKAWARU
 11909 | D:8      | 11909 ||| PLANNING D:1-11
 11909 | D:8      | 11909 ||| Stepping randomly (stuck).
 11913 | D:7      | 11913 ||| PLANNING CONVERSION TO OKAWARU
 11915 | D:8      | 11915 ||| PLANNING D:1-11
 11915 | D:8      | 11915 ||| PLANNING CONVERSION TO OKAWARU
 11915 | D:8      | 11915 ||| PLANNING D:1-11
 11915 | D:8      | 11915 ||| Stepping randomly (stuck).
 11919 | D:7      | 11919 ||| PLANNING CONVERSION TO OKAWARU
 11921 | D:8      | 11921 ||| PLANNING D:1-11
 11921 | D:8      | 11921 ||| PLANNING CONVERSION TO OKAWARU
 11921 | D:8      | 11921 ||| PLANNING D:1-11
 11921 | D:8      | 11921 ||| Stepping randomly (stuck).
 11925 | D:7      | 11925 ||| PLANNING CONVERSION TO OKAWARU
 11927 | D:8      | 11927 ||| PLANNING D:1-11
 11927 | D:8      | 11927 ||| PLANNING CONVERSION TO OKAWARU
 11927 | D:8      | 11927 ||| PLANNING D:1-11
 11927 | D:8      | 11927 ||| Stepping randomly (stuck).
 11931 | D:7      | 11931 ||| PLANNING CONVERSION TO OKAWARU
 11933 | D:8      | 11933 ||| PLANNING D:1-11
 11933 | D:8      | 11933 ||| PLANNING CONVERSION TO OKAWARU
 11933 | D:8      | 11933 ||| PLANNING D:1-11
 11933 | D:8      | 11933 ||| Stepping randomly (stuck).
 11937 | D:7      | 11937 ||| PLANNING CONVERSION TO OKAWARU
 11939 | D:8      | 11939 ||| PLANNING D:1-11
 11939 | D:8      | 11939 ||| PLANNING CONVERSION TO OKAWARU
 11939 | D:8      | 11939 ||| PLANNING D:1-11
 11939 | D:8      | 11939 ||| Stepping randomly (stuck).
 11943 | D:7      | 11943 ||| PLANNING CONVERSION TO OKAWARU
 11945 | D:8      | 11945 ||| PLANNING D:1-11
 11945 | D:8      | 11945 ||| PLANNING CONVERSION TO OKAWARU
 11945 | D:8      | 11945 ||| PLANNING D:1-11
 11945 | D:8      | 11945 ||| Stepping randomly (stuck).
 11949 | D:7      | 11949 ||| PLANNING CONVERSION TO OKAWARU
 11951 | D:8      | 11951 ||| PLANNING D:1-11
 11951 | D:8      | 11951 ||| PLANNING CONVERSION TO OKAWARU
 11951 | D:8      | 11951 ||| PLANNING D:1-11
 11951 | D:8      | 11951 ||| Stepping randomly (stuck).
 11955 | D:7      | 11955 ||| PLANNING CONVERSION TO OKAWARU
 11957 | D:8      | 11957 ||| PLANNING D:1-11
 11957 | D:8      | 11957 ||| PLANNING CONVERSION TO OKAWARU
 11957 | D:8      | 11957 ||| PLANNING D:1-11
 11957 | D:8      | 11957 ||| Stepping randomly (stuck).
 11961 | D:7      | 11961 ||| PLANNING CONVERSION TO OKAWARU
 11963 | D:8      | 11963 ||| PLANNING D:1-11
 11963 | D:8      | 11963 ||| PLANNING CONVERSION TO OKAWARU
 11963 | D:8      | 11963 ||| PLANNING D:1-11
 11963 | D:8      | 11963 ||| Stepping randomly (stuck).
 11967 | D:7      | 11967 ||| PLANNING CONVERSION TO OKAWARU
 11969 | D:8      | 11969 ||| PLANNING D:1-11
 11969 | D:8      | 11969 ||| PLANNING CONVERSION TO OKAWARU
 11969 | D:8      | 11969 ||| PLANNING D:1-11
 11969 | D:8      | 11969 ||| Stepping randomly (stuck).
 11973 | D:7      | 11973 ||| PLANNING CONVERSION TO OKAWARU
 11975 | D:8      | 11975 ||| PLANNING D:1-11
 11975 | D:8      | 11975 ||| PLANNING CONVERSION TO OKAWARU
 11975 | D:8      | 11975 ||| PLANNING D:1-11
 11975 | D:8      | 11975 ||| Stepping randomly (stuck).
 11979 | D:7      | 11979 ||| PLANNING CONVERSION TO OKAWARU
 11981 | D:8      | 11981 ||| PLANNING D:1-11
 11981 | D:8      | 11981 ||| PLANNING CONVERSION TO OKAWARU
 11981 | D:8      | 11981 ||| PLANNING D:1-11
 11981 | D:8      | 11981 ||| Stepping randomly (stuck).
 11985 | D:7      | 11985 ||| PLANNING CONVERSION TO OKAWARU
 11987 | D:8      | 11987 ||| PLANNING D:1-11
 11987 | D:8      | 11987 ||| PLANNING CONVERSION TO OKAWARU
 11987 | D:8      | 11987 ||| PLANNING D:1-11
 11987 | D:8      | 11987 ||| Stepping randomly (stuck).
 11991 | D:7      | 11991 ||| PLANNING CONVERSION TO OKAWARU
 11993 | D:8      | 11993 ||| PLANNING D:1-11
 11993 | D:8      | 11993 ||| PLANNING CONVERSION TO OKAWARU
 11993 | D:8      | 11993 ||| PLANNING D:1-11
 11993 | D:8      | 11993 ||| Stepping randomly (stuck).
 11997 | D:7      | 11997 ||| PLANNING CONVERSION TO OKAWARU
 11999 | D:8      | 11999 ||| PLANNING D:1-11
 11999 | D:8      | 11999 ||| PLANNING CONVERSION TO OKAWARU
 11999 | D:8      | 11999 ||| PLANNING D:1-11
 11999 | D:8      | 11999 ||| Stepping randomly (stuck).
 12003 | D:7      | 12003 ||| PLANNING CONVERSION TO OKAWARU
 12005 | D:8      | 12005 ||| PLANNING D:1-11
 12005 | D:8      | 12005 ||| PLANNING CONVERSION TO OKAWARU
 12005 | D:8      | 12005 ||| PLANNING D:1-11
 12005 | D:8      | 12005 ||| Stepping randomly (stuck).
 12009 | D:7      | 12009 ||| PLANNING CONVERSION TO OKAWARU
 12011 | D:8      | 12011 ||| PLANNING D:1-11
 12011 | D:8      | 12011 ||| PLANNING CONVERSION TO OKAWARU
 12011 | D:8      | 12011 ||| PLANNING D:1-11
 12011 | D:8      | 12011 ||| Stepping randomly (stuck).
 12015 | D:7      | 12015 ||| PLANNING CONVERSION TO OKAWARU
 12017 | D:8      | 12017 ||| PLANNING D:1-11
 12017 | D:8      | 12017 ||| PLANNING CONVERSION TO OKAWARU
 12017 | D:8      | 12017 ||| PLANNING D:1-11
 12017 | D:8      | 12017 ||| Stepping randomly (stuck).
 12021 | D:7      | 12021 ||| PLANNING CONVERSION TO OKAWARU
 12023 | D:8      | 12023 ||| PLANNING D:1-11
 12023 | D:8      | 12023 ||| PLANNING CONVERSION TO OKAWARU
 12023 | D:8      | 12023 ||| PLANNING D:1-11
 12023 | D:8      | 12023 ||| Stepping randomly (stuck).
 12027 | D:7      | 12027 ||| PLANNING CONVERSION TO OKAWARU
 12029 | D:8      | 12029 ||| PLANNING D:1-11
 12029 | D:8      | 12029 ||| PLANNING CONVERSION TO OKAWARU
 12029 | D:8      | 12029 ||| PLANNING D:1-11
 12029 | D:8      | 12029 ||| Stepping randomly (stuck).
 12033 | D:7      | 12033 ||| PLANNING CONVERSION TO OKAWARU
 12035 | D:8      | 12035 ||| PLANNING D:1-11
 12035 | D:8      | 12035 ||| PLANNING CONVERSION TO OKAWARU
 12035 | D:8      | 12035 ||| PLANNING D:1-11
 12035 | D:8      | 12035 ||| Stepping randomly (stuck).
 12039 | D:7      | 12039 ||| PLANNING CONVERSION TO OKAWARU
 12041 | D:8      | 12041 ||| PLANNING D:1-11
 12041 | D:8      | 12041 ||| PLANNING CONVERSION TO OKAWARU
 12041 | D:8      | 12041 ||| PLANNING D:1-11
 12041 | D:8      | 12041 ||| Stepping randomly (stuck).
 12045 | D:7      | 12045 ||| PLANNING CONVERSION TO OKAWARU
 12047 | D:8      | 12047 ||| PLANNING D:1-11
 12047 | D:8      | 12047 ||| PLANNING CONVERSION TO OKAWARU
 12047 | D:8      | 12047 ||| PLANNING D:1-11
 12047 | D:8      | 12047 ||| Stepping randomly (stuck).
 12051 | D:7      | 12051 ||| PLANNING CONVERSION TO OKAWARU
 12053 | D:8      | 12053 ||| PLANNING D:1-11
 12053 | D:8      | 12053 ||| PLANNING CONVERSION TO OKAWARU
 12053 | D:8      | 12053 ||| PLANNING D:1-11
 12053 | D:8      | 12053 ||| Stepping randomly (stuck).
 12057 | D:7      | 12057 ||| PLANNING CONVERSION TO OKAWARU
 12059 | D:8      | 12059 ||| PLANNING D:1-11
 12059 | D:8      | 12059 ||| PLANNING CONVERSION TO OKAWARU
 12059 | D:8      | 12059 ||| PLANNING D:1-11
 12059 | D:8      | 12059 ||| Stepping randomly (stuck).
 12063 | D:7      | 12063 ||| PLANNING CONVERSION TO OKAWARU
 12065 | D:8      | 12065 ||| PLANNING D:1-11
 12065 | D:8      | 12065 ||| PLANNING CONVERSION TO OKAWARU
 12065 | D:8      | 12065 ||| PLANNING D:1-11
 12065 | D:8      | 12065 ||| Stepping randomly (stuck).
 12069 | D:7      | 12069 ||| PLANNING CONVERSION TO OKAWARU
 12071 | D:8      | 12071 ||| PLANNING D:1-11
 12071 | D:8      | 12071 ||| PLANNING CONVERSION TO OKAWARU
 12071 | D:8      | 12071 ||| PLANNING D:1-11
 12071 | D:8      | 12071 ||| Stepping randomly (stuck).
 12075 | D:7      | 12075 ||| PLANNING CONVERSION TO OKAWARU
 12077 | D:8      | 12077 ||| PLANNING D:1-11
 12077 | D:8      | 12077 ||| PLANNING CONVERSION TO OKAWARU
 12077 | D:8      | 12077 ||| PLANNING D:1-11
 12077 | D:8      | 12077 ||| Stepping randomly (stuck).
 12081 | D:7      | 12081 ||| PLANNING CONVERSION TO OKAWARU
 12083 | D:8      | 12083 ||| PLANNING D:1-11
 12083 | D:8      | 12083 ||| PLANNING CONVERSION TO OKAWARU
 12083 | D:8      | 12083 ||| PLANNING D:1-11
 12083 | D:8      | 12083 ||| Stepping randomly (stuck).
 12087 | D:7      | 12087 ||| PLANNING CONVERSION TO OKAWARU
 12089 | D:8      | 12089 ||| PLANNING D:1-11
 12089 | D:8      | 12089 ||| PLANNING CONVERSION TO OKAWARU
 12089 | D:8      | 12089 ||| PLANNING D:1-11
 12089 | D:8      | 12089 ||| Stepping randomly (stuck).
 12093 | D:7      | 12093 ||| PLANNING CONVERSION TO OKAWARU
 12095 | D:8      | 12095 ||| PLANNING D:1-11
 12095 | D:8      | 12095 ||| PLANNING CONVERSION TO OKAWARU
 12095 | D:8      | 12095 ||| PLANNING D:1-11
 12095 | D:8      | 12095 ||| Stepping randomly (stuck).
 12099 | D:7      | 12099 ||| PLANNING CONVERSION TO OKAWARU
 12101 | D:8      | 12101 ||| PLANNING D:1-11
 12101 | D:8      | 12101 ||| PLANNING CONVERSION TO OKAWARU
 12101 | D:8      | 12101 ||| PLANNING D:1-11
 12101 | D:8      | 12101 ||| Stepping randomly (stuck).
 12105 | D:7      | 12105 ||| PLANNING CONVERSION TO OKAWARU
 12107 | D:8      | 12107 ||| PLANNING D:1-11
 12107 | D:8      | 12107 ||| PLANNING CONVERSION TO OKAWARU
 12107 | D:8      | 12107 ||| PLANNING D:1-11
 12107 | D:8      | 12107 ||| Stepping randomly (stuck).
 12111 | D:7      | 12111 ||| PLANNING CONVERSION TO OKAWARU
 12113 | D:8      | 12113 ||| PLANNING D:1-11
 12113 | D:8      | 12113 ||| PLANNING CONVERSION TO OKAWARU
 12113 | D:8      | 12113 ||| PLANNING D:1-11
 12113 | D:8      | 12113 ||| Stepping randomly (stuck).
 12117 | D:7      | 12117 ||| PLANNING CONVERSION TO OKAWARU
 12119 | D:8      | 12119 ||| PLANNING D:1-11
 12119 | D:8      | 12119 ||| PLANNING CONVERSION TO OKAWARU
 12119 | D:8      | 12119 ||| PLANNING D:1-11
 12119 | D:8      | 12119 ||| Stepping randomly (stuck).
 12123 | D:7      | 12123 ||| PLANNING CONVERSION TO OKAWARU
 12125 | D:8      | 12125 ||| PLANNING D:1-11
 12125 | D:8      | 12125 ||| PLANNING CONVERSION TO OKAWARU
 12125 | D:8      | 12125 ||| PLANNING D:1-11
 12125 | D:8      | 12125 ||| Stepping randomly (stuck).
 12129 | D:7      | 12129 ||| PLANNING CONVERSION TO OKAWARU
 12131 | D:8      | 12131 ||| PLANNING D:1-11
 12131 | D:8      | 12131 ||| PLANNING CONVERSION TO OKAWARU
 12131 | D:8      | 12131 ||| PLANNING D:1-11
 12131 | D:8      | 12131 ||| Stepping randomly (stuck).
 12135 | D:7      | 12135 ||| PLANNING CONVERSION TO OKAWARU
 12137 | D:8      | 12137 ||| PLANNING D:1-11
 12137 | D:8      | 12137 ||| PLANNING CONVERSION TO OKAWARU
 12137 | D:8      | 12137 ||| PLANNING D:1-11
 12137 | D:8      | 12137 ||| Stepping randomly (stuck).
 12141 | D:7      | 12141 ||| PLANNING CONVERSION TO OKAWARU
 12143 | D:8      | 12143 ||| PLANNING D:1-11
 12143 | D:8      | 12143 ||| PLANNING CONVERSION TO OKAWARU
 12143 | D:8      | 12143 ||| PLANNING D:1-11
 12143 | D:8      | 12143 ||| Stepping randomly (stuck).
 12147 | D:7      | 12147 ||| PLANNING CONVERSION TO OKAWARU
 12149 | D:8      | 12149 ||| PLANNING D:1-11
 12149 | D:8      | 12149 ||| PLANNING CONVERSION TO OKAWARU
 12149 | D:8      | 12149 ||| PLANNING D:1-11
 12149 | D:8      | 12149 ||| Stepping randomly (stuck).
 12153 | D:7      | 12153 ||| PLANNING CONVERSION TO OKAWARU
 12155 | D:8      | 12155 ||| PLANNING D:1-11
 12155 | D:8      | 12155 ||| PLANNING CONVERSION TO OKAWARU
 12155 | D:8      | 12155 ||| PLANNING D:1-11
 12155 | D:8      | 12155 ||| Stepping randomly (stuck).
 12159 | D:7      | 12159 ||| PLANNING CONVERSION TO OKAWARU
 12161 | D:8      | 12161 ||| PLANNING D:1-11
 12161 | D:8      | 12161 ||| PLANNING CONVERSION TO OKAWARU
 12161 | D:8      | 12161 ||| PLANNING D:1-11
 12161 | D:8      | 12161 ||| Stepping randomly (stuck).
 12165 | D:7      | 12165 ||| PLANNING CONVERSION TO OKAWARU
 12167 | D:8      | 12167 ||| PLANNING D:1-11
 12167 | D:8      | 12167 ||| PLANNING CONVERSION TO OKAWARU
 12167 | D:8      | 12167 ||| PLANNING D:1-11
 12167 | D:8      | 12167 ||| Stepping randomly (stuck).
 12171 | D:7      | 12171 ||| PLANNING CONVERSION TO OKAWARU
 12173 | D:8      | 12173 ||| PLANNING D:1-11
 12173 | D:8      | 12173 ||| PLANNING CONVERSION TO OKAWARU
 12173 | D:8      | 12173 ||| PLANNING D:1-11
 12173 | D:8      | 12173 ||| Stepping randomly (stuck).
 12177 | D:7      | 12177 ||| PLANNING CONVERSION TO OKAWARU
 12179 | D:8      | 12179 ||| PLANNING D:1-11
 12179 | D:8      | 12179 ||| PLANNING CONVERSION TO OKAWARU
 12179 | D:8      | 12179 ||| PLANNING D:1-11
 12179 | D:8      | 12179 ||| Stepping randomly (stuck).
 12183 | D:7      | 12183 ||| PLANNING CONVERSION TO OKAWARU
 12185 | D:8      | 12185 ||| PLANNING D:1-11
 12185 | D:8      | 12185 ||| PLANNING CONVERSION TO OKAWARU
 12185 | D:8      | 12185 ||| PLANNING D:1-11
 12185 | D:8      | 12185 ||| Stepping randomly (stuck).
 12189 | D:7      | 12189 ||| PLANNING CONVERSION TO OKAWARU
 12191 | D:8      | 12191 ||| PLANNING D:1-11
 12191 | D:8      | 12191 ||| PLANNING CONVERSION TO OKAWARU
 12191 | D:8      | 12191 ||| PLANNING D:1-11
 12191 | D:8      | 12191 ||| Stepping randomly (stuck).
 12195 | D:7      | 12195 ||| PLANNING CONVERSION TO OKAWARU
 12197 | D:8      | 12197 ||| PLANNING D:1-11
 12197 | D:8      | 12197 ||| PLANNING CONVERSION TO OKAWARU
 12197 | D:8      | 12197 ||| PLANNING D:1-11
 12197 | D:8      | 12197 ||| Stepping randomly (stuck).
 12201 | D:7      | 12201 ||| PLANNING CONVERSION TO OKAWARU
 12203 | D:8      | 12203 ||| PLANNING D:1-11
 12203 | D:8      | 12203 ||| PLANNING CONVERSION TO OKAWARU
 12203 | D:8      | 12203 ||| PLANNING D:1-11
 12203 | D:8      | 12203 ||| Stepping randomly (stuck).
 12207 | D:7      | 12207 ||| PLANNING CONVERSION TO OKAWARU
 12209 | D:8      | 12209 ||| PLANNING D:1-11
 12209 | D:8      | 12209 ||| PLANNING CONVERSION TO OKAWARU
 12209 | D:8      | 12209 ||| PLANNING D:1-11
 12209 | D:8      | 12209 ||| Stepping randomly (stuck).
 12213 | D:7      | 12213 ||| PLANNING CONVERSION TO OKAWARU
 12215 | D:8      | 12215 ||| PLANNING D:1-11
 12215 | D:8      | 12215 ||| PLANNING CONVERSION TO OKAWARU
 12215 | D:8      | 12215 ||| PLANNING D:1-11
 12215 | D:8      | 12215 ||| Stepping randomly (stuck).
 12219 | D:7      | 12219 ||| PLANNING CONVERSION TO OKAWARU
 12221 | D:8      | 12221 ||| PLANNING D:1-11
 12221 | D:8      | 12221 ||| PLANNING CONVERSION TO OKAWARU
 12221 | D:8      | 12221 ||| PLANNING D:1-11
 12221 | D:8      | 12221 ||| Stepping randomly (stuck).
 12225 | D:7      | 12225 ||| PLANNING CONVERSION TO OKAWARU
 12227 | D:8      | 12227 ||| PLANNING D:1-11
 12227 | D:8      | 12227 ||| PLANNING CONVERSION TO OKAWARU
 12227 | D:8      | 12227 ||| PLANNING D:1-11
 12227 | D:8      | 12227 ||| Stepping randomly (stuck).
 12231 | D:7      | 12231 ||| PLANNING CONVERSION TO OKAWARU
 12233 | D:8      | 12233 ||| PLANNING D:1-11
 12233 | D:8      | 12233 ||| PLANNING CONVERSION TO OKAWARU
 12233 | D:8      | 12233 ||| PLANNING D:1-11
 12233 | D:8      | 12233 ||| Stepping randomly (stuck).
 12237 | D:7      | 12237 ||| PLANNING CONVERSION TO OKAWARU
 12239 | D:8      | 12239 ||| PLANNING D:1-11
 12239 | D:8      | 12239 ||| PLANNING CONVERSION TO OKAWARU
 12239 | D:8      | 12239 ||| PLANNING D:1-11
 12239 | D:8      | 12239 ||| Stepping randomly (stuck).
 12243 | D:7      | 12243 ||| PLANNING CONVERSION TO OKAWARU
 12245 | D:8      | 12245 ||| PLANNING D:1-11
 12245 | D:8      | 12245 ||| PLANNING CONVERSION TO OKAWARU
 12245 | D:8      | 12245 ||| PLANNING D:1-11
 12245 | D:8      | 12245 ||| Stepping randomly (stuck).
 12249 | D:7      | 12249 ||| PLANNING CONVERSION TO OKAWARU
 12251 | D:8      | 12251 ||| PLANNING D:1-11
 12251 | D:8      | 12251 ||| PLANNING CONVERSION TO OKAWARU
 12251 | D:8      | 12251 ||| PLANNING D:1-11
 12251 | D:8      | 12251 ||| Stepping randomly (stuck).
 12255 | D:7      | 12255 ||| PLANNING CONVERSION TO OKAWARU
 12257 | D:8      | 12257 ||| PLANNING D:1-11
 12257 | D:8      | 12257 ||| PLANNING CONVERSION TO OKAWARU
 12257 | D:8      | 12257 ||| PLANNING D:1-11
 12257 | D:8      | 12257 ||| Stepping randomly (stuck).
 12261 | D:7      | 12261 ||| PLANNING CONVERSION TO OKAWARU
 12263 | D:8      | 12263 ||| PLANNING D:1-11
 12263 | D:8      | 12263 ||| PLANNING CONVERSION TO OKAWARU
 12263 | D:8      | 12263 ||| PLANNING D:1-11
 12263 | D:8      | 12263 ||| Stepping randomly (stuck).
 12267 | D:7      | 12267 ||| PLANNING CONVERSION TO OKAWARU
 12269 | D:8      | 12269 ||| PLANNING D:1-11
 12269 | D:8      | 12269 ||| PLANNING CONVERSION TO OKAWARU
 12269 | D:8      | 12269 ||| PLANNING D:1-11
 12269 | D:8      | 12269 ||| Stepping randomly (stuck).
 12273 | D:7      | 12273 ||| PLANNING CONVERSION TO OKAWARU
 12275 | D:8      | 12275 ||| PLANNING D:1-11
 12275 | D:8      | 12275 ||| PLANNING CONVERSION TO OKAWARU
 12275 | D:8      | 12275 ||| PLANNING D:1-11
 12275 | D:8      | 12275 ||| Stepping randomly (stuck).
 12279 | D:7      | 12279 ||| PLANNING CONVERSION TO OKAWARU
 12281 | D:8      | 12281 ||| PLANNING D:1-11
 12281 | D:8      | 12281 ||| PLANNING CONVERSION TO OKAWARU
 12281 | D:8      | 12281 ||| PLANNING D:1-11
 12281 | D:8      | 12281 ||| Stepping randomly (stuck).
 12285 | D:7      | 12285 ||| PLANNING CONVERSION TO OKAWARU
 12287 | D:8      | 12287 ||| PLANNING D:1-11
 12287 | D:8      | 12287 ||| PLANNING CONVERSION TO OKAWARU
 12287 | D:8      | 12287 ||| PLANNING D:1-11
 12287 | D:8      | 12287 ||| Stepping randomly (stuck).
 12291 | D:7      | 12291 ||| PLANNING CONVERSION TO OKAWARU
 12293 | D:8      | 12293 ||| PLANNING D:1-11
 12293 | D:8      | 12293 ||| PLANNING CONVERSION TO OKAWARU
 12293 | D:8      | 12293 ||| PLANNING D:1-11
 12293 | D:8      | 12293 ||| Stepping randomly (stuck).
 12297 | D:7      | 12297 ||| PLANNING CONVERSION TO OKAWARU
 12299 | D:8      | 12299 ||| PLANNING D:1-11
 12299 | D:8      | 12299 ||| PLANNING CONVERSION TO OKAWARU
 12299 | D:8      | 12299 ||| PLANNING D:1-11
 12299 | D:8      | 12299 ||| Stepping randomly (stuck).
 12303 | D:7      | 12303 ||| PLANNING CONVERSION TO OKAWARU
 12305 | D:8      | 12305 ||| PLANNING D:1-11
 12305 | D:8      | 12305 ||| PLANNING CONVERSION TO OKAWARU
 12305 | D:8      | 12305 ||| PLANNING D:1-11
 12305 | D:8      | 12305 ||| Stepping randomly (stuck).
 12309 | D:7      | 12309 ||| PLANNING CONVERSION TO OKAWARU
 12311 | D:8      | 12311 ||| PLANNING D:1-11
 12311 | D:8      | 12311 ||| PLANNING CONVERSION TO OKAWARU
 12311 | D:8      | 12311 ||| PLANNING D:1-11
 12311 | D:8      | 12311 ||| Stepping randomly (stuck).
 12315 | D:7      | 12315 ||| PLANNING CONVERSION TO OKAWARU
 12317 | D:8      | 12317 ||| PLANNING D:1-11
 12317 | D:8      | 12317 ||| PLANNING CONVERSION TO OKAWARU
 12317 | D:8      | 12317 ||| PLANNING D:1-11
 12317 | D:8      | 12317 ||| Stepping randomly (stuck).
 12321 | D:7      | 12321 ||| PLANNING CONVERSION TO OKAWARU
 12323 | D:8      | 12323 ||| PLANNING D:1-11
 12323 | D:8      | 12323 ||| PLANNING CONVERSION TO OKAWARU
 12323 | D:8      | 12323 ||| PLANNING D:1-11
 12323 | D:8      | 12323 ||| Stepping randomly (stuck).
 12327 | D:7      | 12327 ||| PLANNING CONVERSION TO OKAWARU
 12329 | D:8      | 12329 ||| PLANNING D:1-11
 12329 | D:8      | 12329 ||| PLANNING CONVERSION TO OKAWARU
 12329 | D:8      | 12329 ||| PLANNING D:1-11
 12329 | D:8      | 12329 ||| Stepping randomly (stuck).
 12333 | D:7      | 12333 ||| PLANNING CONVERSION TO OKAWARU
 12335 | D:8      | 12335 ||| PLANNING D:1-11
 12335 | D:8      | 12335 ||| PLANNING CONVERSION TO OKAWARU
 12335 | D:8      | 12335 ||| PLANNING D:1-11
 12335 | D:8      | 12335 ||| Stepping randomly (stuck).
 12339 | D:7      | 12339 ||| PLANNING CONVERSION TO OKAWARU
 12341 | D:8      | 12341 ||| PLANNING D:1-11
 12341 | D:8      | 12341 ||| PLANNING CONVERSION TO OKAWARU
 12341 | D:8      | 12341 ||| PLANNING D:1-11
 12341 | D:8      | 12341 ||| Stepping randomly (stuck).
 12345 | D:7      | 12345 ||| PLANNING CONVERSION TO OKAWARU
 12347 | D:8      | 12347 ||| PLANNING D:1-11
 12347 | D:8      | 12347 ||| PLANNING CONVERSION TO OKAWARU
 12347 | D:8      | 12347 ||| PLANNING D:1-11
 12347 | D:8      | 12347 ||| Stepping randomly (stuck).
 12351 | D:7      | 12351 ||| PLANNING CONVERSION TO OKAWARU
 12353 | D:8      | 12353 ||| PLANNING D:1-11
 12353 | D:8      | 12353 ||| PLANNING CONVERSION TO OKAWARU
 12353 | D:8      | 12353 ||| PLANNING D:1-11
 12353 | D:8      | 12353 ||| Stepping randomly (stuck).
 12357 | D:7      | 12357 ||| PLANNING CONVERSION TO OKAWARU
 12359 | D:8      | 12359 ||| PLANNING D:1-11
 12359 | D:8      | 12359 ||| PLANNING CONVERSION TO OKAWARU
 12359 | D:8      | 12359 ||| PLANNING D:1-11
 12359 | D:8      | 12359 ||| Stepping randomly (stuck).
 12363 | D:7      | 12363 ||| PLANNING CONVERSION TO OKAWARU
 12365 | D:8      | 12365 ||| PLANNING D:1-11
 12365 | D:8      | 12365 ||| PLANNING CONVERSION TO OKAWARU
 12365 | D:8      | 12365 ||| PLANNING D:1-11
 12365 | D:8      | 12365 ||| Stepping randomly (stuck).
 12369 | D:7      | 12369 ||| PLANNING CONVERSION TO OKAWARU
 12371 | D:8      | 12371 ||| PLANNING D:1-11
 12371 | D:8      | 12371 ||| PLANNING CONVERSION TO OKAWARU
 12371 | D:8      | 12371 ||| PLANNING D:1-11
 12371 | D:8      | 12371 ||| Stepping randomly (stuck).
 12375 | D:7      | 12375 ||| PLANNING CONVERSION TO OKAWARU
 12377 | D:8      | 12377 ||| PLANNING D:1-11
 12377 | D:8      | 12377 ||| PLANNING CONVERSION TO OKAWARU
 12377 | D:8      | 12377 ||| PLANNING D:1-11
 12377 | D:8      | 12377 ||| Stepping randomly (stuck).
 12381 | D:7      | 12381 ||| PLANNING CONVERSION TO OKAWARU
 12383 | D:8      | 12383 ||| PLANNING D:1-11
 12383 | D:8      | 12383 ||| PLANNING CONVERSION TO OKAWARU
 12383 | D:8      | 12383 ||| PLANNING D:1-11
 12383 | D:8      | 12383 ||| Stepping randomly (stuck).
 12387 | D:7      | 12387 ||| PLANNING CONVERSION TO OKAWARU
 12389 | D:8      | 12389 ||| PLANNING D:1-11
 12389 | D:8      | 12389 ||| PLANNING CONVERSION TO OKAWARU
 12389 | D:8      | 12389 ||| PLANNING D:1-11
 12389 | D:8      | 12389 ||| Stepping randomly (stuck).
 12393 | D:7      | 12393 ||| PLANNING CONVERSION TO OKAWARU
 12395 | D:8      | 12395 ||| PLANNING D:1-11
 12395 | D:8      | 12395 ||| PLANNING CONVERSION TO OKAWARU
 12395 | D:8      | 12395 ||| PLANNING D:1-11
 12395 | D:8      | 12395 ||| Stepping randomly (stuck).
 12399 | D:7      | 12399 ||| PLANNING CONVERSION TO OKAWARU
 12401 | D:8      | 12401 ||| PLANNING D:1-11
 12401 | D:8      | 12401 ||| PLANNING CONVERSION TO OKAWARU
 12401 | D:8      | 12401 ||| PLANNING D:1-11
 12401 | D:8      | 12401 ||| Stepping randomly (stuck).
 12405 | D:7      | 12405 ||| PLANNING CONVERSION TO OKAWARU
 12407 | D:8      | 12407 ||| PLANNING D:1-11
 12407 | D:8      | 12407 ||| PLANNING CONVERSION TO OKAWARU
 12407 | D:8      | 12407 ||| PLANNING D:1-11
 12407 | D:8      | 12407 ||| Stepping randomly (stuck).
 12411 | D:7      | 12411 ||| PLANNING CONVERSION TO OKAWARU
 12413 | D:8      | 12413 ||| PLANNING D:1-11
 12413 | D:8      | 12413 ||| PLANNING CONVERSION TO OKAWARU
 12413 | D:8      | 12413 ||| PLANNING D:1-11
 12413 | D:8      | 12413 ||| Stepping randomly (stuck).
 12417 | D:7      | 12417 ||| PLANNING CONVERSION TO OKAWARU
 12419 | D:8      | 12419 ||| PLANNING D:1-11
 12419 | D:8      | 12419 ||| PLANNING CONVERSION TO OKAWARU
 12419 | D:8      | 12419 ||| PLANNING D:1-11
 12419 | D:8      | 12419 ||| Stepping randomly (stuck).
 12423 | D:7      | 12423 ||| PLANNING CONVERSION TO OKAWARU
 12425 | D:8      | 12425 ||| PLANNING D:1-11
 12425 | D:8      | 12425 ||| PLANNING CONVERSION TO OKAWARU
 12425 | D:8      | 12425 ||| PLANNING D:1-11
 12425 | D:8      | 12425 ||| Stepping randomly (stuck).
 12429 | D:7      | 12429 ||| PLANNING CONVERSION TO OKAWARU
 12431 | D:8      | 12431 ||| PLANNING D:1-11
 12431 | D:8      | 12431 ||| PLANNING CONVERSION TO OKAWARU
 12431 | D:8      | 12431 ||| PLANNING D:1-11
 12431 | D:8      | 12431 ||| Stepping randomly (stuck).
 12435 | D:7      | 12435 ||| PLANNING CONVERSION TO OKAWARU
 12437 | D:8      | 12437 ||| PLANNING D:1-11
 12437 | D:8      | 12437 ||| PLANNING CONVERSION TO OKAWARU
 12437 | D:8      | 12437 ||| PLANNING D:1-11
 12437 | D:8      | 12437 ||| Stepping randomly (stuck).
 12441 | D:7      | 12441 ||| PLANNING CONVERSION TO OKAWARU
 12443 | D:8      | 12443 ||| PLANNING D:1-11
 12443 | D:8      | 12443 ||| PLANNING CONVERSION TO OKAWARU
 12443 | D:8      | 12443 ||| PLANNING D:1-11
 12443 | D:8      | 12443 ||| Stepping randomly (stuck).
 12447 | D:7      | 12447 ||| PLANNING CONVERSION TO OKAWARU
 12449 | D:8      | 12449 ||| PLANNING D:1-11
 12449 | D:8      | 12449 ||| PLANNING CONVERSION TO OKAWARU
 12449 | D:8      | 12449 ||| PLANNING D:1-11
 12449 | D:8      | 12449 ||| Stepping randomly (stuck).
 12453 | D:7      | 12453 ||| PLANNING CONVERSION TO OKAWARU
 12455 | D:8      | 12455 ||| PLANNING D:1-11
 12455 | D:8      | 12455 ||| PLANNING CONVERSION TO OKAWARU
 12455 | D:8      | 12455 ||| PLANNING D:1-11
 12455 | D:8      | 12455 ||| Stepping randomly (stuck).
 12459 | D:7      | 12459 ||| PLANNING CONVERSION TO OKAWARU
 12461 | D:8      | 12461 ||| PLANNING D:1-11
 12461 | D:8      | 12461 ||| PLANNING CONVERSION TO OKAWARU
 12461 | D:8      | 12461 ||| PLANNING D:1-11
 12461 | D:8      | 12461 ||| Stepping randomly (stuck).
 12465 | D:7      | 12465 ||| PLANNING CONVERSION TO OKAWARU
 12467 | D:8      | 12467 ||| PLANNING D:1-11
 12467 | D:8      | 12467 ||| PLANNING CONVERSION TO OKAWARU
 12467 | D:8      | 12467 ||| PLANNING D:1-11
 12467 | D:8      | 12467 ||| Stepping randomly (stuck).
 12471 | D:7      | 12471 ||| PLANNING CONVERSION TO OKAWARU
 12473 | D:8      | 12473 ||| PLANNING D:1-11
 12473 | D:8      | 12473 ||| PLANNING CONVERSION TO OKAWARU
 12473 | D:8      | 12473 ||| PLANNING D:1-11
 12473 | D:8      | 12473 ||| Stepping randomly (stuck).
 12477 | D:7      | 12477 ||| PLANNING CONVERSION TO OKAWARU
 12479 | D:8      | 12479 ||| PLANNING D:1-11
 12479 | D:8      | 12479 ||| PLANNING CONVERSION TO OKAWARU
 12479 | D:8      | 12479 ||| PLANNING D:1-11
 12479 | D:8      | 12479 ||| Stepping randomly (stuck).
 12483 | D:7      | 12483 ||| PLANNING CONVERSION TO OKAWARU
 12485 | D:8      | 12485 ||| PLANNING D:1-11
 12485 | D:8      | 12485 ||| PLANNING CONVERSION TO OKAWARU
 12485 | D:8      | 12485 ||| PLANNING D:1-11
 12485 | D:8      | 12485 ||| Stepping randomly (stuck).
 12489 | D:7      | 12489 ||| PLANNING CONVERSION TO OKAWARU
 12491 | D:8      | 12491 ||| PLANNING D:1-11
 12491 | D:8      | 12491 ||| PLANNING CONVERSION TO OKAWARU
 12491 | D:8      | 12491 ||| PLANNING D:1-11
 12491 | D:8      | 12491 ||| Stepping randomly (stuck).
 12495 | D:7      | 12495 ||| PLANNING CONVERSION TO OKAWARU
 12497 | D:8      | 12497 ||| PLANNING D:1-11
 12497 | D:8      | 12497 ||| PLANNING CONVERSION TO OKAWARU
 12497 | D:8      | 12497 ||| PLANNING D:1-11
 12497 | D:8      | 12497 ||| Stepping randomly (stuck).
 12501 | D:7      | 12501 ||| PLANNING CONVERSION TO OKAWARU
 12503 | D:8      | 12503 ||| PLANNING D:1-11
 12503 | D:8      | 12503 ||| PLANNING CONVERSION TO OKAWARU
 12503 | D:8      | 12503 ||| PLANNING D:1-11
 12503 | D:8      | 12503 ||| Stepping randomly (stuck).
 12507 | D:7      | 12507 ||| PLANNING CONVERSION TO OKAWARU
 12509 | D:8      | 12509 ||| PLANNING D:1-11
 12509 | D:8      | 12509 ||| PLANNING CONVERSION TO OKAWARU
 12509 | D:8      | 12509 ||| PLANNING D:1-11
 12509 | D:8      | 12509 ||| Stepping randomly (stuck).
 12513 | D:7      | 12513 ||| PLANNING CONVERSION TO OKAWARU
 12515 | D:8      | 12515 ||| PLANNING D:1-11
 12515 | D:8      | 12515 ||| PLANNING CONVERSION TO OKAWARU
 12515 | D:8      | 12515 ||| PLANNING D:1-11
 12515 | D:8      | 12515 ||| Stepping randomly (stuck).
 12519 | D:7      | 12519 ||| PLANNING CONVERSION TO OKAWARU
 12521 | D:8      | 12521 ||| PLANNING D:1-11
 12521 | D:8      | 12521 ||| PLANNING CONVERSION TO OKAWARU
 12521 | D:8      | 12521 ||| PLANNING D:1-11
 12521 | D:8      | 12521 ||| Stepping randomly (stuck).
 12525 | D:7      | 12525 ||| PLANNING CONVERSION TO OKAWARU
 12527 | D:8      | 12527 ||| PLANNING D:1-11
 12527 | D:8      | 12527 ||| PLANNING CONVERSION TO OKAWARU
 12527 | D:8      | 12527 ||| PLANNING D:1-11
 12527 | D:8      | 12527 ||| Stepping randomly (stuck).
 12531 | D:7      | 12531 ||| PLANNING CONVERSION TO OKAWARU
 12533 | D:8      | 12533 ||| PLANNING D:1-11
 12533 | D:8      | 12533 ||| PLANNING CONVERSION TO OKAWARU
 12533 | D:8      | 12533 ||| PLANNING D:1-11
 12533 | D:8      | 12533 ||| Stepping randomly (stuck).
 12537 | D:7      | 12537 ||| PLANNING CONVERSION TO OKAWARU
 12539 | D:8      | 12539 ||| PLANNING D:1-11
 12539 | D:8      | 12539 ||| PLANNING CONVERSION TO OKAWARU
 12539 | D:8      | 12539 ||| PLANNING D:1-11
 12539 | D:8      | 12539 ||| Stepping randomly (stuck).
 12543 | D:7      | 12543 ||| PLANNING CONVERSION TO OKAWARU
 12545 | D:8      | 12545 ||| PLANNING D:1-11
 12545 | D:8      | 12545 ||| PLANNING CONVERSION TO OKAWARU
 12545 | D:8      | 12545 ||| PLANNING D:1-11
 12545 | D:8      | 12545 ||| Stepping randomly (stuck).
 12549 | D:7      | 12549 ||| PLANNING CONVERSION TO OKAWARU
 12551 | D:8      | 12551 ||| PLANNING D:1-11
 12551 | D:8      | 12551 ||| PLANNING CONVERSION TO OKAWARU
 12551 | D:8      | 12551 ||| PLANNING D:1-11
 12551 | D:8      | 12551 ||| Stepping randomly (stuck).
 12555 | D:7      | 12555 ||| PLANNING CONVERSION TO OKAWARU
 12557 | D:8      | 12557 ||| PLANNING D:1-11
 12557 | D:8      | 12557 ||| PLANNING CONVERSION TO OKAWARU
 12557 | D:8      | 12557 ||| PLANNING D:1-11
 12557 | D:8      | 12557 ||| Stepping randomly (stuck).
 12561 | D:7      | 12561 ||| PLANNING CONVERSION TO OKAWARU
 12563 | D:8      | 12563 ||| PLANNING D:1-11
 12563 | D:8      | 12563 ||| PLANNING CONVERSION TO OKAWARU
 12563 | D:8      | 12563 ||| PLANNING D:1-11
 12563 | D:8      | 12563 ||| Stepping randomly (stuck).
 12567 | D:7      | 12567 ||| PLANNING CONVERSION TO OKAWARU
 12569 | D:8      | 12569 ||| PLANNING D:1-11
 12569 | D:8      | 12569 ||| PLANNING CONVERSION TO OKAWARU
 12569 | D:8      | 12569 ||| PLANNING D:1-11
 12569 | D:8      | 12569 ||| Stepping randomly (stuck).
 12573 | D:7      | 12573 ||| PLANNING CONVERSION TO OKAWARU
 12575 | D:8      | 12575 ||| PLANNING D:1-11
 12575 | D:8      | 12575 ||| PLANNING CONVERSION TO OKAWARU
 12575 | D:8      | 12575 ||| PLANNING D:1-11
 12575 | D:8      | 12575 ||| Stepping randomly (stuck).
 12579 | D:7      | 12579 ||| PLANNING CONVERSION TO OKAWARU
 12581 | D:8      | 12581 ||| PLANNING D:1-11
 12581 | D:8      | 12581 ||| PLANNING CONVERSION TO OKAWARU
 12581 | D:8      | 12581 ||| PLANNING D:1-11
 12581 | D:8      | 12581 ||| Stepping randomly (stuck).
 12585 | D:7      | 12585 ||| PLANNING CONVERSION TO OKAWARU
 12587 | D:8      | 12587 ||| PLANNING D:1-11
 12587 | D:8      | 12587 ||| PLANNING CONVERSION TO OKAWARU
 12587 | D:8      | 12587 ||| PLANNING D:1-11
 12587 | D:8      | 12587 ||| Stepping randomly (stuck).
 12591 | D:7      | 12591 ||| PLANNING CONVERSION TO OKAWARU
 12593 | D:8      | 12593 ||| PLANNING D:1-11
 12593 | D:8      | 12593 ||| PLANNING CONVERSION TO OKAWARU
 12593 | D:8      | 12593 ||| PLANNING D:1-11
 12593 | D:8      | 12593 ||| Stepping randomly (stuck).
 12597 | D:7      | 12597 ||| PLANNING CONVERSION TO OKAWARU
 12599 | D:8      | 12599 ||| PLANNING D:1-11
 12599 | D:8      | 12599 ||| PLANNING CONVERSION TO OKAWARU
 12599 | D:8      | 12599 ||| PLANNING D:1-11
 12599 | D:8      | 12599 ||| Stepping randomly (stuck).
 12603 | D:7      | 12603 ||| PLANNING CONVERSION TO OKAWARU
 12605 | D:8      | 12605 ||| PLANNING D:1-11
 12605 | D:8      | 12605 ||| PLANNING CONVERSION TO OKAWARU
 12605 | D:8      | 12605 ||| PLANNING D:1-11
 12605 | D:8      | 12605 ||| Stepping randomly (stuck).
 12609 | D:7      | 12609 ||| PLANNING CONVERSION TO OKAWARU
 12611 | D:8      | 12611 ||| PLANNING D:1-11
 12611 | D:8      | 12611 ||| PLANNING CONVERSION TO OKAWARU
 12611 | D:8      | 12611 ||| PLANNING D:1-11
 12611 | D:8      | 12611 ||| Stepping randomly (stuck).
 12615 | D:7      | 12615 ||| PLANNING CONVERSION TO OKAWARU
 12617 | D:8      | 12617 ||| PLANNING D:1-11
 12617 | D:8      | 12617 ||| PLANNING CONVERSION TO OKAWARU
 12617 | D:8      | 12617 ||| PLANNING D:1-11
 12617 | D:8      | 12617 ||| Stepping randomly (stuck).
 12621 | D:7      | 12621 ||| PLANNING CONVERSION TO OKAWARU
 12623 | D:8      | 12623 ||| PLANNING D:1-11
 12623 | D:8      | 12623 ||| PLANNING CONVERSION TO OKAWARU
 12623 | D:8      | 12623 ||| PLANNING D:1-11
 12623 | D:8      | 12623 ||| Stepping randomly (stuck).
 12627 | D:7      | 12627 ||| PLANNING CONVERSION TO OKAWARU
 12629 | D:8      | 12629 ||| PLANNING D:1-11
 12629 | D:8      | 12629 ||| PLANNING CONVERSION TO OKAWARU
 12629 | D:8      | 12629 ||| PLANNING D:1-11
 12629 | D:8      | 12629 ||| Stepping randomly (stuck).
 12633 | D:7      | 12633 ||| PLANNING CONVERSION TO OKAWARU
 12635 | D:8      | 12635 ||| PLANNING D:1-11
 12635 | D:8      | 12635 ||| PLANNING CONVERSION TO OKAWARU
 12635 | D:8      | 12635 ||| PLANNING D:1-11
 12635 | D:8      | 12635 ||| Stepping randomly (stuck).
 12639 | D:7      | 12639 ||| PLANNING CONVERSION TO OKAWARU
 12641 | D:8      | 12641 ||| PLANNING D:1-11
 12641 | D:8      | 12641 ||| PLANNING CONVERSION TO OKAWARU
 12641 | D:8      | 12641 ||| PLANNING D:1-11
 12641 | D:8      | 12641 ||| Stepping randomly (stuck).
 12645 | D:7      | 12645 ||| PLANNING CONVERSION TO OKAWARU
 12647 | D:8      | 12647 ||| PLANNING D:1-11
 12647 | D:8      | 12647 ||| PLANNING CONVERSION TO OKAWARU
 12647 | D:8      | 12647 ||| PLANNING D:1-11
 12647 | D:8      | 12647 ||| Stepping randomly (stuck).
 12651 | D:7      | 12651 ||| PLANNING CONVERSION TO OKAWARU
 12653 | D:8      | 12653 ||| PLANNING D:1-11
 12653 | D:8      | 12653 ||| PLANNING CONVERSION TO OKAWARU
 12653 | D:8      | 12653 ||| PLANNING D:1-11
 12653 | D:8      | 12653 ||| Stepping randomly (stuck).
 12657 | D:7      | 12657 ||| PLANNING CONVERSION TO OKAWARU
 12659 | D:8      | 12659 ||| PLANNING D:1-11
 12659 | D:8      | 12659 ||| PLANNING CONVERSION TO OKAWARU
 12659 | D:8      | 12659 ||| PLANNING D:1-11
 12659 | D:8      | 12659 ||| Stepping randomly (stuck).
 12663 | D:7      | 12663 ||| PLANNING CONVERSION TO OKAWARU
 12665 | D:8      | 12665 ||| PLANNING D:1-11
 12665 | D:8      | 12665 ||| PLANNING CONVERSION TO OKAWARU
 12665 | D:8      | 12665 ||| PLANNING D:1-11
 12665 | D:8      | 12665 ||| Stepping randomly (stuck).
 12669 | D:7      | 12669 ||| PLANNING CONVERSION TO OKAWARU
 12671 | D:8      | 12671 ||| PLANNING D:1-11
 12671 | D:8      | 12671 ||| PLANNING CONVERSION TO OKAWARU
 12671 | D:8      | 12671 ||| PLANNING D:1-11
 12671 | D:8      | 12671 ||| Stepping randomly (stuck).
 12675 | D:7      | 12675 ||| PLANNING CONVERSION TO OKAWARU
 12677 | D:8      | 12677 ||| PLANNING D:1-11
 12677 | D:8      | 12677 ||| PLANNING CONVERSION TO OKAWARU
 12677 | D:8      | 12677 ||| PLANNING D:1-11
 12677 | D:8      | 12677 ||| Stepping randomly (stuck).
 12681 | D:7      | 12681 ||| PLANNING CONVERSION TO OKAWARU
 12683 | D:8      | 12683 ||| PLANNING D:1-11
 12683 | D:8      | 12683 ||| PLANNING CONVERSION TO OKAWARU
 12683 | D:8      | 12683 ||| PLANNING D:1-11
 12683 | D:8      | 12683 ||| Stepping randomly (stuck).
 12687 | D:7      | 12687 ||| PLANNING CONVERSION TO OKAWARU
 12689 | D:8      | 12689 ||| PLANNING D:1-11
 12689 | D:8      | 12689 ||| PLANNING CONVERSION TO OKAWARU
 12689 | D:8      | 12689 ||| PLANNING D:1-11
 12689 | D:8      | 12689 ||| Stepping randomly (stuck).
 12693 | D:7      | 12693 ||| PLANNING CONVERSION TO OKAWARU
 12695 | D:8      | 12695 ||| PLANNING D:1-11
 12695 | D:8      | 12695 ||| PLANNING CONVERSION TO OKAWARU
 12695 | D:8      | 12695 ||| PLANNING D:1-11
 12695 | D:8      | 12695 ||| Stepping randomly (stuck).
 12699 | D:7      | 12699 ||| PLANNING CONVERSION TO OKAWARU
 12701 | D:8      | 12701 ||| PLANNING D:1-11
 12701 | D:8      | 12701 ||| PLANNING CONVERSION TO OKAWARU
 12701 | D:8      | 12701 ||| PLANNING D:1-11
 12701 | D:8      | 12701 ||| Stepping randomly (stuck).
 12705 | D:7      | 12705 ||| PLANNING CONVERSION TO OKAWARU
 12707 | D:8      | 12707 ||| PLANNING D:1-11
 12707 | D:8      | 12707 ||| PLANNING CONVERSION TO OKAWARU
 12707 | D:8      | 12707 ||| PLANNING D:1-11
 12707 | D:8      | 12707 ||| Stepping randomly (stuck).
 12711 | D:7      | 12711 ||| PLANNING CONVERSION TO OKAWARU
 12713 | D:8      | 12713 ||| PLANNING D:1-11
 12713 | D:8      | 12713 ||| PLANNING CONVERSION TO OKAWARU
 12713 | D:8      | 12713 ||| PLANNING D:1-11
 12713 | D:8      | 12713 ||| Stepping randomly (stuck).
 12717 | D:7      | 12717 ||| PLANNING CONVERSION TO OKAWARU
 12719 | D:8      | 12719 ||| PLANNING D:1-11
 12719 | D:8      | 12719 ||| PLANNING CONVERSION TO OKAWARU
 12719 | D:8      | 12719 ||| PLANNING D:1-11
 12719 | D:8      | 12719 ||| Stepping randomly (stuck).
 12723 | D:7      | 12723 ||| PLANNING CONVERSION TO OKAWARU
 12725 | D:8      | 12725 ||| PLANNING D:1-11
 12725 | D:8      | 12725 ||| PLANNING CONVERSION TO OKAWARU
 12725 | D:8      | 12725 ||| PLANNING D:1-11
 12725 | D:8      | 12725 ||| Stepping randomly (stuck).
 12729 | D:7      | 12729 ||| PLANNING CONVERSION TO OKAWARU
 12731 | D:8      | 12731 ||| PLANNING D:1-11
 12731 | D:8      | 12731 ||| PLANNING CONVERSION TO OKAWARU
 12731 | D:8      | 12731 ||| PLANNING D:1-11
 12731 | D:8      | 12731 ||| Stepping randomly (stuck).
 12735 | D:7      | 12735 ||| PLANNING CONVERSION TO OKAWARU
 12737 | D:8      | 12737 ||| PLANNING D:1-11
 12737 | D:8      | 12737 ||| PLANNING CONVERSION TO OKAWARU
 12737 | D:8      | 12737 ||| PLANNING D:1-11
 12737 | D:8      | 12737 ||| Stepping randomly (stuck).
 12741 | D:7      | 12741 ||| PLANNING CONVERSION TO OKAWARU
 12743 | D:8      | 12743 ||| PLANNING D:1-11
 12743 | D:8      | 12743 ||| PLANNING CONVERSION TO OKAWARU
 12743 | D:8      | 12743 ||| PLANNING D:1-11
 12743 | D:8      | 12743 ||| Stepping randomly (stuck).
 12747 | D:7      | 12747 ||| PLANNING CONVERSION TO OKAWARU
 12749 | D:8      | 12749 ||| PLANNING D:1-11
 12749 | D:8      | 12749 ||| PLANNING CONVERSION TO OKAWARU
 12749 | D:8      | 12749 ||| PLANNING D:1-11
 12749 | D:8      | 12749 ||| Stepping randomly (stuck).
 12753 | D:7      | 12753 ||| PLANNING CONVERSION TO OKAWARU
 12755 | D:8      | 12755 ||| PLANNING D:1-11
 12755 | D:8      | 12755 ||| PLANNING CONVERSION TO OKAWARU
 12755 | D:8      | 12755 ||| PLANNING D:1-11
 12755 | D:8      | 12755 ||| Stepping randomly (stuck).
 12759 | D:7      | 12759 ||| PLANNING CONVERSION TO OKAWARU
 12761 | D:8      | 12761 ||| PLANNING D:1-11
 12761 | D:8      | 12761 ||| PLANNING CONVERSION TO OKAWARU
 12761 | D:8      | 12761 ||| PLANNING D:1-11
 12761 | D:8      | 12761 ||| Stepping randomly (stuck).
 12765 | D:7      | 12765 ||| PLANNING CONVERSION TO OKAWARU
 12767 | D:8      | 12767 ||| PLANNING D:1-11
 12767 | D:8      | 12767 ||| PLANNING CONVERSION TO OKAWARU
 12767 | D:8      | 12767 ||| PLANNING D:1-11
 12767 | D:8      | 12767 ||| Stepping randomly (stuck).
 12771 | D:7      | 12771 ||| PLANNING CONVERSION TO OKAWARU
 12773 | D:8      | 12773 ||| PLANNING D:1-11
 12773 | D:8      | 12773 ||| PLANNING CONVERSION TO OKAWARU
 12773 | D:8      | 12773 ||| PLANNING D:1-11
 12773 | D:8      | 12773 ||| Stepping randomly (stuck).
 12777 | D:7      | 12777 ||| PLANNING CONVERSION TO OKAWARU
 12779 | D:8      | 12779 ||| PLANNING D:1-11
 12779 | D:8      | 12779 ||| PLANNING CONVERSION TO OKAWARU
 12779 | D:8      | 12779 ||| PLANNING D:1-11
 12779 | D:8      | 12779 ||| Stepping randomly (stuck).
 12783 | D:7      | 12783 ||| PLANNING CONVERSION TO OKAWARU
 12785 | D:8      | 12785 ||| PLANNING D:1-11
 12785 | D:8      | 12785 ||| PLANNING CONVERSION TO OKAWARU
 12785 | D:8      | 12785 ||| PLANNING D:1-11
 12785 | D:8      | 12785 ||| Stepping randomly (stuck).
 12789 | D:7      | 12789 ||| PLANNING CONVERSION TO OKAWARU
 12791 | D:8      | 12791 ||| PLANNING D:1-11
 12791 | D:8      | 12791 ||| PLANNING CONVERSION TO OKAWARU
 12791 | D:8      | 12791 ||| PLANNING D:1-11
 12791 | D:8      | 12791 ||| Stepping randomly (stuck).
 12795 | D:7      | 12795 ||| PLANNING CONVERSION TO OKAWARU
 12797 | D:8      | 12797 ||| PLANNING D:1-11
 12797 | D:8      | 12797 ||| PLANNING CONVERSION TO OKAWARU
 12797 | D:8      | 12797 ||| PLANNING D:1-11
 12797 | D:8      | 12797 ||| Stepping randomly (stuck).
 12801 | D:7      | 12801 ||| PLANNING CONVERSION TO OKAWARU
 12803 | D:8      | 12803 ||| PLANNING D:1-11
 12803 | D:8      | 12803 ||| PLANNING CONVERSION TO OKAWARU
 12803 | D:8      | 12803 ||| PLANNING D:1-11
 12803 | D:8      | 12803 ||| Stepping randomly (stuck).
 12807 | D:7      | 12807 ||| PLANNING CONVERSION TO OKAWARU
 12809 | D:8      | 12809 ||| PLANNING D:1-11
 12809 | D:8      | 12809 ||| PLANNING CONVERSION TO OKAWARU
 12809 | D:8      | 12809 ||| PLANNING D:1-11
 12809 | D:8      | 12809 ||| Stepping randomly (stuck).
 12813 | D:7      | 12813 ||| PLANNING CONVERSION TO OKAWARU
 12815 | D:8      | 12815 ||| PLANNING D:1-11
 12815 | D:8      | 12815 ||| PLANNING CONVERSION TO OKAWARU
 12815 | D:8      | 12815 ||| PLANNING D:1-11
 12815 | D:8      | 12815 ||| Stepping randomly (stuck).
 12819 | D:7      | 12819 ||| PLANNING CONVERSION TO OKAWARU
 12821 | D:8      | 12821 ||| PLANNING D:1-11
 12821 | D:8      | 12821 ||| PLANNING CONVERSION TO OKAWARU
 12821 | D:8      | 12821 ||| PLANNING D:1-11
 12821 | D:8      | 12821 ||| Stepping randomly (stuck).
 12825 | D:7      | 12825 ||| PLANNING CONVERSION TO OKAWARU
 12827 | D:8      | 12827 ||| PLANNING D:1-11
 12827 | D:8      | 12827 ||| PLANNING CONVERSION TO OKAWARU
 12827 | D:8      | 12827 ||| PLANNING D:1-11
 12827 | D:8      | 12827 ||| Stepping randomly (stuck).
 12831 | D:7      | 12831 ||| PLANNING CONVERSION TO OKAWARU
 12833 | D:8      | 12833 ||| PLANNING D:1-11
 12833 | D:8      | 12833 ||| PLANNING CONVERSION TO OKAWARU
 12833 | D:8      | 12833 ||| PLANNING D:1-11
 12833 | D:8      | 12833 ||| Stepping randomly (stuck).
 12837 | D:7      | 12837 ||| PLANNING CONVERSION TO OKAWARU
 12839 | D:8      | 12839 ||| PLANNING D:1-11
 12839 | D:8      | 12839 ||| PLANNING CONVERSION TO OKAWARU
 12839 | D:8      | 12839 ||| PLANNING D:1-11
 12839 | D:8      | 12839 ||| Stepping randomly (stuck).
 12843 | D:7      | 12843 ||| PLANNING CONVERSION TO OKAWARU
 12845 | D:8      | 12845 ||| PLANNING D:1-11
 12845 | D:8      | 12845 ||| PLANNING CONVERSION TO OKAWARU
 12845 | D:8      | 12845 ||| PLANNING D:1-11
 12845 | D:8      | 12845 ||| Stepping randomly (stuck).
 12849 | D:7      | 12849 ||| PLANNING CONVERSION TO OKAWARU
 12851 | D:8      | 12851 ||| PLANNING D:1-11
 12851 | D:8      | 12851 ||| PLANNING CONVERSION TO OKAWARU
 12851 | D:8      | 12851 ||| PLANNING D:1-11
 12851 | D:8      | 12851 ||| Stepping randomly (stuck).
 12855 | D:7      | 12855 ||| PLANNING CONVERSION TO OKAWARU
 12857 | D:8      | 12857 ||| PLANNING D:1-11
 12857 | D:8      | 12857 ||| PLANNING CONVERSION TO OKAWARU
 12857 | D:8      | 12857 ||| PLANNING D:1-11
 12857 | D:8      | 12857 ||| Stepping randomly (stuck).
 12861 | D:7      | 12861 ||| PLANNING CONVERSION TO OKAWARU
 12863 | D:8      | 12863 ||| PLANNING D:1-11
 12863 | D:8      | 12863 ||| PLANNING CONVERSION TO OKAWARU
 12863 | D:8      | 12863 ||| PLANNING D:1-11
 12863 | D:8      | 12863 ||| Stepping randomly (stuck).
 12867 | D:7      | 12867 ||| PLANNING CONVERSION TO OKAWARU
 12869 | D:8      | 12869 ||| PLANNING D:1-11
 12869 | D:8      | 12869 ||| PLANNING CONVERSION TO OKAWARU
 12869 | D:8      | 12869 ||| PLANNING D:1-11
 12869 | D:8      | 12869 ||| Stepping randomly (stuck).
 12873 | D:7      | 12873 ||| PLANNING CONVERSION TO OKAWARU
 12875 | D:8      | 12875 ||| PLANNING D:1-11
 12875 | D:8      | 12875 ||| PLANNING CONVERSION TO OKAWARU
 12875 | D:8      | 12875 ||| PLANNING D:1-11
 12875 | D:8      | 12875 ||| Stepping randomly (stuck).
 12879 | D:7      | 12879 ||| PLANNING CONVERSION TO OKAWARU
 12881 | D:8      | 12881 ||| PLANNING D:1-11
 12881 | D:8      | 12881 ||| PLANNING CONVERSION TO OKAWARU
 12881 | D:8      | 12881 ||| PLANNING D:1-11
 12881 | D:8      | 12881 ||| Stepping randomly (stuck).
 12885 | D:7      | 12885 ||| PLANNING CONVERSION TO OKAWARU
 12887 | D:8      | 12887 ||| PLANNING D:1-11
 12887 | D:8      | 12887 ||| PLANNING CONVERSION TO OKAWARU
 12887 | D:8      | 12887 ||| PLANNING D:1-11
 12887 | D:8      | 12887 ||| Stepping randomly (stuck).
 12891 | D:7      | 12891 ||| PLANNING CONVERSION TO OKAWARU
 12893 | D:8      | 12893 ||| PLANNING D:1-11
 12893 | D:8      | 12893 ||| PLANNING CONVERSION TO OKAWARU
 12893 | D:8      | 12893 ||| PLANNING D:1-11
 12893 | D:8      | 12893 ||| Stepping randomly (stuck).
 12897 | D:7      | 12897 ||| PLANNING CONVERSION TO OKAWARU
 12899 | D:8      | 12899 ||| PLANNING D:1-11
 12899 | D:8      | 12899 ||| PLANNING CONVERSION TO OKAWARU
 12899 | D:8      | 12899 ||| PLANNING D:1-11
 12899 | D:8      | 12899 ||| Stepping randomly (stuck).
 12903 | D:7      | 12903 ||| PLANNING CONVERSION TO OKAWARU
 12905 | D:8      | 12905 ||| PLANNING D:1-11
 12905 | D:8      | 12905 ||| PLANNING CONVERSION TO OKAWARU
 12905 | D:8      | 12905 ||| PLANNING D:1-11
 12905 | D:8      | 12905 ||| Stepping randomly (stuck).
 12909 | D:7      | 12909 ||| PLANNING CONVERSION TO OKAWARU
 12911 | D:8      | 12911 ||| PLANNING D:1-11
 12911 | D:8      | 12911 ||| PLANNING CONVERSION TO OKAWARU
 12911 | D:8      | 12911 ||| PLANNING D:1-11
 12911 | D:8      | 12911 ||| Stepping randomly (stuck).
 12915 | D:7      | 12915 ||| PLANNING CONVERSION TO OKAWARU
 12917 | D:8      | 12917 ||| PLANNING D:1-11
 12917 | D:8      | 12917 ||| PLANNING CONVERSION TO OKAWARU
 12917 | D:8      | 12917 ||| PLANNING D:1-11
 12917 | D:8      | 12917 ||| Stepping randomly (stuck).
 12921 | D:7      | 12921 ||| PLANNING CONVERSION TO OKAWARU
 12923 | D:8      | 12923 ||| PLANNING D:1-11
 12923 | D:8      | 12923 ||| PLANNING CONVERSION TO OKAWARU
 12923 | D:8      | 12923 ||| PLANNING D:1-11
 12923 | D:8      | 12923 ||| Stepping randomly (stuck).
 12927 | D:7      | 12927 ||| PLANNING CONVERSION TO OKAWARU
 12929 | D:8      | 12929 ||| PLANNING D:1-11
 12929 | D:8      | 12929 ||| PLANNING CONVERSION TO OKAWARU
 12929 | D:8      | 12929 ||| PLANNING D:1-11
 12929 | D:8      | 12929 ||| Stepping randomly (stuck).
 12933 | D:7      | 12933 ||| PLANNING CONVERSION TO OKAWARU
 12935 | D:8      | 12935 ||| PLANNING D:1-11
 12935 | D:8      | 12935 ||| PLANNING CONVERSION TO OKAWARU
 12935 | D:8      | 12935 ||| PLANNING D:1-11
 12935 | D:8      | 12935 ||| Stepping randomly (stuck).
 12939 | D:7      | 12939 ||| PLANNING CONVERSION TO OKAWARU
 12941 | D:8      | 12941 ||| PLANNING D:1-11
 12941 | D:8      | 12941 ||| PLANNING CONVERSION TO OKAWARU
 12941 | D:8      | 12941 ||| PLANNING D:1-11
 12941 | D:8      | 12941 ||| Stepping randomly (stuck).
 12945 | D:7      | 12945 ||| PLANNING CONVERSION TO OKAWARU
 12947 | D:8      | 12947 ||| PLANNING D:1-11
 12947 | D:8      | 12947 ||| PLANNING CONVERSION TO OKAWARU
 12947 | D:8      | 12947 ||| PLANNING D:1-11
 12947 | D:8      | 12947 ||| Stepping randomly (stuck).
 12951 | D:7      | 12951 ||| PLANNING CONVERSION TO OKAWARU
 12953 | D:8      | 12953 ||| PLANNING D:1-11
 12953 | D:8      | 12953 ||| PLANNING CONVERSION TO OKAWARU
 12953 | D:8      | 12953 ||| PLANNING D:1-11
 12953 | D:8      | 12953 ||| Stepping randomly (stuck).
 12957 | D:7      | 12957 ||| PLANNING CONVERSION TO OKAWARU
 12959 | D:8      | 12959 ||| PLANNING D:1-11
 12959 | D:8      | 12959 ||| PLANNING CONVERSION TO OKAWARU
 12959 | D:8      | 12959 ||| PLANNING D:1-11
 12959 | D:8      | 12959 ||| Stepping randomly (stuck).
 12963 | D:7      | 12963 ||| PLANNING CONVERSION TO OKAWARU
 12965 | D:8      | 12965 ||| PLANNING D:1-11
 12965 | D:8      | 12965 ||| PLANNING CONVERSION TO OKAWARU
 12965 | D:8      | 12965 ||| PLANNING D:1-11
 12965 | D:8      | 12965 ||| Stepping randomly (stuck).
 12969 | D:7      | 12969 ||| PLANNING CONVERSION TO OKAWARU
 12971 | D:8      | 12971 ||| PLANNING D:1-11
 12971 | D:8      | 12971 ||| PLANNING CONVERSION TO OKAWARU
 12971 | D:8      | 12971 ||| PLANNING D:1-11
 12971 | D:8      | 12971 ||| Stepping randomly (stuck).
 12975 | D:7      | 12975 ||| PLANNING CONVERSION TO OKAWARU
 12977 | D:8      | 12977 ||| PLANNING D:1-11
 12977 | D:8      | 12977 ||| PLANNING CONVERSION TO OKAWARU
 12977 | D:8      | 12977 ||| PLANNING D:1-11
 12977 | D:8      | 12977 ||| Stepping randomly (stuck).
 12981 | D:7      | 12981 ||| PLANNING CONVERSION TO OKAWARU
 12983 | D:8      | 12983 ||| PLANNING D:1-11
 12983 | D:8      | 12983 ||| PLANNING CONVERSION TO OKAWARU
 12983 | D:8      | 12983 ||| PLANNING D:1-11
 12983 | D:8      | 12983 ||| Stepping randomly (stuck).
 12987 | D:7      | 12987 ||| PLANNING CONVERSION TO OKAWARU
 12989 | D:8      | 12989 ||| PLANNING D:1-11
 12989 | D:8      | 12989 ||| PLANNING CONVERSION TO OKAWARU
 12989 | D:8      | 12989 ||| PLANNING D:1-11
 12989 | D:8      | 12989 ||| Stepping randomly (stuck).
 12993 | D:7      | 12993 ||| PLANNING CONVERSION TO OKAWARU
 12995 | D:8      | 12995 ||| PLANNING D:1-11
 12995 | D:8      | 12995 ||| PLANNING CONVERSION TO OKAWARU
 12995 | D:8      | 12995 ||| PLANNING D:1-11
 12995 | D:8      | 12995 ||| Stepping randomly (stuck).
 12999 | D:7      | 12999 ||| PLANNING CONVERSION TO OKAWARU
 13001 | D:8      | 13001 ||| PLANNING D:1-11
 13001 | D:8      | 13001 ||| PLANNING CONVERSION TO OKAWARU
 13001 | D:8      | 13001 ||| PLANNING D:1-11
 13001 | D:8      | 13001 ||| Stepping randomly (stuck).
 13005 | D:7      | 13005 ||| PLANNING CONVERSION TO OKAWARU
 13007 | D:8      | 13007 ||| PLANNING D:1-11
 13007 | D:8      | 13007 ||| PLANNING CONVERSION TO OKAWARU
 13007 | D:8      | 13007 ||| PLANNING D:1-11
 13007 | D:8      | 13007 ||| Stepping randomly (stuck).
 13011 | D:7      | 13011 ||| PLANNING CONVERSION TO OKAWARU
 13013 | D:8      | 13013 ||| PLANNING D:1-11
 13013 | D:8      | 13013 ||| PLANNING CONVERSION TO OKAWARU
 13013 | D:8      | 13013 ||| PLANNING D:1-11
 13013 | D:8      | 13013 ||| Stepping randomly (stuck).
 13017 | D:7      | 13017 ||| PLANNING CONVERSION TO OKAWARU
 13019 | D:8      | 13019 ||| PLANNING D:1-11
 13019 | D:8      | 13019 ||| PLANNING CONVERSION TO OKAWARU
 13019 | D:8      | 13019 ||| PLANNING D:1-11
 13019 | D:8      | 13019 ||| Stepping randomly (stuck).
 13023 | D:7      | 13023 ||| PLANNING CONVERSION TO OKAWARU
 13025 | D:8      | 13025 ||| PLANNING D:1-11
 13025 | D:8      | 13025 ||| PLANNING CONVERSION TO OKAWARU
 13025 | D:8      | 13025 ||| PLANNING D:1-11
 13025 | D:8      | 13025 ||| Stepping randomly (stuck).
 13029 | D:7      | 13029 ||| PLANNING CONVERSION TO OKAWARU
 13031 | D:8      | 13031 ||| PLANNING D:1-11
 13031 | D:8      | 13031 ||| PLANNING CONVERSION TO OKAWARU
 13031 | D:8      | 13031 ||| PLANNING D:1-11
 13031 | D:8      | 13031 ||| Stepping randomly (stuck).
 13035 | D:7      | 13035 ||| PLANNING CONVERSION TO OKAWARU
 13037 | D:8      | 13037 ||| PLANNING D:1-11
 13037 | D:8      | 13037 ||| PLANNING CONVERSION TO OKAWARU
 13037 | D:8      | 13037 ||| PLANNING D:1-11
 13037 | D:8      | 13037 ||| Stepping randomly (stuck).
 13041 | D:7      | 13041 ||| PLANNING CONVERSION TO OKAWARU
 13043 | D:8      | 13043 ||| PLANNING D:1-11
 13043 | D:8      | 13043 ||| PLANNING CONVERSION TO OKAWARU
 13043 | D:8      | 13043 ||| PLANNING D:1-11
 13043 | D:8      | 13043 ||| Stepping randomly (stuck).
 13047 | D:7      | 13047 ||| PLANNING CONVERSION TO OKAWARU
 13049 | D:8      | 13049 ||| PLANNING D:1-11
 13049 | D:8      | 13049 ||| PLANNING CONVERSION TO OKAWARU
 13049 | D:8      | 13049 ||| PLANNING D:1-11
 13049 | D:8      | 13049 ||| Stepping randomly (stuck).
 13053 | D:7      | 13053 ||| PLANNING CONVERSION TO OKAWARU
 13055 | D:8      | 13055 ||| PLANNING D:1-11
 13055 | D:8      | 13055 ||| PLANNING CONVERSION TO OKAWARU
 13055 | D:8      | 13055 ||| PLANNING D:1-11
 13055 | D:8      | 13055 ||| Stepping randomly (stuck).
 13059 | D:7      | 13059 ||| PLANNING CONVERSION TO OKAWARU
 13061 | D:8      | 13061 ||| PLANNING D:1-11
 13061 | D:8      | 13061 ||| PLANNING CONVERSION TO OKAWARU
 13061 | D:8      | 13061 ||| PLANNING D:1-11
 13061 | D:8      | 13061 ||| Stepping randomly (stuck).
 13065 | D:7      | 13065 ||| PLANNING CONVERSION TO OKAWARU
 13067 | D:8      | 13067 ||| PLANNING D:1-11
 13067 | D:8      | 13067 ||| PLANNING CONVERSION TO OKAWARU
 13067 | D:8      | 13067 ||| PLANNING D:1-11
 13067 | D:8      | 13067 ||| Stepping randomly (stuck).
 13071 | D:7      | 13071 ||| PLANNING CONVERSION TO OKAWARU
 13073 | D:8      | 13073 ||| PLANNING D:1-11
 13073 | D:8      | 13073 ||| PLANNING CONVERSION TO OKAWARU
 13073 | D:8      | 13073 ||| PLANNING D:1-11
 13073 | D:8      | 13073 ||| Stepping randomly (stuck).
 13077 | D:7      | 13077 ||| PLANNING CONVERSION TO OKAWARU
 13079 | D:8      | 13079 ||| PLANNING D:1-11
 13079 | D:8      | 13079 ||| PLANNING CONVERSION TO OKAWARU
 13079 | D:8      | 13079 ||| PLANNING D:1-11
 13079 | D:8      | 13079 ||| Stepping randomly (stuck).
 13083 | D:7      | 13083 ||| PLANNING CONVERSION TO OKAWARU
 13085 | D:8      | 13085 ||| PLANNING D:1-11
 13085 | D:8      | 13085 ||| PLANNING CONVERSION TO OKAWARU
 13085 | D:8      | 13085 ||| PLANNING D:1-11
 13085 | D:8      | 13085 ||| Stepping randomly (stuck).
 13089 | D:7      | 13089 ||| PLANNING CONVERSION TO OKAWARU
 13091 | D:8      | 13091 ||| PLANNING D:1-11
 13091 | D:8      | 13091 ||| PLANNING CONVERSION TO OKAWARU
 13091 | D:8      | 13091 ||| PLANNING D:1-11
 13091 | D:8      | 13091 ||| Stepping randomly (stuck).
 13095 | D:7      | 13095 ||| PLANNING CONVERSION TO OKAWARU
 13097 | D:8      | 13097 ||| PLANNING D:1-11
 13097 | D:8      | 13097 ||| PLANNING CONVERSION TO OKAWARU
 13097 | D:8      | 13097 ||| PLANNING D:1-11
 13097 | D:8      | 13097 ||| Stepping randomly (stuck).
 13101 | D:7      | 13101 ||| PLANNING CONVERSION TO OKAWARU
 13103 | D:8      | 13103 ||| PLANNING D:1-11
 13103 | D:8      | 13103 ||| PLANNING CONVERSION TO OKAWARU
 13103 | D:8      | 13103 ||| PLANNING D:1-11
 13103 | D:8      | 13103 ||| Stepping randomly (stuck).
 13107 | D:7      | 13107 ||| PLANNING CONVERSION TO OKAWARU
 13109 | D:8      | 13109 ||| PLANNING D:1-11
 13109 | D:8      | 13109 ||| PLANNING CONVERSION TO OKAWARU
 13109 | D:8      | 13109 ||| PLANNING D:1-11
 13109 | D:8      | 13109 ||| Stepping randomly (stuck).
 13113 | D:7      | 13113 ||| PLANNING CONVERSION TO OKAWARU
 13115 | D:8      | 13115 ||| PLANNING D:1-11
 13115 | D:8      | 13115 ||| PLANNING CONVERSION TO OKAWARU
 13115 | D:8      | 13115 ||| PLANNING D:1-11
 13115 | D:8      | 13115 ||| Stepping randomly (stuck).
 13119 | D:7      | 13119 ||| PLANNING CONVERSION TO OKAWARU
 13121 | D:8      | 13121 ||| PLANNING D:1-11
 13121 | D:8      | 13121 ||| PLANNING CONVERSION TO OKAWARU
 13121 | D:8      | 13121 ||| PLANNING D:1-11
 13121 | D:8      | 13121 ||| Stepping randomly (stuck).
 13125 | D:7      | 13125 ||| PLANNING CONVERSION TO OKAWARU
 13127 | D:8      | 13127 ||| PLANNING D:1-11
 13127 | D:8      | 13127 ||| PLANNING CONVERSION TO OKAWARU
 13127 | D:8      | 13127 ||| PLANNING D:1-11
 13127 | D:8      | 13127 ||| Stepping randomly (stuck).
 13131 | D:7      | 13131 ||| PLANNING CONVERSION TO OKAWARU
 13133 | D:8      | 13133 ||| PLANNING D:1-11
 13133 | D:8      | 13133 ||| PLANNING CONVERSION TO OKAWARU
 13133 | D:8      | 13133 ||| PLANNING D:1-11
 13133 | D:8      | 13133 ||| Stepping randomly (stuck).
 13137 | D:7      | 13137 ||| PLANNING CONVERSION TO OKAWARU
 13139 | D:8      | 13139 ||| PLANNING D:1-11
 13139 | D:8      | 13139 ||| PLANNING CONVERSION TO OKAWARU
 13139 | D:8      | 13139 ||| PLANNING D:1-11
 13139 | D:8      | 13139 ||| Stepping randomly (stuck).
 13143 | D:7      | 13143 ||| PLANNING CONVERSION TO OKAWARU
 13145 | D:8      | 13145 ||| PLANNING D:1-11
 13145 | D:8      | 13145 ||| PLANNING CONVERSION TO OKAWARU
 13145 | D:8      | 13145 ||| PLANNING D:1-11
 13145 | D:8      | 13145 ||| Stepping randomly (stuck).
 13149 | D:7      | 13149 ||| PLANNING CONVERSION TO OKAWARU
 13151 | D:8      | 13151 ||| PLANNING D:1-11
 13151 | D:8      | 13151 ||| PLANNING CONVERSION TO OKAWARU
 13151 | D:8      | 13151 ||| PLANNING D:1-11
 13151 | D:8      | 13151 ||| Stepping randomly (stuck).
 13155 | D:7      | 13155 ||| PLANNING CONVERSION TO OKAWARU
 13157 | D:8      | 13157 ||| PLANNING D:1-11
 13157 | D:8      | 13157 ||| PLANNING CONVERSION TO OKAWARU
 13157 | D:8      | 13157 ||| PLANNING D:1-11
 13157 | D:8      | 13157 ||| Stepping randomly (stuck).
 13161 | D:7      | 13161 ||| PLANNING CONVERSION TO OKAWARU
 13163 | D:8      | 13163 ||| PLANNING D:1-11
 13163 | D:8      | 13163 ||| PLANNING CONVERSION TO OKAWARU
 13163 | D:8      | 13163 ||| PLANNING D:1-11
 13163 | D:8      | 13163 ||| Stepping randomly (stuck).
 13167 | D:7      | 13167 ||| PLANNING CONVERSION TO OKAWARU
 13169 | D:8      | 13169 ||| PLANNING D:1-11
 13169 | D:8      | 13169 ||| PLANNING CONVERSION TO OKAWARU
 13169 | D:8      | 13169 ||| PLANNING D:1-11
 13169 | D:8      | 13169 ||| Stepping randomly (stuck).
 13173 | D:7      | 13173 ||| PLANNING CONVERSION TO OKAWARU
 13175 | D:8      | 13175 ||| PLANNING D:1-11
 13175 | D:8      | 13175 ||| PLANNING CONVERSION TO OKAWARU
 13175 | D:8      | 13175 ||| PLANNING D:1-11
 13175 | D:8      | 13175 ||| Stepping randomly (stuck).
 13179 | D:7      | 13179 ||| PLANNING CONVERSION TO OKAWARU
 13181 | D:8      | 13181 ||| PLANNING D:1-11
 13181 | D:8      | 13181 ||| PLANNING CONVERSION TO OKAWARU
 13181 | D:8      | 13181 ||| PLANNING D:1-11
 13181 | D:8      | 13181 ||| Stepping randomly (stuck).
 13185 | D:7      | 13185 ||| PLANNING CONVERSION TO OKAWARU
 13187 | D:8      | 13187 ||| PLANNING D:1-11
 13187 | D:8      | 13187 ||| PLANNING CONVERSION TO OKAWARU
 13187 | D:8      | 13187 ||| PLANNING D:1-11
 13187 | D:8      | 13187 ||| Stepping randomly (stuck).
 13191 | D:7      | 13191 ||| PLANNING CONVERSION TO OKAWARU
 13193 | D:8      | 13193 ||| PLANNING D:1-11
 13193 | D:8      | 13193 ||| PLANNING CONVERSION TO OKAWARU
 13193 | D:8      | 13193 ||| PLANNING D:1-11
 13193 | D:8      | 13193 ||| Stepping randomly (stuck).
 13197 | D:7      | 13197 ||| PLANNING CONVERSION TO OKAWARU
 13199 | D:8      | 13199 ||| PLANNING D:1-11
 13199 | D:8      | 13199 ||| PLANNING CONVERSION TO OKAWARU
 13199 | D:8      | 13199 ||| PLANNING D:1-11
 13199 | D:8      | 13199 ||| Stepping randomly (stuck).
 13203 | D:7      | 13203 ||| PLANNING CONVERSION TO OKAWARU
 13205 | D:8      | 13205 ||| PLANNING D:1-11
 13205 | D:8      | 13205 ||| PLANNING CONVERSION TO OKAWARU
 13205 | D:8      | 13205 ||| PLANNING D:1-11
 13205 | D:8      | 13205 ||| Stepping randomly (stuck).
 13209 | D:7      | 13209 ||| PLANNING CONVERSION TO OKAWARU
 13211 | D:8      | 13211 ||| PLANNING D:1-11
 13211 | D:8      | 13211 ||| PLANNING CONVERSION TO OKAWARU
 13211 | D:8      | 13211 ||| PLANNING D:1-11
 13211 | D:8      | 13211 ||| Stepping randomly (stuck).
 13215 | D:7      | 13215 ||| PLANNING CONVERSION TO OKAWARU
 13217 | D:8      | 13217 ||| PLANNING D:1-11
 13217 | D:8      | 13217 ||| PLANNING CONVERSION TO OKAWARU
 13217 | D:8      | 13217 ||| PLANNING D:1-11
 13217 | D:8      | 13217 ||| Stepping randomly (stuck).
 13221 | D:7      | 13221 ||| PLANNING CONVERSION TO OKAWARU
 13223 | D:8      | 13223 ||| PLANNING D:1-11
 13223 | D:8      | 13223 ||| PLANNING CONVERSION TO OKAWARU
 13223 | D:8      | 13223 ||| PLANNING D:1-11
 13223 | D:8      | 13223 ||| Stepping randomly (stuck).
 13227 | D:7      | 13227 ||| PLANNING CONVERSION TO OKAWARU
 13229 | D:8      | 13229 ||| PLANNING D:1-11
 13229 | D:8      | 13229 ||| PLANNING CONVERSION TO OKAWARU
 13229 | D:8      | 13229 ||| PLANNING D:1-11
 13229 | D:8      | 13229 ||| Stepping randomly (stuck).
 13233 | D:7      | 13233 ||| PLANNING CONVERSION TO OKAWARU
 13235 | D:8      | 13235 ||| PLANNING D:1-11
 13235 | D:8      | 13235 ||| PLANNING CONVERSION TO OKAWARU
 13235 | D:8      | 13235 ||| PLANNING D:1-11
 13235 | D:8      | 13235 ||| Stepping randomly (stuck).
 13239 | D:7      | 13239 ||| PLANNING CONVERSION TO OKAWARU
 13241 | D:8      | 13241 ||| PLANNING D:1-11
 13241 | D:8      | 13241 ||| PLANNING CONVERSION TO OKAWARU
 13241 | D:8      | 13241 ||| PLANNING D:1-11
 13241 | D:8      | 13241 ||| Stepping randomly (stuck).
 13245 | D:7      | 13245 ||| PLANNING CONVERSION TO OKAWARU
 13247 | D:8      | 13247 ||| PLANNING D:1-11
 13247 | D:8      | 13247 ||| PLANNING CONVERSION TO OKAWARU
 13247 | D:8      | 13247 ||| PLANNING D:1-11
 13247 | D:8      | 13247 ||| Stepping randomly (stuck).
 13251 | D:7      | 13251 ||| PLANNING CONVERSION TO OKAWARU
 13253 | D:8      | 13253 ||| PLANNING D:1-11
 13253 | D:8      | 13253 ||| PLANNING CONVERSION TO OKAWARU
 13253 | D:8      | 13253 ||| PLANNING D:1-11
 13253 | D:8      | 13253 ||| Stepping randomly (stuck).
 13257 | D:7      | 13257 ||| PLANNING CONVERSION TO OKAWARU
 13259 | D:8      | 13259 ||| PLANNING D:1-11
 13259 | D:8      | 13259 ||| PLANNING CONVERSION TO OKAWARU
 13259 | D:8      | 13259 ||| PLANNING D:1-11
 13259 | D:8      | 13259 ||| Stepping randomly (stuck).
 13263 | D:7      | 13263 ||| PLANNING CONVERSION TO OKAWARU
 13265 | D:8      | 13265 ||| PLANNING D:1-11
 13265 | D:8      | 13265 ||| PLANNING CONVERSION TO OKAWARU
 13265 | D:8      | 13265 ||| PLANNING D:1-11
 13265 | D:8      | 13265 ||| Stepping randomly (stuck).
 13269 | D:7      | 13269 ||| PLANNING CONVERSION TO OKAWARU
 13271 | D:8      | 13271 ||| PLANNING D:1-11
 13271 | D:8      | 13271 ||| PLANNING CONVERSION TO OKAWARU
 13271 | D:8      | 13271 ||| PLANNING D:1-11
 13271 | D:8      | 13271 ||| Stepping randomly (stuck).
 13275 | D:7      | 13275 ||| PLANNING CONVERSION TO OKAWARU
 13277 | D:8      | 13277 ||| PLANNING D:1-11
 13277 | D:8      | 13277 ||| PLANNING CONVERSION TO OKAWARU
 13277 | D:8      | 13277 ||| PLANNING D:1-11
 13277 | D:8      | 13277 ||| Stepping randomly (stuck).
 13281 | D:7      | 13281 ||| PLANNING CONVERSION TO OKAWARU
 13283 | D:8      | 13283 ||| PLANNING D:1-11
 13283 | D:8      | 13283 ||| PLANNING CONVERSION TO OKAWARU
 13283 | D:8      | 13283 ||| PLANNING D:1-11
 13283 | D:8      | 13283 ||| Stepping randomly (stuck).
 13287 | D:7      | 13287 ||| PLANNING CONVERSION TO OKAWARU
 13289 | D:8      | 13289 ||| PLANNING D:1-11
 13289 | D:8      | 13289 ||| PLANNING CONVERSION TO OKAWARU
 13289 | D:8      | 13289 ||| PLANNING D:1-11
 13289 | D:8      | 13289 ||| Stepping randomly (stuck).
 13293 | D:7      | 13293 ||| PLANNING CONVERSION TO OKAWARU
 13295 | D:8      | 13295 ||| PLANNING D:1-11
 13295 | D:8      | 13295 ||| PLANNING CONVERSION TO OKAWARU
 13295 | D:8      | 13295 ||| PLANNING D:1-11
 13295 | D:8      | 13295 ||| Stepping randomly (stuck).
 13299 | D:7      | 13299 ||| PLANNING CONVERSION TO OKAWARU
 13301 | D:8      | 13301 ||| PLANNING D:1-11
 13301 | D:8      | 13301 ||| PLANNING CONVERSION TO OKAWARU
 13301 | D:8      | 13301 ||| PLANNING D:1-11
 13301 | D:8      | 13301 ||| Stepping randomly (stuck).
 13305 | D:7      | 13305 ||| PLANNING CONVERSION TO OKAWARU
 13307 | D:8      | 13307 ||| PLANNING D:1-11
 13307 | D:8      | 13307 ||| PLANNING CONVERSION TO OKAWARU
 13307 | D:8      | 13307 ||| PLANNING D:1-11
 13307 | D:8      | 13307 ||| Stepping randomly (stuck).
 13311 | D:7      | 13311 ||| PLANNING CONVERSION TO OKAWARU
 13313 | D:8      | 13313 ||| PLANNING D:1-11
 13313 | D:8      | 13313 ||| PLANNING CONVERSION TO OKAWARU
 13313 | D:8      | 13313 ||| PLANNING D:1-11
 13313 | D:8      | 13313 ||| Stepping randomly (stuck).
 13317 | D:7      | 13317 ||| PLANNING CONVERSION TO OKAWARU
 13319 | D:8      | 13319 ||| PLANNING D:1-11
 13319 | D:8      | 13319 ||| PLANNING CONVERSION TO OKAWARU
 13319 | D:8      | 13319 ||| PLANNING D:1-11
 13319 | D:8      | 13319 ||| Stepping randomly (stuck).
 13323 | D:7      | 13323 ||| PLANNING CONVERSION TO OKAWARU
 13325 | D:8      | 13325 ||| PLANNING D:1-11
 13325 | D:8      | 13325 ||| PLANNING CONVERSION TO OKAWARU
 13325 | D:8      | 13325 ||| PLANNING D:1-11
 13325 | D:8      | 13325 ||| Stepping randomly (stuck).
 13329 | D:7      | 13329 ||| PLANNING CONVERSION TO OKAWARU
 13331 | D:8      | 13331 ||| PLANNING D:1-11
 13331 | D:8      | 13331 ||| PLANNING CONVERSION TO OKAWARU
 13331 | D:8      | 13331 ||| PLANNING D:1-11
 13331 | D:8      | 13331 ||| Stepping randomly (stuck).
 13335 | D:7      | 13335 ||| PLANNING CONVERSION TO OKAWARU
 13337 | D:8      | 13337 ||| PLANNING D:1-11
 13337 | D:8      | 13337 ||| PLANNING CONVERSION TO OKAWARU
 13337 | D:8      | 13337 ||| PLANNING D:1-11
 13337 | D:8      | 13337 ||| Stepping randomly (stuck).
 13341 | D:7      | 13341 ||| PLANNING CONVERSION TO OKAWARU
 13343 | D:8      | 13343 ||| PLANNING D:1-11
 13343 | D:8      | 13343 ||| PLANNING CONVERSION TO OKAWARU
 13343 | D:8      | 13343 ||| PLANNING D:1-11
 13343 | D:8      | 13343 ||| Stepping randomly (stuck).
 13347 | D:7      | 13347 ||| PLANNING CONVERSION TO OKAWARU
 13349 | D:8      | 13349 ||| PLANNING D:1-11
 13349 | D:8      | 13349 ||| PLANNING CONVERSION TO OKAWARU
 13349 | D:8      | 13349 ||| PLANNING D:1-11
 13349 | D:8      | 13349 ||| Stepping randomly (stuck).
 13353 | D:7      | 13353 ||| PLANNING CONVERSION TO OKAWARU
 13355 | D:8      | 13355 ||| PLANNING D:1-11
 13355 | D:8      | 13355 ||| PLANNING CONVERSION TO OKAWARU
 13355 | D:8      | 13355 ||| PLANNING D:1-11
 13355 | D:8      | 13355 ||| Stepping randomly (stuck).
 13359 | D:7      | 13359 ||| PLANNING CONVERSION TO OKAWARU
 13361 | D:8      | 13361 ||| PLANNING D:1-11
 13361 | D:8      | 13361 ||| PLANNING CONVERSION TO OKAWARU
 13361 | D:8      | 13361 ||| PLANNING D:1-11
 13361 | D:8      | 13361 ||| Stepping randomly (stuck).
 13365 | D:7      | 13365 ||| PLANNING CONVERSION TO OKAWARU
 13367 | D:8      | 13367 ||| PLANNING D:1-11
 13367 | D:8      | 13367 ||| PLANNING CONVERSION TO OKAWARU
 13367 | D:8      | 13367 ||| PLANNING D:1-11
 13367 | D:8      | 13367 ||| Stepping randomly (stuck).
 13371 | D:7      | 13371 ||| PLANNING CONVERSION TO OKAWARU
 13373 | D:8      | 13373 ||| PLANNING D:1-11
 13373 | D:8      | 13373 ||| PLANNING CONVERSION TO OKAWARU
 13373 | D:8      | 13373 ||| PLANNING D:1-11
 13373 | D:8      | 13373 ||| Stepping randomly (stuck).
 13377 | D:7      | 13377 ||| PLANNING CONVERSION TO OKAWARU
 13379 | D:8      | 13379 ||| PLANNING D:1-11
 13379 | D:8      | 13379 ||| PLANNING CONVERSION TO OKAWARU
 13379 | D:8      | 13379 ||| PLANNING D:1-11
 13379 | D:8      | 13379 ||| Stepping randomly (stuck).
 13383 | D:7      | 13383 ||| PLANNING CONVERSION TO OKAWARU
 13385 | D:8      | 13385 ||| PLANNING D:1-11
 13385 | D:8      | 13385 ||| PLANNING CONVERSION TO OKAWARU
 13385 | D:8      | 13385 ||| PLANNING D:1-11
 13385 | D:8      | 13385 ||| Stepping randomly (stuck).
 13389 | D:7      | 13389 ||| PLANNING CONVERSION TO OKAWARU
 13391 | D:8      | 13391 ||| PLANNING D:1-11
 13391 | D:8      | 13391 ||| PLANNING CONVERSION TO OKAWARU
 13391 | D:8      | 13391 ||| PLANNING D:1-11
 13391 | D:8      | 13391 ||| Stepping randomly (stuck).
 13395 | D:7      | 13395 ||| PLANNING CONVERSION TO OKAWARU
 13397 | D:8      | 13397 ||| PLANNING D:1-11
 13397 | D:8      | 13397 ||| PLANNING CONVERSION TO OKAWARU
 13397 | D:8      | 13397 ||| PLANNING D:1-11
 13397 | D:8      | 13397 ||| Stepping randomly (stuck).
 13401 | D:7      | 13401 ||| PLANNING CONVERSION TO OKAWARU
 13403 | D:8      | 13403 ||| PLANNING D:1-11
 13403 | D:8      | 13403 ||| PLANNING CONVERSION TO OKAWARU
 13403 | D:8      | 13403 ||| PLANNING D:1-11
 13403 | D:8      | 13403 ||| Stepping randomly (stuck).
 13407 | D:7      | 13407 ||| PLANNING CONVERSION TO OKAWARU
 13409 | D:8      | 13409 ||| PLANNING D:1-11
 13409 | D:8      | 13409 ||| PLANNING CONVERSION TO OKAWARU
 13409 | D:8      | 13409 ||| PLANNING D:1-11
 13409 | D:8      | 13409 ||| Stepping randomly (stuck).
 13413 | D:7      | 13413 ||| PLANNING CONVERSION TO OKAWARU
 13415 | D:8      | 13415 ||| PLANNING D:1-11
 13415 | D:8      | 13415 ||| PLANNING CONVERSION TO OKAWARU
 13415 | D:8      | 13415 ||| PLANNING D:1-11
 13415 | D:8      | 13415 ||| Stepping randomly (stuck).
 13419 | D:7      | 13419 ||| PLANNING CONVERSION TO OKAWARU
 13421 | D:8      | 13421 ||| PLANNING D:1-11
 13421 | D:8      | 13421 ||| PLANNING CONVERSION TO OKAWARU
 13421 | D:8      | 13421 ||| PLANNING D:1-11
 13421 | D:8      | 13421 ||| Stepping randomly (stuck).
 13425 | D:7      | 13425 ||| PLANNING CONVERSION TO OKAWARU
 13427 | D:8      | 13427 ||| PLANNING D:1-11
 13427 | D:8      | 13427 ||| PLANNING CONVERSION TO OKAWARU
 13427 | D:8      | 13427 ||| PLANNING D:1-11
 13427 | D:8      | 13427 ||| Stepping randomly (stuck).
 13431 | D:7      | 13431 ||| PLANNING CONVERSION TO OKAWARU
 13433 | D:8      | 13433 ||| PLANNING D:1-11
 13433 | D:8      | 13433 ||| PLANNING CONVERSION TO OKAWARU
 13433 | D:8      | 13433 ||| PLANNING D:1-11
 13433 | D:8      | 13433 ||| Stepping randomly (stuck).
 13437 | D:7      | 13437 ||| PLANNING CONVERSION TO OKAWARU
 13439 | D:8      | 13439 ||| PLANNING D:1-11
 13439 | D:8      | 13439 ||| PLANNING CONVERSION TO OKAWARU
 13439 | D:8      | 13439 ||| PLANNING D:1-11
 13439 | D:8      | 13439 ||| Stepping randomly (stuck).
 13443 | D:7      | 13443 ||| PLANNING CONVERSION TO OKAWARU
 13445 | D:8      | 13445 ||| PLANNING D:1-11
 13445 | D:8      | 13445 ||| PLANNING CONVERSION TO OKAWARU
 13445 | D:8      | 13445 ||| PLANNING D:1-11
 13445 | D:8      | 13445 ||| Stepping randomly (stuck).
 13449 | D:7      | 13449 ||| PLANNING CONVERSION TO OKAWARU
 13451 | D:8      | 13451 ||| PLANNING D:1-11
 13451 | D:8      | 13451 ||| PLANNING CONVERSION TO OKAWARU
 13451 | D:8      | 13451 ||| PLANNING D:1-11
 13451 | D:8      | 13451 ||| Stepping randomly (stuck).
 13455 | D:7      | 13455 ||| PLANNING CONVERSION TO OKAWARU
 13457 | D:8      | 13457 ||| PLANNING D:1-11
 13457 | D:8      | 13457 ||| PLANNING CONVERSION TO OKAWARU
 13457 | D:8      | 13457 ||| PLANNING D:1-11
 13457 | D:8      | 13457 ||| Stepping randomly (stuck).
 13461 | D:7      | 13461 ||| PLANNING CONVERSION TO OKAWARU
 13463 | D:8      | 13463 ||| PLANNING D:1-11
 13463 | D:8      | 13463 ||| PLANNING CONVERSION TO OKAWARU
 13463 | D:8      | 13463 ||| PLANNING D:1-11
 13463 | D:8      | 13463 ||| Stepping randomly (stuck).
 13467 | D:7      | 13467 ||| PLANNING CONVERSION TO OKAWARU
 13469 | D:8      | 13469 ||| PLANNING D:1-11
 13469 | D:8      | 13469 ||| PLANNING CONVERSION TO OKAWARU
 13469 | D:8      | 13469 ||| PLANNING D:1-11
 13469 | D:8      | 13469 ||| Stepping randomly (stuck).
 13473 | D:7      | 13473 ||| PLANNING CONVERSION TO OKAWARU
 13475 | D:8      | 13475 ||| PLANNING D:1-11
 13475 | D:8      | 13475 ||| PLANNING CONVERSION TO OKAWARU
 13475 | D:8      | 13475 ||| PLANNING D:1-11
 13475 | D:8      | 13475 ||| Stepping randomly (stuck).
 13479 | D:7      | 13479 ||| PLANNING CONVERSION TO OKAWARU
 13481 | D:8      | 13481 ||| PLANNING D:1-11
 13481 | D:8      | 13481 ||| PLANNING CONVERSION TO OKAWARU
 13481 | D:8      | 13481 ||| PLANNING D:1-11
 13481 | D:8      | 13481 ||| Stepping randomly (stuck).
 13485 | D:7      | 13485 ||| PLANNING CONVERSION TO OKAWARU
 13487 | D:8      | 13487 ||| PLANNING D:1-11
 13487 | D:8      | 13487 ||| PLANNING CONVERSION TO OKAWARU
 13487 | D:8      | 13487 ||| PLANNING D:1-11
 13487 | D:8      | 13487 ||| Stepping randomly (stuck).
 13491 | D:7      | 13491 ||| PLANNING CONVERSION TO OKAWARU
 13493 | D:8      | 13493 ||| PLANNING D:1-11
 13493 | D:8      | 13493 ||| PLANNING CONVERSION TO OKAWARU
 13493 | D:8      | 13493 ||| PLANNING D:1-11
 13493 | D:8      | 13493 ||| Stepping randomly (stuck).
 13497 | D:7      | 13497 ||| PLANNING CONVERSION TO OKAWARU
 13499 | D:8      | 13499 ||| PLANNING D:1-11
 13499 | D:8      | 13499 ||| PLANNING CONVERSION TO OKAWARU
 13499 | D:8      | 13499 ||| PLANNING D:1-11
 13499 | D:8      | 13499 ||| Stepping randomly (stuck).
 13503 | D:7      | 13503 ||| PLANNING CONVERSION TO OKAWARU
 13505 | D:8      | 13505 ||| PLANNING D:1-11
 13505 | D:8      | 13505 ||| PLANNING CONVERSION TO OKAWARU
 13505 | D:8      | 13505 ||| PLANNING D:1-11
 13505 | D:8      | 13505 ||| Stepping randomly (stuck).
 13509 | D:7      | 13509 ||| PLANNING CONVERSION TO OKAWARU
 13511 | D:8      | 13511 ||| PLANNING D:1-11
 13511 | D:8      | 13511 ||| PLANNING CONVERSION TO OKAWARU
 13511 | D:8      | 13511 ||| PLANNING D:1-11
 13511 | D:8      | 13511 ||| Stepping randomly (stuck).
 13515 | D:7      | 13515 ||| PLANNING CONVERSION TO OKAWARU
 13517 | D:8      | 13517 ||| PLANNING D:1-11
 13517 | D:8      | 13517 ||| PLANNING CONVERSION TO OKAWARU
 13517 | D:8      | 13517 ||| PLANNING D:1-11
 13517 | D:8      | 13517 ||| Stepping randomly (stuck).
 13521 | D:7      | 13521 ||| PLANNING CONVERSION TO OKAWARU
 13523 | D:8      | 13523 ||| PLANNING D:1-11
 13523 | D:8      | 13523 ||| PLANNING CONVERSION TO OKAWARU
 13523 | D:8      | 13523 ||| PLANNING D:1-11
 13523 | D:8      | 13523 ||| Stepping randomly (stuck).
 13527 | D:7      | 13527 ||| PLANNING CONVERSION TO OKAWARU
 13529 | D:8      | 13529 ||| PLANNING D:1-11
 13529 | D:8      | 13529 ||| PLANNING CONVERSION TO OKAWARU
 13529 | D:8      | 13529 ||| PLANNING D:1-11
 13529 | D:8      | 13529 ||| Stepping randomly (stuck).
 13533 | D:7      | 13533 ||| PLANNING CONVERSION TO OKAWARU
 13535 | D:8      | 13535 ||| PLANNING D:1-11
 13535 | D:8      | 13535 ||| PLANNING CONVERSION TO OKAWARU
 13535 | D:8      | 13535 ||| PLANNING D:1-11
 13535 | D:8      | 13535 ||| Stepping randomly (stuck).
 13539 | D:7      | 13539 ||| PLANNING CONVERSION TO OKAWARU
 13541 | D:8      | 13541 ||| PLANNING D:1-11
 13541 | D:8      | 13541 ||| PLANNING CONVERSION TO OKAWARU
 13541 | D:8      | 13541 ||| PLANNING D:1-11
 13541 | D:8      | 13541 ||| Stepping randomly (stuck).
 13545 | D:7      | 13545 ||| PLANNING CONVERSION TO OKAWARU
 13547 | D:8      | 13547 ||| PLANNING D:1-11
 13547 | D:8      | 13547 ||| PLANNING CONVERSION TO OKAWARU
 13547 | D:8      | 13547 ||| PLANNING D:1-11
 13547 | D:8      | 13547 ||| Stepping randomly (stuck).
 13551 | D:7      | 13551 ||| PLANNING CONVERSION TO OKAWARU
 13553 | D:8      | 13553 ||| PLANNING D:1-11
 13553 | D:8      | 13553 ||| PLANNING CONVERSION TO OKAWARU
 13553 | D:8      | 13553 ||| PLANNING D:1-11
 13553 | D:8      | 13553 ||| Stepping randomly (stuck).
 13557 | D:7      | 13557 ||| PLANNING CONVERSION TO OKAWARU
 13559 | D:8      | 13559 ||| PLANNING D:1-11
 13559 | D:8      | 13559 ||| PLANNING CONVERSION TO OKAWARU
 13559 | D:8      | 13559 ||| PLANNING D:1-11
 13559 | D:8      | 13559 ||| Stepping randomly (stuck).
 13563 | D:7      | 13563 ||| PLANNING CONVERSION TO OKAWARU
 13565 | D:8      | 13565 ||| PLANNING D:1-11
 13565 | D:8      | 13565 ||| PLANNING CONVERSION TO OKAWARU
 13565 | D:8      | 13565 ||| PLANNING D:1-11
 13565 | D:8      | 13565 ||| Stepping randomly (stuck).
 13569 | D:7      | 13569 ||| PLANNING CONVERSION TO OKAWARU
 13571 | D:8      | 13571 ||| PLANNING D:1-11
 13571 | D:8      | 13571 ||| PLANNING CONVERSION TO OKAWARU
 13571 | D:8      | 13571 ||| PLANNING D:1-11
 13571 | D:8      | 13571 ||| Stepping randomly (stuck).
 13575 | D:7      | 13575 ||| PLANNING CONVERSION TO OKAWARU
 13577 | D:8      | 13577 ||| PLANNING D:1-11
 13577 | D:8      | 13577 ||| PLANNING CONVERSION TO OKAWARU
 13577 | D:8      | 13577 ||| PLANNING D:1-11
 13577 | D:8      | 13577 ||| Stepping randomly (stuck).
 13581 | D:7      | 13581 ||| PLANNING CONVERSION TO OKAWARU
 13583 | D:8      | 13583 ||| PLANNING D:1-11
 13583 | D:8      | 13583 ||| PLANNING CONVERSION TO OKAWARU
 13583 | D:8      | 13583 ||| PLANNING D:1-11
 13583 | D:8      | 13583 ||| Stepping randomly (stuck).
 13587 | D:7      | 13587 ||| PLANNING CONVERSION TO OKAWARU
 13589 | D:8      | 13589 ||| PLANNING D:1-11
 13589 | D:8      | 13589 ||| PLANNING CONVERSION TO OKAWARU
 13589 | D:8      | 13589 ||| PLANNING D:1-11
 13589 | D:8      | 13589 ||| Stepping randomly (stuck).
 13593 | D:7      | 13593 ||| PLANNING CONVERSION TO OKAWARU
 13595 | D:8      | 13595 ||| PLANNING D:1-11
 13595 | D:8      | 13595 ||| PLANNING CONVERSION TO OKAWARU
 13595 | D:8      | 13595 ||| PLANNING D:1-11
 13595 | D:8      | 13595 ||| Stepping randomly (stuck).
 13599 | D:7      | 13599 ||| PLANNING CONVERSION TO OKAWARU
 13601 | D:8      | 13601 ||| PLANNING D:1-11
 13601 | D:8      | 13601 ||| PLANNING CONVERSION TO OKAWARU
 13601 | D:8      | 13601 ||| PLANNING D:1-11
 13601 | D:8      | 13601 ||| Stepping randomly (stuck).
 13605 | D:7      | 13605 ||| PLANNING CONVERSION TO OKAWARU
 13607 | D:8      | 13607 ||| PLANNING D:1-11
 13607 | D:8      | 13607 ||| PLANNING CONVERSION TO OKAWARU
 13607 | D:8      | 13607 ||| PLANNING D:1-11
 13607 | D:8      | 13607 ||| Stepping randomly (stuck).
 13611 | D:7      | 13611 ||| PLANNING CONVERSION TO OKAWARU
 13613 | D:8      | 13613 ||| PLANNING D:1-11
 13613 | D:8      | 13613 ||| PLANNING CONVERSION TO OKAWARU
 13613 | D:8      | 13613 ||| PLANNING D:1-11
 13613 | D:8      | 13613 ||| Stepping randomly (stuck).
 13617 | D:7      | 13617 ||| PLANNING CONVERSION TO OKAWARU
 13619 | D:8      | 13619 ||| PLANNING D:1-11
 13619 | D:8      | 13619 ||| PLANNING CONVERSION TO OKAWARU
 13619 | D:8      | 13619 ||| PLANNING D:1-11
 13619 | D:8      | 13619 ||| Stepping randomly (stuck).
 13623 | D:7      | 13623 ||| PLANNING CONVERSION TO OKAWARU
 13625 | D:8      | 13625 ||| PLANNING D:1-11
 13625 | D:8      | 13625 ||| PLANNING CONVERSION TO OKAWARU
 13625 | D:8      | 13625 ||| PLANNING D:1-11
 13625 | D:8      | 13625 ||| Stepping randomly (stuck).
 13629 | D:7      | 13629 ||| PLANNING CONVERSION TO OKAWARU
 13631 | D:8      | 13631 ||| PLANNING D:1-11
 13631 | D:8      | 13631 ||| PLANNING CONVERSION TO OKAWARU
 13631 | D:8      | 13631 ||| PLANNING D:1-11
 13631 | D:8      | 13631 ||| Stepping randomly (stuck).
 13635 | D:7      | 13635 ||| PLANNING CONVERSION TO OKAWARU
 13637 | D:8      | 13637 ||| PLANNING D:1-11
 13637 | D:8      | 13637 ||| PLANNING CONVERSION TO OKAWARU
 13637 | D:8      | 13637 ||| PLANNING D:1-11
 13637 | D:8      | 13637 ||| Stepping randomly (stuck).
 13641 | D:7      | 13641 ||| PLANNING CONVERSION TO OKAWARU
 13643 | D:8      | 13643 ||| PLANNING D:1-11
 13643 | D:8      | 13643 ||| PLANNING CONVERSION TO OKAWARU
 13643 | D:8      | 13643 ||| PLANNING D:1-11
 13643 | D:8      | 13643 ||| Stepping randomly (stuck).
 13647 | D:7      | 13647 ||| PLANNING CONVERSION TO OKAWARU
 13649 | D:8      | 13649 ||| PLANNING D:1-11
 13649 | D:8      | 13649 ||| PLANNING CONVERSION TO OKAWARU
 13649 | D:8      | 13649 ||| PLANNING D:1-11
 13649 | D:8      | 13649 ||| Stepping randomly (stuck).
 13653 | D:7      | 13653 ||| PLANNING CONVERSION TO OKAWARU
 13655 | D:8      | 13655 ||| PLANNING D:1-11
 13655 | D:8      | 13655 ||| PLANNING CONVERSION TO OKAWARU
 13655 | D:8      | 13655 ||| PLANNING D:1-11
 13655 | D:8      | 13655 ||| Stepping randomly (stuck).
 13659 | D:7      | 13659 ||| PLANNING CONVERSION TO OKAWARU
 13661 | D:8      | 13661 ||| PLANNING D:1-11
 13661 | D:8      | 13661 ||| PLANNING CONVERSION TO OKAWARU
 13661 | D:8      | 13661 ||| PLANNING D:1-11
 13661 | D:8      | 13661 ||| Stepping randomly (stuck).
 13665 | D:7      | 13665 ||| PLANNING CONVERSION TO OKAWARU
 13667 | D:8      | 13667 ||| PLANNING D:1-11
 13667 | D:8      | 13667 ||| PLANNING CONVERSION TO OKAWARU
 13667 | D:8      | 13667 ||| PLANNING D:1-11
 13667 | D:8      | 13667 ||| Stepping randomly (stuck).
 13671 | D:7      | 13671 ||| PLANNING CONVERSION TO OKAWARU
 13673 | D:8      | 13673 ||| PLANNING D:1-11
 13673 | D:8      | 13673 ||| PLANNING CONVERSION TO OKAWARU
 13673 | D:8      | 13673 ||| PLANNING D:1-11
 13673 | D:8      | 13673 ||| Stepping randomly (stuck).
 13677 | D:7      | 13677 ||| PLANNING CONVERSION TO OKAWARU
 13679 | D:8      | 13679 ||| PLANNING D:1-11
 13679 | D:8      | 13679 ||| PLANNING CONVERSION TO OKAWARU
 13679 | D:8      | 13679 ||| PLANNING D:1-11
 13679 | D:8      | 13679 ||| Stepping randomly (stuck).
 13683 | D:7      | 13683 ||| PLANNING CONVERSION TO OKAWARU
 13685 | D:8      | 13685 ||| PLANNING D:1-11
 13685 | D:8      | 13685 ||| PLANNING CONVERSION TO OKAWARU
 13685 | D:8      | 13685 ||| PLANNING D:1-11
 13685 | D:8      | 13685 ||| Stepping randomly (stuck).
 13689 | D:7      | 13689 ||| PLANNING CONVERSION TO OKAWARU
 13691 | D:8      | 13691 ||| PLANNING D:1-11
 13691 | D:8      | 13691 ||| PLANNING CONVERSION TO OKAWARU
 13691 | D:8      | 13691 ||| PLANNING D:1-11
 13691 | D:8      | 13691 ||| Stepping randomly (stuck).
 13695 | D:7      | 13695 ||| PLANNING CONVERSION TO OKAWARU
 13697 | D:8      | 13697 ||| PLANNING D:1-11
 13697 | D:8      | 13697 ||| PLANNING CONVERSION TO OKAWARU
 13697 | D:8      | 13697 ||| PLANNING D:1-11
 13697 | D:8      | 13697 ||| Stepping randomly (stuck).
 13701 | D:7      | 13701 ||| PLANNING CONVERSION TO OKAWARU
 13703 | D:8      | 13703 ||| PLANNING D:1-11
 13703 | D:8      | 13703 ||| PLANNING CONVERSION TO OKAWARU
 13703 | D:8      | 13703 ||| PLANNING D:1-11
 13703 | D:8      | 13703 ||| Stepping randomly (stuck).
 13707 | D:7      | 13707 ||| PLANNING CONVERSION TO OKAWARU
 13709 | D:8      | 13709 ||| PLANNING D:1-11
 13709 | D:8      | 13709 ||| PLANNING CONVERSION TO OKAWARU
 13709 | D:8      | 13709 ||| PLANNING D:1-11
 13709 | D:8      | 13709 ||| Stepping randomly (stuck).
 13713 | D:7      | 13713 ||| PLANNING CONVERSION TO OKAWARU
 13715 | D:8      | 13715 ||| PLANNING D:1-11
 13715 | D:8      | 13715 ||| PLANNING CONVERSION TO OKAWARU
 13715 | D:8      | 13715 ||| PLANNING D:1-11
 13715 | D:8      | 13715 ||| Stepping randomly (stuck).
 13719 | D:7      | 13719 ||| PLANNING CONVERSION TO OKAWARU
 13721 | D:8      | 13721 ||| PLANNING D:1-11
 13721 | D:8      | 13721 ||| PLANNING CONVERSION TO OKAWARU
 13721 | D:8      | 13721 ||| PLANNING D:1-11
 13721 | D:8      | 13721 ||| Stepping randomly (stuck).
 13725 | D:7      | 13725 ||| PLANNING CONVERSION TO OKAWARU
 13727 | D:8      | 13727 ||| PLANNING D:1-11
 13727 | D:8      | 13727 ||| PLANNING CONVERSION TO OKAWARU
 13727 | D:8      | 13727 ||| PLANNING D:1-11
 13727 | D:8      | 13727 ||| Stepping randomly (stuck).
 13731 | D:7      | 13731 ||| PLANNING CONVERSION TO OKAWARU
 13733 | D:8      | 13733 ||| PLANNING D:1-11
 13733 | D:8      | 13733 ||| PLANNING CONVERSION TO OKAWARU
 13733 | D:8      | 13733 ||| PLANNING D:1-11
 13733 | D:8      | 13733 ||| Stepping randomly (stuck).
 13737 | D:7      | 13737 ||| PLANNING CONVERSION TO OKAWARU
 13739 | D:8      | 13739 ||| PLANNING D:1-11
 13739 | D:8      | 13739 ||| PLANNING CONVERSION TO OKAWARU
 13739 | D:8      | 13739 ||| PLANNING D:1-11
 13739 | D:8      | 13739 ||| Stepping randomly (stuck).
 13743 | D:7      | 13743 ||| PLANNING CONVERSION TO OKAWARU
 13745 | D:8      | 13745 ||| PLANNING D:1-11
 13745 | D:8      | 13745 ||| PLANNING CONVERSION TO OKAWARU
 13745 | D:8      | 13745 ||| PLANNING D:1-11
 13745 | D:8      | 13745 ||| Stepping randomly (stuck).
 13749 | D:7      | 13749 ||| PLANNING CONVERSION TO OKAWARU
 13751 | D:8      | 13751 ||| PLANNING D:1-11
 13751 | D:8      | 13751 ||| PLANNING CONVERSION TO OKAWARU
 13751 | D:8      | 13751 ||| PLANNING D:1-11
 13751 | D:8      | 13751 ||| Stepping randomly (stuck).
 13755 | D:7      | 13755 ||| PLANNING CONVERSION TO OKAWARU
 13757 | D:8      | 13757 ||| PLANNING D:1-11
 13757 | D:8      | 13757 ||| PLANNING CONVERSION TO OKAWARU
 13757 | D:8      | 13757 ||| PLANNING D:1-11
 13757 | D:8      | 13757 ||| Stepping randomly (stuck).
 13761 | D:7      | 13761 ||| PLANNING CONVERSION TO OKAWARU
 13763 | D:8      | 13763 ||| PLANNING D:1-11
 13763 | D:8      | 13763 ||| PLANNING CONVERSION TO OKAWARU
 13763 | D:8      | 13763 ||| PLANNING D:1-11
 13763 | D:8      | 13763 ||| Stepping randomly (stuck).
 13767 | D:7      | 13767 ||| PLANNING CONVERSION TO OKAWARU
 13769 | D:8      | 13769 ||| PLANNING D:1-11
 13769 | D:8      | 13769 ||| PLANNING CONVERSION TO OKAWARU
 13769 | D:8      | 13769 ||| PLANNING D:1-11
 13769 | D:8      | 13769 ||| Stepping randomly (stuck).
 13773 | D:7      | 13773 ||| PLANNING CONVERSION TO OKAWARU
 13775 | D:8      | 13775 ||| PLANNING D:1-11
 13775 | D:8      | 13775 ||| PLANNING CONVERSION TO OKAWARU
 13775 | D:8      | 13775 ||| PLANNING D:1-11
 13775 | D:8      | 13775 ||| Stepping randomly (stuck).
 13779 | D:7      | 13779 ||| PLANNING CONVERSION TO OKAWARU
 13781 | D:8      | 13781 ||| PLANNING D:1-11
 13781 | D:8      | 13781 ||| PLANNING CONVERSION TO OKAWARU
 13781 | D:8      | 13781 ||| PLANNING D:1-11
 13781 | D:8      | 13781 ||| Stepping randomly (stuck).
 13785 | D:7      | 13785 ||| PLANNING CONVERSION TO OKAWARU
 13787 | D:8      | 13787 ||| PLANNING D:1-11
 13787 | D:8      | 13787 ||| PLANNING CONVERSION TO OKAWARU
 13787 | D:8      | 13787 ||| PLANNING D:1-11
 13787 | D:8      | 13787 ||| Stepping randomly (stuck).
 13791 | D:7      | 13791 ||| PLANNING CONVERSION TO OKAWARU
 13793 | D:8      | 13793 ||| PLANNING D:1-11
 13793 | D:8      | 13793 ||| PLANNING CONVERSION TO OKAWARU
 13793 | D:8      | 13793 ||| PLANNING D:1-11
 13793 | D:8      | 13793 ||| Stepping randomly (stuck).
 13797 | D:7      | 13797 ||| PLANNING CONVERSION TO OKAWARU
 13799 | D:8      | 13799 ||| PLANNING D:1-11
 13799 | D:8      | 13799 ||| PLANNING CONVERSION TO OKAWARU
 13799 | D:8      | 13799 ||| PLANNING D:1-11
 13799 | D:8      | 13799 ||| Stepping randomly (stuck).
 13803 | D:7      | 13803 ||| PLANNING CONVERSION TO OKAWARU
 13805 | D:8      | 13805 ||| PLANNING D:1-11
 13805 | D:8      | 13805 ||| PLANNING CONVERSION TO OKAWARU
 13805 | D:8      | 13805 ||| PLANNING D:1-11
 13805 | D:8      | 13805 ||| Stepping randomly (stuck).
 13809 | D:7      | 13809 ||| PLANNING CONVERSION TO OKAWARU
 13811 | D:8      | 13811 ||| PLANNING D:1-11
 13811 | D:8      | 13811 ||| PLANNING CONVERSION TO OKAWARU
 13811 | D:8      | 13811 ||| PLANNING D:1-11
 13811 | D:8      | 13811 ||| Stepping randomly (stuck).
 13815 | D:7      | 13815 ||| PLANNING CONVERSION TO OKAWARU
 13817 | D:8      | 13817 ||| PLANNING D:1-11
 13817 | D:8      | 13817 ||| PLANNING CONVERSION TO OKAWARU
 13817 | D:8      | 13817 ||| PLANNING D:1-11
 13817 | D:8      | 13817 ||| Stepping randomly (stuck).
 13821 | D:7      | 13821 ||| PLANNING CONVERSION TO OKAWARU
 13823 | D:8      | 13823 ||| PLANNING D:1-11
 13823 | D:8      | 13823 ||| PLANNING CONVERSION TO OKAWARU
 13823 | D:8      | 13823 ||| PLANNING D:1-11
 13823 | D:8      | 13823 ||| Stepping randomly (stuck).
 13827 | D:7      | 13827 ||| PLANNING CONVERSION TO OKAWARU
 13829 | D:8      | 13829 ||| PLANNING D:1-11
 13829 | D:8      | 13829 ||| PLANNING CONVERSION TO OKAWARU
 13829 | D:8      | 13829 ||| PLANNING D:1-11
 13829 | D:8      | 13829 ||| Stepping randomly (stuck).
 13833 | D:7      | 13833 ||| PLANNING CONVERSION TO OKAWARU
 13835 | D:8      | 13835 ||| PLANNING D:1-11
 13835 | D:8      | 13835 ||| PLANNING CONVERSION TO OKAWARU
 13835 | D:8      | 13835 ||| PLANNING D:1-11
 13835 | D:8      | 13835 ||| Stepping randomly (stuck).
 13839 | D:7      | 13839 ||| PLANNING CONVERSION TO OKAWARU
 13841 | D:8      | 13841 ||| PLANNING D:1-11
 13841 | D:8      | 13841 ||| PLANNING CONVERSION TO OKAWARU
 13841 | D:8      | 13841 ||| PLANNING D:1-11
 13841 | D:8      | 13841 ||| Stepping randomly (stuck).
 13845 | D:7      | 13845 ||| PLANNING CONVERSION TO OKAWARU
 13847 | D:8      | 13847 ||| PLANNING D:1-11
 13847 | D:8      | 13847 ||| PLANNING CONVERSION TO OKAWARU
 13847 | D:8      | 13847 ||| PLANNING D:1-11
 13847 | D:8      | 13847 ||| Stepping randomly (stuck).
 13851 | D:7      | 13851 ||| PLANNING CONVERSION TO OKAWARU
 13853 | D:8      | 13853 ||| PLANNING D:1-11
 13853 | D:8      | 13853 ||| PLANNING CONVERSION TO OKAWARU
 13853 | D:8      | 13853 ||| PLANNING D:1-11
 13853 | D:8      | 13853 ||| Stepping randomly (stuck).
 13857 | D:7      | 13857 ||| PLANNING CONVERSION TO OKAWARU
 13859 | D:8      | 13859 ||| PLANNING D:1-11
 13859 | D:8      | 13859 ||| PLANNING CONVERSION TO OKAWARU
 13859 | D:8      | 13859 ||| PLANNING D:1-11
 13859 | D:8      | 13859 ||| Stepping randomly (stuck).
 13863 | D:7      | 13863 ||| PLANNING CONVERSION TO OKAWARU
 13865 | D:8      | 13865 ||| PLANNING D:1-11
 13865 | D:8      | 13865 ||| PLANNING CONVERSION TO OKAWARU
 13865 | D:8      | 13865 ||| PLANNING D:1-11
 13865 | D:8      | 13865 ||| Stepping randomly (stuck).
 13869 | D:7      | 13869 ||| PLANNING CONVERSION TO OKAWARU
 13871 | D:8      | 13871 ||| PLANNING D:1-11
 13871 | D:8      | 13871 ||| PLANNING CONVERSION TO OKAWARU
 13871 | D:8      | 13871 ||| PLANNING D:1-11
 13871 | D:8      | 13871 ||| Stepping randomly (stuck).
 13875 | D:7      | 13875 ||| PLANNING CONVERSION TO OKAWARU
 13877 | D:8      | 13877 ||| PLANNING D:1-11
 13877 | D:8      | 13877 ||| PLANNING CONVERSION TO OKAWARU
 13877 | D:8      | 13877 ||| PLANNING D:1-11
 13877 | D:8      | 13877 ||| Stepping randomly (stuck).
 13881 | D:7      | 13881 ||| PLANNING CONVERSION TO OKAWARU
 13883 | D:8      | 13883 ||| PLANNING D:1-11
 13883 | D:8      | 13883 ||| PLANNING CONVERSION TO OKAWARU
 13883 | D:8      | 13883 ||| PLANNING D:1-11
 13883 | D:8      | 13883 ||| Stepping randomly (stuck).
 13887 | D:7      | 13887 ||| PLANNING CONVERSION TO OKAWARU
 13889 | D:8      | 13889 ||| PLANNING D:1-11
 13889 | D:8      | 13889 ||| PLANNING CONVERSION TO OKAWARU
 13889 | D:8      | 13889 ||| PLANNING D:1-11
 13889 | D:8      | 13889 ||| Stepping randomly (stuck).
 13893 | D:7      | 13893 ||| PLANNING CONVERSION TO OKAWARU
 13895 | D:8      | 13895 ||| PLANNING D:1-11
 13895 | D:8      | 13895 ||| PLANNING CONVERSION TO OKAWARU
 13895 | D:8      | 13895 ||| PLANNING D:1-11
 13895 | D:8      | 13895 ||| Stepping randomly (stuck).
 13899 | D:7      | 13899 ||| PLANNING CONVERSION TO OKAWARU
 13901 | D:8      | 13901 ||| PLANNING D:1-11
 13901 | D:8      | 13901 ||| PLANNING CONVERSION TO OKAWARU
 13901 | D:8      | 13901 ||| PLANNING D:1-11
 13901 | D:8      | 13901 ||| Stepping randomly (stuck).
 13905 | D:7      | 13905 ||| PLANNING CONVERSION TO OKAWARU
 13907 | D:8      | 13907 ||| PLANNING D:1-11
 13907 | D:8      | 13907 ||| PLANNING CONVERSION TO OKAWARU
 13907 | D:8      | 13907 ||| PLANNING D:1-11
 13907 | D:8      | 13907 ||| Stepping randomly (stuck).
 13911 | D:7      | 13911 ||| PLANNING CONVERSION TO OKAWARU
 13913 | D:8      | 13913 ||| PLANNING D:1-11
 13913 | D:8      | 13913 ||| PLANNING CONVERSION TO OKAWARU
 13913 | D:8      | 13913 ||| PLANNING D:1-11
 13913 | D:8      | 13913 ||| Stepping randomly (stuck).
 13917 | D:7      | 13917 ||| PLANNING CONVERSION TO OKAWARU
 13919 | D:8      | 13919 ||| PLANNING D:1-11
 13919 | D:8      | 13919 ||| PLANNING CONVERSION TO OKAWARU
 13919 | D:8      | 13919 ||| PLANNING D:1-11
 13919 | D:8      | 13919 ||| Stepping randomly (stuck).
 13923 | D:7      | 13923 ||| PLANNING CONVERSION TO OKAWARU
 13925 | D:8      | 13925 ||| PLANNING D:1-11
 13925 | D:8      | 13925 ||| PLANNING CONVERSION TO OKAWARU
 13925 | D:8      | 13925 ||| PLANNING D:1-11
 13925 | D:8      | 13925 ||| Stepping randomly (stuck).
 13929 | D:7      | 13929 ||| PLANNING CONVERSION TO OKAWARU
 13931 | D:8      | 13931 ||| PLANNING D:1-11
 13931 | D:8      | 13931 ||| PLANNING CONVERSION TO OKAWARU
 13931 | D:8      | 13931 ||| PLANNING D:1-11
 13931 | D:8      | 13931 ||| Stepping randomly (stuck).
 13935 | D:7      | 13935 ||| PLANNING CONVERSION TO OKAWARU
 13937 | D:8      | 13937 ||| PLANNING D:1-11
 13937 | D:8      | 13937 ||| PLANNING CONVERSION TO OKAWARU
 13937 | D:8      | 13937 ||| PLANNING D:1-11
 13937 | D:8      | 13937 ||| Stepping randomly (stuck).
 13941 | D:7      | 13941 ||| PLANNING CONVERSION TO OKAWARU
 13943 | D:8      | 13943 ||| PLANNING D:1-11
 13943 | D:8      | 13943 ||| PLANNING CONVERSION TO OKAWARU
 13943 | D:8      | 13943 ||| PLANNING D:1-11
 13943 | D:8      | 13943 ||| Stepping randomly (stuck).
 13947 | D:7      | 13947 ||| PLANNING CONVERSION TO OKAWARU
 13949 | D:8      | 13949 ||| PLANNING D:1-11
 13949 | D:8      | 13949 ||| PLANNING CONVERSION TO OKAWARU
 13949 | D:8      | 13949 ||| PLANNING D:1-11
 13949 | D:8      | 13949 ||| Stepping randomly (stuck).
 13953 | D:7      | 13953 ||| PLANNING CONVERSION TO OKAWARU
 13955 | D:8      | 13955 ||| PLANNING D:1-11
 13955 | D:8      | 13955 ||| PLANNING CONVERSION TO OKAWARU
 13955 | D:8      | 13955 ||| PLANNING D:1-11
 13955 | D:8      | 13955 ||| Stepping randomly (stuck).
 13959 | D:7      | 13959 ||| PLANNING CONVERSION TO OKAWARU
 13961 | D:8      | 13961 ||| PLANNING D:1-11
 13961 | D:8      | 13961 ||| PLANNING CONVERSION TO OKAWARU
 13961 | D:8      | 13961 ||| PLANNING D:1-11
 13961 | D:8      | 13961 ||| Stepping randomly (stuck).
 13965 | D:7      | 13965 ||| PLANNING CONVERSION TO OKAWARU
 13967 | D:8      | 13967 ||| PLANNING D:1-11
 13967 | D:8      | 13967 ||| PLANNING CONVERSION TO OKAWARU
 13967 | D:8      | 13967 ||| PLANNING D:1-11
 13967 | D:8      | 13967 ||| Stepping randomly (stuck).
 13971 | D:7      | 13971 ||| PLANNING CONVERSION TO OKAWARU
 13973 | D:8      | 13973 ||| PLANNING D:1-11
 13973 | D:8      | 13973 ||| PLANNING CONVERSION TO OKAWARU
 13973 | D:8      | 13973 ||| PLANNING D:1-11
 13973 | D:8      | 13973 ||| Stepping randomly (stuck).
 13977 | D:7      | 13977 ||| PLANNING CONVERSION TO OKAWARU
 13979 | D:8      | 13979 ||| PLANNING D:1-11
 13979 | D:8      | 13979 ||| PLANNING CONVERSION TO OKAWARU
 13979 | D:8      | 13979 ||| PLANNING D:1-11
 13979 | D:8      | 13979 ||| Stepping randomly (stuck).
 13983 | D:7      | 13983 ||| PLANNING CONVERSION TO OKAWARU
 13985 | D:8      | 13985 ||| PLANNING D:1-11
 13985 | D:8      | 13985 ||| PLANNING CONVERSION TO OKAWARU
 13985 | D:8      | 13985 ||| PLANNING D:1-11
 13985 | D:8      | 13985 ||| Stepping randomly (stuck).
 13989 | D:7      | 13989 ||| PLANNING CONVERSION TO OKAWARU
 13991 | D:8      | 13991 ||| PLANNING D:1-11
 13991 | D:8      | 13991 ||| PLANNING CONVERSION TO OKAWARU
 13991 | D:8      | 13991 ||| PLANNING D:1-11
 13991 | D:8      | 13991 ||| Stepping randomly (stuck).
 13995 | D:7      | 13995 ||| PLANNING CONVERSION TO OKAWARU
 13997 | D:8      | 13997 ||| PLANNING D:1-11
 13997 | D:8      | 13997 ||| PLANNING CONVERSION TO OKAWARU
 13997 | D:8      | 13997 ||| PLANNING D:1-11
 13997 | D:8      | 13997 ||| Stepping randomly (stuck).
 14001 | D:7      | 14001 ||| PLANNING CONVERSION TO OKAWARU
 14003 | D:8      | 14003 ||| PLANNING D:1-11
 14003 | D:8      | 14003 ||| PLANNING CONVERSION TO OKAWARU
 14003 | D:8      | 14003 ||| PLANNING D:1-11
 14003 | D:8      | 14003 ||| Stepping randomly (stuck).
 14007 | D:7      | 14007 ||| PLANNING CONVERSION TO OKAWARU
 14009 | D:8      | 14009 ||| PLANNING D:1-11
 14009 | D:8      | 14009 ||| PLANNING CONVERSION TO OKAWARU
 14009 | D:8      | 14009 ||| PLANNING D:1-11
 14009 | D:8      | 14009 ||| Stepping randomly (stuck).
 14013 | D:7      | 14013 ||| PLANNING CONVERSION TO OKAWARU
 14015 | D:8      | 14015 ||| PLANNING D:1-11
 14015 | D:8      | 14015 ||| PLANNING CONVERSION TO OKAWARU
 14015 | D:8      | 14015 ||| PLANNING D:1-11
 14015 | D:8      | 14015 ||| Stepping randomly (stuck).
 14019 | D:7      | 14019 ||| PLANNING CONVERSION TO OKAWARU
 14021 | D:8      | 14021 ||| PLANNING D:1-11
 14021 | D:8      | 14021 ||| PLANNING CONVERSION TO OKAWARU
 14021 | D:8      | 14021 ||| PLANNING D:1-11
 14021 | D:8      | 14021 ||| Stepping randomly (stuck).
 14025 | D:7      | 14025 ||| PLANNING CONVERSION TO OKAWARU
 14027 | D:8      | 14027 ||| PLANNING D:1-11
 14027 | D:8      | 14027 ||| PLANNING CONVERSION TO OKAWARU
 14027 | D:8      | 14027 ||| PLANNING D:1-11
 14027 | D:8      | 14027 ||| Stepping randomly (stuck).
 14031 | D:7      | 14031 ||| PLANNING CONVERSION TO OKAWARU
 14033 | D:8      | 14033 ||| PLANNING D:1-11
 14033 | D:8      | 14033 ||| PLANNING CONVERSION TO OKAWARU
 14033 | D:8      | 14033 ||| PLANNING D:1-11
 14033 | D:8      | 14033 ||| Stepping randomly (stuck).
 14037 | D:7      | 14037 ||| PLANNING CONVERSION TO OKAWARU
 14039 | D:8      | 14039 ||| PLANNING D:1-11
 14039 | D:8      | 14039 ||| PLANNING CONVERSION TO OKAWARU
 14039 | D:8      | 14039 ||| PLANNING D:1-11
 14039 | D:8      | 14039 ||| Stepping randomly (stuck).
 14043 | D:7      | 14043 ||| PLANNING CONVERSION TO OKAWARU
 14045 | D:8      | 14045 ||| PLANNING D:1-11
 14045 | D:8      | 14045 ||| PLANNING CONVERSION TO OKAWARU
 14045 | D:8      | 14045 ||| PLANNING D:1-11
 14045 | D:8      | 14045 ||| Stepping randomly (stuck).
 14049 | D:7      | 14049 ||| PLANNING CONVERSION TO OKAWARU
 14051 | D:8      | 14051 ||| PLANNING D:1-11
 14051 | D:8      | 14051 ||| PLANNING CONVERSION TO OKAWARU
 14051 | D:8      | 14051 ||| PLANNING D:1-11
 14051 | D:8      | 14051 ||| Stepping randomly (stuck).
 14055 | D:7      | 14055 ||| PLANNING CONVERSION TO OKAWARU
 14057 | D:8      | 14057 ||| PLANNING D:1-11
 14057 | D:8      | 14057 ||| PLANNING CONVERSION TO OKAWARU
 14057 | D:8      | 14057 ||| PLANNING D:1-11
 14057 | D:8      | 14057 ||| Stepping randomly (stuck).
 14061 | D:7      | 14061 ||| PLANNING CONVERSION TO OKAWARU
 14063 | D:8      | 14063 ||| PLANNING D:1-11
 14063 | D:8      | 14063 ||| PLANNING CONVERSION TO OKAWARU
 14063 | D:8      | 14063 ||| PLANNING D:1-11
 14063 | D:8      | 14063 ||| Stepping randomly (stuck).
 14067 | D:7      | 14067 ||| PLANNING CONVERSION TO OKAWARU
 14069 | D:8      | 14069 ||| PLANNING D:1-11
 14069 | D:8      | 14069 ||| PLANNING CONVERSION TO OKAWARU
 14069 | D:8      | 14069 ||| PLANNING D:1-11
 14069 | D:8      | 14069 ||| Stepping randomly (stuck).
 14073 | D:7      | 14073 ||| PLANNING CONVERSION TO OKAWARU
 14075 | D:8      | 14075 ||| PLANNING D:1-11
 14075 | D:8      | 14075 ||| PLANNING CONVERSION TO OKAWARU
 14075 | D:8      | 14075 ||| PLANNING D:1-11
 14075 | D:8      | 14075 ||| Stepping randomly (stuck).
 14079 | D:7      | 14079 ||| PLANNING CONVERSION TO OKAWARU
 14081 | D:8      | 14081 ||| PLANNING D:1-11
 14081 | D:8      | 14081 ||| PLANNING CONVERSION TO OKAWARU
 14081 | D:8      | 14081 ||| PLANNING D:1-11
 14081 | D:8      | 14081 ||| Stepping randomly (stuck).
 14085 | D:7      | 14085 ||| PLANNING CONVERSION TO OKAWARU
 14087 | D:8      | 14087 ||| PLANNING D:1-11
 14087 | D:8      | 14087 ||| PLANNING CONVERSION TO OKAWARU
 14087 | D:8      | 14087 ||| PLANNING D:1-11
 14087 | D:8      | 14087 ||| Stepping randomly (stuck).
 14091 | D:7      | 14091 ||| PLANNING CONVERSION TO OKAWARU
 14093 | D:8      | 14093 ||| PLANNING D:1-11
 14093 | D:8      | 14093 ||| PLANNING CONVERSION TO OKAWARU
 14093 | D:8      | 14093 ||| PLANNING D:1-11
 14093 | D:8      | 14093 ||| Stepping randomly (stuck).
 14097 | D:7      | 14097 ||| PLANNING CONVERSION TO OKAWARU
 14099 | D:8      | 14099 ||| PLANNING D:1-11
 14099 | D:8      | 14099 ||| PLANNING CONVERSION TO OKAWARU
 14099 | D:8      | 14099 ||| PLANNING D:1-11
 14099 | D:8      | 14099 ||| Stepping randomly (stuck).
 14103 | D:7      | 14103 ||| PLANNING CONVERSION TO OKAWARU
 14105 | D:8      | 14105 ||| PLANNING D:1-11
 14105 | D:8      | 14105 ||| PLANNING CONVERSION TO OKAWARU
 14105 | D:8      | 14105 ||| PLANNING D:1-11
 14105 | D:8      | 14105 ||| Stepping randomly (stuck).
 14109 | D:7      | 14109 ||| PLANNING CONVERSION TO OKAWARU
 14111 | D:8      | 14111 ||| PLANNING D:1-11
 14111 | D:8      | 14111 ||| PLANNING CONVERSION TO OKAWARU
 14111 | D:8      | 14111 ||| PLANNING D:1-11
 14111 | D:8      | 14111 ||| Stepping randomly (stuck).
 14115 | D:7      | 14115 ||| PLANNING CONVERSION TO OKAWARU
 14117 | D:8      | 14117 ||| PLANNING D:1-11
 14117 | D:8      | 14117 ||| PLANNING CONVERSION TO OKAWARU
 14117 | D:8      | 14117 ||| PLANNING D:1-11
 14117 | D:8      | 14117 ||| Stepping randomly (stuck).
 14121 | D:7      | 14121 ||| PLANNING CONVERSION TO OKAWARU
 14123 | D:8      | 14123 ||| PLANNING D:1-11
 14123 | D:8      | 14123 ||| PLANNING CONVERSION TO OKAWARU
 14123 | D:8      | 14123 ||| PLANNING D:1-11
 14123 | D:8      | 14123 ||| Stepping randomly (stuck).
 14127 | D:7      | 14127 ||| PLANNING CONVERSION TO OKAWARU
 14129 | D:8      | 14129 ||| PLANNING D:1-11
 14129 | D:8      | 14129 ||| PLANNING CONVERSION TO OKAWARU
 14129 | D:8      | 14129 ||| PLANNING D:1-11
 14129 | D:8      | 14129 ||| Stepping randomly (stuck).
 14133 | D:7      | 14133 ||| PLANNING CONVERSION TO OKAWARU
 14135 | D:8      | 14135 ||| PLANNING D:1-11
 14135 | D:8      | 14135 ||| PLANNING CONVERSION TO OKAWARU
 14135 | D:8      | 14135 ||| PLANNING D:1-11
 14135 | D:8      | 14135 ||| Stepping randomly (stuck).
 14139 | D:7      | 14139 ||| PLANNING CONVERSION TO OKAWARU
 14141 | D:8      | 14141 ||| PLANNING D:1-11
 14141 | D:8      | 14141 ||| PLANNING CONVERSION TO OKAWARU
 14141 | D:8      | 14141 ||| PLANNING D:1-11
 14141 | D:8      | 14141 ||| Stepping randomly (stuck).
 14145 | D:7      | 14145 ||| PLANNING CONVERSION TO OKAWARU
 14147 | D:8      | 14147 ||| PLANNING D:1-11
 14147 | D:8      | 14147 ||| PLANNING CONVERSION TO OKAWARU
 14147 | D:8      | 14147 ||| PLANNING D:1-11
 14147 | D:8      | 14147 ||| Stepping randomly (stuck).
 14151 | D:7      | 14151 ||| PLANNING CONVERSION TO OKAWARU
 14153 | D:8      | 14153 ||| PLANNING D:1-11
 14153 | D:8      | 14153 ||| PLANNING CONVERSION TO OKAWARU
 14153 | D:8      | 14153 ||| PLANNING D:1-11
 14153 | D:8      | 14153 ||| Stepping randomly (stuck).
 14157 | D:7      | 14157 ||| PLANNING CONVERSION TO OKAWARU
 14159 | D:8      | 14159 ||| PLANNING D:1-11
 14159 | D:8      | 14159 ||| PLANNING CONVERSION TO OKAWARU
 14159 | D:8      | 14159 ||| PLANNING D:1-11
 14159 | D:8      | 14159 ||| Stepping randomly (stuck).
 14163 | D:7      | 14163 ||| PLANNING CONVERSION TO OKAWARU
 14165 | D:8      | 14165 ||| PLANNING D:1-11
 14165 | D:8      | 14165 ||| PLANNING CONVERSION TO OKAWARU
 14165 | D:8      | 14165 ||| PLANNING D:1-11
 14165 | D:8      | 14165 ||| Stepping randomly (stuck).
 14169 | D:7      | 14169 ||| PLANNING CONVERSION TO OKAWARU
 14171 | D:8      | 14171 ||| PLANNING D:1-11
 14171 | D:8      | 14171 ||| PLANNING CONVERSION TO OKAWARU
 14171 | D:8      | 14171 ||| PLANNING D:1-11
 14171 | D:8      | 14171 ||| Stepping randomly (stuck).
 14175 | D:7      | 14175 ||| PLANNING CONVERSION TO OKAWARU
 14177 | D:8      | 14177 ||| PLANNING D:1-11
 14177 | D:8      | 14177 ||| PLANNING CONVERSION TO OKAWARU
 14177 | D:8      | 14177 ||| PLANNING D:1-11
 14177 | D:8      | 14177 ||| Stepping randomly (stuck).
 14181 | D:7      | 14181 ||| PLANNING CONVERSION TO OKAWARU
 14183 | D:8      | 14183 ||| PLANNING D:1-11
 14183 | D:8      | 14183 ||| PLANNING CONVERSION TO OKAWARU
 14183 | D:8      | 14183 ||| PLANNING D:1-11
 14183 | D:8      | 14183 ||| Stepping randomly (stuck).
 14187 | D:7      | 14187 ||| PLANNING CONVERSION TO OKAWARU
 14189 | D:8      | 14189 ||| PLANNING D:1-11
 14189 | D:8      | 14189 ||| PLANNING CONVERSION TO OKAWARU
 14189 | D:8      | 14189 ||| PLANNING D:1-11
 14189 | D:8      | 14189 ||| Stepping randomly (stuck).
 14193 | D:7      | 14193 ||| PLANNING CONVERSION TO OKAWARU
 14195 | D:8      | 14195 ||| PLANNING D:1-11
 14195 | D:8      | 14195 ||| PLANNING CONVERSION TO OKAWARU
 14195 | D:8      | 14195 ||| PLANNING D:1-11
 14195 | D:8      | 14195 ||| Stepping randomly (stuck).
 14199 | D:7      | 14199 ||| PLANNING CONVERSION TO OKAWARU
 14201 | D:8      | 14201 ||| PLANNING D:1-11
 14201 | D:8      | 14201 ||| PLANNING CONVERSION TO OKAWARU
 14201 | D:8      | 14201 ||| PLANNING D:1-11
 14201 | D:8      | 14201 ||| Stepping randomly (stuck).
 14205 | D:7      | 14205 ||| PLANNING CONVERSION TO OKAWARU
 14207 | D:8      | 14207 ||| PLANNING D:1-11
 14207 | D:8      | 14207 ||| PLANNING CONVERSION TO OKAWARU
 14207 | D:8      | 14207 ||| PLANNING D:1-11
 14207 | D:8      | 14207 ||| Stepping randomly (stuck).
 14211 | D:7      | 14211 ||| PLANNING CONVERSION TO OKAWARU
 14213 | D:8      | 14213 ||| PLANNING D:1-11
 14213 | D:8      | 14213 ||| PLANNING CONVERSION TO OKAWARU
 14213 | D:8      | 14213 ||| PLANNING D:1-11
 14213 | D:8      | 14213 ||| Stepping randomly (stuck).
 14217 | D:7      | 14217 ||| PLANNING CONVERSION TO OKAWARU
 14219 | D:8      | 14219 ||| PLANNING D:1-11
 14219 | D:8      | 14219 ||| PLANNING CONVERSION TO OKAWARU
 14219 | D:8      | 14219 ||| PLANNING D:1-11
 14219 | D:8      | 14219 ||| Stepping randomly (stuck).
 14223 | D:7      | 14223 ||| PLANNING CONVERSION TO OKAWARU
 14225 | D:8      | 14225 ||| PLANNING D:1-11
 14225 | D:8      | 14225 ||| PLANNING CONVERSION TO OKAWARU
 14225 | D:8      | 14225 ||| PLANNING D:1-11
 14225 | D:8      | 14225 ||| Stepping randomly (stuck).
 14229 | D:7      | 14229 ||| PLANNING CONVERSION TO OKAWARU
 14231 | D:8      | 14231 ||| PLANNING D:1-11
 14231 | D:8      | 14231 ||| PLANNING CONVERSION TO OKAWARU
 14231 | D:8      | 14231 ||| PLANNING D:1-11
 14231 | D:8      | 14231 ||| Stepping randomly (stuck).
 14235 | D:7      | 14235 ||| PLANNING CONVERSION TO OKAWARU
 14237 | D:8      | 14237 ||| PLANNING D:1-11
 14237 | D:8      | 14237 ||| PLANNING CONVERSION TO OKAWARU
 14237 | D:8      | 14237 ||| PLANNING D:1-11
 14237 | D:8      | 14237 ||| Stepping randomly (stuck).
 14241 | D:7      | 14241 ||| PLANNING CONVERSION TO OKAWARU
 14243 | D:8      | 14243 ||| PLANNING D:1-11
 14243 | D:8      | 14243 ||| PLANNING CONVERSION TO OKAWARU
 14243 | D:8      | 14243 ||| PLANNING D:1-11
 14243 | D:8      | 14243 ||| Stepping randomly (stuck).
 14247 | D:7      | 14247 ||| PLANNING CONVERSION TO OKAWARU
 14249 | D:8      | 14249 ||| PLANNING D:1-11
 14249 | D:8      | 14249 ||| PLANNING CONVERSION TO OKAWARU
 14249 | D:8      | 14249 ||| PLANNING D:1-11
 14249 | D:8      | 14249 ||| Stepping randomly (stuck).
 14253 | D:7      | 14253 ||| PLANNING CONVERSION TO OKAWARU
 14255 | D:8      | 14255 ||| PLANNING D:1-11
 14255 | D:8      | 14255 ||| PLANNING CONVERSION TO OKAWARU
 14255 | D:8      | 14255 ||| PLANNING D:1-11
 14255 | D:8      | 14255 ||| Stepping randomly (stuck).
 14259 | D:7      | 14259 ||| PLANNING CONVERSION TO OKAWARU
 14261 | D:8      | 14261 ||| PLANNING D:1-11
 14261 | D:8      | 14261 ||| PLANNING CONVERSION TO OKAWARU
 14261 | D:8      | 14261 ||| PLANNING D:1-11
 14261 | D:8      | 14261 ||| Stepping randomly (stuck).
 14265 | D:7      | 14265 ||| PLANNING CONVERSION TO OKAWARU
 14267 | D:8      | 14267 ||| PLANNING D:1-11
 14267 | D:8      | 14267 ||| PLANNING CONVERSION TO OKAWARU
 14267 | D:8      | 14267 ||| PLANNING D:1-11
 14267 | D:8      | 14267 ||| Stepping randomly (stuck).
 14271 | D:7      | 14271 ||| PLANNING CONVERSION TO OKAWARU
 14273 | D:8      | 14273 ||| PLANNING D:1-11
 14273 | D:8      | 14273 ||| PLANNING CONVERSION TO OKAWARU
 14273 | D:8      | 14273 ||| PLANNING D:1-11
 14273 | D:8      | 14273 ||| Stepping randomly (stuck).
 14277 | D:7      | 14277 ||| PLANNING CONVERSION TO OKAWARU
 14279 | D:8      | 14279 ||| PLANNING D:1-11
 14279 | D:8      | 14279 ||| PLANNING CONVERSION TO OKAWARU
 14279 | D:8      | 14279 ||| PLANNING D:1-11
 14279 | D:8      | 14279 ||| Stepping randomly (stuck).
 14283 | D:7      | 14283 ||| PLANNING CONVERSION TO OKAWARU
 14285 | D:8      | 14285 ||| PLANNING D:1-11
 14285 | D:8      | 14285 ||| PLANNING CONVERSION TO OKAWARU
 14285 | D:8      | 14285 ||| PLANNING D:1-11
 14285 | D:8      | 14285 ||| Stepping randomly (stuck).
 14289 | D:7      | 14289 ||| PLANNING CONVERSION TO OKAWARU
 14291 | D:8      | 14291 ||| PLANNING D:1-11
 14291 | D:8      | 14291 ||| PLANNING CONVERSION TO OKAWARU
 14291 | D:8      | 14291 ||| PLANNING D:1-11
 14291 | D:8      | 14291 ||| Stepping randomly (stuck).
 14295 | D:7      | 14295 ||| PLANNING CONVERSION TO OKAWARU
 14297 | D:8      | 14297 ||| PLANNING D:1-11
 14297 | D:8      | 14297 ||| PLANNING CONVERSION TO OKAWARU
 14297 | D:8      | 14297 ||| PLANNING D:1-11
 14297 | D:8      | 14297 ||| Stepping randomly (stuck).
 14301 | D:7      | 14301 ||| PLANNING CONVERSION TO OKAWARU
 14303 | D:8      | 14303 ||| PLANNING D:1-11
 14303 | D:8      | 14303 ||| PLANNING CONVERSION TO OKAWARU
 14303 | D:8      | 14303 ||| PLANNING D:1-11
 14303 | D:8      | 14303 ||| Stepping randomly (stuck).
 14307 | D:7      | 14307 ||| PLANNING CONVERSION TO OKAWARU
 14309 | D:8      | 14309 ||| PLANNING D:1-11
 14309 | D:8      | 14309 ||| PLANNING CONVERSION TO OKAWARU
 14309 | D:8      | 14309 ||| PLANNING D:1-11
 14309 | D:8      | 14309 ||| Stepping randomly (stuck).
 14313 | D:7      | 14313 ||| PLANNING CONVERSION TO OKAWARU
 14315 | D:8      | 14315 ||| PLANNING D:1-11
 14315 | D:8      | 14315 ||| PLANNING CONVERSION TO OKAWARU
 14315 | D:8      | 14315 ||| PLANNING D:1-11
 14315 | D:8      | 14315 ||| Stepping randomly (stuck).
 14319 | D:7      | 14319 ||| PLANNING CONVERSION TO OKAWARU
 14321 | D:8      | 14321 ||| PLANNING D:1-11
 14321 | D:8      | 14321 ||| PLANNING CONVERSION TO OKAWARU
 14321 | D:8      | 14321 ||| PLANNING D:1-11
 14321 | D:8      | 14321 ||| Stepping randomly (stuck).
 14325 | D:7      | 14325 ||| PLANNING CONVERSION TO OKAWARU
 14327 | D:8      | 14327 ||| PLANNING D:1-11
 14327 | D:8      | 14327 ||| PLANNING CONVERSION TO OKAWARU
 14327 | D:8      | 14327 ||| PLANNING D:1-11
 14327 | D:8      | 14327 ||| Stepping randomly (stuck).
 14331 | D:7      | 14331 ||| PLANNING CONVERSION TO OKAWARU
 14333 | D:8      | 14333 ||| PLANNING D:1-11
 14333 | D:8      | 14333 ||| PLANNING CONVERSION TO OKAWARU
 14333 | D:8      | 14333 ||| PLANNING D:1-11
 14333 | D:8      | 14333 ||| Stepping randomly (stuck).
 14337 | D:7      | 14337 ||| PLANNING CONVERSION TO OKAWARU
 14339 | D:8      | 14339 ||| PLANNING D:1-11
 14339 | D:8      | 14339 ||| PLANNING CONVERSION TO OKAWARU
 14339 | D:8      | 14339 ||| PLANNING D:1-11
 14339 | D:8      | 14339 ||| Stepping randomly (stuck).
 14343 | D:7      | 14343 ||| PLANNING CONVERSION TO OKAWARU
 14345 | D:8      | 14345 ||| PLANNING D:1-11
 14345 | D:8      | 14345 ||| PLANNING CONVERSION TO OKAWARU
 14345 | D:8      | 14345 ||| PLANNING D:1-11
 14345 | D:8      | 14345 ||| Stepping randomly (stuck).
 14349 | D:7      | 14349 ||| PLANNING CONVERSION TO OKAWARU
 14351 | D:8      | 14351 ||| PLANNING D:1-11
 14351 | D:8      | 14351 ||| PLANNING CONVERSION TO OKAWARU
 14351 | D:8      | 14351 ||| PLANNING D:1-11
 14351 | D:8      | 14351 ||| Stepping randomly (stuck).
 14355 | D:7      | 14355 ||| PLANNING CONVERSION TO OKAWARU
 14357 | D:8      | 14357 ||| PLANNING D:1-11
 14357 | D:8      | 14357 ||| PLANNING CONVERSION TO OKAWARU
 14357 | D:8      | 14357 ||| PLANNING D:1-11
 14357 | D:8      | 14357 ||| Stepping randomly (stuck).
 14361 | D:7      | 14361 ||| PLANNING CONVERSION TO OKAWARU
 14363 | D:8      | 14363 ||| PLANNING D:1-11
 14363 | D:8      | 14363 ||| PLANNING CONVERSION TO OKAWARU
 14363 | D:8      | 14363 ||| PLANNING D:1-11
 14363 | D:8      | 14363 ||| Stepping randomly (stuck).
 14367 | D:7      | 14367 ||| PLANNING CONVERSION TO OKAWARU
 14369 | D:8      | 14369 ||| PLANNING D:1-11
 14369 | D:8      | 14369 ||| PLANNING CONVERSION TO OKAWARU
 14369 | D:8      | 14369 ||| PLANNING D:1-11
 14369 | D:8      | 14369 ||| Stepping randomly (stuck).
 14373 | D:7      | 14373 ||| PLANNING CONVERSION TO OKAWARU
 14375 | D:8      | 14375 ||| PLANNING D:1-11
 14375 | D:8      | 14375 ||| PLANNING CONVERSION TO OKAWARU
 14375 | D:8      | 14375 ||| PLANNING D:1-11
 14375 | D:8      | 14375 ||| Stepping randomly (stuck).
 14379 | D:7      | 14379 ||| PLANNING CONVERSION TO OKAWARU
 14381 | D:8      | 14381 ||| PLANNING D:1-11
 14381 | D:8      | 14381 ||| PLANNING CONVERSION TO OKAWARU
 14381 | D:8      | 14381 ||| PLANNING D:1-11
 14381 | D:8      | 14381 ||| Stepping randomly (stuck).
 14385 | D:7      | 14385 ||| PLANNING CONVERSION TO OKAWARU
 14387 | D:8      | 14387 ||| PLANNING D:1-11
 14387 | D:8      | 14387 ||| PLANNING CONVERSION TO OKAWARU
 14387 | D:8      | 14387 ||| PLANNING D:1-11
 14387 | D:8      | 14387 ||| Stepping randomly (stuck).
 14391 | D:7      | 14391 ||| PLANNING CONVERSION TO OKAWARU
 14393 | D:8      | 14393 ||| PLANNING D:1-11
 14393 | D:8      | 14393 ||| PLANNING CONVERSION TO OKAWARU
 14393 | D:8      | 14393 ||| PLANNING D:1-11
 14393 | D:8      | 14393 ||| Stepping randomly (stuck).
 14397 | D:7      | 14397 ||| PLANNING CONVERSION TO OKAWARU
 14399 | D:8      | 14399 ||| PLANNING D:1-11
 14399 | D:8      | 14399 ||| PLANNING CONVERSION TO OKAWARU
 14399 | D:8      | 14399 ||| PLANNING D:1-11
 14399 | D:8      | 14399 ||| Stepping randomly (stuck).
 14403 | D:7      | 14403 ||| PLANNING CONVERSION TO OKAWARU
 14405 | D:8      | 14405 ||| PLANNING D:1-11
 14405 | D:8      | 14405 ||| PLANNING CONVERSION TO OKAWARU
 14405 | D:8      | 14405 ||| PLANNING D:1-11
 14405 | D:8      | 14405 ||| Stepping randomly (stuck).
 14409 | D:7      | 14409 ||| PLANNING CONVERSION TO OKAWARU
 14411 | D:8      | 14411 ||| PLANNING D:1-11
 14411 | D:8      | 14411 ||| PLANNING CONVERSION TO OKAWARU
 14411 | D:8      | 14411 ||| PLANNING D:1-11
 14411 | D:8      | 14411 ||| Stepping randomly (stuck).
 14415 | D:7      | 14415 ||| PLANNING CONVERSION TO OKAWARU
 14417 | D:8      | 14417 ||| PLANNING D:1-11
 14417 | D:8      | 14417 ||| PLANNING CONVERSION TO OKAWARU
 14417 | D:8      | 14417 ||| PLANNING D:1-11
 14417 | D:8      | 14417 ||| Stepping randomly (stuck).
 14421 | D:7      | 14421 ||| PLANNING CONVERSION TO OKAWARU
 14423 | D:8      | 14423 ||| PLANNING D:1-11
 14423 | D:8      | 14423 ||| PLANNING CONVERSION TO OKAWARU
 14423 | D:8      | 14423 ||| PLANNING D:1-11
 14423 | D:8      | 14423 ||| Stepping randomly (stuck).
 14427 | D:7      | 14427 ||| PLANNING CONVERSION TO OKAWARU
 14429 | D:8      | 14429 ||| PLANNING D:1-11
 14429 | D:8      | 14429 ||| PLANNING CONVERSION TO OKAWARU
 14429 | D:8      | 14429 ||| PLANNING D:1-11
 14429 | D:8      | 14429 ||| Stepping randomly (stuck).
 14433 | D:7      | 14433 ||| PLANNING CONVERSION TO OKAWARU
 14435 | D:8      | 14435 ||| PLANNING D:1-11
 14435 | D:8      | 14435 ||| PLANNING CONVERSION TO OKAWARU
 14435 | D:8      | 14435 ||| PLANNING D:1-11
 14435 | D:8      | 14435 ||| Stepping randomly (stuck).
 14439 | D:7      | 14439 ||| PLANNING CONVERSION TO OKAWARU
 14441 | D:8      | 14441 ||| PLANNING D:1-11
 14441 | D:8      | 14441 ||| PLANNING CONVERSION TO OKAWARU
 14441 | D:8      | 14441 ||| PLANNING D:1-11
 14441 | D:8      | 14441 ||| Stepping randomly (stuck).
 14445 | D:7      | 14445 ||| PLANNING CONVERSION TO OKAWARU
 14447 | D:8      | 14447 ||| PLANNING D:1-11
 14447 | D:8      | 14447 ||| PLANNING CONVERSION TO OKAWARU
 14447 | D:8      | 14447 ||| PLANNING D:1-11
 14447 | D:8      | 14447 ||| Stepping randomly (stuck).
 14451 | D:7      | 14451 ||| PLANNING CONVERSION TO OKAWARU
 14453 | D:8      | 14453 ||| PLANNING D:1-11
 14453 | D:8      | 14453 ||| PLANNING CONVERSION TO OKAWARU
 14453 | D:8      | 14453 ||| PLANNING D:1-11
 14453 | D:8      | 14453 ||| Stepping randomly (stuck).
 14457 | D:7      | 14457 ||| PLANNING CONVERSION TO OKAWARU
 14459 | D:8      | 14459 ||| PLANNING D:1-11
 14459 | D:8      | 14459 ||| PLANNING CONVERSION TO OKAWARU
 14459 | D:8      | 14459 ||| PLANNING D:1-11
 14459 | D:8      | 14459 ||| Stepping randomly (stuck).
 14463 | D:7      | 14463 ||| PLANNING CONVERSION TO OKAWARU
 14465 | D:8      | 14465 ||| PLANNING D:1-11
 14465 | D:8      | 14465 ||| PLANNING CONVERSION TO OKAWARU
 14465 | D:8      | 14465 ||| PLANNING D:1-11
 14465 | D:8      | 14465 ||| Stepping randomly (stuck).
 14469 | D:7      | 14469 ||| PLANNING CONVERSION TO OKAWARU
 14471 | D:8      | 14471 ||| PLANNING D:1-11
 14471 | D:8      | 14471 ||| PLANNING CONVERSION TO OKAWARU
 14471 | D:8      | 14471 ||| PLANNING D:1-11
 14471 | D:8      | 14471 ||| Stepping randomly (stuck).
 14475 | D:7      | 14475 ||| PLANNING CONVERSION TO OKAWARU
 14477 | D:8      | 14477 ||| PLANNING D:1-11
 14477 | D:8      | 14477 ||| PLANNING CONVERSION TO OKAWARU
 14477 | D:8      | 14477 ||| PLANNING D:1-11
 14477 | D:8      | 14477 ||| Stepping randomly (stuck).
 14481 | D:7      | 14481 ||| PLANNING CONVERSION TO OKAWARU
 14483 | D:8      | 14483 ||| PLANNING D:1-11
 14483 | D:8      | 14483 ||| PLANNING CONVERSION TO OKAWARU
 14483 | D:8      | 14483 ||| PLANNING D:1-11
 14483 | D:8      | 14483 ||| Stepping randomly (stuck).
 14487 | D:7      | 14487 ||| PLANNING CONVERSION TO OKAWARU
 14489 | D:8      | 14489 ||| PLANNING D:1-11
 14489 | D:8      | 14489 ||| PLANNING CONVERSION TO OKAWARU
 14489 | D:8      | 14489 ||| PLANNING D:1-11
 14489 | D:8      | 14489 ||| Stepping randomly (stuck).
 14493 | D:7      | 14493 ||| PLANNING CONVERSION TO OKAWARU
 14495 | D:8      | 14495 ||| PLANNING D:1-11
 14495 | D:8      | 14495 ||| PLANNING CONVERSION TO OKAWARU
 14495 | D:8      | 14495 ||| PLANNING D:1-11
 14495 | D:8      | 14495 ||| Stepping randomly (stuck).
 14499 | D:7      | 14499 ||| PLANNING CONVERSION TO OKAWARU
 14501 | D:8      | 14501 ||| PLANNING D:1-11
 14501 | D:8      | 14501 ||| PLANNING CONVERSION TO OKAWARU
 14501 | D:8      | 14501 ||| PLANNING D:1-11
 14501 | D:8      | 14501 ||| Stepping randomly (stuck).
 14505 | D:7      | 14505 ||| PLANNING CONVERSION TO OKAWARU
 14507 | D:8      | 14507 ||| PLANNING D:1-11
 14507 | D:8      | 14507 ||| PLANNING CONVERSION TO OKAWARU
 14507 | D:8      | 14507 ||| PLANNING D:1-11
 14507 | D:8      | 14507 ||| Stepping randomly (stuck).
 14511 | D:7      | 14511 ||| PLANNING CONVERSION TO OKAWARU
 14513 | D:8      | 14513 ||| PLANNING D:1-11
 14513 | D:8      | 14513 ||| PLANNING CONVERSION TO OKAWARU
 14513 | D:8      | 14513 ||| PLANNING D:1-11
 14513 | D:8      | 14513 ||| Stepping randomly (stuck).
 14517 | D:7      | 14517 ||| PLANNING CONVERSION TO OKAWARU
 14519 | D:8      | 14519 ||| PLANNING D:1-11
 14519 | D:8      | 14519 ||| PLANNING CONVERSION TO OKAWARU
 14519 | D:8      | 14519 ||| PLANNING D:1-11
 14519 | D:8      | 14519 ||| Stepping randomly (stuck).
 14523 | D:7      | 14523 ||| PLANNING CONVERSION TO OKAWARU
 14525 | D:8      | 14525 ||| PLANNING D:1-11
 14525 | D:8      | 14525 ||| PLANNING CONVERSION TO OKAWARU
 14525 | D:8      | 14525 ||| PLANNING D:1-11
 14525 | D:8      | 14525 ||| Stepping randomly (stuck).
 14529 | D:7      | 14529 ||| PLANNING CONVERSION TO OKAWARU
 14531 | D:8      | 14531 ||| PLANNING D:1-11
 14531 | D:8      | 14531 ||| PLANNING CONVERSION TO OKAWARU
 14531 | D:8      | 14531 ||| PLANNING D:1-11
 14531 | D:8      | 14531 ||| Stepping randomly (stuck).
 14535 | D:7      | 14535 ||| PLANNING CONVERSION TO OKAWARU
 14537 | D:8      | 14537 ||| PLANNING D:1-11
 14537 | D:8      | 14537 ||| PLANNING CONVERSION TO OKAWARU
 14537 | D:8      | 14537 ||| PLANNING D:1-11
 14537 | D:8      | 14537 ||| Stepping randomly (stuck).
 14541 | D:7      | 14541 ||| PLANNING CONVERSION TO OKAWARU
 14543 | D:8      | 14543 ||| PLANNING D:1-11
 14543 | D:8      | 14543 ||| PLANNING CONVERSION TO OKAWARU
 14543 | D:8      | 14543 ||| PLANNING D:1-11
 14543 | D:8      | 14543 ||| Stepping randomly (stuck).
 14547 | D:7      | 14547 ||| PLANNING CONVERSION TO OKAWARU
 14549 | D:8      | 14549 ||| PLANNING D:1-11
 14549 | D:8      | 14549 ||| PLANNING CONVERSION TO OKAWARU
 14549 | D:8      | 14549 ||| PLANNING D:1-11
 14549 | D:8      | 14549 ||| Stepping randomly (stuck).
 14553 | D:7      | 14553 ||| PLANNING CONVERSION TO OKAWARU
 14555 | D:8      | 14555 ||| PLANNING D:1-11
 14555 | D:8      | 14555 ||| PLANNING CONVERSION TO OKAWARU
 14555 | D:8      | 14555 ||| PLANNING D:1-11
 14555 | D:8      | 14555 ||| Stepping randomly (stuck).
 14559 | D:7      | 14559 ||| PLANNING CONVERSION TO OKAWARU
 14561 | D:8      | 14561 ||| PLANNING D:1-11
 14561 | D:8      | 14561 ||| PLANNING CONVERSION TO OKAWARU
 14561 | D:8      | 14561 ||| PLANNING D:1-11
 14561 | D:8      | 14561 ||| Stepping randomly (stuck).
 14565 | D:7      | 14565 ||| PLANNING CONVERSION TO OKAWARU
 14567 | D:8      | 14567 ||| PLANNING D:1-11
 14567 | D:8      | 14567 ||| PLANNING CONVERSION TO OKAWARU
 14567 | D:8      | 14567 ||| PLANNING D:1-11
 14567 | D:8      | 14567 ||| Stepping randomly (stuck).
 14571 | D:7      | 14571 ||| PLANNING CONVERSION TO OKAWARU
 14573 | D:8      | 14573 ||| PLANNING D:1-11
 14573 | D:8      | 14573 ||| PLANNING CONVERSION TO OKAWARU
 14573 | D:8      | 14573 ||| PLANNING D:1-11
 14573 | D:8      | 14573 ||| Stepping randomly (stuck).
 14577 | D:7      | 14577 ||| PLANNING CONVERSION TO OKAWARU
 14579 | D:8      | 14579 ||| PLANNING D:1-11
 14579 | D:8      | 14579 ||| PLANNING CONVERSION TO OKAWARU
 14579 | D:8      | 14579 ||| PLANNING D:1-11
 14579 | D:8      | 14579 ||| Stepping randomly (stuck).
 14583 | D:7      | 14583 ||| PLANNING CONVERSION TO OKAWARU
 14585 | D:8      | 14585 ||| PLANNING D:1-11
 14585 | D:8      | 14585 ||| PLANNING CONVERSION TO OKAWARU
 14585 | D:8      | 14585 ||| PLANNING D:1-11
 14585 | D:8      | 14585 ||| Stepping randomly (stuck).
 14589 | D:7      | 14589 ||| PLANNING CONVERSION TO OKAWARU
 14591 | D:8      | 14591 ||| PLANNING D:1-11
 14591 | D:8      | 14591 ||| PLANNING CONVERSION TO OKAWARU
 14591 | D:8      | 14591 ||| PLANNING D:1-11
 14591 | D:8      | 14591 ||| Stepping randomly (stuck).
 14595 | D:7      | 14595 ||| PLANNING CONVERSION TO OKAWARU
 14597 | D:8      | 14597 ||| PLANNING D:1-11
 14597 | D:8      | 14597 ||| PLANNING CONVERSION TO OKAWARU
 14597 | D:8      | 14597 ||| PLANNING D:1-11
 14597 | D:8      | 14597 ||| Stepping randomly (stuck).
 14601 | D:7      | 14601 ||| PLANNING CONVERSION TO OKAWARU
 14603 | D:8      | 14603 ||| PLANNING D:1-11
 14603 | D:8      | 14603 ||| PLANNING CONVERSION TO OKAWARU
 14603 | D:8      | 14603 ||| PLANNING D:1-11
 14603 | D:8      | 14603 ||| Stepping randomly (stuck).
 14607 | D:7      | 14607 ||| PLANNING CONVERSION TO OKAWARU
 14609 | D:8      | 14609 ||| PLANNING D:1-11
 14609 | D:8      | 14609 ||| PLANNING CONVERSION TO OKAWARU
 14609 | D:8      | 14609 ||| PLANNING D:1-11
 14609 | D:8      | 14609 ||| Stepping randomly (stuck).
 14613 | D:7      | 14613 ||| PLANNING CONVERSION TO OKAWARU
 14615 | D:8      | 14615 ||| PLANNING D:1-11
 14615 | D:8      | 14615 ||| PLANNING CONVERSION TO OKAWARU
 14615 | D:8      | 14615 ||| PLANNING D:1-11
 14615 | D:8      | 14615 ||| Stepping randomly (stuck).
 14619 | D:7      | 14619 ||| PLANNING CONVERSION TO OKAWARU
 14621 | D:8      | 14621 ||| PLANNING D:1-11
 14621 | D:8      | 14621 ||| PLANNING CONVERSION TO OKAWARU
 14621 | D:8      | 14621 ||| PLANNING D:1-11
 14621 | D:8      | 14621 ||| Stepping randomly (stuck).
 14625 | D:7      | 14625 ||| PLANNING CONVERSION TO OKAWARU
 14627 | D:8      | 14627 ||| PLANNING D:1-11
 14627 | D:8      | 14627 ||| PLANNING CONVERSION TO OKAWARU
 14627 | D:8      | 14627 ||| PLANNING D:1-11
 14627 | D:8      | 14627 ||| Stepping randomly (stuck).
 14631 | D:7      | 14631 ||| PLANNING CONVERSION TO OKAWARU
 14633 | D:8      | 14633 ||| PLANNING D:1-11
 14633 | D:8      | 14633 ||| PLANNING CONVERSION TO OKAWARU
 14633 | D:8      | 14633 ||| PLANNING D:1-11
 14633 | D:8      | 14633 ||| Stepping randomly (stuck).
 14637 | D:7      | 14637 ||| PLANNING CONVERSION TO OKAWARU
 14639 | D:8      | 14639 ||| PLANNING D:1-11
 14639 | D:8      | 14639 ||| PLANNING CONVERSION TO OKAWARU
 14639 | D:8      | 14639 ||| PLANNING D:1-11
 14639 | D:8      | 14639 ||| Stepping randomly (stuck).
 14643 | D:7      | 14643 ||| PLANNING CONVERSION TO OKAWARU
 14645 | D:8      | 14645 ||| PLANNING D:1-11
 14645 | D:8      | 14645 ||| PLANNING CONVERSION TO OKAWARU
 14645 | D:8      | 14645 ||| PLANNING D:1-11
 14645 | D:8      | 14645 ||| Stepping randomly (stuck).
 14649 | D:7      | 14649 ||| PLANNING CONVERSION TO OKAWARU
 14651 | D:8      | 14651 ||| PLANNING D:1-11
 14651 | D:8      | 14651 ||| PLANNING CONVERSION TO OKAWARU
 14651 | D:8      | 14651 ||| PLANNING D:1-11
 14651 | D:8      | 14651 ||| Stepping randomly (stuck).
 14655 | D:7      | 14655 ||| PLANNING CONVERSION TO OKAWARU
 14657 | D:8      | 14657 ||| PLANNING D:1-11
 14657 | D:8      | 14657 ||| PLANNING CONVERSION TO OKAWARU
 14657 | D:8      | 14657 ||| PLANNING D:1-11
 14657 | D:8      | 14657 ||| Stepping randomly (stuck).
 14661 | D:7      | 14661 ||| PLANNING CONVERSION TO OKAWARU
 14663 | D:8      | 14663 ||| PLANNING D:1-11
 14663 | D:8      | 14663 ||| PLANNING CONVERSION TO OKAWARU
 14663 | D:8      | 14663 ||| PLANNING D:1-11
 14663 | D:8      | 14663 ||| Stepping randomly (stuck).
 14667 | D:7      | 14667 ||| PLANNING CONVERSION TO OKAWARU
 14669 | D:8      | 14669 ||| PLANNING D:1-11
 14669 | D:8      | 14669 ||| PLANNING CONVERSION TO OKAWARU
 14669 | D:8      | 14669 ||| PLANNING D:1-11
 14669 | D:8      | 14669 ||| Stepping randomly (stuck).
 14673 | D:7      | 14673 ||| PLANNING CONVERSION TO OKAWARU
 14675 | D:8      | 14675 ||| PLANNING D:1-11
 14675 | D:8      | 14675 ||| PLANNING CONVERSION TO OKAWARU
 14675 | D:8      | 14675 ||| PLANNING D:1-11
 14675 | D:8      | 14675 ||| Stepping randomly (stuck).
 14679 | D:7      | 14679 ||| PLANNING CONVERSION TO OKAWARU
 14681 | D:8      | 14681 ||| PLANNING D:1-11
 14681 | D:8      | 14681 ||| PLANNING CONVERSION TO OKAWARU
 14681 | D:8      | 14681 ||| PLANNING D:1-11
 14681 | D:8      | 14681 ||| Stepping randomly (stuck).
 14685 | D:7      | 14685 ||| PLANNING CONVERSION TO OKAWARU
 14687 | D:8      | 14687 ||| PLANNING D:1-11
 14687 | D:8      | 14687 ||| PLANNING CONVERSION TO OKAWARU
 14687 | D:8      | 14687 ||| PLANNING D:1-11
 14687 | D:8      | 14687 ||| Stepping randomly (stuck).
 14691 | D:7      | 14691 ||| PLANNING CONVERSION TO OKAWARU
 14693 | D:8      | 14693 ||| PLANNING D:1-11
 14693 | D:8      | 14693 ||| PLANNING CONVERSION TO OKAWARU
 14693 | D:8      | 14693 ||| PLANNING D:1-11
 14693 | D:8      | 14693 ||| Stepping randomly (stuck).
 14697 | D:7      | 14697 ||| PLANNING CONVERSION TO OKAWARU
 14699 | D:8      | 14699 ||| PLANNING D:1-11
 14699 | D:8      | 14699 ||| PLANNING CONVERSION TO OKAWARU
 14699 | D:8      | 14699 ||| PLANNING D:1-11
 14699 | D:8      | 14699 ||| Stepping randomly (stuck).
 14703 | D:7      | 14703 ||| PLANNING CONVERSION TO OKAWARU
 14705 | D:8      | 14705 ||| PLANNING D:1-11
 14705 | D:8      | 14705 ||| PLANNING CONVERSION TO OKAWARU
 14705 | D:8      | 14705 ||| PLANNING D:1-11
 14705 | D:8      | 14705 ||| Stepping randomly (stuck).
 14709 | D:7      | 14709 ||| PLANNING CONVERSION TO OKAWARU
 14711 | D:8      | 14711 ||| PLANNING D:1-11
 14711 | D:8      | 14711 ||| PLANNING CONVERSION TO OKAWARU
 14711 | D:8      | 14711 ||| PLANNING D:1-11
 14711 | D:8      | 14711 ||| Stepping randomly (stuck).
 14715 | D:7      | 14715 ||| PLANNING CONVERSION TO OKAWARU
 14717 | D:8      | 14717 ||| PLANNING D:1-11
 14717 | D:8      | 14717 ||| PLANNING CONVERSION TO OKAWARU
 14717 | D:8      | 14717 ||| PLANNING D:1-11
 14717 | D:8      | 14717 ||| Stepping randomly (stuck).
 14721 | D:7      | 14721 ||| PLANNING CONVERSION TO OKAWARU
 14723 | D:8      | 14723 ||| PLANNING D:1-11
 14723 | D:8      | 14723 ||| PLANNING CONVERSION TO OKAWARU
 14723 | D:8      | 14723 ||| PLANNING D:1-11
 14723 | D:8      | 14723 ||| Stepping randomly (stuck).
 14727 | D:7      | 14727 ||| PLANNING CONVERSION TO OKAWARU
 14729 | D:8      | 14729 ||| PLANNING D:1-11
 14729 | D:8      | 14729 ||| PLANNING CONVERSION TO OKAWARU
 14729 | D:8      | 14729 ||| PLANNING D:1-11
 14729 | D:8      | 14729 ||| Stepping randomly (stuck).
 14733 | D:7      | 14733 ||| PLANNING CONVERSION TO OKAWARU
 14735 | D:8      | 14735 ||| PLANNING D:1-11
 14735 | D:8      | 14735 ||| PLANNING CONVERSION TO OKAWARU
 14735 | D:8      | 14735 ||| PLANNING D:1-11
 14735 | D:8      | 14735 ||| Stepping randomly (stuck).
 14739 | D:7      | 14739 ||| PLANNING CONVERSION TO OKAWARU
 14741 | D:8      | 14741 ||| PLANNING D:1-11
 14741 | D:8      | 14741 ||| PLANNING CONVERSION TO OKAWARU
 14741 | D:8      | 14741 ||| PLANNING D:1-11
 14741 | D:8      | 14741 ||| Stepping randomly (stuck).
 14745 | D:7      | 14745 ||| PLANNING CONVERSION TO OKAWARU
 14747 | D:8      | 14747 ||| PLANNING D:1-11
 14747 | D:8      | 14747 ||| PLANNING CONVERSION TO OKAWARU
 14747 | D:8      | 14747 ||| PLANNING D:1-11
 14747 | D:8      | 14747 ||| Stepping randomly (stuck).
 14751 | D:7      | 14751 ||| PLANNING CONVERSION TO OKAWARU
 14753 | D:8      | 14753 ||| PLANNING D:1-11
 14753 | D:8      | 14753 ||| PLANNING CONVERSION TO OKAWARU
 14753 | D:8      | 14753 ||| PLANNING D:1-11
 14753 | D:8      | 14753 ||| Stepping randomly (stuck).
 14757 | D:7      | 14757 ||| PLANNING CONVERSION TO OKAWARU
 14759 | D:8      | 14759 ||| PLANNING D:1-11
 14759 | D:8      | 14759 ||| PLANNING CONVERSION TO OKAWARU
 14759 | D:8      | 14759 ||| PLANNING D:1-11
 14759 | D:8      | 14759 ||| Stepping randomly (stuck).
 14763 | D:7      | 14763 ||| PLANNING CONVERSION TO OKAWARU
 14765 | D:8      | 14765 ||| PLANNING D:1-11
 14765 | D:8      | 14765 ||| PLANNING CONVERSION TO OKAWARU
 14765 | D:8      | 14765 ||| PLANNING D:1-11
 14765 | D:8      | 14765 ||| Stepping randomly (stuck).
 14769 | D:7      | 14769 ||| PLANNING CONVERSION TO OKAWARU
 14771 | D:8      | 14771 ||| PLANNING D:1-11
 14771 | D:8      | 14771 ||| PLANNING CONVERSION TO OKAWARU
 14771 | D:8      | 14771 ||| PLANNING D:1-11
 14771 | D:8      | 14771 ||| Stepping randomly (stuck).
 14775 | D:7      | 14775 ||| PLANNING CONVERSION TO OKAWARU
 14777 | D:8      | 14777 ||| PLANNING D:1-11
 14777 | D:8      | 14777 ||| PLANNING CONVERSION TO OKAWARU
 14777 | D:8      | 14777 ||| PLANNING D:1-11
 14777 | D:8      | 14777 ||| Stepping randomly (stuck).
 14781 | D:7      | 14781 ||| PLANNING CONVERSION TO OKAWARU
 14783 | D:8      | 14783 ||| PLANNING D:1-11
 14783 | D:8      | 14783 ||| PLANNING CONVERSION TO OKAWARU
 14783 | D:8      | 14783 ||| PLANNING D:1-11
 14783 | D:8      | 14783 ||| Stepping randomly (stuck).
 14787 | D:7      | 14787 ||| PLANNING CONVERSION TO OKAWARU
 14789 | D:8      | 14789 ||| PLANNING D:1-11
 14789 | D:8      | 14789 ||| PLANNING CONVERSION TO OKAWARU
 14789 | D:8      | 14789 ||| PLANNING D:1-11
 14789 | D:8      | 14789 ||| Stepping randomly (stuck).
 14793 | D:7      | 14793 ||| PLANNING CONVERSION TO OKAWARU
 14795 | D:8      | 14795 ||| PLANNING D:1-11
 14795 | D:8      | 14795 ||| PLANNING CONVERSION TO OKAWARU
 14795 | D:8      | 14795 ||| PLANNING D:1-11
 14795 | D:8      | 14795 ||| Stepping randomly (stuck).
 14799 | D:7      | 14799 ||| PLANNING CONVERSION TO OKAWARU
 14801 | D:8      | 14801 ||| PLANNING D:1-11
 14801 | D:8      | 14801 ||| PLANNING CONVERSION TO OKAWARU
 14801 | D:8      | 14801 ||| PLANNING D:1-11
 14801 | D:8      | 14801 ||| Stepping randomly (stuck).
 14805 | D:7      | 14805 ||| PLANNING CONVERSION TO OKAWARU
 14807 | D:8      | 14807 ||| PLANNING D:1-11
 14807 | D:8      | 14807 ||| PLANNING CONVERSION TO OKAWARU
 14807 | D:8      | 14807 ||| PLANNING D:1-11
 14807 | D:8      | 14807 ||| Stepping randomly (stuck).
 14811 | D:7      | 14811 ||| PLANNING CONVERSION TO OKAWARU
 14813 | D:8      | 14813 ||| PLANNING D:1-11
 14813 | D:8      | 14813 ||| PLANNING CONVERSION TO OKAWARU
 14813 | D:8      | 14813 ||| PLANNING D:1-11
 14813 | D:8      | 14813 ||| Stepping randomly (stuck).
 14817 | D:7      | 14817 ||| PLANNING CONVERSION TO OKAWARU
 14819 | D:8      | 14819 ||| PLANNING D:1-11
 14819 | D:8      | 14819 ||| PLANNING CONVERSION TO OKAWARU
 14819 | D:8      | 14819 ||| PLANNING D:1-11
 14819 | D:8      | 14819 ||| Stepping randomly (stuck).
 14823 | D:7      | 14823 ||| PLANNING CONVERSION TO OKAWARU
 14825 | D:8      | 14825 ||| PLANNING D:1-11
 14825 | D:8      | 14825 ||| PLANNING CONVERSION TO OKAWARU
 14825 | D:8      | 14825 ||| PLANNING D:1-11
 14825 | D:8      | 14825 ||| Stepping randomly (stuck).
 14829 | D:7      | 14829 ||| PLANNING CONVERSION TO OKAWARU
 14831 | D:8      | 14831 ||| PLANNING D:1-11
 14831 | D:8      | 14831 ||| PLANNING CONVERSION TO OKAWARU
 14831 | D:8      | 14831 ||| PLANNING D:1-11
 14831 | D:8      | 14831 ||| Stepping randomly (stuck).
 14835 | D:7      | 14835 ||| PLANNING CONVERSION TO OKAWARU
 14837 | D:8      | 14837 ||| PLANNING D:1-11
 14837 | D:8      | 14837 ||| PLANNING CONVERSION TO OKAWARU
 14837 | D:8      | 14837 ||| PLANNING D:1-11
 14837 | D:8      | 14837 ||| Stepping randomly (stuck).
 14841 | D:7      | 14841 ||| PLANNING CONVERSION TO OKAWARU
 14843 | D:8      | 14843 ||| PLANNING D:1-11
 14843 | D:8      | 14843 ||| PLANNING CONVERSION TO OKAWARU
 14843 | D:8      | 14843 ||| PLANNING D:1-11
 14843 | D:8      | 14843 ||| Stepping randomly (stuck).
 14847 | D:7      | 14847 ||| PLANNING CONVERSION TO OKAWARU
 14849 | D:8      | 14849 ||| PLANNING D:1-11
 14849 | D:8      | 14849 ||| PLANNING CONVERSION TO OKAWARU
 14849 | D:8      | 14849 ||| PLANNING D:1-11
 14849 | D:8      | 14849 ||| Stepping randomly (stuck).
 14853 | D:7      | 14853 ||| PLANNING CONVERSION TO OKAWARU
 14855 | D:8      | 14855 ||| PLANNING D:1-11
 14855 | D:8      | 14855 ||| PLANNING CONVERSION TO OKAWARU
 14855 | D:8      | 14855 ||| PLANNING D:1-11
 14855 | D:8      | 14855 ||| Stepping randomly (stuck).
 14859 | D:7      | 14859 ||| PLANNING CONVERSION TO OKAWARU
 14861 | D:8      | 14861 ||| PLANNING D:1-11
 14861 | D:8      | 14861 ||| PLANNING CONVERSION TO OKAWARU
 14861 | D:8      | 14861 ||| PLANNING D:1-11
 14861 | D:8      | 14861 ||| Stepping randomly (stuck).
 14865 | D:7      | 14865 ||| PLANNING CONVERSION TO OKAWARU
 14867 | D:8      | 14867 ||| PLANNING D:1-11
 14867 | D:8      | 14867 ||| PLANNING CONVERSION TO OKAWARU
 14867 | D:8      | 14867 ||| PLANNING D:1-11
 14867 | D:8      | 14867 ||| Stepping randomly (stuck).
 14871 | D:7      | 14871 ||| PLANNING CONVERSION TO OKAWARU
 14873 | D:8      | 14873 ||| PLANNING D:1-11
 14873 | D:8      | 14873 ||| PLANNING CONVERSION TO OKAWARU
 14873 | D:8      | 14873 ||| PLANNING D:1-11
 14873 | D:8      | 14873 ||| Stepping randomly (stuck).
 14877 | D:7      | 14877 ||| PLANNING CONVERSION TO OKAWARU
 14879 | D:8      | 14879 ||| PLANNING D:1-11
 14879 | D:8      | 14879 ||| PLANNING CONVERSION TO OKAWARU
 14879 | D:8      | 14879 ||| PLANNING D:1-11
 14879 | D:8      | 14879 ||| Stepping randomly (stuck).
 14883 | D:7      | 14883 ||| PLANNING CONVERSION TO OKAWARU
 14885 | D:8      | 14885 ||| PLANNING D:1-11
 14885 | D:8      | 14885 ||| PLANNING CONVERSION TO OKAWARU
 14885 | D:8      | 14885 ||| PLANNING D:1-11
 14885 | D:8      | 14885 ||| Stepping randomly (stuck).
 14889 | D:7      | 14889 ||| PLANNING CONVERSION TO OKAWARU
 14891 | D:8      | 14891 ||| PLANNING D:1-11
 14891 | D:8      | 14891 ||| PLANNING CONVERSION TO OKAWARU
 14891 | D:8      | 14891 ||| PLANNING D:1-11
 14891 | D:8      | 14891 ||| Stepping randomly (stuck).
 14895 | D:7      | 14895 ||| PLANNING CONVERSION TO OKAWARU
 14897 | D:8      | 14897 ||| PLANNING D:1-11
 14897 | D:8      | 14897 ||| PLANNING CONVERSION TO OKAWARU
 14897 | D:8      | 14897 ||| PLANNING D:1-11
 14897 | D:8      | 14897 ||| Stepping randomly (stuck).
 14901 | D:7      | 14901 ||| PLANNING CONVERSION TO OKAWARU
 14903 | D:8      | 14903 ||| PLANNING D:1-11
 14903 | D:8      | 14903 ||| PLANNING CONVERSION TO OKAWARU
 14903 | D:8      | 14903 ||| PLANNING D:1-11
 14903 | D:8      | 14903 ||| Stepping randomly (stuck).
 14907 | D:7      | 14907 ||| PLANNING CONVERSION TO OKAWARU
 14909 | D:8      | 14909 ||| PLANNING D:1-11
 14909 | D:8      | 14909 ||| PLANNING CONVERSION TO OKAWARU
 14909 | D:8      | 14909 ||| PLANNING D:1-11
 14909 | D:8      | 14909 ||| Stepping randomly (stuck).
 14913 | D:7      | 14913 ||| PLANNING CONVERSION TO OKAWARU
 14915 | D:8      | 14915 ||| PLANNING D:1-11
 14915 | D:8      | 14915 ||| PLANNING CONVERSION TO OKAWARU
 14915 | D:8      | 14915 ||| PLANNING D:1-11
 14915 | D:8      | 14915 ||| Stepping randomly (stuck).
 14919 | D:7      | 14919 ||| PLANNING CONVERSION TO OKAWARU
 14921 | D:8      | 14921 ||| PLANNING D:1-11
 14921 | D:8      | 14921 ||| PLANNING CONVERSION TO OKAWARU
 14921 | D:8      | 14921 ||| PLANNING D:1-11
 14921 | D:8      | 14921 ||| Stepping randomly (stuck).
 14925 | D:7      | 14925 ||| PLANNING CONVERSION TO OKAWARU
 14927 | D:8      | 14927 ||| PLANNING D:1-11
 14927 | D:8      | 14927 ||| PLANNING CONVERSION TO OKAWARU
 14927 | D:8      | 14927 ||| PLANNING D:1-11
 14927 | D:8      | 14927 ||| Stepping randomly (stuck).
 14931 | D:7      | 14931 ||| PLANNING CONVERSION TO OKAWARU
 14933 | D:8      | 14933 ||| PLANNING D:1-11
 14933 | D:8      | 14933 ||| PLANNING CONVERSION TO OKAWARU
 14933 | D:8      | 14933 ||| PLANNING D:1-11
 14933 | D:8      | 14933 ||| Stepping randomly (stuck).
 14937 | D:7      | 14937 ||| PLANNING CONVERSION TO OKAWARU
 14939 | D:8      | 14939 ||| PLANNING D:1-11
 14939 | D:8      | 14939 ||| PLANNING CONVERSION TO OKAWARU
 14939 | D:8      | 14939 ||| PLANNING D:1-11
 14939 | D:8      | 14939 ||| Stepping randomly (stuck).
 14943 | D:7      | 14943 ||| PLANNING CONVERSION TO OKAWARU
 14945 | D:8      | 14945 ||| PLANNING D:1-11
 14945 | D:8      | 14945 ||| PLANNING CONVERSION TO OKAWARU
 14945 | D:8      | 14945 ||| PLANNING D:1-11
 14945 | D:8      | 14945 ||| Stepping randomly (stuck).
 14949 | D:7      | 14949 ||| PLANNING CONVERSION TO OKAWARU
 14951 | D:8      | 14951 ||| PLANNING D:1-11
 14951 | D:8      | 14951 ||| PLANNING CONVERSION TO OKAWARU
 14951 | D:8      | 14951 ||| PLANNING D:1-11
 14951 | D:8      | 14951 ||| Stepping randomly (stuck).
 14955 | D:7      | 14955 ||| PLANNING CONVERSION TO OKAWARU
 14957 | D:8      | 14957 ||| PLANNING D:1-11
 14957 | D:8      | 14957 ||| PLANNING CONVERSION TO OKAWARU
 14957 | D:8      | 14957 ||| PLANNING D:1-11
 14957 | D:8      | 14957 ||| Stepping randomly (stuck).
 14961 | D:7      | 14961 ||| PLANNING CONVERSION TO OKAWARU
 14963 | D:8      | 14963 ||| PLANNING D:1-11
 14963 | D:8      | 14963 ||| PLANNING CONVERSION TO OKAWARU
 14963 | D:8      | 14963 ||| PLANNING D:1-11
 14963 | D:8      | 14963 ||| Stepping randomly (stuck).
 14967 | D:7      | 14967 ||| PLANNING CONVERSION TO OKAWARU
 14969 | D:8      | 14969 ||| PLANNING D:1-11
 14969 | D:8      | 14969 ||| PLANNING CONVERSION TO OKAWARU
 14969 | D:8      | 14969 ||| PLANNING D:1-11
 14969 | D:8      | 14969 ||| Stepping randomly (stuck).
 14973 | D:7      | 14973 ||| PLANNING CONVERSION TO OKAWARU
 14975 | D:8      | 14975 ||| PLANNING D:1-11
 14975 | D:8      | 14975 ||| PLANNING CONVERSION TO OKAWARU
 14975 | D:8      | 14975 ||| PLANNING D:1-11
 14975 | D:8      | 14975 ||| Stepping randomly (stuck).
 14979 | D:7      | 14979 ||| PLANNING CONVERSION TO OKAWARU
 14981 | D:8      | 14981 ||| PLANNING D:1-11
 14981 | D:8      | 14981 ||| PLANNING CONVERSION TO OKAWARU
 14981 | D:8      | 14981 ||| PLANNING D:1-11
 14981 | D:8      | 14981 ||| Stepping randomly (stuck).
 14985 | D:7      | 14985 ||| PLANNING CONVERSION TO OKAWARU
 14987 | D:8      | 14987 ||| PLANNING D:1-11
 14987 | D:8      | 14987 ||| PLANNING CONVERSION TO OKAWARU
 14987 | D:8      | 14987 ||| PLANNING D:1-11
 14987 | D:8      | 14987 ||| Stepping randomly (stuck).
 14991 | D:7      | 14991 ||| PLANNING CONVERSION TO OKAWARU
 14993 | D:8      | 14993 ||| PLANNING D:1-11
 14993 | D:8      | 14993 ||| PLANNING CONVERSION TO OKAWARU
 14993 | D:8      | 14993 ||| PLANNING D:1-11
 14993 | D:8      | 14993 ||| Stepping randomly (stuck).
 14997 | D:7      | 14997 ||| PLANNING CONVERSION TO OKAWARU
 14999 | D:8      | 14999 ||| PLANNING D:1-11
 14999 | D:8      | 14999 ||| PLANNING CONVERSION TO OKAWARU
 14999 | D:8      | 14999 ||| PLANNING D:1-11
 14999 | D:8      | 14999 ||| Stepping randomly (stuck).
 15003 | D:7      | 15003 ||| PLANNING CONVERSION TO OKAWARU
 15005 | D:8      | 15005 ||| PLANNING D:1-11
 15005 | D:8      | 15005 ||| PLANNING CONVERSION TO OKAWARU
 15005 | D:8      | 15005 ||| PLANNING D:1-11
 15005 | D:8      | 15005 ||| Stepping randomly (stuck).
 15009 | D:7      | 15009 ||| PLANNING CONVERSION TO OKAWARU
 15011 | D:8      | 15011 ||| PLANNING D:1-11
 15011 | D:8      | 15011 ||| PLANNING CONVERSION TO OKAWARU
 15011 | D:8      | 15011 ||| PLANNING D:1-11
 15011 | D:8      | 15011 ||| Stepping randomly (stuck).
 15015 | D:7      | 15015 ||| PLANNING CONVERSION TO OKAWARU
 15017 | D:8      | 15017 ||| PLANNING D:1-11
 15017 | D:8      | 15017 ||| PLANNING CONVERSION TO OKAWARU
 15017 | D:8      | 15017 ||| PLANNING D:1-11
 15017 | D:8      | 15017 ||| Stepping randomly (stuck).
 15021 | D:7      | 15021 ||| PLANNING CONVERSION TO OKAWARU
 15023 | D:8      | 15023 ||| PLANNING D:1-11
 15023 | D:8      | 15023 ||| PLANNING CONVERSION TO OKAWARU
 15023 | D:8      | 15023 ||| PLANNING D:1-11
 15023 | D:8      | 15023 ||| Stepping randomly (stuck).
 15027 | D:7      | 15027 ||| PLANNING CONVERSION TO OKAWARU
 15029 | D:8      | 15029 ||| PLANNING D:1-11
 15029 | D:8      | 15029 ||| PLANNING CONVERSION TO OKAWARU
 15029 | D:8      | 15029 ||| PLANNING D:1-11
 15029 | D:8      | 15029 ||| Stepping randomly (stuck).
 15033 | D:7      | 15033 ||| PLANNING CONVERSION TO OKAWARU
 15035 | D:8      | 15035 ||| PLANNING D:1-11
 15035 | D:8      | 15035 ||| PLANNING CONVERSION TO OKAWARU
 15035 | D:8      | 15035 ||| PLANNING D:1-11
 15035 | D:8      | 15035 ||| Stepping randomly (stuck).
 15039 | D:7      | 15039 ||| PLANNING CONVERSION TO OKAWARU
 15041 | D:8      | 15041 ||| PLANNING D:1-11
 15041 | D:8      | 15041 ||| PLANNING CONVERSION TO OKAWARU
 15041 | D:8      | 15041 ||| PLANNING D:1-11
 15041 | D:8      | 15041 ||| Stepping randomly (stuck).
 15045 | D:7      | 15045 ||| PLANNING CONVERSION TO OKAWARU
 15047 | D:8      | 15047 ||| PLANNING D:1-11
 15047 | D:8      | 15047 ||| PLANNING CONVERSION TO OKAWARU
 15047 | D:8      | 15047 ||| PLANNING D:1-11
 15047 | D:8      | 15047 ||| Stepping randomly (stuck).
 15051 | D:7      | 15051 ||| PLANNING CONVERSION TO OKAWARU
 15053 | D:8      | 15053 ||| PLANNING D:1-11
 15053 | D:8      | 15053 ||| PLANNING CONVERSION TO OKAWARU
 15053 | D:8      | 15053 ||| PLANNING D:1-11
 15053 | D:8      | 15053 ||| Stepping randomly (stuck).
 15057 | D:7      | 15057 ||| PLANNING CONVERSION TO OKAWARU
 15059 | D:8      | 15059 ||| PLANNING D:1-11
 15059 | D:8      | 15059 ||| PLANNING CONVERSION TO OKAWARU
 15059 | D:8      | 15059 ||| PLANNING D:1-11
 15059 | D:8      | 15059 ||| Stepping randomly (stuck).
 15063 | D:7      | 15063 ||| PLANNING CONVERSION TO OKAWARU
 15065 | D:8      | 15065 ||| PLANNING D:1-11
 15065 | D:8      | 15065 ||| PLANNING CONVERSION TO OKAWARU
 15065 | D:8      | 15065 ||| PLANNING D:1-11
 15065 | D:8      | 15065 ||| Stepping randomly (stuck).
 15069 | D:7      | 15069 ||| PLANNING CONVERSION TO OKAWARU
 15071 | D:8      | 15071 ||| PLANNING D:1-11
 15071 | D:8      | 15071 ||| PLANNING CONVERSION TO OKAWARU
 15071 | D:8      | 15071 ||| PLANNING D:1-11
 15071 | D:8      | 15071 ||| Stepping randomly (stuck).
 15075 | D:7      | 15075 ||| PLANNING CONVERSION TO OKAWARU
 15077 | D:8      | 15077 ||| PLANNING D:1-11
 15077 | D:8      | 15077 ||| PLANNING CONVERSION TO OKAWARU
 15077 | D:8      | 15077 ||| PLANNING D:1-11
 15077 | D:8      | 15077 ||| Stepping randomly (stuck).
 15081 | D:7      | 15081 ||| PLANNING CONVERSION TO OKAWARU
 15083 | D:8      | 15083 ||| PLANNING D:1-11
 15083 | D:8      | 15083 ||| PLANNING CONVERSION TO OKAWARU
 15083 | D:8      | 15083 ||| PLANNING D:1-11
 15083 | D:8      | 15083 ||| Stepping randomly (stuck).
 15087 | D:7      | 15087 ||| PLANNING CONVERSION TO OKAWARU
 15089 | D:8      | 15089 ||| PLANNING D:1-11
 15089 | D:8      | 15089 ||| PLANNING CONVERSION TO OKAWARU
 15089 | D:8      | 15089 ||| PLANNING D:1-11
 15089 | D:8      | 15089 ||| Stepping randomly (stuck).
 15093 | D:7      | 15093 ||| PLANNING CONVERSION TO OKAWARU
 15095 | D:8      | 15095 ||| PLANNING D:1-11
 15095 | D:8      | 15095 ||| PLANNING CONVERSION TO OKAWARU
 15095 | D:8      | 15095 ||| PLANNING D:1-11
 15095 | D:8      | 15095 ||| Stepping randomly (stuck).
 15099 | D:7      | 15099 ||| PLANNING CONVERSION TO OKAWARU
 15101 | D:8      | 15101 ||| PLANNING D:1-11
 15101 | D:8      | 15101 ||| PLANNING CONVERSION TO OKAWARU
 15101 | D:8      | 15101 ||| PLANNING D:1-11
 15101 | D:8      | 15101 ||| Stepping randomly (stuck).
 15105 | D:7      | 15105 ||| PLANNING CONVERSION TO OKAWARU
 15107 | D:8      | 15107 ||| PLANNING D:1-11
 15107 | D:8      | 15107 ||| PLANNING CONVERSION TO OKAWARU
 15107 | D:8      | 15107 ||| PLANNING D:1-11
 15107 | D:8      | 15107 ||| Stepping randomly (stuck).
 15111 | D:7      | 15111 ||| PLANNING CONVERSION TO OKAWARU
 15113 | D:8      | 15113 ||| PLANNING D:1-11
 15113 | D:8      | 15113 ||| PLANNING CONVERSION TO OKAWARU
 15113 | D:8      | 15113 ||| PLANNING D:1-11
 15113 | D:8      | 15113 ||| Stepping randomly (stuck).
 15117 | D:7      | 15117 ||| PLANNING CONVERSION TO OKAWARU
 15119 | D:8      | 15119 ||| PLANNING D:1-11
 15119 | D:8      | 15119 ||| PLANNING CONVERSION TO OKAWARU
 15119 | D:8      | 15119 ||| PLANNING D:1-11
 15119 | D:8      | 15119 ||| Stepping randomly (stuck).
 15123 | D:7      | 15123 ||| PLANNING CONVERSION TO OKAWARU
 15125 | D:8      | 15125 ||| PLANNING D:1-11
 15125 | D:8      | 15125 ||| PLANNING CONVERSION TO OKAWARU
 15125 | D:8      | 15125 ||| PLANNING D:1-11
 15125 | D:8      | 15125 ||| Stepping randomly (stuck).
 15129 | D:7      | 15129 ||| PLANNING CONVERSION TO OKAWARU
 15131 | D:8      | 15131 ||| PLANNING D:1-11
 15131 | D:8      | 15131 ||| PLANNING CONVERSION TO OKAWARU
 15131 | D:8      | 15131 ||| PLANNING D:1-11
 15131 | D:8      | 15131 ||| Stepping randomly (stuck).
 15135 | D:7      | 15135 ||| PLANNING CONVERSION TO OKAWARU
 15137 | D:8      | 15137 ||| PLANNING D:1-11
 15137 | D:8      | 15137 ||| PLANNING CONVERSION TO OKAWARU
 15137 | D:8      | 15137 ||| PLANNING D:1-11
 15137 | D:8      | 15137 ||| Stepping randomly (stuck).
 15141 | D:7      | 15141 ||| PLANNING CONVERSION TO OKAWARU
 15143 | D:8      | 15143 ||| PLANNING D:1-11
 15143 | D:8      | 15143 ||| PLANNING CONVERSION TO OKAWARU
 15143 | D:8      | 15143 ||| PLANNING D:1-11
 15143 | D:8      | 15143 ||| Stepping randomly (stuck).
 15147 | D:7      | 15147 ||| PLANNING CONVERSION TO OKAWARU
 15149 | D:8      | 15149 ||| PLANNING D:1-11
 15149 | D:8      | 15149 ||| PLANNING CONVERSION TO OKAWARU
 15149 | D:8      | 15149 ||| PLANNING D:1-11
 15149 | D:8      | 15149 ||| Stepping randomly (stuck).
 15153 | D:7      | 15153 ||| PLANNING CONVERSION TO OKAWARU
 15155 | D:8      | 15155 ||| PLANNING D:1-11
 15155 | D:8      | 15155 ||| PLANNING CONVERSION TO OKAWARU
 15155 | D:8      | 15155 ||| PLANNING D:1-11
 15155 | D:8      | 15155 ||| Stepping randomly (stuck).
 15159 | D:7      | 15159 ||| PLANNING CONVERSION TO OKAWARU
 15161 | D:8      | 15161 ||| PLANNING D:1-11
 15161 | D:8      | 15161 ||| PLANNING CONVERSION TO OKAWARU
 15161 | D:8      | 15161 ||| PLANNING D:1-11
 15161 | D:8      | 15161 ||| Stepping randomly (stuck).
 15165 | D:7      | 15165 ||| PLANNING CONVERSION TO OKAWARU
 15167 | D:8      | 15167 ||| PLANNING D:1-11
 15167 | D:8      | 15167 ||| PLANNING CONVERSION TO OKAWARU
 15167 | D:8      | 15167 ||| PLANNING D:1-11
 15167 | D:8      | 15167 ||| Stepping randomly (stuck).
 15171 | D:7      | 15171 ||| PLANNING CONVERSION TO OKAWARU
 15173 | D:8      | 15173 ||| PLANNING D:1-11
 15173 | D:8      | 15173 ||| PLANNING CONVERSION TO OKAWARU
 15173 | D:8      | 15173 ||| PLANNING D:1-11
 15173 | D:8      | 15173 ||| Stepping randomly (stuck).
 15177 | D:7      | 15177 ||| PLANNING CONVERSION TO OKAWARU
 15179 | D:8      | 15179 ||| PLANNING D:1-11
 15179 | D:8      | 15179 ||| PLANNING CONVERSION TO OKAWARU
 15179 | D:8      | 15179 ||| PLANNING D:1-11
 15179 | D:8      | 15179 ||| Stepping randomly (stuck).
 15183 | D:7      | 15183 ||| PLANNING CONVERSION TO OKAWARU
 15185 | D:8      | 15185 ||| PLANNING D:1-11
 15185 | D:8      | 15185 ||| PLANNING CONVERSION TO OKAWARU
 15185 | D:8      | 15185 ||| PLANNING D:1-11
 15185 | D:8      | 15185 ||| Stepping randomly (stuck).
 15189 | D:7      | 15189 ||| PLANNING CONVERSION TO OKAWARU
 15191 | D:8      | 15191 ||| PLANNING D:1-11
 15191 | D:8      | 15191 ||| PLANNING CONVERSION TO OKAWARU
 15191 | D:8      | 15191 ||| PLANNING D:1-11
 15191 | D:8      | 15191 ||| Stepping randomly (stuck).
 15195 | D:7      | 15195 ||| PLANNING CONVERSION TO OKAWARU
 15197 | D:8      | 15197 ||| PLANNING D:1-11
 15197 | D:8      | 15197 ||| PLANNING CONVERSION TO OKAWARU
 15197 | D:8      | 15197 ||| PLANNING D:1-11
 15197 | D:8      | 15197 ||| Stepping randomly (stuck).
 15201 | D:7      | 15201 ||| PLANNING CONVERSION TO OKAWARU
 15203 | D:8      | 15203 ||| PLANNING D:1-11
 15203 | D:8      | 15203 ||| PLANNING CONVERSION TO OKAWARU
 15203 | D:8      | 15203 ||| PLANNING D:1-11
 15203 | D:8      | 15203 ||| Stepping randomly (stuck).
 15207 | D:7      | 15207 ||| PLANNING CONVERSION TO OKAWARU
 15209 | D:8      | 15209 ||| PLANNING D:1-11
 15209 | D:8      | 15209 ||| PLANNING CONVERSION TO OKAWARU
 15209 | D:8      | 15209 ||| PLANNING D:1-11
 15209 | D:8      | 15209 ||| Stepping randomly (stuck).
 15213 | D:7      | 15213 ||| PLANNING CONVERSION TO OKAWARU
 15215 | D:8      | 15215 ||| PLANNING D:1-11
 15215 | D:8      | 15215 ||| PLANNING CONVERSION TO OKAWARU
 15215 | D:8      | 15215 ||| PLANNING D:1-11
 15215 | D:8      | 15215 ||| Stepping randomly (stuck).
 15219 | D:7      | 15219 ||| PLANNING CONVERSION TO OKAWARU
 15221 | D:8      | 15221 ||| PLANNING D:1-11
 15221 | D:8      | 15221 ||| PLANNING CONVERSION TO OKAWARU
 15221 | D:8      | 15221 ||| PLANNING D:1-11
 15221 | D:8      | 15221 ||| Stepping randomly (stuck).
 15225 | D:7      | 15225 ||| PLANNING CONVERSION TO OKAWARU
 15227 | D:8      | 15227 ||| PLANNING D:1-11
 15227 | D:8      | 15227 ||| PLANNING CONVERSION TO OKAWARU
 15227 | D:8      | 15227 ||| PLANNING D:1-11
 15227 | D:8      | 15227 ||| Stepping randomly (stuck).
 15231 | D:7      | 15231 ||| PLANNING CONVERSION TO OKAWARU
 15233 | D:8      | 15233 ||| PLANNING D:1-11
 15233 | D:8      | 15233 ||| PLANNING CONVERSION TO OKAWARU
 15233 | D:8      | 15233 ||| PLANNING D:1-11
 15233 | D:8      | 15233 ||| Stepping randomly (stuck).
 15237 | D:7      | 15237 ||| PLANNING CONVERSION TO OKAWARU
 15239 | D:8      | 15239 ||| PLANNING D:1-11
 15239 | D:8      | 15239 ||| PLANNING CONVERSION TO OKAWARU
 15239 | D:8      | 15239 ||| PLANNING D:1-11
 15239 | D:8      | 15239 ||| Stepping randomly (stuck).
 15243 | D:7      | 15243 ||| PLANNING CONVERSION TO OKAWARU
 15245 | D:8      | 15245 ||| PLANNING D:1-11
 15245 | D:8      | 15245 ||| PLANNING CONVERSION TO OKAWARU
 15245 | D:8      | 15245 ||| PLANNING D:1-11
 15245 | D:8      | 15245 ||| Stepping randomly (stuck).
 15249 | D:7      | 15249 ||| PLANNING CONVERSION TO OKAWARU
 15251 | D:8      | 15251 ||| PLANNING D:1-11
 15251 | D:8      | 15251 ||| PLANNING CONVERSION TO OKAWARU
 15251 | D:8      | 15251 ||| PLANNING D:1-11
 15251 | D:8      | 15251 ||| Stepping randomly (stuck).
 15255 | D:7      | 15255 ||| PLANNING CONVERSION TO OKAWARU
 15257 | D:8      | 15257 ||| PLANNING D:1-11
 15257 | D:8      | 15257 ||| PLANNING CONVERSION TO OKAWARU
 15257 | D:8      | 15257 ||| PLANNING D:1-11
 15257 | D:8      | 15257 ||| Stepping randomly (stuck).
 15261 | D:7      | 15261 ||| PLANNING CONVERSION TO OKAWARU
 15263 | D:8      | 15263 ||| PLANNING D:1-11
 15263 | D:8      | 15263 ||| PLANNING CONVERSION TO OKAWARU
 15263 | D:8      | 15263 ||| PLANNING D:1-11
 15263 | D:8      | 15263 ||| Stepping randomly (stuck).
 15267 | D:7      | 15267 ||| PLANNING CONVERSION TO OKAWARU
 15269 | D:8      | 15269 ||| PLANNING D:1-11
 15269 | D:8      | 15269 ||| PLANNING CONVERSION TO OKAWARU
 15269 | D:8      | 15269 ||| PLANNING D:1-11
 15269 | D:8      | 15269 ||| Stepping randomly (stuck).
 15273 | D:7      | 15273 ||| PLANNING CONVERSION TO OKAWARU
 15275 | D:8      | 15275 ||| PLANNING D:1-11
 15275 | D:8      | 15275 ||| PLANNING CONVERSION TO OKAWARU
 15275 | D:8      | 15275 ||| PLANNING D:1-11
 15275 | D:8      | 15275 ||| Stepping randomly (stuck).
 15279 | D:7      | 15279 ||| PLANNING CONVERSION TO OKAWARU
 15281 | D:8      | 15281 ||| PLANNING D:1-11
 15281 | D:8      | 15281 ||| PLANNING CONVERSION TO OKAWARU
 15281 | D:8      | 15281 ||| PLANNING D:1-11
 15281 | D:8      | 15281 ||| Stepping randomly (stuck).
 15285 | D:7      | 15285 ||| PLANNING CONVERSION TO OKAWARU
 15287 | D:8      | 15287 ||| PLANNING D:1-11
 15287 | D:8      | 15287 ||| PLANNING CONVERSION TO OKAWARU
 15287 | D:8      | 15287 ||| PLANNING D:1-11
 15287 | D:8      | 15287 ||| Stepping randomly (stuck).
 15291 | D:7      | 15291 ||| PLANNING CONVERSION TO OKAWARU
 15293 | D:8      | 15293 ||| PLANNING D:1-11
 15293 | D:8      | 15293 ||| PLANNING CONVERSION TO OKAWARU
 15293 | D:8      | 15293 ||| PLANNING D:1-11
 15293 | D:8      | 15293 ||| Stepping randomly (stuck).
 15297 | D:7      | 15297 ||| PLANNING CONVERSION TO OKAWARU
 15299 | D:8      | 15299 ||| PLANNING D:1-11
 15299 | D:8      | 15299 ||| PLANNING CONVERSION TO OKAWARU
 15299 | D:8      | 15299 ||| PLANNING D:1-11
 15299 | D:8      | 15299 ||| Stepping randomly (stuck).
 15303 | D:7      | 15303 ||| PLANNING CONVERSION TO OKAWARU
 15305 | D:8      | 15305 ||| PLANNING D:1-11
 15305 | D:8      | 15305 ||| PLANNING CONVERSION TO OKAWARU
 15305 | D:8      | 15305 ||| PLANNING D:1-11
 15305 | D:8      | 15305 ||| Stepping randomly (stuck).
 15309 | D:7      | 15309 ||| PLANNING CONVERSION TO OKAWARU
 15311 | D:8      | 15311 ||| PLANNING D:1-11
 15311 | D:8      | 15311 ||| PLANNING CONVERSION TO OKAWARU
 15311 | D:8      | 15311 ||| PLANNING D:1-11
 15311 | D:8      | 15311 ||| Stepping randomly (stuck).
 15315 | D:7      | 15315 ||| PLANNING CONVERSION TO OKAWARU
 15317 | D:8      | 15317 ||| PLANNING D:1-11
 15317 | D:8      | 15317 ||| PLANNING CONVERSION TO OKAWARU
 15317 | D:8      | 15317 ||| PLANNING D:1-11
 15317 | D:8      | 15317 ||| Stepping randomly (stuck).
 15321 | D:7      | 15321 ||| PLANNING CONVERSION TO OKAWARU
 15323 | D:8      | 15323 ||| PLANNING D:1-11
 15323 | D:8      | 15323 ||| PLANNING CONVERSION TO OKAWARU
 15323 | D:8      | 15323 ||| PLANNING D:1-11
 15323 | D:8      | 15323 ||| Stepping randomly (stuck).
 15327 | D:7      | 15327 ||| PLANNING CONVERSION TO OKAWARU
 15329 | D:8      | 15329 ||| PLANNING D:1-11
 15329 | D:8      | 15329 ||| PLANNING CONVERSION TO OKAWARU
 15329 | D:8      | 15329 ||| PLANNING D:1-11
 15329 | D:8      | 15329 ||| Stepping randomly (stuck).
 15333 | D:7      | 15333 ||| PLANNING CONVERSION TO OKAWARU
 15335 | D:8      | 15335 ||| PLANNING D:1-11
 15335 | D:8      | 15335 ||| PLANNING CONVERSION TO OKAWARU
 15335 | D:8      | 15335 ||| PLANNING D:1-11
 15335 | D:8      | 15335 ||| Stepping randomly (stuck).
 15339 | D:7      | 15339 ||| PLANNING CONVERSION TO OKAWARU
 15341 | D:8      | 15341 ||| PLANNING D:1-11
 15341 | D:8      | 15341 ||| PLANNING CONVERSION TO OKAWARU
 15341 | D:8      | 15341 ||| PLANNING D:1-11
 15341 | D:8      | 15341 ||| Stepping randomly (stuck).
 15345 | D:7      | 15345 ||| PLANNING CONVERSION TO OKAWARU
 15347 | D:8      | 15347 ||| PLANNING D:1-11
 15347 | D:8      | 15347 ||| PLANNING CONVERSION TO OKAWARU
 15347 | D:8      | 15347 ||| PLANNING D:1-11
 15347 | D:8      | 15347 ||| Stepping randomly (stuck).
 15351 | D:7      | 15351 ||| PLANNING CONVERSION TO OKAWARU
 15353 | D:8      | 15353 ||| PLANNING D:1-11
 15353 | D:8      | 15353 ||| PLANNING CONVERSION TO OKAWARU
 15353 | D:8      | 15353 ||| PLANNING D:1-11
 15353 | D:8      | 15353 ||| Stepping randomly (stuck).
 15357 | D:7      | 15357 ||| PLANNING CONVERSION TO OKAWARU
 15359 | D:8      | 15359 ||| PLANNING D:1-11
 15359 | D:8      | 15359 ||| PLANNING CONVERSION TO OKAWARU
 15359 | D:8      | 15359 ||| PLANNING D:1-11
 15359 | D:8      | 15359 ||| Stepping randomly (stuck).
 15363 | D:7      | 15363 ||| PLANNING CONVERSION TO OKAWARU
 15365 | D:8      | 15365 ||| PLANNING D:1-11
 15365 | D:8      | 15365 ||| PLANNING CONVERSION TO OKAWARU
 15365 | D:8      | 15365 ||| PLANNING D:1-11
 15365 | D:8      | 15365 ||| Stepping randomly (stuck).
 15369 | D:7      | 15369 ||| PLANNING CONVERSION TO OKAWARU
 15371 | D:8      | 15371 ||| PLANNING D:1-11
 15371 | D:8      | 15371 ||| PLANNING CONVERSION TO OKAWARU
 15371 | D:8      | 15371 ||| PLANNING D:1-11
 15371 | D:8      | 15371 ||| Stepping randomly (stuck).
 15375 | D:7      | 15375 ||| PLANNING CONVERSION TO OKAWARU
 15377 | D:8      | 15377 ||| PLANNING D:1-11
 15377 | D:8      | 15377 ||| PLANNING CONVERSION TO OKAWARU
 15377 | D:8      | 15377 ||| PLANNING D:1-11
 15377 | D:8      | 15377 ||| Stepping randomly (stuck).
 15381 | D:7      | 15381 ||| PLANNING CONVERSION TO OKAWARU
 15383 | D:8      | 15383 ||| PLANNING D:1-11
 15383 | D:8      | 15383 ||| PLANNING CONVERSION TO OKAWARU
 15383 | D:8      | 15383 ||| PLANNING D:1-11
 15383 | D:8      | 15383 ||| Stepping randomly (stuck).
 15387 | D:7      | 15387 ||| PLANNING CONVERSION TO OKAWARU
 15389 | D:8      | 15389 ||| PLANNING D:1-11
 15389 | D:8      | 15389 ||| PLANNING CONVERSION TO OKAWARU
 15389 | D:8      | 15389 ||| PLANNING D:1-11
 15389 | D:8      | 15389 ||| Stepping randomly (stuck).
 15393 | D:7      | 15393 ||| PLANNING CONVERSION TO OKAWARU
 15395 | D:8      | 15395 ||| PLANNING D:1-11
 15395 | D:8      | 15395 ||| PLANNING CONVERSION TO OKAWARU
 15395 | D:8      | 15395 ||| PLANNING D:1-11
 15395 | D:8      | 15395 ||| Stepping randomly (stuck).
 15399 | D:7      | 15399 ||| PLANNING CONVERSION TO OKAWARU
 15401 | D:8      | 15401 ||| PLANNING D:1-11
 15401 | D:8      | 15401 ||| PLANNING CONVERSION TO OKAWARU
 15401 | D:8      | 15401 ||| PLANNING D:1-11
 15401 | D:8      | 15401 ||| Stepping randomly (stuck).
 15405 | D:7      | 15405 ||| PLANNING CONVERSION TO OKAWARU
 15407 | D:8      | 15407 ||| PLANNING D:1-11
 15407 | D:8      | 15407 ||| PLANNING CONVERSION TO OKAWARU
 15407 | D:8      | 15407 ||| PLANNING D:1-11
 15407 | D:8      | 15407 ||| Stepping randomly (stuck).
 15411 | D:7      | 15411 ||| PLANNING CONVERSION TO OKAWARU
 15413 | D:8      | 15413 ||| PLANNING D:1-11
 15413 | D:8      | 15413 ||| PLANNING CONVERSION TO OKAWARU
 15413 | D:8      | 15413 ||| PLANNING D:1-11
 15413 | D:8      | 15413 ||| Stepping randomly (stuck).
 15417 | D:7      | 15417 ||| PLANNING CONVERSION TO OKAWARU
 15419 | D:8      | 15419 ||| PLANNING D:1-11
 15419 | D:8      | 15419 ||| PLANNING CONVERSION TO OKAWARU
 15419 | D:8      | 15419 ||| PLANNING D:1-11
 15419 | D:8      | 15419 ||| Stepping randomly (stuck).
 15423 | D:7      | 15423 ||| PLANNING CONVERSION TO OKAWARU
 15425 | D:8      | 15425 ||| PLANNING D:1-11
 15425 | D:8      | 15425 ||| PLANNING CONVERSION TO OKAWARU
 15425 | D:8      | 15425 ||| PLANNING D:1-11
 15425 | D:8      | 15425 ||| Stepping randomly (stuck).
 15429 | D:7      | 15429 ||| PLANNING CONVERSION TO OKAWARU
 15431 | D:8      | 15431 ||| PLANNING D:1-11
 15431 | D:8      | 15431 ||| PLANNING CONVERSION TO OKAWARU
 15431 | D:8      | 15431 ||| PLANNING D:1-11
 15431 | D:8      | 15431 ||| Stepping randomly (stuck).
 15435 | D:7      | 15435 ||| PLANNING CONVERSION TO OKAWARU
 15437 | D:8      | 15437 ||| PLANNING D:1-11
 15437 | D:8      | 15437 ||| PLANNING CONVERSION TO OKAWARU
 15437 | D:8      | 15437 ||| PLANNING D:1-11
 15437 | D:8      | 15437 ||| Stepping randomly (stuck).
 15441 | D:7      | 15441 ||| PLANNING CONVERSION TO OKAWARU
 15443 | D:8      | 15443 ||| PLANNING D:1-11
 15443 | D:8      | 15443 ||| PLANNING CONVERSION TO OKAWARU
 15443 | D:8      | 15443 ||| PLANNING D:1-11
 15443 | D:8      | 15443 ||| Stepping randomly (stuck).
 15447 | D:7      | 15447 ||| PLANNING CONVERSION TO OKAWARU
 15449 | D:8      | 15449 ||| PLANNING D:1-11
 15449 | D:8      | 15449 ||| PLANNING CONVERSION TO OKAWARU
 15449 | D:8      | 15449 ||| PLANNING D:1-11
 15449 | D:8      | 15449 ||| Stepping randomly (stuck).
 15453 | D:7      | 15453 ||| PLANNING CONVERSION TO OKAWARU
 15455 | D:8      | 15455 ||| PLANNING D:1-11
 15455 | D:8      | 15455 ||| PLANNING CONVERSION TO OKAWARU
 15455 | D:8      | 15455 ||| PLANNING D:1-11
 15455 | D:8      | 15455 ||| Stepping randomly (stuck).
 15459 | D:7      | 15459 ||| PLANNING CONVERSION TO OKAWARU
 15461 | D:8      | 15461 ||| PLANNING D:1-11
 15461 | D:8      | 15461 ||| PLANNING CONVERSION TO OKAWARU
 15461 | D:8      | 15461 ||| PLANNING D:1-11
 15461 | D:8      | 15461 ||| Stepping randomly (stuck).
 15465 | D:7      | 15465 ||| PLANNING CONVERSION TO OKAWARU
 15467 | D:8      | 15467 ||| PLANNING D:1-11
 15467 | D:8      | 15467 ||| PLANNING CONVERSION TO OKAWARU
 15467 | D:8      | 15467 ||| PLANNING D:1-11
 15467 | D:8      | 15467 ||| Stepping randomly (stuck).
 15471 | D:7      | 15471 ||| PLANNING CONVERSION TO OKAWARU
 15473 | D:8      | 15473 ||| PLANNING D:1-11
 15473 | D:8      | 15473 ||| PLANNING CONVERSION TO OKAWARU
 15473 | D:8      | 15473 ||| PLANNING D:1-11
 15473 | D:8      | 15473 ||| Stepping randomly (stuck).
 15477 | D:7      | 15477 ||| PLANNING CONVERSION TO OKAWARU
 15479 | D:8      | 15479 ||| PLANNING D:1-11
 15479 | D:8      | 15479 ||| PLANNING CONVERSION TO OKAWARU
 15479 | D:8      | 15479 ||| PLANNING D:1-11
 15479 | D:8      | 15479 ||| Stepping randomly (stuck).
 15483 | D:7      | 15483 ||| PLANNING CONVERSION TO OKAWARU
 15485 | D:8      | 15485 ||| PLANNING D:1-11
 15485 | D:8      | 15485 ||| PLANNING CONVERSION TO OKAWARU
 15485 | D:8      | 15485 ||| PLANNING D:1-11
 15485 | D:8      | 15485 ||| Stepping randomly (stuck).
 15489 | D:7      | 15489 ||| PLANNING CONVERSION TO OKAWARU
 15491 | D:8      | 15491 ||| PLANNING D:1-11
 15491 | D:8      | 15491 ||| PLANNING CONVERSION TO OKAWARU
 15491 | D:8      | 15491 ||| PLANNING D:1-11
 15491 | D:8      | 15491 ||| Stepping randomly (stuck).
 15495 | D:7      | 15495 ||| PLANNING CONVERSION TO OKAWARU
 15497 | D:8      | 15497 ||| PLANNING D:1-11
 15497 | D:8      | 15497 ||| PLANNING CONVERSION TO OKAWARU
 15497 | D:8      | 15497 ||| PLANNING D:1-11
 15497 | D:8      | 15497 ||| Stepping randomly (stuck).
 15501 | D:7      | 15501 ||| PLANNING CONVERSION TO OKAWARU
 15503 | D:8      | 15503 ||| PLANNING D:1-11
 15503 | D:8      | 15503 ||| PLANNING CONVERSION TO OKAWARU
 15503 | D:8      | 15503 ||| PLANNING D:1-11
 15503 | D:8      | 15503 ||| Stepping randomly (stuck).
 15507 | D:7      | 15507 ||| PLANNING CONVERSION TO OKAWARU
 15509 | D:8      | 15509 ||| PLANNING D:1-11
 15509 | D:8      | 15509 ||| PLANNING CONVERSION TO OKAWARU
 15509 | D:8      | 15509 ||| PLANNING D:1-11
 15509 | D:8      | 15509 ||| Stepping randomly (stuck).
 15513 | D:7      | 15513 ||| PLANNING CONVERSION TO OKAWARU
 15515 | D:8      | 15515 ||| PLANNING D:1-11
 15515 | D:8      | 15515 ||| PLANNING CONVERSION TO OKAWARU
 15515 | D:8      | 15515 ||| PLANNING D:1-11
 15515 | D:8      | 15515 ||| Stepping randomly (stuck).
 15519 | D:7      | 15519 ||| PLANNING CONVERSION TO OKAWARU
 15521 | D:8      | 15521 ||| PLANNING D:1-11
 15521 | D:8      | 15521 ||| PLANNING CONVERSION TO OKAWARU
 15521 | D:8      | 15521 ||| PLANNING D:1-11
 15521 | D:8      | 15521 ||| Stepping randomly (stuck).
 15525 | D:7      | 15525 ||| PLANNING CONVERSION TO OKAWARU
 15527 | D:8      | 15527 ||| PLANNING D:1-11
 15527 | D:8      | 15527 ||| PLANNING CONVERSION TO OKAWARU
 15527 | D:8      | 15527 ||| PLANNING D:1-11
 15527 | D:8      | 15527 ||| Stepping randomly (stuck).
 15531 | D:7      | 15531 ||| PLANNING CONVERSION TO OKAWARU
 15533 | D:8      | 15533 ||| PLANNING D:1-11
 15533 | D:8      | 15533 ||| PLANNING CONVERSION TO OKAWARU
 15533 | D:8      | 15533 ||| PLANNING D:1-11
 15533 | D:8      | 15533 ||| Stepping randomly (stuck).
 15537 | D:7      | 15537 ||| PLANNING CONVERSION TO OKAWARU
 15539 | D:8      | 15539 ||| PLANNING D:1-11
 15539 | D:8      | 15539 ||| PLANNING CONVERSION TO OKAWARU
 15539 | D:8      | 15539 ||| PLANNING D:1-11
 15539 | D:8      | 15539 ||| Stepping randomly (stuck).
 15543 | D:7      | 15543 ||| PLANNING CONVERSION TO OKAWARU
 15545 | D:8      | 15545 ||| PLANNING D:1-11
 15545 | D:8      | 15545 ||| PLANNING CONVERSION TO OKAWARU
 15545 | D:8      | 15545 ||| PLANNING D:1-11
 15545 | D:8      | 15545 ||| Stepping randomly (stuck).
 15549 | D:7      | 15549 ||| PLANNING CONVERSION TO OKAWARU
 15551 | D:8      | 15551 ||| PLANNING D:1-11
 15551 | D:8      | 15551 ||| PLANNING CONVERSION TO OKAWARU
 15551 | D:8      | 15551 ||| PLANNING D:1-11
 15551 | D:8      | 15551 ||| Stepping randomly (stuck).
 15555 | D:7      | 15555 ||| PLANNING CONVERSION TO OKAWARU
 15557 | D:8      | 15557 ||| PLANNING D:1-11
 15557 | D:8      | 15557 ||| PLANNING CONVERSION TO OKAWARU
 15557 | D:8      | 15557 ||| PLANNING D:1-11
 15557 | D:8      | 15557 ||| Stepping randomly (stuck).
 15561 | D:7      | 15561 ||| PLANNING CONVERSION TO OKAWARU
 15563 | D:8      | 15563 ||| PLANNING D:1-11
 15563 | D:8      | 15563 ||| PLANNING CONVERSION TO OKAWARU
 15563 | D:8      | 15563 ||| PLANNING D:1-11
 15563 | D:8      | 15563 ||| Stepping randomly (stuck).
 15567 | D:7      | 15567 ||| PLANNING CONVERSION TO OKAWARU
 15569 | D:8      | 15569 ||| PLANNING D:1-11
 15569 | D:8      | 15569 ||| PLANNING CONVERSION TO OKAWARU
 15569 | D:8      | 15569 ||| PLANNING D:1-11
 15569 | D:8      | 15569 ||| Stepping randomly (stuck).
 15573 | D:7      | 15573 ||| PLANNING CONVERSION TO OKAWARU
 15575 | D:8      | 15575 ||| PLANNING D:1-11
 15575 | D:8      | 15575 ||| PLANNING CONVERSION TO OKAWARU
 15575 | D:8      | 15575 ||| PLANNING D:1-11
 15575 | D:8      | 15575 ||| Stepping randomly (stuck).
 15579 | D:7      | 15579 ||| PLANNING CONVERSION TO OKAWARU
 15581 | D:8      | 15581 ||| PLANNING D:1-11
 15581 | D:8      | 15581 ||| PLANNING CONVERSION TO OKAWARU
 15581 | D:8      | 15581 ||| PLANNING D:1-11
 15581 | D:8      | 15581 ||| Stepping randomly (stuck).
 15585 | D:7      | 15585 ||| PLANNING CONVERSION TO OKAWARU
 15587 | D:8      | 15587 ||| PLANNING D:1-11
 15587 | D:8      | 15587 ||| PLANNING CONVERSION TO OKAWARU
 15587 | D:8      | 15587 ||| PLANNING D:1-11
 15587 | D:8      | 15587 ||| Stepping randomly (stuck).
 15591 | D:7      | 15591 ||| PLANNING CONVERSION TO OKAWARU
 15593 | D:8      | 15593 ||| PLANNING D:1-11
 15593 | D:8      | 15593 ||| PLANNING CONVERSION TO OKAWARU
 15593 | D:8      | 15593 ||| PLANNING D:1-11
 15593 | D:8      | 15593 ||| Stepping randomly (stuck).
 15597 | D:7      | 15597 ||| PLANNING CONVERSION TO OKAWARU
 15599 | D:8      | 15599 ||| PLANNING D:1-11
 15599 | D:8      | 15599 ||| PLANNING CONVERSION TO OKAWARU
 15599 | D:8      | 15599 ||| PLANNING D:1-11
 15599 | D:8      | 15599 ||| Stepping randomly (stuck).
 15603 | D:7      | 15603 ||| PLANNING CONVERSION TO OKAWARU
 15605 | D:8      | 15605 ||| PLANNING D:1-11
 15605 | D:8      | 15605 ||| PLANNING CONVERSION TO OKAWARU
 15605 | D:8      | 15605 ||| PLANNING D:1-11
 15605 | D:8      | 15605 ||| Stepping randomly (stuck).
 15609 | D:7      | 15609 ||| PLANNING CONVERSION TO OKAWARU
 15611 | D:8      | 15611 ||| PLANNING D:1-11
 15611 | D:8      | 15611 ||| PLANNING CONVERSION TO OKAWARU
 15611 | D:8      | 15611 ||| PLANNING D:1-11
 15611 | D:8      | 15611 ||| Stepping randomly (stuck).
 15615 | D:7      | 15615 ||| PLANNING CONVERSION TO OKAWARU
 15617 | D:8      | 15617 ||| PLANNING D:1-11
 15617 | D:8      | 15617 ||| PLANNING CONVERSION TO OKAWARU
 15617 | D:8      | 15617 ||| PLANNING D:1-11
 15617 | D:8      | 15617 ||| Stepping randomly (stuck).
 15621 | D:7      | 15621 ||| PLANNING CONVERSION TO OKAWARU
 15623 | D:8      | 15623 ||| PLANNING D:1-11
 15623 | D:8      | 15623 ||| PLANNING CONVERSION TO OKAWARU
 15623 | D:8      | 15623 ||| PLANNING D:1-11
 15623 | D:8      | 15623 ||| Stepping randomly (stuck).
 15627 | D:7      | 15627 ||| PLANNING CONVERSION TO OKAWARU
 15629 | D:8      | 15629 ||| PLANNING D:1-11
 15629 | D:8      | 15629 ||| PLANNING CONVERSION TO OKAWARU
 15629 | D:8      | 15629 ||| PLANNING D:1-11
 15629 | D:8      | 15629 ||| Stepping randomly (stuck).
 15633 | D:7      | 15633 ||| PLANNING CONVERSION TO OKAWARU
 15635 | D:8      | 15635 ||| PLANNING D:1-11
 15635 | D:8      | 15635 ||| PLANNING CONVERSION TO OKAWARU
 15635 | D:8      | 15635 ||| PLANNING D:1-11
 15635 | D:8      | 15635 ||| Stepping randomly (stuck).
 15639 | D:7      | 15639 ||| PLANNING CONVERSION TO OKAWARU
 15641 | D:8      | 15641 ||| PLANNING D:1-11
 15641 | D:8      | 15641 ||| PLANNING CONVERSION TO OKAWARU
 15641 | D:8      | 15641 ||| PLANNING D:1-11
 15641 | D:8      | 15641 ||| Stepping randomly (stuck).
 15645 | D:7      | 15645 ||| PLANNING CONVERSION TO OKAWARU
 15647 | D:8      | 15647 ||| PLANNING D:1-11
 15647 | D:8      | 15647 ||| PLANNING CONVERSION TO OKAWARU
 15647 | D:8      | 15647 ||| PLANNING D:1-11
 15647 | D:8      | 15647 ||| Stepping randomly (stuck).
 15651 | D:7      | 15651 ||| PLANNING CONVERSION TO OKAWARU
 15653 | D:8      | 15653 ||| PLANNING D:1-11
 15653 | D:8      | 15653 ||| PLANNING CONVERSION TO OKAWARU
 15653 | D:8      | 15653 ||| PLANNING D:1-11
 15653 | D:8      | 15653 ||| Stepping randomly (stuck).
 15657 | D:7      | 15657 ||| PLANNING CONVERSION TO OKAWARU
 15659 | D:8      | 15659 ||| PLANNING D:1-11
 15659 | D:8      | 15659 ||| PLANNING CONVERSION TO OKAWARU
 15659 | D:8      | 15659 ||| PLANNING D:1-11
 15659 | D:8      | 15659 ||| Stepping randomly (stuck).
 15663 | D:7      | 15663 ||| PLANNING CONVERSION TO OKAWARU
 15665 | D:8      | 15665 ||| PLANNING D:1-11
 15665 | D:8      | 15665 ||| PLANNING CONVERSION TO OKAWARU
 15665 | D:8      | 15665 ||| PLANNING D:1-11
 15665 | D:8      | 15665 ||| Stepping randomly (stuck).
 15669 | D:7      | 15669 ||| PLANNING CONVERSION TO OKAWARU
 15671 | D:8      | 15671 ||| PLANNING D:1-11
 15671 | D:8      | 15671 ||| PLANNING CONVERSION TO OKAWARU
 15671 | D:8      | 15671 ||| PLANNING D:1-11
 15671 | D:8      | 15671 ||| Stepping randomly (stuck).
 15675 | D:7      | 15675 ||| PLANNING CONVERSION TO OKAWARU
 15677 | D:8      | 15677 ||| PLANNING D:1-11
 15677 | D:8      | 15677 ||| PLANNING CONVERSION TO OKAWARU
 15677 | D:8      | 15677 ||| PLANNING D:1-11
 15677 | D:8      | 15677 ||| Stepping randomly (stuck).
 15681 | D:7      | 15681 ||| PLANNING CONVERSION TO OKAWARU
 15683 | D:8      | 15683 ||| PLANNING D:1-11
 15683 | D:8      | 15683 ||| PLANNING CONVERSION TO OKAWARU
 15683 | D:8      | 15683 ||| PLANNING D:1-11
 15683 | D:8      | 15683 ||| Stepping randomly (stuck).
 15687 | D:7      | 15687 ||| PLANNING CONVERSION TO OKAWARU
 15689 | D:8      | 15689 ||| PLANNING D:1-11
 15689 | D:8      | 15689 ||| PLANNING CONVERSION TO OKAWARU
 15689 | D:8      | 15689 ||| PLANNING D:1-11
 15689 | D:8      | 15689 ||| Stepping randomly (stuck).
 15693 | D:7      | 15693 ||| PLANNING CONVERSION TO OKAWARU
 15695 | D:8      | 15695 ||| PLANNING D:1-11
 15695 | D:8      | 15695 ||| PLANNING CONVERSION TO OKAWARU
 15695 | D:8      | 15695 ||| PLANNING D:1-11
 15695 | D:8      | 15695 ||| Stepping randomly (stuck).
 15699 | D:7      | 15699 ||| PLANNING CONVERSION TO OKAWARU
 15701 | D:8      | 15701 ||| PLANNING D:1-11
 15701 | D:8      | 15701 ||| PLANNING CONVERSION TO OKAWARU
 15701 | D:8      | 15701 ||| PLANNING D:1-11
 15701 | D:8      | 15701 ||| Stepping randomly (stuck).
 15705 | D:7      | 15705 ||| PLANNING CONVERSION TO OKAWARU
 15707 | D:8      | 15707 ||| PLANNING D:1-11
 15707 | D:8      | 15707 ||| PLANNING CONVERSION TO OKAWARU
 15707 | D:8      | 15707 ||| PLANNING D:1-11
 15707 | D:8      | 15707 ||| Stepping randomly (stuck).
 15711 | D:7      | 15711 ||| PLANNING CONVERSION TO OKAWARU
 15713 | D:8      | 15713 ||| PLANNING D:1-11
 15713 | D:8      | 15713 ||| PLANNING CONVERSION TO OKAWARU
 15713 | D:8      | 15713 ||| PLANNING D:1-11
 15713 | D:8      | 15713 ||| Stepping randomly (stuck).
 15717 | D:7      | 15717 ||| PLANNING CONVERSION TO OKAWARU
 15719 | D:8      | 15719 ||| PLANNING D:1-11
 15719 | D:8      | 15719 ||| PLANNING CONVERSION TO OKAWARU
 15719 | D:8      | 15719 ||| PLANNING D:1-11
 15719 | D:8      | 15719 ||| Stepping randomly (stuck).
 15723 | D:7      | 15723 ||| PLANNING CONVERSION TO OKAWARU
 15725 | D:8      | 15725 ||| PLANNING D:1-11
 15725 | D:8      | 15725 ||| PLANNING CONVERSION TO OKAWARU
 15725 | D:8      | 15725 ||| PLANNING D:1-11
 15725 | D:8      | 15725 ||| Stepping randomly (stuck).
 15729 | D:7      | 15729 ||| PLANNING CONVERSION TO OKAWARU
 15731 | D:8      | 15731 ||| PLANNING D:1-11
 15731 | D:8      | 15731 ||| PLANNING CONVERSION TO OKAWARU
 15731 | D:8      | 15731 ||| PLANNING D:1-11
 15731 | D:8      | 15731 ||| Stepping randomly (stuck).
 15735 | D:7      | 15735 ||| PLANNING CONVERSION TO OKAWARU
 15737 | D:8      | 15737 ||| PLANNING D:1-11
 15737 | D:8      | 15737 ||| PLANNING CONVERSION TO OKAWARU
 15737 | D:8      | 15737 ||| PLANNING D:1-11
 15737 | D:8      | 15737 ||| Stepping randomly (stuck).
 15741 | D:7      | 15741 ||| PLANNING CONVERSION TO OKAWARU
 15743 | D:8      | 15743 ||| PLANNING D:1-11
 15743 | D:8      | 15743 ||| PLANNING CONVERSION TO OKAWARU
 15743 | D:8      | 15743 ||| PLANNING D:1-11
 15743 | D:8      | 15743 ||| Stepping randomly (stuck).
 15747 | D:7      | 15747 ||| PLANNING CONVERSION TO OKAWARU
 15749 | D:8      | 15749 ||| PLANNING D:1-11
 15749 | D:8      | 15749 ||| PLANNING CONVERSION TO OKAWARU
 15749 | D:8      | 15749 ||| PLANNING D:1-11
 15749 | D:8      | 15749 ||| Stepping randomly (stuck).
 15753 | D:7      | 15753 ||| PLANNING CONVERSION TO OKAWARU
 15755 | D:8      | 15755 ||| PLANNING D:1-11
 15755 | D:8      | 15755 ||| PLANNING CONVERSION TO OKAWARU
 15755 | D:8      | 15755 ||| PLANNING D:1-11
 15755 | D:8      | 15755 ||| Stepping randomly (stuck).
 15759 | D:7      | 15759 ||| PLANNING CONVERSION TO OKAWARU
 15761 | D:8      | 15761 ||| PLANNING D:1-11
 15761 | D:8      | 15761 ||| PLANNING CONVERSION TO OKAWARU
 15761 | D:8      | 15761 ||| PLANNING D:1-11
 15761 | D:8      | 15761 ||| Stepping randomly (stuck).
 15765 | D:7      | 15765 ||| PLANNING CONVERSION TO OKAWARU
 15767 | D:8      | 15767 ||| PLANNING D:1-11
 15767 | D:8      | 15767 ||| PLANNING CONVERSION TO OKAWARU
 15767 | D:8      | 15767 ||| PLANNING D:1-11
 15767 | D:8      | 15767 ||| Stepping randomly (stuck).
 15771 | D:7      | 15771 ||| PLANNING CONVERSION TO OKAWARU
 15773 | D:8      | 15773 ||| PLANNING D:1-11
 15773 | D:8      | 15773 ||| PLANNING CONVERSION TO OKAWARU
 15773 | D:8      | 15773 ||| PLANNING D:1-11
 15773 | D:8      | 15773 ||| Stepping randomly (stuck).
 15777 | D:7      | 15777 ||| PLANNING CONVERSION TO OKAWARU
 15779 | D:8      | 15779 ||| PLANNING D:1-11
 15779 | D:8      | 15779 ||| PLANNING CONVERSION TO OKAWARU
 15779 | D:8      | 15779 ||| PLANNING D:1-11
 15779 | D:8      | 15779 ||| Stepping randomly (stuck).
 15783 | D:7      | 15783 ||| PLANNING CONVERSION TO OKAWARU
 15785 | D:8      | 15785 ||| PLANNING D:1-11
 15785 | D:8      | 15785 ||| PLANNING CONVERSION TO OKAWARU
 15785 | D:8      | 15785 ||| PLANNING D:1-11
 15785 | D:8      | 15785 ||| Stepping randomly (stuck).
 15789 | D:7      | 15789 ||| PLANNING CONVERSION TO OKAWARU
 15791 | D:8      | 15791 ||| PLANNING D:1-11
 15791 | D:8      | 15791 ||| PLANNING CONVERSION TO OKAWARU
 15791 | D:8      | 15791 ||| PLANNING D:1-11
 15791 | D:8      | 15791 ||| Stepping randomly (stuck).
 15795 | D:7      | 15795 ||| PLANNING CONVERSION TO OKAWARU
 15797 | D:8      | 15797 ||| PLANNING D:1-11
 15797 | D:8      | 15797 ||| PLANNING CONVERSION TO OKAWARU
 15797 | D:8      | 15797 ||| PLANNING D:1-11
 15797 | D:8      | 15797 ||| Stepping randomly (stuck).
 15801 | D:7      | 15801 ||| PLANNING CONVERSION TO OKAWARU
 15803 | D:8      | 15803 ||| PLANNING D:1-11
 15803 | D:8      | 15803 ||| PLANNING CONVERSION TO OKAWARU
 15803 | D:8      | 15803 ||| PLANNING D:1-11
 15803 | D:8      | 15803 ||| Stepping randomly (stuck).
 15807 | D:7      | 15807 ||| PLANNING CONVERSION TO OKAWARU
 15809 | D:8      | 15809 ||| PLANNING D:1-11
 15809 | D:8      | 15809 ||| PLANNING CONVERSION TO OKAWARU
 15809 | D:8      | 15809 ||| PLANNING D:1-11
 15809 | D:8      | 15809 ||| Stepping randomly (stuck).
 15813 | D:7      | 15813 ||| PLANNING CONVERSION TO OKAWARU
 15815 | D:8      | 15815 ||| PLANNING D:1-11
 15815 | D:8      | 15815 ||| PLANNING CONVERSION TO OKAWARU
 15815 | D:8      | 15815 ||| PLANNING D:1-11
 15815 | D:8      | 15815 ||| Stepping randomly (stuck).
 15819 | D:7      | 15819 ||| PLANNING CONVERSION TO OKAWARU
 15821 | D:8      | 15821 ||| PLANNING D:1-11
 15821 | D:8      | 15821 ||| PLANNING CONVERSION TO OKAWARU
 15821 | D:8      | 15821 ||| PLANNING D:1-11
 15821 | D:8      | 15821 ||| Stepping randomly (stuck).
 15825 | D:7      | 15825 ||| PLANNING CONVERSION TO OKAWARU
 15827 | D:8      | 15827 ||| PLANNING D:1-11
 15827 | D:8      | 15827 ||| PLANNING CONVERSION TO OKAWARU
 15827 | D:8      | 15827 ||| PLANNING D:1-11
 15827 | D:8      | 15827 ||| Stepping randomly (stuck).
 15831 | D:7      | 15831 ||| PLANNING CONVERSION TO OKAWARU
 15833 | D:8      | 15833 ||| PLANNING D:1-11
 15833 | D:8      | 15833 ||| PLANNING CONVERSION TO OKAWARU
 15833 | D:8      | 15833 ||| PLANNING D:1-11
 15833 | D:8      | 15833 ||| Stepping randomly (stuck).
 15837 | D:7      | 15837 ||| PLANNING CONVERSION TO OKAWARU
 15839 | D:8      | 15839 ||| PLANNING D:1-11
 15839 | D:8      | 15839 ||| PLANNING CONVERSION TO OKAWARU
 15839 | D:8      | 15839 ||| PLANNING D:1-11
 15839 | D:8      | 15839 ||| Stepping randomly (stuck).
 15843 | D:7      | 15843 ||| PLANNING CONVERSION TO OKAWARU
 15845 | D:8      | 15845 ||| PLANNING D:1-11
 15845 | D:8      | 15845 ||| PLANNING CONVERSION TO OKAWARU
 15845 | D:8      | 15845 ||| PLANNING D:1-11
 15845 | D:8      | 15845 ||| Stepping randomly (stuck).
 15849 | D:7      | 15849 ||| PLANNING CONVERSION TO OKAWARU
 15851 | D:8      | 15851 ||| PLANNING D:1-11
 15851 | D:8      | 15851 ||| PLANNING CONVERSION TO OKAWARU
 15851 | D:8      | 15851 ||| PLANNING D:1-11
 15851 | D:8      | 15851 ||| Stepping randomly (stuck).
 15855 | D:7      | 15855 ||| PLANNING CONVERSION TO OKAWARU
 15857 | D:8      | 15857 ||| PLANNING D:1-11
 15857 | D:8      | 15857 ||| PLANNING CONVERSION TO OKAWARU
 15857 | D:8      | 15857 ||| PLANNING D:1-11
 15857 | D:8      | 15857 ||| Stepping randomly (stuck).
 15861 | D:7      | 15861 ||| PLANNING CONVERSION TO OKAWARU
 15863 | D:8      | 15863 ||| PLANNING D:1-11
 15863 | D:8      | 15863 ||| PLANNING CONVERSION TO OKAWARU
 15863 | D:8      | 15863 ||| PLANNING D:1-11
 15863 | D:8      | 15863 ||| Stepping randomly (stuck).
 15867 | D:7      | 15867 ||| PLANNING CONVERSION TO OKAWARU
 15869 | D:8      | 15869 ||| PLANNING D:1-11
 15869 | D:8      | 15869 ||| PLANNING CONVERSION TO OKAWARU
 15869 | D:8      | 15869 ||| PLANNING D:1-11
 15869 | D:8      | 15869 ||| Stepping randomly (stuck).
 15873 | D:7      | 15873 ||| PLANNING CONVERSION TO OKAWARU
 15875 | D:8      | 15875 ||| PLANNING D:1-11
 15875 | D:8      | 15875 ||| PLANNING CONVERSION TO OKAWARU
 15875 | D:8      | 15875 ||| PLANNING D:1-11
 15875 | D:8      | 15875 ||| Stepping randomly (stuck).
 15879 | D:7      | 15879 ||| PLANNING CONVERSION TO OKAWARU
 15881 | D:8      | 15881 ||| PLANNING D:1-11
 15881 | D:8      | 15881 ||| PLANNING CONVERSION TO OKAWARU
 15881 | D:8      | 15881 ||| PLANNING D:1-11
 15881 | D:8      | 15881 ||| Stepping randomly (stuck).
 15885 | D:7      | 15885 ||| PLANNING CONVERSION TO OKAWARU
 15887 | D:8      | 15887 ||| PLANNING D:1-11
 15887 | D:8      | 15887 ||| PLANNING CONVERSION TO OKAWARU
 15887 | D:8      | 15887 ||| PLANNING D:1-11
 15887 | D:8      | 15887 ||| Stepping randomly (stuck).
 15891 | D:7      | 15891 ||| PLANNING CONVERSION TO OKAWARU
 15893 | D:8      | 15893 ||| PLANNING D:1-11
 15893 | D:8      | 15893 ||| PLANNING CONVERSION TO OKAWARU
 15893 | D:8      | 15893 ||| PLANNING D:1-11
 15893 | D:8      | 15893 ||| Stepping randomly (stuck).
 15897 | D:7      | 15897 ||| PLANNING CONVERSION TO OKAWARU
 15899 | D:8      | 15899 ||| PLANNING D:1-11
 15899 | D:8      | 15899 ||| PLANNING CONVERSION TO OKAWARU
 15899 | D:8      | 15899 ||| PLANNING D:1-11
 15899 | D:8      | 15899 ||| Stepping randomly (stuck).
 15903 | D:7      | 15903 ||| PLANNING CONVERSION TO OKAWARU
 15905 | D:8      | 15905 ||| PLANNING D:1-11
 15905 | D:8      | 15905 ||| PLANNING CONVERSION TO OKAWARU
 15905 | D:8      | 15905 ||| PLANNING D:1-11
 15905 | D:8      | 15905 ||| Stepping randomly (stuck).
 15909 | D:7      | 15909 ||| PLANNING CONVERSION TO OKAWARU
 15911 | D:8      | 15911 ||| PLANNING D:1-11
 15911 | D:8      | 15911 ||| PLANNING CONVERSION TO OKAWARU
 15911 | D:8      | 15911 ||| PLANNING D:1-11
 15911 | D:8      | 15911 ||| Stepping randomly (stuck).
 15915 | D:7      | 15915 ||| PLANNING CONVERSION TO OKAWARU
 15917 | D:8      | 15917 ||| PLANNING D:1-11
 15917 | D:8      | 15917 ||| PLANNING CONVERSION TO OKAWARU
 15917 | D:8      | 15917 ||| PLANNING D:1-11
 15917 | D:8      | 15917 ||| Stepping randomly (stuck).
 15921 | D:7      | 15921 ||| PLANNING CONVERSION TO OKAWARU
 15923 | D:8      | 15923 ||| PLANNING D:1-11
 15923 | D:8      | 15923 ||| PLANNING CONVERSION TO OKAWARU
 15923 | D:8      | 15923 ||| PLANNING D:1-11
 15923 | D:8      | 15923 ||| Stepping randomly (stuck).
 15927 | D:7      | 15927 ||| PLANNING CONVERSION TO OKAWARU
 15929 | D:8      | 15929 ||| PLANNING D:1-11
 15929 | D:8      | 15929 ||| PLANNING CONVERSION TO OKAWARU
 15929 | D:8      | 15929 ||| PLANNING D:1-11
 15929 | D:8      | 15929 ||| Stepping randomly (stuck).
 15933 | D:7      | 15933 ||| PLANNING CONVERSION TO OKAWARU
 15935 | D:8      | 15935 ||| PLANNING D:1-11
 15935 | D:8      | 15935 ||| PLANNING CONVERSION TO OKAWARU
 15935 | D:8      | 15935 ||| PLANNING D:1-11
 15935 | D:8      | 15935 ||| Stepping randomly (stuck).
 15939 | D:7      | 15939 ||| PLANNING CONVERSION TO OKAWARU
 15941 | D:8      | 15941 ||| PLANNING D:1-11
 15941 | D:8      | 15941 ||| PLANNING CONVERSION TO OKAWARU
 15941 | D:8      | 15941 ||| PLANNING D:1-11
 15941 | D:8      | 15941 ||| Stepping randomly (stuck).
 15945 | D:7      | 15945 ||| PLANNING CONVERSION TO OKAWARU
 15947 | D:8      | 15947 ||| PLANNING D:1-11
 15947 | D:8      | 15947 ||| PLANNING CONVERSION TO OKAWARU
 15947 | D:8      | 15947 ||| PLANNING D:1-11
 15947 | D:8      | 15947 ||| Stepping randomly (stuck).
 15951 | D:7      | 15951 ||| PLANNING CONVERSION TO OKAWARU
 15953 | D:8      | 15953 ||| PLANNING D:1-11
 15953 | D:8      | 15953 ||| PLANNING CONVERSION TO OKAWARU
 15953 | D:8      | 15953 ||| PLANNING D:1-11
 15953 | D:8      | 15953 ||| Stepping randomly (stuck).
 15957 | D:7      | 15957 ||| PLANNING CONVERSION TO OKAWARU
 15959 | D:8      | 15959 ||| PLANNING D:1-11
 15959 | D:8      | 15959 ||| PLANNING CONVERSION TO OKAWARU
 15959 | D:8      | 15959 ||| PLANNING D:1-11
 15959 | D:8      | 15959 ||| Stepping randomly (stuck).
 15963 | D:7      | 15963 ||| PLANNING CONVERSION TO OKAWARU
 15965 | D:8      | 15965 ||| PLANNING D:1-11
 15965 | D:8      | 15965 ||| PLANNING CONVERSION TO OKAWARU
 15965 | D:8      | 15965 ||| PLANNING D:1-11
 15965 | D:8      | 15965 ||| Stepping randomly (stuck).
 15969 | D:7      | 15969 ||| PLANNING CONVERSION TO OKAWARU
 15971 | D:8      | 15971 ||| PLANNING D:1-11
 15971 | D:8      | 15971 ||| PLANNING CONVERSION TO OKAWARU
 15971 | D:8      | 15971 ||| PLANNING D:1-11
 15971 | D:8      | 15971 ||| Stepping randomly (stuck).
 15975 | D:7      | 15975 ||| PLANNING CONVERSION TO OKAWARU
 15977 | D:8      | 15977 ||| PLANNING D:1-11
 15977 | D:8      | 15977 ||| PLANNING CONVERSION TO OKAWARU
 15977 | D:8      | 15977 ||| PLANNING D:1-11
 15977 | D:8      | 15977 ||| Stepping randomly (stuck).
 15981 | D:7      | 15981 ||| PLANNING CONVERSION TO OKAWARU
 15983 | D:8      | 15983 ||| PLANNING D:1-11
 15983 | D:8      | 15983 ||| PLANNING CONVERSION TO OKAWARU
 15983 | D:8      | 15983 ||| PLANNING D:1-11
 15983 | D:8      | 15983 ||| Stepping randomly (stuck).
 15987 | D:7      | 15987 ||| PLANNING CONVERSION TO OKAWARU
 15989 | D:8      | 15989 ||| PLANNING D:1-11
 15989 | D:8      | 15989 ||| PLANNING CONVERSION TO OKAWARU
 15989 | D:8      | 15989 ||| PLANNING D:1-11
 15989 | D:8      | 15989 ||| Stepping randomly (stuck).
 15993 | D:7      | 15993 ||| PLANNING CONVERSION TO OKAWARU
 15995 | D:8      | 15995 ||| PLANNING D:1-11
 15995 | D:8      | 15995 ||| PLANNING CONVERSION TO OKAWARU
 15995 | D:8      | 15995 ||| PLANNING D:1-11
 15995 | D:8      | 15995 ||| Stepping randomly (stuck).
 15999 | D:7      | 15999 ||| PLANNING CONVERSION TO OKAWARU
 16001 | D:8      | 16001 ||| PLANNING D:1-11
 16001 | D:8      | 16001 ||| PLANNING CONVERSION TO OKAWARU
 16001 | D:8      | 16001 ||| PLANNING D:1-11
 16001 | D:8      | 16001 ||| Stepping randomly (stuck).
 16005 | D:7      | 16005 ||| PLANNING CONVERSION TO OKAWARU
 16007 | D:8      | 16007 ||| PLANNING D:1-11
 16007 | D:8      | 16007 ||| PLANNING CONVERSION TO OKAWARU
 16007 | D:8      | 16007 ||| PLANNING D:1-11
 16007 | D:8      | 16007 ||| Stepping randomly (stuck).
 16011 | D:7      | 16011 ||| PLANNING CONVERSION TO OKAWARU
 16013 | D:8      | 16013 ||| PLANNING D:1-11
 16013 | D:8      | 16013 ||| PLANNING CONVERSION TO OKAWARU
 16013 | D:8      | 16013 ||| PLANNING D:1-11
 16013 | D:8      | 16013 ||| Stepping randomly (stuck).
 16017 | D:7      | 16017 ||| PLANNING CONVERSION TO OKAWARU
 16019 | D:8      | 16019 ||| PLANNING D:1-11
 16019 | D:8      | 16019 ||| PLANNING CONVERSION TO OKAWARU
 16019 | D:8      | 16019 ||| PLANNING D:1-11
 16019 | D:8      | 16019 ||| Stepping randomly (stuck).
 16023 | D:7      | 16023 ||| PLANNING CONVERSION TO OKAWARU
 16025 | D:8      | 16025 ||| PLANNING D:1-11
 16025 | D:8      | 16025 ||| PLANNING CONVERSION TO OKAWARU
 16025 | D:8      | 16025 ||| PLANNING D:1-11
 16025 | D:8      | 16025 ||| Stepping randomly (stuck).
 16029 | D:7      | 16029 ||| PLANNING CONVERSION TO OKAWARU
 16031 | D:8      | 16031 ||| PLANNING D:1-11
 16031 | D:8      | 16031 ||| PLANNING CONVERSION TO OKAWARU
 16031 | D:8      | 16031 ||| PLANNING D:1-11
 16031 | D:8      | 16031 ||| Stepping randomly (stuck).
 16035 | D:7      | 16035 ||| PLANNING CONVERSION TO OKAWARU
 16037 | D:8      | 16037 ||| PLANNING D:1-11
 16037 | D:8      | 16037 ||| PLANNING CONVERSION TO OKAWARU
 16037 | D:8      | 16037 ||| PLANNING D:1-11
 16037 | D:8      | 16037 ||| Stepping randomly (stuck).
 16041 | D:7      | 16041 ||| PLANNING CONVERSION TO OKAWARU
 16043 | D:8      | 16043 ||| PLANNING D:1-11
 16043 | D:8      | 16043 ||| PLANNING CONVERSION TO OKAWARU
 16043 | D:8      | 16043 ||| PLANNING D:1-11
 16043 | D:8      | 16043 ||| Stepping randomly (stuck).
 16047 | D:7      | 16047 ||| PLANNING CONVERSION TO OKAWARU
 16049 | D:8      | 16049 ||| PLANNING D:1-11
 16049 | D:8      | 16049 ||| PLANNING CONVERSION TO OKAWARU
 16049 | D:8      | 16049 ||| PLANNING D:1-11
 16049 | D:8      | 16049 ||| Stepping randomly (stuck).
 16053 | D:7      | 16053 ||| PLANNING CONVERSION TO OKAWARU
 16055 | D:8      | 16055 ||| PLANNING D:1-11
 16055 | D:8      | 16055 ||| PLANNING CONVERSION TO OKAWARU
 16055 | D:8      | 16055 ||| PLANNING D:1-11
 16055 | D:8      | 16055 ||| Stepping randomly (stuck).
 16059 | D:7      | 16059 ||| PLANNING CONVERSION TO OKAWARU
 16061 | D:8      | 16061 ||| PLANNING D:1-11
 16061 | D:8      | 16061 ||| PLANNING CONVERSION TO OKAWARU
 16061 | D:8      | 16061 ||| PLANNING D:1-11
 16061 | D:8      | 16061 ||| Stepping randomly (stuck).
 16065 | D:7      | 16065 ||| PLANNING CONVERSION TO OKAWARU
 16067 | D:8      | 16067 ||| PLANNING D:1-11
 16067 | D:8      | 16067 ||| PLANNING CONVERSION TO OKAWARU
 16067 | D:8      | 16067 ||| PLANNING D:1-11
 16067 | D:8      | 16067 ||| Stepping randomly (stuck).
 16071 | D:7      | 16071 ||| PLANNING CONVERSION TO OKAWARU
 16073 | D:8      | 16073 ||| PLANNING D:1-11
 16073 | D:8      | 16073 ||| PLANNING CONVERSION TO OKAWARU
 16073 | D:8      | 16073 ||| PLANNING D:1-11
 16073 | D:8      | 16073 ||| Stepping randomly (stuck).
 16077 | D:7      | 16077 ||| PLANNING CONVERSION TO OKAWARU
 16079 | D:8      | 16079 ||| PLANNING D:1-11
 16079 | D:8      | 16079 ||| PLANNING CONVERSION TO OKAWARU
 16079 | D:8      | 16079 ||| PLANNING D:1-11
 16079 | D:8      | 16079 ||| Stepping randomly (stuck).
 16083 | D:7      | 16083 ||| PLANNING CONVERSION TO OKAWARU
 16085 | D:8      | 16085 ||| PLANNING D:1-11
 16085 | D:8      | 16085 ||| PLANNING CONVERSION TO OKAWARU
 16085 | D:8      | 16085 ||| PLANNING D:1-11
 16085 | D:8      | 16085 ||| Stepping randomly (stuck).
 16089 | D:7      | 16089 ||| PLANNING CONVERSION TO OKAWARU
 16091 | D:8      | 16091 ||| PLANNING D:1-11
 16091 | D:8      | 16091 ||| PLANNING CONVERSION TO OKAWARU
 16091 | D:8      | 16091 ||| PLANNING D:1-11
 16091 | D:8      | 16091 ||| Stepping randomly (stuck).
 16095 | D:7      | 16095 ||| PLANNING CONVERSION TO OKAWARU
 16097 | D:8      | 16097 ||| PLANNING D:1-11
 16097 | D:8      | 16097 ||| PLANNING CONVERSION TO OKAWARU
 16097 | D:8      | 16097 ||| PLANNING D:1-11
 16097 | D:8      | 16097 ||| Stepping randomly (stuck).
 16101 | D:7      | 16101 ||| PLANNING CONVERSION TO OKAWARU
 16103 | D:8      | 16103 ||| PLANNING D:1-11
 16103 | D:8      | 16103 ||| PLANNING CONVERSION TO OKAWARU
 16103 | D:8      | 16103 ||| PLANNING D:1-11
 16103 | D:8      | 16103 ||| Stepping randomly (stuck).
 16107 | D:7      | 16107 ||| PLANNING CONVERSION TO OKAWARU
 16109 | D:8      | 16109 ||| PLANNING D:1-11
 16109 | D:8      | 16109 ||| PLANNING CONVERSION TO OKAWARU
 16109 | D:8      | 16109 ||| PLANNING D:1-11
 16109 | D:8      | 16109 ||| Stepping randomly (stuck).
 16113 | D:7      | 16113 ||| PLANNING CONVERSION TO OKAWARU
 16115 | D:8      | 16115 ||| PLANNING D:1-11
 16115 | D:8      | 16115 ||| PLANNING CONVERSION TO OKAWARU
 16115 | D:8      | 16115 ||| PLANNING D:1-11
 16115 | D:8      | 16115 ||| Stepping randomly (stuck).
 16119 | D:7      | 16119 ||| PLANNING CONVERSION TO OKAWARU
 16121 | D:8      | 16121 ||| PLANNING D:1-11
 16121 | D:8      | 16121 ||| PLANNING CONVERSION TO OKAWARU
 16121 | D:8      | 16121 ||| PLANNING D:1-11
 16121 | D:8      | 16121 ||| Stepping randomly (stuck).
 16125 | D:7      | 16125 ||| PLANNING CONVERSION TO OKAWARU
 16127 | D:8      | 16127 ||| PLANNING D:1-11
 16127 | D:8      | 16127 ||| PLANNING CONVERSION TO OKAWARU
 16127 | D:8      | 16127 ||| PLANNING D:1-11
 16127 | D:8      | 16127 ||| Stepping randomly (stuck).
 16131 | D:7      | 16131 ||| PLANNING CONVERSION TO OKAWARU
 16133 | D:8      | 16133 ||| PLANNING D:1-11
 16133 | D:8      | 16133 ||| PLANNING CONVERSION TO OKAWARU
 16133 | D:8      | 16133 ||| PLANNING D:1-11
 16133 | D:8      | 16133 ||| Stepping randomly (stuck).
 16137 | D:7      | 16137 ||| PLANNING CONVERSION TO OKAWARU
 16139 | D:8      | 16139 ||| PLANNING D:1-11
 16139 | D:8      | 16139 ||| PLANNING CONVERSION TO OKAWARU
 16139 | D:8      | 16139 ||| PLANNING D:1-11
 16139 | D:8      | 16139 ||| Stepping randomly (stuck).
 16143 | D:7      | 16143 ||| PLANNING CONVERSION TO OKAWARU
 16145 | D:8      | 16145 ||| PLANNING D:1-11
 16145 | D:8      | 16145 ||| PLANNING CONVERSION TO OKAWARU
 16145 | D:8      | 16145 ||| PLANNING D:1-11
 16145 | D:8      | 16145 ||| Stepping randomly (stuck).
 16149 | D:7      | 16149 ||| PLANNING CONVERSION TO OKAWARU
 16151 | D:8      | 16151 ||| PLANNING D:1-11
 16151 | D:8      | 16151 ||| PLANNING CONVERSION TO OKAWARU
 16151 | D:8      | 16151 ||| PLANNING D:1-11
 16151 | D:8      | 16151 ||| Stepping randomly (stuck).
 16155 | D:7      | 16155 ||| PLANNING CONVERSION TO OKAWARU
 16157 | D:8      | 16157 ||| PLANNING D:1-11
 16157 | D:8      | 16157 ||| PLANNING CONVERSION TO OKAWARU
 16157 | D:8      | 16157 ||| PLANNING D:1-11
 16157 | D:8      | 16157 ||| Stepping randomly (stuck).
 16161 | D:7      | 16161 ||| PLANNING CONVERSION TO OKAWARU
 16163 | D:8      | 16163 ||| PLANNING D:1-11
 16163 | D:8      | 16163 ||| PLANNING CONVERSION TO OKAWARU
 16163 | D:8      | 16163 ||| PLANNING D:1-11
 16163 | D:8      | 16163 ||| Stepping randomly (stuck).
 16167 | D:7      | 16167 ||| PLANNING CONVERSION TO OKAWARU
 16169 | D:8      | 16169 ||| PLANNING D:1-11
 16169 | D:8      | 16169 ||| PLANNING CONVERSION TO OKAWARU
 16169 | D:8      | 16169 ||| PLANNING D:1-11
 16169 | D:8      | 16169 ||| Stepping randomly (stuck).
 16173 | D:7      | 16173 ||| PLANNING CONVERSION TO OKAWARU
 16175 | D:8      | 16175 ||| PLANNING D:1-11
 16175 | D:8      | 16175 ||| PLANNING CONVERSION TO OKAWARU
 16175 | D:8      | 16175 ||| PLANNING D:1-11
 16175 | D:8      | 16175 ||| Stepping randomly (stuck).
 16179 | D:7      | 16179 ||| PLANNING CONVERSION TO OKAWARU
 16181 | D:8      | 16181 ||| PLANNING D:1-11
 16181 | D:8      | 16181 ||| PLANNING CONVERSION TO OKAWARU
 16181 | D:8      | 16181 ||| PLANNING D:1-11
 16181 | D:8      | 16181 ||| Stepping randomly (stuck).
 16185 | D:7      | 16185 ||| PLANNING CONVERSION TO OKAWARU
 16187 | D:8      | 16187 ||| PLANNING D:1-11
 16187 | D:8      | 16187 ||| PLANNING CONVERSION TO OKAWARU
 16187 | D:8      | 16187 ||| PLANNING D:1-11
 16187 | D:8      | 16187 ||| Stepping randomly (stuck).
 16191 | D:7      | 16191 ||| PLANNING CONVERSION TO OKAWARU
 16193 | D:8      | 16193 ||| PLANNING D:1-11
 16193 | D:8      | 16193 ||| PLANNING CONVERSION TO OKAWARU
 16193 | D:8      | 16193 ||| PLANNING D:1-11
 16193 | D:8      | 16193 ||| Stepping randomly (stuck).
 16197 | D:7      | 16197 ||| PLANNING CONVERSION TO OKAWARU
 16199 | D:8      | 16199 ||| PLANNING D:1-11
 16199 | D:8      | 16199 ||| PLANNING CONVERSION TO OKAWARU
 16199 | D:8      | 16199 ||| PLANNING D:1-11
 16199 | D:8      | 16199 ||| Stepping randomly (stuck).
 16203 | D:7      | 16203 ||| PLANNING CONVERSION TO OKAWARU
 16205 | D:8      | 16205 ||| PLANNING D:1-11
 16205 | D:8      | 16205 ||| PLANNING CONVERSION TO OKAWARU
 16205 | D:8      | 16205 ||| PLANNING D:1-11
 16205 | D:8      | 16205 ||| Stepping randomly (stuck).
 16209 | D:7      | 16209 ||| PLANNING CONVERSION TO OKAWARU
 16211 | D:8      | 16211 ||| PLANNING D:1-11
 16211 | D:8      | 16211 ||| PLANNING CONVERSION TO OKAWARU
 16211 | D:8      | 16211 ||| PLANNING D:1-11
 16211 | D:8      | 16211 ||| Stepping randomly (stuck).
 16215 | D:7      | 16215 ||| PLANNING CONVERSION TO OKAWARU
 16217 | D:8      | 16217 ||| PLANNING D:1-11
 16217 | D:8      | 16217 ||| PLANNING CONVERSION TO OKAWARU
 16217 | D:8      | 16217 ||| PLANNING D:1-11
 16217 | D:8      | 16217 ||| Stepping randomly (stuck).
 16221 | D:7      | 16221 ||| PLANNING CONVERSION TO OKAWARU
 16223 | D:8      | 16223 ||| PLANNING D:1-11
 16223 | D:8      | 16223 ||| PLANNING CONVERSION TO OKAWARU
 16223 | D:8      | 16223 ||| PLANNING D:1-11
 16223 | D:8      | 16223 ||| Stepping randomly (stuck).
 16227 | D:7      | 16227 ||| PLANNING CONVERSION TO OKAWARU
 16229 | D:8      | 16229 ||| PLANNING D:1-11
 16229 | D:8      | 16229 ||| PLANNING CONVERSION TO OKAWARU
 16229 | D:8      | 16229 ||| PLANNING D:1-11
 16229 | D:8      | 16229 ||| Stepping randomly (stuck).
 16233 | D:7      | 16233 ||| PLANNING CONVERSION TO OKAWARU
 16235 | D:8      | 16235 ||| PLANNING D:1-11
 16235 | D:8      | 16235 ||| PLANNING CONVERSION TO OKAWARU
 16235 | D:8      | 16235 ||| PLANNING D:1-11
 16235 | D:8      | 16235 ||| Stepping randomly (stuck).
 16239 | D:7      | 16239 ||| PLANNING CONVERSION TO OKAWARU
 16241 | D:8      | 16241 ||| PLANNING D:1-11
 16241 | D:8      | 16241 ||| PLANNING CONVERSION TO OKAWARU
 16241 | D:8      | 16241 ||| PLANNING D:1-11
 16241 | D:8      | 16241 ||| Stepping randomly (stuck).
 16245 | D:7      | 16245 ||| PLANNING CONVERSION TO OKAWARU
 16247 | D:8      | 16247 ||| PLANNING D:1-11
 16247 | D:8      | 16247 ||| PLANNING CONVERSION TO OKAWARU
 16247 | D:8      | 16247 ||| PLANNING D:1-11
 16247 | D:8      | 16247 ||| Stepping randomly (stuck).
 16251 | D:7      | 16251 ||| PLANNING CONVERSION TO OKAWARU
 16253 | D:8      | 16253 ||| PLANNING D:1-11
 16253 | D:8      | 16253 ||| PLANNING CONVERSION TO OKAWARU
 16253 | D:8      | 16253 ||| PLANNING D:1-11
 16253 | D:8      | 16253 ||| Stepping randomly (stuck).
 16257 | D:7      | 16257 ||| PLANNING CONVERSION TO OKAWARU
 16259 | D:8      | 16259 ||| PLANNING D:1-11
 16259 | D:8      | 16259 ||| PLANNING CONVERSION TO OKAWARU
 16259 | D:8      | 16259 ||| PLANNING D:1-11
 16259 | D:8      | 16259 ||| Stepping randomly (stuck).
 16263 | D:7      | 16263 ||| PLANNING CONVERSION TO OKAWARU
 16265 | D:8      | 16265 ||| PLANNING D:1-11
 16265 | D:8      | 16265 ||| PLANNING CONVERSION TO OKAWARU
 16265 | D:8      | 16265 ||| PLANNING D:1-11
 16265 | D:8      | 16265 ||| Stepping randomly (stuck).
 16269 | D:7      | 16269 ||| PLANNING CONVERSION TO OKAWARU
 16271 | D:8      | 16271 ||| PLANNING D:1-11
 16271 | D:8      | 16271 ||| PLANNING CONVERSION TO OKAWARU
 16271 | D:8      | 16271 ||| PLANNING D:1-11
 16271 | D:8      | 16271 ||| Stepping randomly (stuck).
 16275 | D:7      | 16275 ||| PLANNING CONVERSION TO OKAWARU
 16277 | D:8      | 16277 ||| PLANNING D:1-11
 16277 | D:8      | 16277 ||| PLANNING CONVERSION TO OKAWARU
 16277 | D:8      | 16277 ||| PLANNING D:1-11
 16277 | D:8      | 16277 ||| Stepping randomly (stuck).
 16281 | D:7      | 16281 ||| PLANNING CONVERSION TO OKAWARU
 16283 | D:8      | 16283 ||| PLANNING D:1-11
 16283 | D:8      | 16283 ||| PLANNING CONVERSION TO OKAWARU
 16283 | D:8      | 16283 ||| PLANNING D:1-11
 16283 | D:8      | 16283 ||| Stepping randomly (stuck).
 16287 | D:7      | 16287 ||| PLANNING CONVERSION TO OKAWARU
 16289 | D:8      | 16289 ||| PLANNING D:1-11
 16289 | D:8      | 16289 ||| PLANNING CONVERSION TO OKAWARU
 16289 | D:8      | 16289 ||| PLANNING D:1-11
 16289 | D:8      | 16289 ||| Stepping randomly (stuck).
 16293 | D:7      | 16293 ||| PLANNING CONVERSION TO OKAWARU
 16295 | D:8      | 16295 ||| PLANNING D:1-11
 16295 | D:8      | 16295 ||| PLANNING CONVERSION TO OKAWARU
 16295 | D:8      | 16295 ||| PLANNING D:1-11
 16295 | D:8      | 16295 ||| Stepping randomly (stuck).
 16299 | D:7      | 16299 ||| PLANNING CONVERSION TO OKAWARU
 16301 | D:8      | 16301 ||| PLANNING D:1-11
 16301 | D:8      | 16301 ||| PLANNING CONVERSION TO OKAWARU
 16301 | D:8      | 16301 ||| PLANNING D:1-11
 16301 | D:8      | 16301 ||| Stepping randomly (stuck).
 16305 | D:7      | 16305 ||| PLANNING CONVERSION TO OKAWARU
 16307 | D:8      | 16307 ||| PLANNING D:1-11
 16307 | D:8      | 16307 ||| PLANNING CONVERSION TO OKAWARU
 16307 | D:8      | 16307 ||| PLANNING D:1-11
 16307 | D:8      | 16307 ||| Stepping randomly (stuck).
 16311 | D:7      | 16311 ||| PLANNING CONVERSION TO OKAWARU
 16313 | D:8      | 16313 ||| PLANNING D:1-11
 16313 | D:8      | 16313 ||| PLANNING CONVERSION TO OKAWARU
 16313 | D:8      | 16313 ||| PLANNING D:1-11
 16313 | D:8      | 16313 ||| Stepping randomly (stuck).
 16317 | D:7      | 16317 ||| PLANNING CONVERSION TO OKAWARU
 16319 | D:8      | 16319 ||| PLANNING D:1-11
 16319 | D:8      | 16319 ||| PLANNING CONVERSION TO OKAWARU
 16319 | D:8      | 16319 ||| PLANNING D:1-11
 16319 | D:8      | 16319 ||| Stepping randomly (stuck).
 16323 | D:7      | 16323 ||| PLANNING CONVERSION TO OKAWARU
 16325 | D:8      | 16325 ||| PLANNING D:1-11
 16325 | D:8      | 16325 ||| PLANNING CONVERSION TO OKAWARU
 16325 | D:8      | 16325 ||| PLANNING D:1-11
 16325 | D:8      | 16325 ||| Stepping randomly (stuck).
 16329 | D:7      | 16329 ||| PLANNING CONVERSION TO OKAWARU
 16331 | D:8      | 16331 ||| PLANNING D:1-11
 16331 | D:8      | 16331 ||| PLANNING CONVERSION TO OKAWARU
 16331 | D:8      | 16331 ||| PLANNING D:1-11
 16331 | D:8      | 16331 ||| Stepping randomly (stuck).
 16335 | D:7      | 16335 ||| PLANNING CONVERSION TO OKAWARU
 16337 | D:8      | 16337 ||| PLANNING D:1-11
 16337 | D:8      | 16337 ||| PLANNING CONVERSION TO OKAWARU
 16337 | D:8      | 16337 ||| PLANNING D:1-11
 16337 | D:8      | 16337 ||| Stepping randomly (stuck).
 16341 | D:7      | 16341 ||| PLANNING CONVERSION TO OKAWARU
 16343 | D:8      | 16343 ||| PLANNING D:1-11
 16343 | D:8      | 16343 ||| PLANNING CONVERSION TO OKAWARU
 16343 | D:8      | 16343 ||| PLANNING D:1-11
 16343 | D:8      | 16343 ||| Stepping randomly (stuck).
 16347 | D:7      | 16347 ||| PLANNING CONVERSION TO OKAWARU
 16349 | D:8      | 16349 ||| PLANNING D:1-11
 16349 | D:8      | 16349 ||| PLANNING CONVERSION TO OKAWARU
 16349 | D:8      | 16349 ||| PLANNING D:1-11
 16349 | D:8      | 16349 ||| Stepping randomly (stuck).
 16353 | D:7      | 16353 ||| PLANNING CONVERSION TO OKAWARU
 16355 | D:8      | 16355 ||| PLANNING D:1-11
 16355 | D:8      | 16355 ||| PLANNING CONVERSION TO OKAWARU
 16355 | D:8      | 16355 ||| PLANNING D:1-11
 16355 | D:8      | 16355 ||| Stepping randomly (stuck).
 16359 | D:7      | 16359 ||| PLANNING CONVERSION TO OKAWARU
 16361 | D:8      | 16361 ||| PLANNING D:1-11
 16361 | D:8      | 16361 ||| PLANNING CONVERSION TO OKAWARU
 16361 | D:8      | 16361 ||| PLANNING D:1-11
 16361 | D:8      | 16361 ||| Stepping randomly (stuck).
 16365 | D:7      | 16365 ||| PLANNING CONVERSION TO OKAWARU
 16367 | D:8      | 16367 ||| PLANNING D:1-11
 16367 | D:8      | 16367 ||| PLANNING CONVERSION TO OKAWARU
 16367 | D:8      | 16367 ||| PLANNING D:1-11
 16367 | D:8      | 16367 ||| Stepping randomly (stuck).
 16371 | D:7      | 16371 ||| PLANNING CONVERSION TO OKAWARU
 16373 | D:8      | 16373 ||| PLANNING D:1-11
 16373 | D:8      | 16373 ||| PLANNING CONVERSION TO OKAWARU
 16373 | D:8      | 16373 ||| PLANNING D:1-11
 16373 | D:8      | 16373 ||| Stepping randomly (stuck).
 16377 | D:7      | 16377 ||| PLANNING CONVERSION TO OKAWARU
 16379 | D:8      | 16379 ||| PLANNING D:1-11
 16379 | D:8      | 16379 ||| PLANNING CONVERSION TO OKAWARU
 16379 | D:8      | 16379 ||| PLANNING D:1-11
 16379 | D:8      | 16379 ||| Stepping randomly (stuck).
 16383 | D:7      | 16383 ||| PLANNING CONVERSION TO OKAWARU
 16385 | D:8      | 16385 ||| PLANNING D:1-11
 16385 | D:8      | 16385 ||| PLANNING CONVERSION TO OKAWARU
 16385 | D:8      | 16385 ||| PLANNING D:1-11
 16385 | D:8      | 16385 ||| Stepping randomly (stuck).
 16389 | D:7      | 16389 ||| PLANNING CONVERSION TO OKAWARU
 16391 | D:8      | 16391 ||| PLANNING D:1-11
 16391 | D:8      | 16391 ||| PLANNING CONVERSION TO OKAWARU
 16391 | D:8      | 16391 ||| PLANNING D:1-11
 16391 | D:8      | 16391 ||| Stepping randomly (stuck).
 16395 | D:7      | 16395 ||| PLANNING CONVERSION TO OKAWARU
 16397 | D:8      | 16397 ||| PLANNING D:1-11
 16397 | D:8      | 16397 ||| PLANNING CONVERSION TO OKAWARU
 16397 | D:8      | 16397 ||| PLANNING D:1-11
 16397 | D:8      | 16397 ||| Stepping randomly (stuck).
 16401 | D:7      | 16401 ||| PLANNING CONVERSION TO OKAWARU
 16403 | D:8      | 16403 ||| PLANNING D:1-11
 16403 | D:8      | 16403 ||| PLANNING CONVERSION TO OKAWARU
 16403 | D:8      | 16403 ||| PLANNING D:1-11
 16403 | D:8      | 16403 ||| Stepping randomly (stuck).
 16407 | D:7      | 16407 ||| PLANNING CONVERSION TO OKAWARU
 16409 | D:8      | 16409 ||| PLANNING D:1-11
 16409 | D:8      | 16409 ||| PLANNING CONVERSION TO OKAWARU
 16409 | D:8      | 16409 ||| PLANNING D:1-11
 16409 | D:8      | 16409 ||| Stepping randomly (stuck).
 16413 | D:7      | 16413 ||| PLANNING CONVERSION TO OKAWARU
 16415 | D:8      | 16415 ||| PLANNING D:1-11
 16415 | D:8      | 16415 ||| PLANNING CONVERSION TO OKAWARU
 16415 | D:8      | 16415 ||| PLANNING D:1-11
 16415 | D:8      | 16415 ||| Stepping randomly (stuck).
 16419 | D:7      | 16419 ||| PLANNING CONVERSION TO OKAWARU
 16421 | D:8      | 16421 ||| PLANNING D:1-11
 16421 | D:8      | 16421 ||| PLANNING CONVERSION TO OKAWARU
 16421 | D:8      | 16421 ||| PLANNING D:1-11
 16421 | D:8      | 16421 ||| Stepping randomly (stuck).
 16425 | D:7      | 16425 ||| PLANNING CONVERSION TO OKAWARU
 16427 | D:8      | 16427 ||| PLANNING D:1-11
 16427 | D:8      | 16427 ||| PLANNING CONVERSION TO OKAWARU
 16427 | D:8      | 16427 ||| PLANNING D:1-11
 16427 | D:8      | 16427 ||| Stepping randomly (stuck).
 16431 | D:7      | 16431 ||| PLANNING CONVERSION TO OKAWARU
 16433 | D:8      | 16433 ||| PLANNING D:1-11
 16433 | D:8      | 16433 ||| PLANNING CONVERSION TO OKAWARU
 16433 | D:8      | 16433 ||| PLANNING D:1-11
 16433 | D:8      | 16433 ||| Stepping randomly (stuck).
 16437 | D:7      | 16437 ||| PLANNING CONVERSION TO OKAWARU
 16439 | D:8      | 16439 ||| PLANNING D:1-11
 16439 | D:8      | 16439 ||| PLANNING CONVERSION TO OKAWARU
 16439 | D:8      | 16439 ||| PLANNING D:1-11
 16439 | D:8      | 16439 ||| Stepping randomly (stuck).
 16443 | D:7      | 16443 ||| PLANNING CONVERSION TO OKAWARU
 16445 | D:8      | 16445 ||| PLANNING D:1-11
 16445 | D:8      | 16445 ||| PLANNING CONVERSION TO OKAWARU
 16445 | D:8      | 16445 ||| PLANNING D:1-11
 16445 | D:8      | 16445 ||| Stepping randomly (stuck).
 16449 | D:7      | 16449 ||| PLANNING CONVERSION TO OKAWARU
 16451 | D:8      | 16451 ||| PLANNING D:1-11
 16451 | D:8      | 16451 ||| PLANNING CONVERSION TO OKAWARU
 16451 | D:8      | 16451 ||| PLANNING D:1-11
 16451 | D:8      | 16451 ||| Stepping randomly (stuck).
 16455 | D:7      | 16455 ||| PLANNING CONVERSION TO OKAWARU
 16457 | D:8      | 16457 ||| PLANNING D:1-11
 16457 | D:8      | 16457 ||| PLANNING CONVERSION TO OKAWARU
 16457 | D:8      | 16457 ||| PLANNING D:1-11
 16457 | D:8      | 16457 ||| Stepping randomly (stuck).
 16461 | D:7      | 16461 ||| PLANNING CONVERSION TO OKAWARU
 16463 | D:8      | 16463 ||| PLANNING D:1-11
 16463 | D:8      | 16463 ||| PLANNING CONVERSION TO OKAWARU
 16463 | D:8      | 16463 ||| PLANNING D:1-11
 16463 | D:8      | 16463 ||| Stepping randomly (stuck).
 16467 | D:7      | 16467 ||| PLANNING CONVERSION TO OKAWARU
 16469 | D:8      | 16469 ||| PLANNING D:1-11
 16469 | D:8      | 16469 ||| PLANNING CONVERSION TO OKAWARU
 16469 | D:8      | 16469 ||| PLANNING D:1-11
 16469 | D:8      | 16469 ||| Stepping randomly (stuck).
 16473 | D:7      | 16473 ||| PLANNING CONVERSION TO OKAWARU
 16475 | D:8      | 16475 ||| PLANNING D:1-11
 16475 | D:8      | 16475 ||| PLANNING CONVERSION TO OKAWARU
 16475 | D:8      | 16475 ||| PLANNING D:1-11
 16475 | D:8      | 16475 ||| Stepping randomly (stuck).
 16479 | D:7      | 16479 ||| PLANNING CONVERSION TO OKAWARU
 16481 | D:8      | 16481 ||| PLANNING D:1-11
 16481 | D:8      | 16481 ||| PLANNING CONVERSION TO OKAWARU
 16481 | D:8      | 16481 ||| PLANNING D:1-11
 16481 | D:8      | 16481 ||| Stepping randomly (stuck).
 16485 | D:7      | 16485 ||| PLANNING CONVERSION TO OKAWARU
 16487 | D:8      | 16487 ||| PLANNING D:1-11
 16487 | D:8      | 16487 ||| PLANNING CONVERSION TO OKAWARU
 16487 | D:8      | 16487 ||| PLANNING D:1-11
 16487 | D:8      | 16487 ||| Stepping randomly (stuck).
 16491 | D:7      | 16491 ||| PLANNING CONVERSION TO OKAWARU
 16493 | D:8      | 16493 ||| PLANNING D:1-11
 16493 | D:8      | 16493 ||| PLANNING CONVERSION TO OKAWARU
 16493 | D:8      | 16493 ||| PLANNING D:1-11
 16493 | D:8      | 16493 ||| Stepping randomly (stuck).
 16497 | D:7      | 16497 ||| PLANNING CONVERSION TO OKAWARU
 16499 | D:8      | 16499 ||| PLANNING D:1-11
 16499 | D:8      | 16499 ||| PLANNING CONVERSION TO OKAWARU
 16499 | D:8      | 16499 ||| PLANNING D:1-11
 16499 | D:8      | 16499 ||| Stepping randomly (stuck).
 16503 | D:7      | 16503 ||| PLANNING CONVERSION TO OKAWARU
 16505 | D:8      | 16505 ||| PLANNING D:1-11
 16505 | D:8      | 16505 ||| PLANNING CONVERSION TO OKAWARU
 16505 | D:8      | 16505 ||| PLANNING D:1-11
 16505 | D:8      | 16505 ||| Stepping randomly (stuck).
 16509 | D:7      | 16509 ||| PLANNING CONVERSION TO OKAWARU
 16511 | D:8      | 16511 ||| PLANNING D:1-11
 16511 | D:8      | 16511 ||| PLANNING CONVERSION TO OKAWARU
 16511 | D:8      | 16511 ||| PLANNING D:1-11
 16511 | D:8      | 16511 ||| Stepping randomly (stuck).
 16515 | D:7      | 16515 ||| PLANNING CONVERSION TO OKAWARU
 16517 | D:8      | 16517 ||| PLANNING D:1-11
 16517 | D:8      | 16517 ||| PLANNING CONVERSION TO OKAWARU
 16517 | D:8      | 16517 ||| PLANNING D:1-11
 16517 | D:8      | 16517 ||| Stepping randomly (stuck).
 16521 | D:7      | 16521 ||| PLANNING CONVERSION TO OKAWARU
 16523 | D:8      | 16523 ||| PLANNING D:1-11
 16523 | D:8      | 16523 ||| PLANNING CONVERSION TO OKAWARU
 16523 | D:8      | 16523 ||| PLANNING D:1-11
 16523 | D:8      | 16523 ||| Stepping randomly (stuck).
 16527 | D:7      | 16527 ||| PLANNING CONVERSION TO OKAWARU
 16529 | D:8      | 16529 ||| PLANNING D:1-11
 16529 | D:8      | 16529 ||| PLANNING CONVERSION TO OKAWARU
 16529 | D:8      | 16529 ||| PLANNING D:1-11
 16529 | D:8      | 16529 ||| Stepping randomly (stuck).
 16533 | D:7      | 16533 ||| PLANNING CONVERSION TO OKAWARU
 16535 | D:8      | 16535 ||| PLANNING D:1-11
 16535 | D:8      | 16535 ||| PLANNING CONVERSION TO OKAWARU
 16535 | D:8      | 16535 ||| PLANNING D:1-11
 16535 | D:8      | 16535 ||| Stepping randomly (stuck).
 16539 | D:7      | 16539 ||| PLANNING CONVERSION TO OKAWARU
 16541 | D:8      | 16541 ||| PLANNING D:1-11
 16541 | D:8      | 16541 ||| PLANNING CONVERSION TO OKAWARU
 16541 | D:8      | 16541 ||| PLANNING D:1-11
 16541 | D:8      | 16541 ||| Stepping randomly (stuck).
 16545 | D:7      | 16545 ||| PLANNING CONVERSION TO OKAWARU
 16547 | D:8      | 16547 ||| PLANNING D:1-11
 16547 | D:8      | 16547 ||| PLANNING CONVERSION TO OKAWARU
 16547 | D:8      | 16547 ||| PLANNING D:1-11
 16547 | D:8      | 16547 ||| Stepping randomly (stuck).
 16551 | D:7      | 16551 ||| PLANNING CONVERSION TO OKAWARU
 16553 | D:8      | 16553 ||| PLANNING D:1-11
 16553 | D:8      | 16553 ||| PLANNING CONVERSION TO OKAWARU
 16553 | D:8      | 16553 ||| PLANNING D:1-11
 16553 | D:8      | 16553 ||| Stepping randomly (stuck).
 16557 | D:7      | 16557 ||| PLANNING CONVERSION TO OKAWARU
 16559 | D:8      | 16559 ||| PLANNING D:1-11
 16559 | D:8      | 16559 ||| PLANNING CONVERSION TO OKAWARU
 16559 | D:8      | 16559 ||| PLANNING D:1-11
 16559 | D:8      | 16559 ||| Stepping randomly (stuck).
 16563 | D:7      | 16563 ||| PLANNING CONVERSION TO OKAWARU
 16565 | D:8      | 16565 ||| PLANNING D:1-11
 16565 | D:8      | 16565 ||| PLANNING CONVERSION TO OKAWARU
 16565 | D:8      | 16565 ||| PLANNING D:1-11
 16565 | D:8      | 16565 ||| Stepping randomly (stuck).
 16569 | D:7      | 16569 ||| PLANNING CONVERSION TO OKAWARU
 16571 | D:8      | 16571 ||| PLANNING D:1-11
 16571 | D:8      | 16571 ||| PLANNING CONVERSION TO OKAWARU
 16571 | D:8      | 16571 ||| PLANNING D:1-11
 16571 | D:8      | 16571 ||| Stepping randomly (stuck).
 16575 | D:7      | 16575 ||| PLANNING CONVERSION TO OKAWARU
 16577 | D:8      | 16577 ||| PLANNING D:1-11
 16577 | D:8      | 16577 ||| PLANNING CONVERSION TO OKAWARU
 16577 | D:8      | 16577 ||| PLANNING D:1-11
 16577 | D:8      | 16577 ||| Stepping randomly (stuck).
 16581 | D:7      | 16581 ||| PLANNING CONVERSION TO OKAWARU
 16583 | D:8      | 16583 ||| PLANNING D:1-11
 16583 | D:8      | 16583 ||| PLANNING CONVERSION TO OKAWARU
 16583 | D:8      | 16583 ||| PLANNING D:1-11
 16583 | D:8      | 16583 ||| Stepping randomly (stuck).
 16587 | D:7      | 16587 ||| PLANNING CONVERSION TO OKAWARU
 16589 | D:8      | 16589 ||| PLANNING D:1-11
 16589 | D:8      | 16589 ||| PLANNING CONVERSION TO OKAWARU
 16589 | D:8      | 16589 ||| PLANNING D:1-11
 16589 | D:8      | 16589 ||| Stepping randomly (stuck).
 16593 | D:7      | 16593 ||| PLANNING CONVERSION TO OKAWARU
 16595 | D:8      | 16595 ||| PLANNING D:1-11
 16595 | D:8      | 16595 ||| PLANNING CONVERSION TO OKAWARU
 16595 | D:8      | 16595 ||| PLANNING D:1-11
 16595 | D:8      | 16595 ||| Stepping randomly (stuck).
 16599 | D:7      | 16599 ||| PLANNING CONVERSION TO OKAWARU
 16601 | D:8      | 16601 ||| PLANNING D:1-11
 16601 | D:8      | 16601 ||| PLANNING CONVERSION TO OKAWARU
 16601 | D:8      | 16601 ||| PLANNING D:1-11
 16601 | D:8      | 16601 ||| Stepping randomly (stuck).
 16605 | D:7      | 16605 ||| PLANNING CONVERSION TO OKAWARU
 16607 | D:8      | 16607 ||| PLANNING D:1-11
 16607 | D:8      | 16607 ||| PLANNING CONVERSION TO OKAWARU
 16607 | D:8      | 16607 ||| PLANNING D:1-11
 16607 | D:8      | 16607 ||| Stepping randomly (stuck).
 16611 | D:7      | 16611 ||| PLANNING CONVERSION TO OKAWARU
 16613 | D:8      | 16613 ||| PLANNING D:1-11
 16613 | D:8      | 16613 ||| PLANNING CONVERSION TO OKAWARU
 16613 | D:8      | 16613 ||| PLANNING D:1-11
 16613 | D:8      | 16613 ||| Stepping randomly (stuck).
 16617 | D:7      | 16617 ||| PLANNING CONVERSION TO OKAWARU
 16619 | D:8      | 16619 ||| PLANNING D:1-11
 16619 | D:8      | 16619 ||| PLANNING CONVERSION TO OKAWARU
 16619 | D:8      | 16619 ||| PLANNING D:1-11
 16619 | D:8      | 16619 ||| Stepping randomly (stuck).
 16623 | D:7      | 16623 ||| PLANNING CONVERSION TO OKAWARU
 16625 | D:8      | 16625 ||| PLANNING D:1-11
 16625 | D:8      | 16625 ||| PLANNING CONVERSION TO OKAWARU
 16625 | D:8      | 16625 ||| PLANNING D:1-11
 16625 | D:8      | 16625 ||| Stepping randomly (stuck).
 16629 | D:7      | 16629 ||| PLANNING CONVERSION TO OKAWARU
 16631 | D:8      | 16631 ||| PLANNING D:1-11
 16631 | D:8      | 16631 ||| PLANNING CONVERSION TO OKAWARU
 16631 | D:8      | 16631 ||| PLANNING D:1-11
 16631 | D:8      | 16631 ||| Stepping randomly (stuck).
 16635 | D:7      | 16635 ||| PLANNING CONVERSION TO OKAWARU
 16637 | D:8      | 16637 ||| PLANNING D:1-11
 16637 | D:8      | 16637 ||| PLANNING CONVERSION TO OKAWARU
 16637 | D:8      | 16637 ||| PLANNING D:1-11
 16637 | D:8      | 16637 ||| Stepping randomly (stuck).
 16641 | D:7      | 16641 ||| PLANNING CONVERSION TO OKAWARU
 16643 | D:8      | 16643 ||| PLANNING D:1-11
 16643 | D:8      | 16643 ||| PLANNING CONVERSION TO OKAWARU
 16643 | D:8      | 16643 ||| PLANNING D:1-11
 16643 | D:8      | 16643 ||| Stepping randomly (stuck).
 16647 | D:7      | 16647 ||| PLANNING CONVERSION TO OKAWARU
 16649 | D:8      | 16649 ||| PLANNING D:1-11
 16649 | D:8      | 16649 ||| PLANNING CONVERSION TO OKAWARU
 16649 | D:8      | 16649 ||| PLANNING D:1-11
 16649 | D:8      | 16649 ||| Stepping randomly (stuck).
 16653 | D:7      | 16653 ||| PLANNING CONVERSION TO OKAWARU
 16655 | D:8      | 16655 ||| PLANNING D:1-11
 16655 | D:8      | 16655 ||| PLANNING CONVERSION TO OKAWARU
 16655 | D:8      | 16655 ||| PLANNING D:1-11
 16655 | D:8      | 16655 ||| Stepping randomly (stuck).
 16659 | D:7      | 16659 ||| PLANNING CONVERSION TO OKAWARU
 16661 | D:8      | 16661 ||| PLANNING D:1-11
 16661 | D:8      | 16661 ||| PLANNING CONVERSION TO OKAWARU
 16661 | D:8      | 16661 ||| PLANNING D:1-11
 16661 | D:8      | 16661 ||| Stepping randomly (stuck).
 16665 | D:7      | 16665 ||| PLANNING CONVERSION TO OKAWARU
 16667 | D:8      | 16667 ||| PLANNING D:1-11
 16667 | D:8      | 16667 ||| PLANNING CONVERSION TO OKAWARU
 16667 | D:8      | 16667 ||| PLANNING D:1-11
 16667 | D:8      | 16667 ||| Stepping randomly (stuck).
 16671 | D:7      | 16671 ||| PLANNING CONVERSION TO OKAWARU
 16673 | D:8      | 16673 ||| PLANNING D:1-11
 16673 | D:8      | 16673 ||| PLANNING CONVERSION TO OKAWARU
 16673 | D:8      | 16673 ||| PLANNING D:1-11
 16673 | D:8      | 16673 ||| Stepping randomly (stuck).
 16677 | D:7      | 16677 ||| PLANNING CONVERSION TO OKAWARU
 16679 | D:8      | 16679 ||| PLANNING D:1-11
 16679 | D:8      | 16679 ||| PLANNING CONVERSION TO OKAWARU
 16679 | D:8      | 16679 ||| PLANNING D:1-11
 16679 | D:8      | 16679 ||| Stepping randomly (stuck).
 16683 | D:7      | 16683 ||| PLANNING CONVERSION TO OKAWARU
 16685 | D:8      | 16685 ||| PLANNING D:1-11
 16685 | D:8      | 16685 ||| PLANNING CONVERSION TO OKAWARU
 16685 | D:8      | 16685 ||| PLANNING D:1-11
 16685 | D:8      | 16685 ||| Stepping randomly (stuck).
 16689 | D:7      | 16689 ||| PLANNING CONVERSION TO OKAWARU
 16691 | D:8      | 16691 ||| PLANNING D:1-11
 16691 | D:8      | 16691 ||| PLANNING CONVERSION TO OKAWARU
 16691 | D:8      | 16691 ||| PLANNING D:1-11
 16691 | D:8      | 16691 ||| Stepping randomly (stuck).
 16695 | D:7      | 16695 ||| PLANNING CONVERSION TO OKAWARU
 16697 | D:8      | 16697 ||| PLANNING D:1-11
 16697 | D:8      | 16697 ||| PLANNING CONVERSION TO OKAWARU
 16697 | D:8      | 16697 ||| PLANNING D:1-11
 16697 | D:8      | 16697 ||| Stepping randomly (stuck).
 16701 | D:7      | 16701 ||| PLANNING CONVERSION TO OKAWARU
 16703 | D:8      | 16703 ||| PLANNING D:1-11
 16703 | D:8      | 16703 ||| PLANNING CONVERSION TO OKAWARU
 16703 | D:8      | 16703 ||| PLANNING D:1-11
 16703 | D:8      | 16703 ||| Stepping randomly (stuck).
 16707 | D:7      | 16707 ||| PLANNING CONVERSION TO OKAWARU
 16709 | D:8      | 16709 ||| PLANNING D:1-11
 16709 | D:8      | 16709 ||| PLANNING CONVERSION TO OKAWARU
 16709 | D:8      | 16709 ||| PLANNING D:1-11
 16709 | D:8      | 16709 ||| Stepping randomly (stuck).
 16713 | D:7      | 16713 ||| PLANNING CONVERSION TO OKAWARU
 16715 | D:8      | 16715 ||| PLANNING D:1-11
 16715 | D:8      | 16715 ||| PLANNING CONVERSION TO OKAWARU
 16715 | D:8      | 16715 ||| PLANNING D:1-11
 16715 | D:8      | 16715 ||| Stepping randomly (stuck).
 16719 | D:7      | 16719 ||| PLANNING CONVERSION TO OKAWARU
 16721 | D:8      | 16721 ||| PLANNING D:1-11
 16721 | D:8      | 16721 ||| PLANNING CONVERSION TO OKAWARU
 16721 | D:8      | 16721 ||| PLANNING D:1-11
 16721 | D:8      | 16721 ||| Stepping randomly (stuck).
 16725 | D:7      | 16725 ||| PLANNING CONVERSION TO OKAWARU
 16727 | D:8      | 16727 ||| PLANNING D:1-11
 16727 | D:8      | 16727 ||| PLANNING CONVERSION TO OKAWARU
 16727 | D:8      | 16727 ||| PLANNING D:1-11
 16727 | D:8      | 16727 ||| Stepping randomly (stuck).
 16731 | D:7      | 16731 ||| PLANNING CONVERSION TO OKAWARU
 16733 | D:8      | 16733 ||| PLANNING D:1-11
 16733 | D:8      | 16733 ||| PLANNING CONVERSION TO OKAWARU
 16733 | D:8      | 16733 ||| PLANNING D:1-11
 16733 | D:8      | 16733 ||| Stepping randomly (stuck).
 16737 | D:7      | 16737 ||| PLANNING CONVERSION TO OKAWARU
 16739 | D:8      | 16739 ||| PLANNING D:1-11
 16739 | D:8      | 16739 ||| PLANNING CONVERSION TO OKAWARU
 16739 | D:8      | 16739 ||| PLANNING D:1-11
 16739 | D:8      | 16739 ||| Stepping randomly (stuck).
 16743 | D:7      | 16743 ||| PLANNING CONVERSION TO OKAWARU
 16745 | D:8      | 16745 ||| PLANNING D:1-11
 16745 | D:8      | 16745 ||| PLANNING CONVERSION TO OKAWARU
 16745 | D:8      | 16745 ||| PLANNING D:1-11
 16745 | D:8      | 16745 ||| Stepping randomly (stuck).
 16749 | D:7      | 16749 ||| PLANNING CONVERSION TO OKAWARU
 16751 | D:8      | 16751 ||| PLANNING D:1-11
 16751 | D:8      | 16751 ||| PLANNING CONVERSION TO OKAWARU
 16751 | D:8      | 16751 ||| PLANNING D:1-11
 16751 | D:8      | Quit the game

Levels and vault maps discovered:
D:1:      lightli_arrival_flooded_house, layout_basic
D:2:      wander_river, layout_basic, shapermc_ecumenical_altar_totnotflames,
          hangedman_decor_clover_reticule, chequers_serial_rivers_marsh,
          serial_bayou_pond_d, uniq_natasha
D:3:      minmay_chambers_of_threes, layout_rooms, lemuel_tele_altar,
          gammafunk_ghost_smash, amcnicky_mini_pool_small, bh_walls_and_bars
D:4:      layout_layer_cave, mainiacjoe_overflow_boulevard,
          overflow_temple_1_default, serial_shops, kennysheep_little_box
D:5:      layout_loops_cross, overflow_temple_1_default, minmay_liquid_box,
          uniq_sigmund
D:6:      layout_cave_pools, temple_statues, uniq_blork_the_orc
D:7:      layout_basic, lemuel_blue_sif_altar,
          mainiacjoe_overflow_concentric_impassable,
          gammafunk_temple_overflow_pools
D:8:      layout_rooms, doesnt_xom_only_xom, nicolae_eternal_life
D:9:      layout_big_octagon, enter_bailey_1, dreamdust_wishing_well
D:10:     layout_cave_pools, elyvilon_altar_4, nicolae_overflow_two_pavilions

Skill      XL: |  1  2  3  4  5  6  7  8  9 10 |
---------------+-------------------------------+-----
Axes           | 3 4 5 6 7 8 9 10 | 10.1
Dodging        | 1 |  1.0
Armour         | 2 3 4 |  4.0
Fighting       | 4 5 6 |  6.3
Shields        | 3 5 7 |  7.0
Spellcasting   | |  1.0
Fire Magic     | |  2.6

Action                   |  1- 3 |  4- 6 |  7- 9 | 10-12 || total
-------------------------+-------+-------+-------+-------++-------
Melee: Hand axe          |    75 |   145 |    45 |       ||   265
       Punch             |     2 |       |       |       ||     2
       Tailslap          |       |    18 |    28 |     2 ||    48
       Broad axe         |       |       |   177 |    14 ||   191
Throw: Boomerang         |       |     6 |    14 |       ||    20
Invok: Fiery Armour      |     3 |     4 |     5 |       ||    12
  Use: Scroll            |     6 |     5 |    12 |       ||    23
       Potion            |       |     1 |     6 |       ||     7
Armor: Robe              |    14 |       |       |       ||    14
       Ring mail         |     8 |    43 |       |       ||    51
       Chain mail        |       |     5 |    62 |       ||    67
       Plate armour      |       |       |   103 |     3 ||   106
Dodge: Dodged            |    57 |    65 |    75 |     4 ||   201
Block: Kite shield       |       |       |   108 |     7 ||   115

Table legend:
 A = Non-vault XP
 B = Vault XP
 C = Vault XP percentage of total XP
 D = Non-vault monster count
 E = Vault monster count
 F = Vault count percentage of total count
                 A         B        C        D         E       F
            +---------+---------+-------+---------+---------+-------
      Total |    6221 |     397 |   6.0 |     168 |      15 |   8.2
            +---------+---------+-------+---------+---------+-------
        D:1 |      19 |       0 |   0.0 |      11 |       0 |   0.0
        D:2 |      97 |      36 |  27.1 |      12 |       1 |   7.7
        D:3 |      23 |      38 |  62.3 |      12 |      12 |  50.0
        D:4 |     399 |       0 |   0.0 |      21 |       0 |   0.0
        D:5 |     340 |     223 |  39.6 |      19 |       1 |   5.0
        D:6 |     948 |     100 |   9.5 |      22 |       1 |   4.3
        D:7 |    1249 |       0 |   0.0 |      31 |       0 |   0.0
        D:8 |     669 |       0 |   0.0 |      17 |       0 |   0.0
        D:9 |     973 |       0 |   0.0 |      13 |       0 |   0.0
       D:10 |    1504 |       0 |   0.0 |      10 |       0 |   0.0
            +---------+---------+-------+---------+---------+-------
